Workbook
Name DEX: [1]主要情况!$G$10
Name STR: [1]主要情况!$G$8
Name 阿兰寇拉: [2]数据表!#REF!
Name 阿兰寇拉: [2]数据表!#REF!
Name 阿兰寇拉: [3]数据表!#REF!
Name 阿兰寇拉: 数据表!#REF!
Name 阿斯莫: [2]数据表!#REF!
Name 阿斯莫: [2]数据表!#REF!
Name 阿斯莫: [3]数据表!#REF!
Name 阿斯莫: 数据表!#REF!
Name 矮人: [2]数据表!#REF!
Name 矮人: [2]数据表!#REF!
Name 矮人: [3]数据表!#REF!
Name 矮人: 数据表!#REF!
Name 斑猫人: [2]数据表!#REF!
Name 斑猫人: [2]数据表!#REF!
Name 斑猫人: [3]数据表!#REF!
Name 斑猫人: 数据表!#REF!
Name 半精灵: [2]数据表!#REF!
Name 半精灵: [2]数据表!#REF!
Name 半精灵: [3]数据表!#REF!
Name 半精灵: 数据表!#REF!
Name 半人马: [2]数据表!#REF!
Name 半人马: [2]数据表!#REF!
Name 半人马: [3]数据表!#REF!
Name 半人马: 数据表!#REF!
Name 半身人: [2]数据表!#REF!
Name 半身人: [2]数据表!#REF!
Name 半身人: [3]数据表!#REF!
Name 半身人: 数据表!#REF!
Name 半兽人: [2]数据表!#REF!
Name 半兽人: [2]数据表!#REF!
Name 半兽人: [3]数据表!#REF!
Name 半兽人: 数据表!#REF!
Name 匕首: 装备!$O$5
Name 匕首伤害: [2]装备!#REF!
Name 匕首伤害: [2]装备!#REF!
Name 匕首伤害: [3]装备!#REF!
Name 匕首伤害: 装备!#REF!
Name 鞭: 装备!$O$35
Name 鞭伤害: [2]装备!#REF!
Name 鞭伤害: [2]装备!#REF!
Name 鞭伤害: [3]装备!#REF!
Name 鞭伤害: 装备!#REF!
Name 标枪: 装备!$O$8
Name 标枪伤害: [2]装备!#REF!
Name 标枪伤害: [2]装备!#REF!
Name 标枪伤害: [3]装备!#REF!
Name 标枪伤害: 装备!#REF!
Name 捕网: 装备!$O$40
Name 捕网伤害: [2]装备!#REF!
Name 捕网伤害: [2]装备!#REF!
Name 捕网伤害: [3]装备!#REF!
Name 捕网伤害: 装备!#REF!
Name 吹箭筒: 装备!$O$36
Name 吹箭筒伤害: [2]装备!#REF!
Name 吹箭筒伤害: [2]装备!#REF!
Name 吹箭筒伤害: [3]装备!#REF!
Name 吹箭筒伤害: 装备!#REF!
Name 纯种蛇人: [2]数据表!#REF!

Sheet 背景
A1: 人物背景 Background
B3: 角色名 | O3: 背景获利 | AP3: 背景特性
B4: 玩家 | O4: 语言 | S4: =背景数据!Q2 | AP4: =背景数据!P2
B5: 故乡 | O5: 技能熟练 | S5: =背景数据!S2
B6: 背景 | O6: 工具熟练 | S6: =背景数据!T2
O7: 背景装备 | S7: =背景数据!U2
B8: 年龄 | H8: 身高
B9: 性别 | H9: 体重
B11: 人物形象 | O11: 个性 | AV11: 人物立绘
O13: 理念
O14: 羁绊
O15: 缺陷
O17: 背景故事
B23: 语言
B29: 熟练工具

Sheet 主要
A1: DND 5E 人物卡<悲灵ver.>（2014） | AV1: =".st"& " 力量"&IF($B$13="O","*","")&":"&$F$13& " 敏捷"&IF($B$14="O","*","")&":"&$F$14& " 体质"&IF($B$15="O","*","")&":"&$F$15& " 智力"&IF($B$16="O","*","")&":"&$F$16& " 感知"&IF($B$17="O","*","")&":"&$F$17& " 魅力"&IF($B$18="O","*","")&":"&$F$18& " hp"&":"&R22&" hpmax"&":"&V22& " 先攻"&":"&D22&" ac"&":"&D23&" dc"&":"&D24&" pp"&":"&$L$23&" 熟练"&":"&S3& " 运动"&IF($B$41="O","*",IF($B$41="🅞","*2",IF($H$39="O","*0.5","")))&":"&IF($F$41+$X$11="",0,$F$41+$X$11)& " 特技"&IF($B$43="O","*",IF($B$43="🅞","*2",IF($H$39="O","*0.5","")))&":"&IF($F$43+$X$11="",0,$F$43+$X$11)& " 巧手"&IF($B$44="O","*",IF($B$44="🅞","*2",IF($H$39="O","*0.5","")))&":"&IF($F$44+$X$11="",0,$F$44+$X$11)& " 隐匿"&IF($B$45="O","*",IF($B$45="🅞","*2",IF($H$39="O","*0.5","")))&":"&IF($F$45+$X$11="",0,$F$45+$X$11)& " 调查"&IF($B$47="O","*",IF($B$47="🅞","*2",IF($H$39="O","*0.5","")))&":"&IF($F$47+$X$11="",0,$F$47+$X$11)& " 奥秘"&IF($B$48="O","*",IF($B$48="🅞","*2",IF($H$39="O","*0.5","")))&":"&IF($F$48+$X$11="",0,$F$48+$X$11)& " 历史"&IF($B$49="O","*",IF($B$49="🅞","*2",IF($H$39="O","*0.5","")))&":"&IF($F$49+$X$11="",0,$F$49+$X$11)& " 自然"&IF($B$50="O","*",IF($B$50="🅞","*2",IF($H$39="O","*0.5","")))&":"&IF($F$50+$X$11="",0,$F$50+$X$11)& " 宗教"&IF($B$51="O","*",IF($B$51="🅞","*2",IF($H$39="O","*0.5","")))&":"&IF($F$51+$X$11="",0,$F$51+$X$11)& " 察觉"&IF($B$53="O","*",IF($B$53="🅞","*2",IF($H$39="O","*0.5","")))&":"&IF($F$53+$X$11="",0,$F$53+$X$11)& " 洞悉"&IF($B$54="O","*",IF($B$54="🅞","*2",IF($H$39="O","*0.5","")))&":"&IF($F$54+$X$11="",0,$F$54+$X$11)& " 驯兽"&IF($B$55="O","*",IF($B$55="🅞","*2",IF($H$39="O","*0.5","")))&":"&IF($F$55+$X$11="",0,$F$55+$X$11)& " 医疗"&IF($B$56="O","*",IF($B$56="🅞","*2",IF($H$39="O","*0.5","")))&":"&IF($F$56+$X$11="",0,$F$56+$X$11)& " 求生"&IF($B$57="O","*",IF($B$57="🅞","*2",IF($H$39="O","*0.5","")))&":"&IF($F$57+$X$11="",0,$F$57+$X$11)& " 游说"&IF($B$59="O","*",IF($B$59="🅞","*2",IF($H$39="O","*0.5","")))&":"&IF($F$59+$X$11="",0,$F$59+$X$11)& " 欺瞒"&IF($B$60="O","*",IF($B$60="🅞","*2",IF($H$39="O","*0.5","")))&":"&IF($F$60+$X$11="",0,$F$60+$X$11)& " 威吓"&IF($B$61="O","*",IF($B$61="🅞","*2",IF($H$39="O","*0.5","")))&":"&IF($F$61+$X$11="",0,$F$61+$X$11)& " 表演"&IF($B$62="O","*",IF($B$62="🅞","*2",IF($H$39="O","*0.5","")))&":"&IF($F$62+$X$11="",0,$F$62+$X$11) -> .st 力量:10 敏捷:10 体质:10 智力:10 感知:10 魅力:10 hp:0 hpmax:0 先攻:0 ac:10 dc:10 pp:10 熟练:2 运动:0 特技:0 巧手:0 隐匿:0 调查:0 奥秘:0 历史:0 自然:0 宗教:0 察觉:0 洞悉:0 驯兽:0 医疗:0 求生:0 游说:0 欺瞒:0 威吓:0 表演:0 | AW1: 生命值小工具 | BK1: 生命骰使用期望 | BQ1: 是 | BT1: 种族特性
AX2: 1级 | AZ2: 2级 | BB2: 3级 | BD2: 4级 | BF2: 5级 | BH2: 6级 | BJ2: 7级 | BL2: 8级 | BN2: 9级 | BP2: 10级 | BT2: 名称 | BZ2: 描述
B3: 角色名 | Q3: 熟练 | S3: =IFERROR(VLOOKUP(SUM(O6,O7,O8),数据表!CI47:CJ66,2,FALSE)+W4,"×") -> 2 | W3: 修正 | AW3: 生命值小工具
B4: 玩家 | E4: 悲灵 | V4: < | AX4: 11级 | AZ4: 12级 | BB4: 13级 | BD4: 14级 | BF4: 15级 | BH4: 16级 | BJ4: 17级 | BL4: 18级 | BN4: 19级 | BP4: 20级
E5: 主职 | I5: 子职 | O5: Lv
B6: 主职业 | O6: 1 | R6: 种族 | AX6: 额外调整值 | BB6: 修正 | BF6: 生命总值 | BI6: 仅需填入每级生命骰结果 自动结算等级与体质调整值
B7: 兼职1 | R7: 亚种 | BF7: =IF(BQ1="否",SUM(AX3:BQ3,AX5:BQ5,(R15+AX7)*(O6+O7+O8),BB7),SUM(O6*职业!AF2,O7*职业!AF3,O8*职业!AF4,职业!AF7,(R15+AX7)*(O6+O7+O8),BB7)) -> 0
B8: 兼职2 | R8: 阵营
B9: 经验值 | O9: =IF(E9="","","Lv "&VLOOKUP(E9,数据表!CF20:CG39,2,TRUE)) | R9: 信仰 | BJ9: 职业能力
AW10: Lv | AX10: 名称 | BC10: 描述
B11: 属性 | R11: 全局检定修正
B12: 熟练 | F12: 总值 | I12: 初始值 | K12: 种族 | M12: 成长 | O12: 修正 | R12: 调整值 | T12: 豁免 | W12: 修正
B13: X | C13: 力量 | F13: =I13+K13+M13+O13 -> 10 | H13: < | I13: 10 | Q13: > | R13: =INT(F13/2-5) -> 0 | T13: =INT(F13/2-5)+IF(B13="O",$S$3,0)+W13 -> 0 | V13: <
B14: X | C14: 敏捷 | F14: =I14+K14+M14+O14 -> 10 | H14: < | I14: 10 | Q14: > | R14: =INT(F14/2-5) -> 0 | T14: =INT(F14/2-5)+IF(B14="O",$S$3,0)+W14 -> 0 | V14: <
B15: X | C15: 体质 | F15: =I15+K15+M15+O15 -> 10 | H15: < | I15: 10 | Q15: > | R15: =INT(F15/2-5) -> 0 | T15: =INT(F15/2-5)+IF(B15="O",$S$3,0)+W15 -> 0 | V15: <
B16: X | C16: 智力 | F16: =I16+K16+M16+O16 -> 10 | H16: < | I16: 10 | Q16: > | R16: =INT(F16/2-5) -> 0 | T16: =INT(F16/2-5)+IF(B16="O",$S$3,0)+W16 -> 0 | V16: <
B17: X | C17: 感知 | F17: =I17+K17+M17+O17 -> 10 | H17: < | I17: 10 | Q17: > | R17: =INT(F17/2-5) -> 0 | T17: =INT(F17/2-5)+IF(B17="O",$S$3,0)+W17 -> 0 | V17: < | BT17: 专长
B18: X | C18: 魅力 | F18: =I18+K18+M18+O18 -> 10 | H18: < | I18: 10 | Q18: > | R18: =INT(F18/2-5) -> 0 | T18: =INT(F18/2-5)+IF(B18="O",$S$3,0)+W18 -> 0 | V18: < | BT18: Lv | BU18: 名称 | BZ18: 描述
BT19: 4
B20: 战斗 | R20: 持有英雄激励 | X20: 否 | BT20: 8
G21: 修正 | S21: Now | V21: Max | AA21: 画像 | BT21: 12
B22: 先攻 | D22: =SUM(R14+G22) -> 0 | F22: < | P22: HP | R22: =V22 -> 0 | U22: / | V22: =BF7 -> 0 | AA22: 抗性 | AO22: 黑视 | BT22: 16
B23: AC | D23: =SUM(AF40,AI40,G23,+IF(AS40="是",AQ40,0)) -> 10 | F23: < | J23: 被察 | L23: =SUM(10+I53) -> 10 | P23: HD | R23: =U23 -> 1 | T23: / | U23: =O6+O7+O8 -> 1 | W23: =IF(E7="",IF(E8="",IFERROR(VLOOKUP(E6,职业!AC2:AD14,2,0),""),""),"") | AA23: 免疫 | AO23: 体型 | AR23: 中型 | BT23: 19
B24: DC | D24: =SUM(8+S3+G24+IF(L24="力量",R13,IF(L24="敏捷",R14,IF(L24="体质",R15,IF(L24="智力",R16,IF(L24="感知",R17,IF(L24="魅力",R18,0))))))) -> 10 | F24: < | I24: < | J24: 属性 | L24: 魅力 | P24: 临时生命 | AA24: 优势 | AO24: 速度 | AR24: 30 | BT24: 6
B25: 名称 | F25: 描述 | J25: Now | M25: Max | O25: 回复 | Q25: 名称 | U25: 描述 | Y25: Now | AB25: Max | AD25: 回复 | AF25: 名称 | AJ25: 描述 | AN25: Now | AQ25: Max | AS25: 回复 | BT25: 10
B26: 特殊能力 | L26: / | Q26: 特殊能力 | AA26: / | AF26: 特殊能力 | AP26: /
B27: 特殊能力 | L27: / | Q27: 特殊能力 | AA27: / | AF27: 特殊能力 | AP27: /
B28: 特殊能力 | L28: / | Q28: 特殊能力 | AA28: / | AF28: 特殊能力 | AP28: /
B30: 武器 | U30: 攻击属性 | AA30: 默认 | AE30: 弹药 | AK30: 箭矢 | AP30: 数量 | AS30: 0
B31: 武器 | F31: 同调 | H31: 武器名称 | L31: 加值 | N31: 特性 | W31: 熟练 | X31: 攻击骰 | AB31: 伤害骰 | AF31: 类型 | AH31: 额外伤害 | AL31: 类型 | AN31: 额外伤害 | AS31: 类型 | BT31: 特殊能力
G32: > | V32: > | W32: O | X32: D20 | Z32: =装备!Y2 | AB32: =装备!W2 | AD32: =IF(装备!AA2="","",IF(装备!AA2>=0,CONCATENATE("+",装备!AA2),装备!AA2)) | AF32: =装备!X2 | BT32: 名称 | BZ32: 描述
G33: > | V33: > | W33: O | X33: D20 | Z33: =装备!Y3 | AB33: =装备!W3 | AD33: =IF(装备!AA3="","",IF(装备!AA3>=0,CONCATENATE("+",装备!AA3),装备!AA3)) | AF33: =装备!X3
G34: > | V34: > | W34: O | X34: D20 | Z34: =装备!Y4 | AB34: =装备!W4 | AD34: =IF(装备!AA4="","",IF(装备!AA4>=0,CONCATENATE("+",装备!AA4),装备!AA4)) | AF34: =装备!X4
G35: > | V35: > | W35: O | X35: D20 | Z35: =装备!Y5 | AB35: =装备!W5 | AD35: =IF(装备!AA5="","",IF(装备!AA5>=0,CONCATENATE("+",装备!AA5),装备!AA5)) | AF35: =装备!X5
G36: > | V36: > | W36: O | X36: D20 | Z36: =装备!Y6 | AB36: =装备!W6 | AD36: =IF(装备!AA6="","",IF(装备!AA6>=0,CONCATENATE("+",装备!AA6),装备!AA6)) | AF36: =装备!X6
B38: 技能 | L38: 装备 | AM38: 已同调的装备 | AS38: =SUM(数据表!CI23:CI39) -> 0
B39: 万事通 | H39: X | L39: 护甲 | P39: 同调 | R39: 名称 | U39: 加值 | V39: 特性 | AF39: AC | AH39: 敏捷加值 | AL39: 盾牌 | AP39: 同调 | AQ39: AC | AS39: 着装 | BT39: 寻获魔宠速查
B40: 熟练 | D40: 力量 | F40: 修正 | I40: 总值 | AE40: > | AF40: =装备!Z21+U40 -> 10 | AH40: + | AI40: =装备!AA21 -> 0 | AQ40: 2 | AS40: 否 | BT40: 名字 | BX40: 魔宠类型 | CD40: AC | CF40: HP | CK40: HD | CN40: 先攻
B41: X | C41: 运动 | H41: > | I41: =R13+F41+IF(B41="O",$S$3,(IF(B41="🅞",$S$3*2,IF($H$39="是",INT($S$3/2),0))))+X11 -> 0 | L41: 奇物 | P41: 同调 | R41: 稀有度 | U41: 部位 | W41: 特性 | CC41: > | CD41: =IFERROR(VLOOKUP($BX$41,魔宠!$A$3:$AD$21,5,FALSE),"") | CH41: / | CI41: =IFERROR(VLOOKUP($BX$41,魔宠!$A$3:$AD$21,6,FALSE),"") | CK41: =IFERROR(VLOOKUP($BX$41,魔宠!$A$3:$AD$21,7,FALSE),"") | CM41: > | CN41: =IFERROR(VLOOKUP($BX$41,魔宠!$A$3:$AD$21,8,FALSE),"")
B42: 敏捷 | Q42: > | BT42: 体型 | BW42: 种类 | BZ42: 阵营 | CD42: 速度
B43: X | C43: 特技 | H43: > | I43: =R14+F43+IF(B43="O",$S$3,(IF(B43="🅞",$S$3*2,IF($H$39="是",INT($S$3/2),0))))+X11 -> 0 | Q43: > | BT43: =IFERROR(VLOOKUP($BX$41,魔宠!$A$3:$AD$21,2,FALSE),"") | BW43: =IFERROR(VLOOKUP($BX$41,魔宠!$A$3:$AD$21,3,FALSE),"") | BZ43: =IFERROR(VLOOKUP($BX$41,魔宠!$A$3:$AD$21,4,FALSE),"") | CD43: =IFERROR(VLOOKUP($BX$41,魔宠!$A$3:$AD$21,9,FALSE),"")
B44: X | C44: 巧手 | H44: > | I44: =R14+F44+IF(B44="O",$S$3,(IF(B44="🅞",$S$3*2,IF($H$39="是",INT($S$3/2),0))))+X11 -> 0 | Q44: > | BT44: 力量 | BV44: 调整 | BX44: 豁免 | CB44: 敏捷 | CD44: 调整 | CF44: 豁免 | CJ44: 体质 | CL44: 调整 | CN44: 豁免
B45: X | C45: 隐匿 | H45: > | I45: =R14+F45+IF(B45="O",$S$3,(IF(B45="🅞",$S$3*2,IF($H$39="是",INT($S$3/2),0))))+X11 -> 0 | Q45: > | BT45: =IFERROR(VLOOKUP($BX$41,魔宠!$A$3:$AD$21,10,FALSE),"") | BV45: =IFERROR(VLOOKUP($BX$41,魔宠!$A$3:$AD$21,11,FALSE),"") | BX45: =IFERROR(VLOOKUP($BX$41,魔宠!$A$3:$AD$21,12,FALSE),"") | CB45: =IFERROR(VLOOKUP($BX$41,魔宠!$A$3:$AD$21,13,FALSE),"") | CD45: =IFERROR(VLOOKUP($BX$41,魔宠!$A$3:$AD$21,14,FALSE),"") | CF45: =IFERROR(VLOOKUP($BX$41,魔宠!$A$3:$AD$21,15,FALSE),"") | CJ45: =IFERROR(VLOOKUP($BX$41,魔宠!$A$3:$AD$21,16,FALSE),"") | CL45: =IFERROR(VLOOKUP($BX$41,魔宠!$A$3:$AD$21,17,FALSE),"") | CN45: =IFERROR(VLOOKUP($BX$41,魔宠!$A$3:$AD$21,18,FALSE),"")
B46: 智力 | Q46: > | BT46: 智力 | BV46: 调整 | BX46: 豁免 | CB46: 感知 | CD46: 调整 | CF46: 豁免 | CJ46: 魅力 | CL46: 调整 | CN46: 豁免
B47: X | C47: 调查 | H47: > | I47: =$R$16+F47+IF(B47="O",$S$3,(IF(B47="🅞",$S$3*2,IF($H$39="是",INT($S$3/2),0))))+X11 -> 0 | Q47: > | BT47: =IFERROR(VLOOKUP($BX$41,魔宠!$A$3:$AD$21,19,FALSE),"") | BV47: =IFERROR(VLOOKUP($BX$41,魔宠!$A$3:$AD$21,20,FALSE),"") | BX47: =IFERROR(VLOOKUP($BX$41,魔宠!$A$3:$AD$21,21,FALSE),"") | CB47: =IFERROR(VLOOKUP($BX$41,魔宠!$A$3:$AD$21,22,FALSE),"") | CD47: =IFERROR(VLOOKUP($BX$41,魔宠!$A$3:$AD$21,23,FALSE),"") | CF47: =IFERROR(VLOOKUP($BX$41,魔宠!$A$3:$AD$21,24,FALSE),"") | CJ47: =IFERROR(VLOOKUP($BX$41,魔宠!$A$3:$AD$21,25,FALSE),"") | CL47: =IFERROR(VLOOKUP($BX$41,魔宠!$A$3:$AD$21,26,FALSE),"") | CN47: =IFERROR(VLOOKUP($BX$41,魔宠!$A$3:$AD$21,27,FALSE),"")
B48: X | C48: 奥秘 | H48: > | I48: =$R$16+F48+IF(B48="O",$S$3,(IF(B48="🅞",$S$3*2,IF($H$39="是",INT($S$3/2),0))))+X11 -> 0 | Q48: > | BT48: 概览
B49: X | C49: 历史 | H49: > | I49: =$R$16+F49+IF(B49="O",$S$3,(IF(B49="🅞",$S$3*2,IF($H$39="是",INT($S$3/2),0))))+X11 -> 0 | Q49: > | BT49: =IFERROR(VLOOKUP($BX$41,魔宠!$A$3:$AD$21,28,FALSE),"")
B50: X | C50: 自然 | H50: > | I50: =$R$16+F50+IF(B50="O",$S$3,(IF(B50="🅞",$S$3*2,IF($H$39="是",INT($S$3/2),0))))+X11 -> 0 | Q50: >
B51: X | C51: 宗教 | H51: > | I51: =$R$16+F51+IF(B51="O",$S$3,(IF(B51="🅞",$S$3*2,IF($H$39="是",INT($S$3/2),0))))+X11 -> 0 | Q51: >
B52: 感知 | L52: 消耗品 | R52: 稀有度 | U52: 描述 | AP52: 数量
B53: X | C53: 察觉 | H53: > | I53: =$R$17+F53+IF(B53="O",$S$3,(IF(B53="🅞",$S$3*2,IF($H$39="是",INT($S$3/2),0))))+X11 -> 0 | Q53: > | AR53: /
B54: X | C54: 洞悉 | H54: > | I54: =$R$17+F54+IF(B54="O",$S$3,(IF(B54="🅞",$S$3*2,IF($H$39="是",INT($S$3/2),0))))+X11 -> 0 | Q54: > | AR54: /
B55: X | C55: 驯养 | H55: > | I55: =$R$17+F55+IF(B55="O",$S$3,(IF(B55="🅞",$S$3*2,IF($H$39="是",INT($S$3/2),0))))+X11 -> 0 | Q55: > | AR55: / | BT55: 特质
B56: X | C56: 医药 | H56: > | I56: =$R$17+F56+IF(B56="O",$S$3,(IF(B56="🅞",$S$3*2,IF($H$39="是",INT($S$3/2),0))))+X11 -> 0 | Q56: > | AR56: / | BT56: =IFERROR(VLOOKUP($BX$41,魔宠!$A$3:$AD$21,29,FALSE),"")
B57: X | C57: 生存 | H57: > | I57: =$R$17+F57+IF(B57="O",$S$3,(IF(B57="🅞",$S$3*2,IF($H$39="是",INT($S$3/2),0))))+X11 -> 0 | Q57: > | AR57: /
B58: 魅力 | L58: ——负重&财产—— | AG58: ———随身钱币———
B59: X | C59: 游说 | H59: > | I59: =$R$18+F59+IF(B59="O",$S$3,(IF(B59="🅞",$S$3*2,IF($H$39="是",INT($S$3/2),0))))+X11 -> 0 | L59: 装备 | O59: 背包1 | R59: 背包2 | U59: > | V59: 总负重 | AB59: < | AC59: 钱包 | AF59: < | AG59: GP | AN59: PP
B60: X | C60: 欺瞒 | H60: > | I60: =$R$18+F60+IF(B60="O",$S$3,(IF(B60="🅞",$S$3*2,IF($H$39="是",INT($S$3/2),0))))+X11 -> 0 | L60: =SUM(数据表!BL20,数据表!BP20,数据表!BT20:BU24,数据表!BY20:BZ28,装备!H27) -> 0 | O60: =背包!V3 -> 0 | R60: =背包!AS3 -> 0 | V60: =SUM(L60:T60)+AC60+AC62 -> 0 | AC60: =SUM(AI59:AM62,AP59)/50 -> 0 | AG60: EP | AN60: 总财富
B61: X | C61: 威吓 | H61: > | I61: =$R$18+F61+IF(B61="O",$S$3,(IF(B61="🅞",$S$3*2,IF($H$39="是",INT($S$3/2),0))))+X11 -> 0 | L61: 轻载 | O61: 重载 | R61: 超载 | V61: 最大载重 | AC61: 次元袋 | AG61: SP | AN61: =CONCATENATE(SUM(AP59*10+AI60/2+AI59+AI61/10+AI62/100),"GP") -> 0GP
B62: X | C62: 表演 | H62: > | I62: =$R$18+F62+IF(B62="O",$S$3,(IF(B62="🅞",$S$3*2,IF($H$39="是",INT($S$3/2),0))))+X11 -> 0 | L62: 0 | O62: =F13*5 -> 50 | R62: =F13*10 -> 100 | V62: =IF(V61="最大载重",F13*15,IF(V60<=O62,"轻载",IF(V60<=R62,"重载",IF(V60>R62,"超载")))) -> 150 | AC62: =IF(背包!V27="无效",0,15)+IF(背包!AS27="无效",0,15) -> 0 | AG62: CP
B64: 法术 | P64: 无消耗法术 | X64: 准备法术
B65: 关键属性 | E65: 修正 | G65: 法术DC | I65: 修正 | K65: 法术攻击骰 | P65: Lv | Q65: 法术名称 | X65: Lv | Y65: 法术名称 | AF65: Lv | AG65: 法术名称 | AN65: Lv | AO65: 法术名称
B66: 智力 | G66: =IFERROR(SUM(8+S3+E66+R16),"×") -> 10 | K66: =IFERROR(CONCATENATE("D20+",SUM(R16+S3+I66)),"x") -> D20+2 | P66: =CONCATENATE(IFERROR(VLOOKUP(Q66,法术大全!$A:$W,2,FALSE),""),IFERROR(IF(VLOOKUP(Q66,法术大全!$A:$W,5,FALSE)="√"," ",""),"")) | X66: =CONCATENATE(IFERROR(VLOOKUP(Y66,法术大全!$A:$W,2,FALSE),""),IFERROR(IF(VLOOKUP(Y66,法术大全!$A:$W,5,FALSE)="√"," ",""),"")) | AF66: =CONCATENATE(IFERROR(VLOOKUP(AG66,法术大全!$A:$W,2,FALSE),""),IFERROR(IF(VLOOKUP(AG66,法术大全!$A:$W,5,FALSE)="√"," ",""),"")) | AN66: =CONCATENATE(IFERROR(VLOOKUP(AO66,法术大全!$A:$W,2,FALSE),""),IFERROR(IF(VLOOKUP(AO66,法术大全!$A:$W,5,FALSE)="√"," ",""),"")) | BT66: 动作
B67: 感知 | G67: =IFERROR(SUM(8+S3+E67+R17),"×") -> 10 | K67: =IFERROR(CONCATENATE("D20+",SUM(R17+S3+I67)),"x") -> D20+2 | P67: =CONCATENATE(IFERROR(VLOOKUP(Q67,法术大全!$A:$W,2,FALSE),""),IFERROR(IF(VLOOKUP(Q67,法术大全!$A:$W,5,FALSE)="√"," ",""),"")) | X67: =CONCATENATE(IFERROR(VLOOKUP(Y67,法术大全!$A:$W,2,FALSE),""),IFERROR(IF(VLOOKUP(Y67,法术大全!$A:$W,5,FALSE)="√"," ",""),"")) | AF67: =CONCATENATE(IFERROR(VLOOKUP(AG67,法术大全!$A:$W,2,FALSE),""),IFERROR(IF(VLOOKUP(AG67,法术大全!$A:$W,5,FALSE)="√"," ",""),"")) | AN67: =CONCATENATE(IFERROR(VLOOKUP(AO67,法术大全!$A:$W,2,FALSE),""),IFERROR(IF(VLOOKUP(AO67,法术大全!$A:$W,5,FALSE)="√"," ",""),"")) | BT67: =IFERROR(VLOOKUP($BX$41,魔宠!$A$3:$AD$21,30,FALSE),"")
B68: 魅力 | G68: =IFERROR(SUM(8+S3+E68+R18),"×") -> 10 | K68: =IFERROR(CONCATENATE("D20+",SUM(R18+S3+I68)),"x") -> D20+2 | P68: =CONCATENATE(IFERROR(VLOOKUP(Q68,法术大全!$A:$W,2,FALSE),""),IFERROR(IF(VLOOKUP(Q68,法术大全!$A:$W,5,FALSE)="√"," ",""),"")) | X68: =CONCATENATE(IFERROR(VLOOKUP(Y68,法术大全!$A:$W,2,FALSE),""),IFERROR(IF(VLOOKUP(Y68,法术大全!$A:$W,5,FALSE)="√"," ",""),"")) | AF68: =CONCATENATE(IFERROR(VLOOKUP(AG68,法术大全!$A:$W,2,FALSE),""),IFERROR(IF(VLOOKUP(AG68,法术大全!$A:$W,5,FALSE)="√"," ",""),"")) | AN68: =CONCATENATE(IFERROR(VLOOKUP(AO68,法术大全!$A:$W,2,FALSE),""),IFERROR(IF(VLOOKUP(AO68,法术大全!$A:$W,5,FALSE)="√"," ",""),""))
B69: 职业归属 | F69: 准备数量 | P69: =CONCATENATE(IFERROR(VLOOKUP(Q69,法术大全!$A:$W,2,FALSE),""),IFERROR(IF(VLOOKUP(Q69,法术大全!$A:$W,5,FALSE)="√"," ",""),"")) | X69: =CONCATENATE(IFERROR(VLOOKUP(Y69,法术大全!$A:$W,2,FALSE),""),IFERROR(IF(VLOOKUP(Y69,法术大全!$A:$W,5,FALSE)="√"," ",""),"")) | AF69: =CONCATENATE(IFERROR(VLOOKUP(AG69,法术大全!$A:$W,2,FALSE),""),IFERROR(IF(VLOOKUP(AG69,法术大全!$A:$W,5,FALSE)="√"," ",""),"")) | AN69: =CONCATENATE(IFERROR(VLOOKUP(AO69,法术大全!$A:$W,2,FALSE),""),IFERROR(IF(VLOOKUP(AO69,法术大全!$A:$W,5,FALSE)="√"," ",""),""))
F70: =数据表!P14 | P70: =CONCATENATE(IFERROR(VLOOKUP(Q70,法术大全!$A:$W,2,FALSE),""),IFERROR(IF(VLOOKUP(Q70,法术大全!$A:$W,5,FALSE)="√"," ",""),"")) | X70: =CONCATENATE(IFERROR(VLOOKUP(Y70,法术大全!$A:$W,2,FALSE),""),IFERROR(IF(VLOOKUP(Y70,法术大全!$A:$W,5,FALSE)="√"," ",""),"")) | AF70: =CONCATENATE(IFERROR(VLOOKUP(AG70,法术大全!$A:$W,2,FALSE),""),IFERROR(IF(VLOOKUP(AG70,法术大全!$A:$W,5,FALSE)="√"," ",""),"")) | AN70: =CONCATENATE(IFERROR(VLOOKUP(AO70,法术大全!$A:$W,2,FALSE),""),IFERROR(IF(VLOOKUP(AO70,法术大全!$A:$W,5,FALSE)="√"," ",""),""))
B71: 环阶 | E71: 法术位 | J71: 法术值 | P71: =CONCATENATE(IFERROR(VLOOKUP(Q71,法术大全!$A:$W,2,FALSE),""),IFERROR(IF(VLOOKUP(Q71,法术大全!$A:$W,5,FALSE)="√"," ",""),"")) | X71: =CONCATENATE(IFERROR(VLOOKUP(Y71,法术大全!$A:$W,2,FALSE),""),IFERROR(IF(VLOOKUP(Y71,法术大全!$A:$W,5,FALSE)="√"," ",""),"")) | AF71: =CONCATENATE(IFERROR(VLOOKUP(AG71,法术大全!$A:$W,2,FALSE),""),IFERROR(IF(VLOOKUP(AG71,法术大全!$A:$W,5,FALSE)="√"," ",""),"")) | AN71: =CONCATENATE(IFERROR(VLOOKUP(AO71,法术大全!$A:$W,2,FALSE),""),IFERROR(IF(VLOOKUP(AO71,法术大全!$A:$W,5,FALSE)="√"," ",""),""))
B72: 1 | G72: / | H72: =职业!AJ16 | J72: 2 | P72: =CONCATENATE(IFERROR(VLOOKUP(Q72,法术大全!$A:$W,2,FALSE),""),IFERROR(IF(VLOOKUP(Q72,法术大全!$A:$W,5,FALSE)="√"," ",""),"")) | X72: =CONCATENATE(IFERROR(VLOOKUP(Y72,法术大全!$A:$W,2,FALSE),""),IFERROR(IF(VLOOKUP(Y72,法术大全!$A:$W,5,FALSE)="√"," ",""),"")) | AF72: =CONCATENATE(IFERROR(VLOOKUP(AG72,法术大全!$A:$W,2,FALSE),""),IFERROR(IF(VLOOKUP(AG72,法术大全!$A:$W,5,FALSE)="√"," ",""),"")) | AN72: =CONCATENATE(IFERROR(VLOOKUP(AO72,法术大全!$A:$W,2,FALSE),""),IFERROR(IF(VLOOKUP(AO72,法术大全!$A:$W,5,FALSE)="√"," ",""),""))
B73: 2 | G73: / | H73: =职业!AJ17 | J73: 3 | P73: =CONCATENATE(IFERROR(VLOOKUP(Q73,法术大全!$A:$W,2,FALSE),""),IFERROR(IF(VLOOKUP(Q73,法术大全!$A:$W,5,FALSE)="√"," ",""),"")) | X73: =CONCATENATE(IFERROR(VLOOKUP(Y73,法术大全!$A:$W,2,FALSE),""),IFERROR(IF(VLOOKUP(Y73,法术大全!$A:$W,5,FALSE)="√"," ",""),"")) | AF73: =CONCATENATE(IFERROR(VLOOKUP(AG73,法术大全!$A:$W,2,FALSE),""),IFERROR(IF(VLOOKUP(AG73,法术大全!$A:$W,5,FALSE)="√"," ",""),"")) | AN73: =CONCATENATE(IFERROR(VLOOKUP(AO73,法术大全!$A:$W,2,FALSE),""),IFERROR(IF(VLOOKUP(AO73,法术大全!$A:$W,5,FALSE)="√"," ",""),""))
B74: 3 | G74: / | H74: =职业!AJ18 | J74: 5 | AF74: =CONCATENATE(IFERROR(VLOOKUP(AG74,法术大全!$A:$W,2,FALSE),""),IFERROR(IF(VLOOKUP(AG74,法术大全!$A:$W,5,FALSE)="√"," ",""),"")) | AN74: =CONCATENATE(IFERROR(VLOOKUP(AO74,法术大全!$A:$W,2,FALSE),""),IFERROR(IF(VLOOKUP(AO74,法术大全!$A:$W,5,FALSE)="√"," ",""),""))
B75: 4 | G75: / | H75: =职业!AJ19 | J75: 6 | P75: 已知戏法 | AF75: =CONCATENATE(IFERROR(VLOOKUP(AG75,法术大全!$A:$W,2,FALSE),""),IFERROR(IF(VLOOKUP(AG75,法术大全!$A:$W,5,FALSE)="√"," ",""),"")) | AN75: =CONCATENATE(IFERROR(VLOOKUP(AO75,法术大全!$A:$W,2,FALSE),""),IFERROR(IF(VLOOKUP(AO75,法术大全!$A:$W,5,FALSE)="√"," ",""),""))
B76: 5 | G76: / | H76: =职业!AJ20 | J76: 7 | P76: Lv | Q76: 法术名称 | X76: Lv | Y76: 法术名称 | AF76: =CONCATENATE(IFERROR(VLOOKUP(AG76,法术大全!$A:$W,2,FALSE),""),IFERROR(IF(VLOOKUP(AG76,法术大全!$A:$W,5,FALSE)="√"," ",""),"")) | AN76: =CONCATENATE(IFERROR(VLOOKUP(AO76,法术大全!$A:$W,2,FALSE),""),IFERROR(IF(VLOOKUP(AO76,法术大全!$A:$W,5,FALSE)="√"," ",""),""))
B77: 6 | G77: / | H77: =职业!AJ21 | J77: 9 | P77: =CONCATENATE(IFERROR(VLOOKUP(Q77,法术大全!$A:$W,2,FALSE),""),IFERROR(IF(VLOOKUP(Q77,法术大全!$A:$W,5,FALSE)="√"," ",""),"")) | X77: =CONCATENATE(IFERROR(VLOOKUP(Y77,法术大全!$A:$W,2,FALSE),""),IFERROR(IF(VLOOKUP(Y77,法术大全!$A:$W,5,FALSE)="√"," ",""),"")) | AF77: =CONCATENATE(IFERROR(VLOOKUP(AG77,法术大全!$A:$W,2,FALSE),""),IFERROR(IF(VLOOKUP(AG77,法术大全!$A:$W,5,FALSE)="√"," ",""),"")) | AN77: =CONCATENATE(IFERROR(VLOOKUP(AO77,法术大全!$A:$W,2,FALSE),""),IFERROR(IF(VLOOKUP(AO77,法术大全!$A:$W,5,FALSE)="√"," ",""),""))
B78: 7 | G78: / | H78: =职业!AJ22 | J78: 10 | P78: =CONCATENATE(IFERROR(VLOOKUP(Q78,法术大全!$A:$W,2,FALSE),""),IFERROR(IF(VLOOKUP(Q78,法术大全!$A:$W,5,FALSE)="√"," ",""),"")) | X78: =CONCATENATE(IFERROR(VLOOKUP(Y78,法术大全!$A:$W,2,FALSE),""),IFERROR(IF(VLOOKUP(Y78,法术大全!$A:$W,5,FALSE)="√"," ",""),"")) | AF78: =CONCATENATE(IFERROR(VLOOKUP(AG78,法术大全!$A:$W,2,FALSE),""),IFERROR(IF(VLOOKUP(AG78,法术大全!$A:$W,5,FALSE)="√"," ",""),"")) | AN78: =CONCATENATE(IFERROR(VLOOKUP(AO78,法术大全!$A:$W,2,FALSE),""),IFERROR(IF(VLOOKUP(AO78,法术大全!$A:$W,5,FALSE)="√"," ",""),""))
B79: 8 | G79: / | H79: =职业!AJ23 | J79: 11 | P79: =CONCATENATE(IFERROR(VLOOKUP(Q79,法术大全!$A:$W,2,FALSE),""),IFERROR(IF(VLOOKUP(Q79,法术大全!$A:$W,5,FALSE)="√"," ",""),"")) | X79: =CONCATENATE(IFERROR(VLOOKUP(Y79,法术大全!$A:$W,2,FALSE),""),IFERROR(IF(VLOOKUP(Y79,法术大全!$A:$W,5,FALSE)="√"," ",""),"")) | AF79: =CONCATENATE(IFERROR(VLOOKUP(AG79,法术大全!$A:$W,2,FALSE),""),IFERROR(IF(VLOOKUP(AG79,法术大全!$A:$W,5,FALSE)="√"," ",""),"")) | AN79: =CONCATENATE(IFERROR(VLOOKUP(AO79,法术大全!$A:$W,2,FALSE),""),IFERROR(IF(VLOOKUP(AO79,法术大全!$A:$W,5,FALSE)="√"," ",""),"")) | BL79: 笔记
B80: 9 | G80: / | H80: =职业!AJ24 | J80: 13 | P80: =CONCATENATE(IFERROR(VLOOKUP(Q80,法术大全!$A:$W,2,FALSE),""),IFERROR(IF(VLOOKUP(Q80,法术大全!$A:$W,5,FALSE)="√"," ",""),"")) | X80: =CONCATENATE(IFERROR(VLOOKUP(Y80,法术大全!$A:$W,2,FALSE),""),IFERROR(IF(VLOOKUP(Y80,法术大全!$A:$W,5,FALSE)="√"," ",""),"")) | AF80: =CONCATENATE(IFERROR(VLOOKUP(AG80,法术大全!$A:$W,2,FALSE),""),IFERROR(IF(VLOOKUP(AG80,法术大全!$A:$W,5,FALSE)="√"," ",""),"")) | AN80: =CONCATENATE(IFERROR(VLOOKUP(AO80,法术大全!$A:$W,2,FALSE),""),IFERROR(IF(VLOOKUP(AO80,法术大全!$A:$W,5,FALSE)="√"," ",""),""))
B81: 法术值 | I81: / | J81: =职业!AF24 -> 0 | P81: =CONCATENATE(IFERROR(VLOOKUP(Q81,法术大全!$A:$W,2,FALSE),""),IFERROR(IF(VLOOKUP(Q81,法术大全!$A:$W,5,FALSE)="√"," ",""),"")) | X81: =CONCATENATE(IFERROR(VLOOKUP(Y81,法术大全!$A:$W,2,FALSE),""),IFERROR(IF(VLOOKUP(Y81,法术大全!$A:$W,5,FALSE)="√"," ",""),"")) | AF81: =CONCATENATE(IFERROR(VLOOKUP(AG81,法术大全!$A:$W,2,FALSE),""),IFERROR(IF(VLOOKUP(AG81,法术大全!$A:$W,5,FALSE)="√"," ",""),"")) | AN81: =CONCATENATE(IFERROR(VLOOKUP(AO81,法术大全!$A:$W,2,FALSE),""),IFERROR(IF(VLOOKUP(AO81,法术大全!$A:$W,5,FALSE)="√"," ",""),""))
B83: 法术简易速查 | R83: 法术效果
B84: 法术名 | I84: 施法距离 | R84: =IFERROR(VLOOKUP(B85,法术大全!$A:$W,13,FALSE),"")
I85: =IFERROR(VLOOKUP(B85,法术大全!$A:$W,7,FALSE),"")
B86: 施法时间 | G86: 法术系别 | L86: 持续时间
B87: =IFERROR(VLOOKUP(B85,法术大全!$A:$W,6,FALSE),"") | G87: =IFERROR(VLOOKUP(B85,法术大全!$A:$W,3,FALSE),"") | L87: =IFERROR(VLOOKUP(B85,法术大全!$A:$W,12,FALSE),"")
B88: 法术成分 | G88: =IF(B85="","",CONCATENATE(IF(VLOOKUP(B85,法术大全!$A:$W,8,0)="V","语言（V）",""),IF(VLOOKUP(B85,法术大全!$A:$W,9,0)="S","姿势（S）",""),IF(VLOOKUP(B85,法术大全!$A:$W,10,0)="M","材料(M)","")))
B89: =IFERROR(IF(VLOOKUP(B85,法术大全!$A:$W,10,FALSE)="M",VLOOKUP(B85,法术大全!$A:$W,11,FALSE),""),"")
B91: 适用职业
B92: =IF(B85="","",CONCATENATE(IF(VLOOKUP(B85,法术大全!$A:$W,15,0)="√","吟游诗人 ",""),IF(VLOOKUP(B85,法术大全!$A:$W,16,0)="√","牧师 ",""),IF(VLOOKUP(B85,法术大全!$A:$W,17,0)="√","德鲁伊 ",""),IF(VLOOKUP(B85,法术大全!$A:$W,18,0)="√","圣武士 ",""),IF(VLOOKUP(B85,法术大全!$A:$W,19,0)="√","游侠 ",""),IF(VLOOKUP(B85,法术大全!$A:$W,20,0)="√","术士 ",""),IF(VLOOKUP(B85,法术大全!$A:$W,21,0)="√","邪术师 ",""),IF(VLOOKUP(B85,法术大全!$A:$W,22,0)="√","法师 ",""),IF(VLOOKUP(B85,法术大全!$A:$W,23,0)="√","奇械师 ","")))

Sheet 数据表
B1: 法术书 | C1: 专注 | D1: 仪式 | E1: 准备栏 | I1: 仪 | J1: 专 | K1: {=IFERROR(INDEX($H$1:$H$59,SMALL(IF($H$2:$H$59<>"",ROW($H$2:$H$59),4^8),ROW(1:1)))&"","")} | N1: 1 | O1: 2 | P1: 3 | Q1: 4 | R1: 5 | S1: 6 | T1: 7 | U1: 8 | V1: 9 | W1: 10 | X1: 11 | Y1: 12 | Z1: 13 | AA1: 14 | AB1: 15 | AC1: 16 | AD1: 17 | AE1: 18 | AF1: 19 | AG1: 20 | AH1: 等级 | CH1: 戏法 | CI1: 0 | CL1: 物品效果 | CM1: 物品名称 | CN1: 算盘 | CO1: - | CP1: 2gp | CQ1: 2 | CR1: 物品重量 | CT1: 语言
A2: 1 | B2: =IF(法术书!X3="","",法术书!X3) | C2: =IFERROR(VLOOKUP(B2,法术大全!$A:$W,5,FALSE),"") | D2: =IFERROR(VLOOKUP(B2,法术大全!$A:$W,4,FALSE),"") | E2: 1 | F2: =B2 | H2: =IF(主要!Q66<>"",主要!Q66,"") | I2: =IF(VLOOKUP(H2,法术大全!$A$3:$E$574,4,0)="√",1,0) -> 0 | J2: =IF(VLOOKUP(H2,法术大全!$A$3:$E$574,5,0)="√",1,0) -> 0 | K2: {=IFERROR(INDEX($H$1:$H$59,SMALL(IF($H$2:$H$59<>"",ROW($H$2:$H$59),4^8),ROW(2:2)))&"","")} | M2: 吟游诗人 | N2: 4 | O2: 5 | P2: 6 | Q2: 7 | R2: 8 | S2: 9 | T2: 10 | U2: 11 | V2: 12 | W2: 14 | X2: 15 | Y2: 15 | Z2: 16 | AA2: 18 | AB2: 19 | AC2: 19 | AD2: 20 | AE2: 22 | AF2: 22 | AG2: 22 | AH2: =职业!AI3 -> 0 | AJ2: 笔记 | BN2: 笔记 | CH2: 1环 | CI2: 1 | CL2: =IF(ISBLANK(背包!B5),,INDEX(CO1:CQ149,MATCH(背包!B5&"*",CN1:CN149,0),1)) -> 0 | CM2: =IF(ISBLANK(背包!B5),,INDEX(CN1:CQ149,MATCH(背包!B5&"*",CN1:CN149,0),1)) -> 0 | CN2: 强酸_小瓶 | CO2: 你可以用一个动作将这小瓶液体泼溅到你身边 5尺内的一个生物身上，或是将小瓶投到至多 20 尺远的地方，并利用冲击打破它。两种情况都可以视为对一个生物或物件发动一次远程攻击，并将强酸视为一件临时武器。命中时，目标受到 2d6点强酸伤害。 | CP2: 25gp | CQ2: 1 | CR2: =VLOOKUP(CM2,CN1:CQ147,4,0) -> 0 | CT2: —标准语言—
A3: 2 | B3: =IF(法术书!X4="","",法术书!X4) | C3: =IFERROR(VLOOKUP(B3,法术大全!$A:$W,5,FALSE),"") | D3: =IFERROR(VLOOKUP(B3,法术大全!$A:$W,4,FALSE),"") | E3: 2 | F3: =B3 | H3: =IF(主要!Q67<>"",主要!Q67,"") | I3: =IF(VLOOKUP(H3,法术大全!$A$3:$E$574,4,0)="√",1,0) -> 0 | J3: =IF(VLOOKUP(H3,法术大全!$A$3:$E$574,5,0)="√",1,0) -> 0 | K3: {=IFERROR(INDEX($H$1:$H$59,SMALL(IF($H$2:$H$59<>"",ROW($H$2:$H$59),4^8),ROW(3:3)))&"","")} | M3: 牧师 | N3: =职业!$AI$4+主要!$R$17 -> 0 | O3: =职业!$AI$4+主要!$R$17 -> 0 | P3: =职业!$AI$4+主要!$R$17 -> 0 | Q3: =职业!$AI$4+主要!$R$17 -> 0 | R3: =职业!$AI$4+主要!$R$17 -> 0 | S3: =职业!$AI$4+主要!$R$17 -> 0 | T3: =职业!$AI$4+主要!$R$17 -> 0 | U3: =职业!$AI$4+主要!$R$17 -> 0 | ... AG3: =职业!$AI$4+主要!$R$17 -> 0 | AH3: =职业!AI4 -> 0 | CH3: 2环 | CI3: 2 | CL3: =IF(ISBLANK(背包!B6),,INDEX(CO1:CQ149,MATCH(背包!B6&"*",CN1:CN149,0),1)) -> 0 | CM3: =IF(ISBLANK(背包!B6),,INDEX(CN1:CQ149,MATCH(背包!B6&"*",CN1:CN149,0),1)) -> 0 | CN3: 炽火胶_扁瓶 | CO3: 一种粘稠的流体，其一旦接触空气就会引起自燃。你可以用一个动作将这小瓶液体投到至多20尺远的地方，并利用冲击打破它。这个动作视为对一个生物或物件发动一次远程攻击，并将炽火胶视为一件临时武器。命中时，目标在它每回合开始时受到1d4点火焰伤害。被命中生物可以使用动作进行一次DC10的敏捷检定，以扑灭火焰来结束该伤害效应。 | CP3: 50gp | CQ3: 1 | CR3: =VLOOKUP(CM3,CN1:CQ147,4,0) -> 0 | CT3: 通用语
A4: 3 | B4: =IF(法术书!X5="","",法术书!X5) | C4: =IFERROR(VLOOKUP(B4,法术大全!$A:$W,5,FALSE),"") | D4: =IFERROR(VLOOKUP(B4,法术大全!$A:$W,4,FALSE),"") | E4: 3 | F4: =B4 | H4: =IF(主要!Q68<>"",主要!Q68,"") | I4: =IF(VLOOKUP(H4,法术大全!$A$3:$E$574,4,0)="√",1,0) -> 0 | J4: =IF(VLOOKUP(H4,法术大全!$A$3:$E$574,5,0)="√",1,0) -> 0 | K4: {=IFERROR(INDEX($H$1:$H$59,SMALL(IF($H$2:$H$59<>"",ROW($H$2:$H$59),4^8),ROW(4:4)))&"","")} | M4: 德鲁伊 | N4: =职业!$AI$5+主要!$R$17 -> 0 | O4: =职业!$AI$5+主要!$R$17 -> 0 | P4: =职业!$AI$5+主要!$R$17 -> 0 | Q4: =职业!$AI$5+主要!$R$17 -> 0 | R4: =职业!$AI$5+主要!$R$17 -> 0 | S4: =职业!$AI$5+主要!$R$17 -> 0 | T4: =职业!$AI$5+主要!$R$17 -> 0 | U4: =职业!$AI$5+主要!$R$17 -> 0 | ... AG4: =职业!$AI$5+主要!$R$17 -> 0 | AH4: =职业!AI5 -> 0 | CH4: 3环 | CI4: 3 | CL4: =IF(ISBLANK(背包!B7),,INDEX(CO1:CQ149,MATCH(背包!B7&"*",CN1:CN149,0),1)) -> 0 | CM4: =IF(ISBLANK(背包!B7),,INDEX(CN1:CQ149,MATCH(背包!B7&"*",CN1:CN149,0),1)) -> 0 | CN4: 箭 | CO4: - | CP4: 1gp | CQ4: 0.05 | CR4: =VLOOKUP(CM4,CN1:CQ147,4,0) -> 0 | CT4: 通用手语
A5: 4 | B5: =IF(法术书!X6="","",法术书!X6) | C5: =IFERROR(VLOOKUP(B5,法术大全!$A:$W,5,FALSE),"") | D5: =IFERROR(VLOOKUP(B5,法术大全!$A:$W,4,FALSE),"") | E5: 4 | F5: =B5 | H5: =IF(主要!Q69<>"",主要!Q69,"") | I5: =IF(VLOOKUP(H5,法术大全!$A$3:$E$574,4,0)="√",1,0) -> 0 | J5: =IF(VLOOKUP(H5,法术大全!$A$3:$E$574,5,0)="√",1,0) -> 0 | K5: {=IFERROR(INDEX($H$1:$H$59,SMALL(IF($H$2:$H$59<>"",ROW($H$2:$H$59),4^8),ROW(5:5)))&"","")} | M5: 圣武士 | N5: =ROUNDDOWN(职业!$AI$8/2,0)+主要!$R$18 -> 0 | O5: =ROUNDDOWN(职业!$AI$8/2,0)+主要!$R$18 -> 0 | P5: =ROUNDDOWN(职业!$AI$8/2,0)+主要!$R$18 -> 0 | Q5: =ROUNDDOWN(职业!$AI$8/2,0)+主要!$R$18 -> 0 | R5: =ROUNDDOWN(职业!$AI$8/2,0)+主要!$R$18 -> 0 | S5: =ROUNDDOWN(职业!$AI$8/2,0)+主要!$R$18 -> 0 | T5: =ROUNDDOWN(职业!$AI$8/2,0)+主要!$R$18 -> 0 | U5: =ROUNDDOWN(职业!$AI$8/2,0)+主要!$R$18 -> 0 | ... AG5: =ROUNDDOWN(职业!$AI$8/2,0)+主要!$R$18 -> 0 | AH5: =职业!AI8 -> 0 | CF5: V 言语 | CH5: 4环 | CI5: 4 | CL5: =IF(ISBLANK(背包!B8),,INDEX(CO1:CQ149,MATCH(背包!B8&"*",CN1:CN149,0),1)) -> 0 | CM5: =IF(ISBLANK(背包!B8),,INDEX(CN1:CQ149,MATCH(背包!B8&"*",CN1:CN149,0),1)) -> 0 | CN5: 吹矢 | CO5: - | CP5: 1gp | CQ5: 0.02 | CR5: =VLOOKUP(CM5,CN1:CQ147,4,0) -> 0 | CT5: 龙语
A6: 5 | B6: =IF(法术书!X7="","",法术书!X7) | C6: =IFERROR(VLOOKUP(B6,法术大全!$A:$W,5,FALSE),"") | D6: =IFERROR(VLOOKUP(B6,法术大全!$A:$W,4,FALSE),"") | E6: 5 | F6: =B6 | H6: =IF(主要!Q70<>"",主要!Q70,"") | I6: =IF(VLOOKUP(H6,法术大全!$A$3:$E$574,4,0)="√",1,0) -> 0 | J6: =IF(VLOOKUP(H6,法术大全!$A$3:$E$574,5,0)="√",1,0) -> 0 | K6: {=IFERROR(INDEX($H$1:$H$59,SMALL(IF($H$2:$H$59<>"",ROW($H$2:$H$59),4^8),ROW(6:6)))&"","")} | M6: 游侠 | N6: 0 | O6: 2 | P6: 3 | Q6: 3 | R6: 4 | S6: 4 | T6: 5 | U6: 5 | V6: 6 | W6: 6 | X6: 7 | Y6: 7 | Z6: 8 | AA6: 8 | AB6: 9 | AC6: 9 | AD6: 10 | AE6: 10 | AF6: 11 | AG6: 11 | AH6: =职业!AI9 -> 0 | CF6: S 姿势 | CH6: 5环 | CI6: 5 | CL6: =IF(ISBLANK(背包!B9),,INDEX(CO1:CQ149,MATCH(背包!B9&"*",CN1:CN149,0),1)) -> 0 | CM6: =IF(ISBLANK(背包!B9),,INDEX(CN1:CQ149,MATCH(背包!B9&"*",CN1:CN149,0),1)) -> 0 | CN6: 弩矢 | CO6: - | CP6: 1gp | CQ6: 0.075 | CR6: =VLOOKUP(CM6,CN1:CQ147,4,0) -> 0 | CT6: 矮人语
A7: 6 | B7: =IF(法术书!X8="","",法术书!X8) | C7: =IFERROR(VLOOKUP(B7,法术大全!$A:$W,5,FALSE),"") | D7: =IFERROR(VLOOKUP(B7,法术大全!$A:$W,4,FALSE),"") | E7: 6 | F7: =B7 | H7: =IF(主要!Q71<>"",主要!Q71,"") | I7: =IF(VLOOKUP(H7,法术大全!$A$3:$E$574,4,0)="√",1,0) -> 0 | J7: =IF(VLOOKUP(H7,法术大全!$A$3:$E$574,5,0)="√",1,0) -> 0 | K7: {=IFERROR(INDEX($H$1:$H$59,SMALL(IF($H$2:$H$59<>"",ROW($H$2:$H$59),4^8),ROW(7:7)))&"","")} | M7: 术士 | N7: 2 | O7: 3 | P7: 4 | Q7: 5 | R7: 6 | S7: 7 | T7: 8 | U7: 9 | V7: 10 | W7: 11 | X7: 12 | Y7: 12 | Z7: 13 | AA7: 13 | AB7: 14 | AC7: 14 | AD7: 15 | AE7: 15 | AF7: 15 | AG7: 15 | AH7: =职业!AI11 -> 0 | CF7: M 材料 | CH7: 6环 | CI7: 6 | CL7: =IF(ISBLANK(背包!B10),,INDEX(CO1:CQ149,MATCH(背包!B10&"*",CN1:CN149,0),1)) -> 0 | CM7: =IF(ISBLANK(背包!B10),,INDEX(CN1:CQ149,MATCH(背包!B10&"*",CN1:CN149,0),1)) -> 0 | CN7: 投石索弹丸 | CO7: - | CP7: 0.04gp | CQ7: 0.075 | CR7: =VLOOKUP(CM7,CN1:CQ147,4,0) -> 0 | CT7: 精灵语
A8: 7 | B8: =IF(法术书!X9="","",法术书!X9) | C8: =IFERROR(VLOOKUP(B8,法术大全!$A:$W,5,FALSE),"") | D8: =IFERROR(VLOOKUP(B8,法术大全!$A:$W,4,FALSE),"") | E8: 7 | F8: =B8 | H8: =IF(主要!Q72<>"",主要!Q72,"") | I8: =IF(VLOOKUP(H8,法术大全!$A$3:$E$574,4,0)="√",1,0) -> 0 | J8: =IF(VLOOKUP(H8,法术大全!$A$3:$E$574,5,0)="√",1,0) -> 0 | K8: {=IFERROR(INDEX($H$1:$H$59,SMALL(IF($H$2:$H$59<>"",ROW($H$2:$H$59),4^8),ROW(8:8)))&"","")} | M8: 邪术师 | N8: 2 | O8: 3 | P8: 4 | Q8: 5 | R8: 6 | S8: 7 | T8: 8 | U8: 9 | V8: 10 | W8: 10 | X8: 11 | Y8: 11 | Z8: 12 | AA8: 12 | AB8: 13 | AC8: 13 | AD8: 14 | AE8: 14 | AF8: 15 | AG8: 15 | AH8: =职业!AI12 -> 0 | CH8: 7环 | CI8: 7 | CL8: =IF(ISBLANK(背包!B11),,INDEX(CO1:CQ149,MATCH(背包!B11&"*",CN1:CN149,0),1)) -> 0 | CM8: =IF(ISBLANK(背包!B11),,INDEX(CN1:CQ149,MATCH(背包!B11&"*",CN1:CN149,0),1)) -> 0 | CN8: 子弹 | CO8: 采用复兴时期物品数据，如需使用现代弹药请自行填写。 | CP8: 3gp | CQ8: 0.2 | CR8: =VLOOKUP(CM8,CN1:CQ147,4,0) -> 0 | CT8: 巨人语
A9: 8 | B9: =IF(法术书!X10="","",法术书!X10) | C9: =IFERROR(VLOOKUP(B9,法术大全!$A:$W,5,FALSE),"") | D9: =IFERROR(VLOOKUP(B9,法术大全!$A:$W,4,FALSE),"") | E9: 8 | F9: =B9 | H9: =IF(主要!Q77<>"",主要!Q77,"") | I9: =IF(VLOOKUP(H9,法术大全!$A$3:$E$574,4,0)="√",1,0) -> 0 | J9: =IF(VLOOKUP(H9,法术大全!$A$3:$E$574,5,0)="√",1,0) -> 0 | K9: {=IFERROR(INDEX($H$1:$H$59,SMALL(IF($H$2:$H$59<>"",ROW($H$2:$H$59),4^8),ROW(9:9)))&"","")} | M9: 法师 | N9: =职业!$AI$13+主要!$R$16 -> 0 | O9: =职业!$AI$13+主要!$R$16 -> 0 | P9: =职业!$AI$13+主要!$R$16 -> 0 | Q9: =职业!$AI$13+主要!$R$16 -> 0 | R9: =职业!$AI$13+主要!$R$16 -> 0 | S9: =职业!$AI$13+主要!$R$16 -> 0 | T9: =职业!$AI$13+主要!$R$16 -> 0 | U9: =职业!$AI$13+主要!$R$16 -> 0 | ... AG9: =职业!$AI$13+主要!$R$16 -> 0 | AH9: =职业!AI13 -> 0 | CE9: 主职业 | CF9: 牧师 | CG9: =主要!R17+IF(主要!B70="主职业",主要!O6,IF(主要!B70="兼职1",主要!O7,IF(主要!B70="兼职2",主要!O8,))) -> 0 | CH9: 8环 | CI9: 8 | CL9: =IF(ISBLANK(背包!B12),,INDEX(CO1:CQ149,MATCH(背包!B12&"*",CN1:CN149,0),1)) -> 0 | CM9: =IF(ISBLANK(背包!B12),,INDEX(CN1:CQ149,MATCH(背包!B12&"*",CN1:CN149,0),1)) -> 0 | CN9: 抗毒剂_小瓶 | CO9: 喝下瓶内液体的生物在1小时内进行对抗对毒素的豁免检定时具有优势。它无法为不死生物或构装生物提供任何增益。 | CP9: 50gp | CQ9: 0 | CR9: =VLOOKUP(CM9,CN1:CQ147,4,0) -> 0 | CT9: 侏儒语
A10: 9 | B10: =IF(法术书!X11="","",法术书!X11) | C10: =IFERROR(VLOOKUP(B10,法术大全!$A:$W,5,FALSE),"") | D10: =IFERROR(VLOOKUP(B10,法术大全!$A:$W,4,FALSE),"") | E10: 9 | F10: =B10 | H10: =IF(主要!Q78<>"",主要!Q78,"") | I10: =IF(VLOOKUP(H10,法术大全!$A$3:$E$574,4,0)="√",1,0) -> 0 | J10: =IF(VLOOKUP(H10,法术大全!$A$3:$E$574,5,0)="√",1,0) -> 0 | K10: {=IFERROR(INDEX($H$1:$H$59,SMALL(IF($H$2:$H$59<>"",ROW($H$2:$H$59),4^8),ROW(10:10)))&"","")} | M10: 奇械师 | N10: =ROUNDDOWN(职业!$AI$14/2,0)+主要!$R$16 -> 0 | O10: =ROUNDDOWN(职业!$AI$14/2,0)+主要!$R$16 -> 0 | P10: =ROUNDDOWN(职业!$AI$14/2,0)+主要!$R$16 -> 0 | Q10: =ROUNDDOWN(职业!$AI$14/2,0)+主要!$R$16 -> 0 | R10: =ROUNDDOWN(职业!$AI$14/2,0)+主要!$R$16 -> 0 | S10: =ROUNDDOWN(职业!$AI$14/2,0)+主要!$R$16 -> 0 | T10: =ROUNDDOWN(职业!$AI$14/2,0)+主要!$R$16 -> 0 | U10: =ROUNDDOWN(职业!$AI$14/2,0)+主要!$R$16 -> 0 | ... AG10: =ROUNDDOWN(职业!$AI$14/2,0)+主要!$R$16 -> 0 | AH10: =职业!AI14 -> 0 | CE10: 兼职1 | CF10: 圣武士 | CG10: =主要!R18+IF(主要!B70="主职业",INT(主要!O6/2),IF(主要!B70="兼职1",INT(主要!O7/2),IF(主要!B70="兼职2",INT(主要!O8/2),))) -> 0 | CH10: 9环 | CI10: 9 | CL10: =IF(ISBLANK(背包!B13),,INDEX(CO1:CQ149,MATCH(背包!B13&"*",CN1:CN149,0),1)) -> 0 | CM10: =IF(ISBLANK(背包!B13),,INDEX(CN1:CQ149,MATCH(背包!B13&"*",CN1:CN149,0),1)) -> 0 | CN10: 水晶 | CO10: 奥术法器是一件用来引导奥术法术的特殊物品，它可以是一枚法球、一块水晶、一只权杖、一根特制法杖、一根魔杖般的长木条或是其它类似的物品。术士、邪术师或法师能将这样的物品用作施法法器。 | CP10: 10gp | CQ10: 1 | CR10: =VLOOKUP(CM10,CN1:CQ147,4,0) -> 0 | CT10: 地精语
A11: 10 | B11: =IF(法术书!X12="","",法术书!X12) | C11: =IFERROR(VLOOKUP(B11,法术大全!$A:$W,5,FALSE),"") | D11: =IFERROR(VLOOKUP(B11,法术大全!$A:$W,4,FALSE),"") | E11: 10 | F11: =B11 | H11: =IF(主要!Q79<>"",主要!Q79,"") | I11: =IF(VLOOKUP(H11,法术大全!$A$3:$E$574,4,0)="√",1,0) -> 0 | J11: =IF(VLOOKUP(H11,法术大全!$A$3:$E$574,5,0)="√",1,0) -> 0 | K11: {=IFERROR(INDEX($H$1:$H$59,SMALL(IF($H$2:$H$59<>"",ROW($H$2:$H$59),4^8),ROW(11:11)))&"","")} | M11: 奥法骑士 | N11: 0 | O11: 0 | P11: 3 | Q11: 4 | R11: 4 | S11: 4 | T11: 5 | U11: 6 | V11: 6 | W11: 7 | X11: 8 | Y11: 8 | Z11: 9 | AA11: 10 | AB11: 10 | AC11: 11 | AD11: 11 | AE11: 11 | AF11: 12 | AG11: 13 | AH11: =职业!AL6 -> 0 | CE11: 兼职2 | CF11: 德鲁伊 | CG11: =主要!R17+IF(主要!B70="主职业",主要!O6,IF(主要!B70="兼职1",主要!O7,IF(主要!B70="兼职2",主要!O8,))) -> 0 | CL11: =IF(ISBLANK(背包!B14),,INDEX(CO1:CQ149,MATCH(背包!B14&"*",CN1:CN149,0),1)) -> 0 | CM11: =IF(ISBLANK(背包!B14),,INDEX(CN1:CQ149,MATCH(背包!B14&"*",CN1:CN149,0),1)) -> 0 | CN11: 法球 | CO11: 奥术法器是一件用来引导奥术法术的特殊物品，它可以是一枚法球、一块水晶、一只权杖、一根特制法杖、一根魔杖般的长木条或是其它类似的物品。术士、邪术师或法师能将这样的物品用作施法法器。 | CP11: 20gp | CQ11: 3 | CR11: =VLOOKUP(CM11,CN1:CQ147,4,0) -> 0 | CT11: 半身人语
A12: 11 | B12: =IF(法术书!X13="","",法术书!X13) | C12: =IFERROR(VLOOKUP(B12,法术大全!$A:$W,5,FALSE),"") | D12: =IFERROR(VLOOKUP(B12,法术大全!$A:$W,4,FALSE),"") | E12: 11 | F12: =B12 | H12: =IF(主要!Q80<>"",主要!Q80,"") | I12: =IF(VLOOKUP(H12,法术大全!$A$3:$E$574,4,0)="√",1,0) -> 0 | J12: =IF(VLOOKUP(H12,法术大全!$A$3:$E$574,5,0)="√",1,0) -> 0 | K12: {=IFERROR(INDEX($H$1:$H$59,SMALL(IF($H$2:$H$59<>"",ROW($H$2:$H$59),4^8),ROW(12:12)))&"","")} | M12: 诡术师 | N12: 0 | O12: 0 | P12: 3 | Q12: 4 | R12: 4 | S12: 4 | T12: 5 | U12: 6 | V12: 6 | W12: 7 | X12: 8 | Y12: 8 | Z12: 9 | AA12: 10 | AB12: 10 | AC12: 11 | AD12: 11 | AE12: 11 | AF12: 12 | AG12: 13 | AH12: =职业!AL7 -> 0 | CF12: 法师 | CG12: =主要!R16+IF(主要!B70="主职业",主要!O6,IF(主要!B70="兼职1",主要!O7,IF(主要!B70="兼职2",主要!O8,))) -> 0 | CN12: 权杖 | CO12: 奥术法器是一件用来引导奥术法术的特殊物品，它可以是一枚法球、一块水晶、一只权杖、一根特制法杖、一根魔杖般的长木条或是其它类似的物品。术士、邪术师或法师能将这样的物品用作施法法器。 | CP12: 10gp | CQ12: 2 | CT12: 兽人语
A13: 12 | B13: =IF(法术书!X14="","",法术书!X14) | C13: =IFERROR(VLOOKUP(B13,法术大全!$A:$W,5,FALSE),"") | D13: =IFERROR(VLOOKUP(B13,法术大全!$A:$W,4,FALSE),"") | E13: 12 | F13: =B13 | H13: =IF(主要!Y77<>"",主要!Y77,"") | I13: =IF(VLOOKUP(H13,法术大全!$A$3:$E$574,4,0)="√",1,0) -> 0 | J13: =IF(VLOOKUP(H13,法术大全!$A$3:$E$574,5,0)="√",1,0) -> 0 | K13: {=IFERROR(INDEX($H$1:$H$59,SMALL(IF($H$2:$H$59<>"",ROW($H$2:$H$59),4^8),ROW(13:13)))&"","")} | CF13: 奇械师 | CG13: =主要!R16+IF(主要!B70="主职业",INT(主要!O6/2),IF(主要!B70="兼职1",INT(主要!O7/2),IF(主要!B70="兼职2",INT(主要!O8/2),))) -> 0 | CL13: =IF(ISBLANK(背包!B16),,INDEX(CO1:CQ149,MATCH(背包!B16&"*",CN1:CN149,0),1)) -> 0 | CM13: =IF(ISBLANK(背包!B16),,INDEX(CN1:CQ149,MATCH(背包!B16&"*",CN1:CN149,0),1)) -> 0 | CN13: 法杖 | CO13: 奥术法器是一件用来引导奥术法术的特殊物品，它可以是一枚法球、一块水晶、一只权杖、一根特制法杖、一根魔杖般的长木条或是其它类似的物品。术士、邪术师或法师能将这样的物品用作施法法器。 | CP13: 5gp | CQ13: 4 | CR13: =VLOOKUP(CM13,CN1:CQ147,4,0) -> 0 | CT13: —稀有语言—
A14: 13 | B14: =IF(法术书!X15="","",法术书!X15) | C14: =IFERROR(VLOOKUP(B14,法术大全!$A:$W,5,FALSE),"") | D14: =IFERROR(VLOOKUP(B14,法术大全!$A:$W,4,FALSE),"") | E14: 13 | F14: =B14 | H14: =IF(主要!Y78<>"",主要!Y78,"") | I14: =IF(VLOOKUP(H14,法术大全!$A$3:$E$574,4,0)="√",1,0) -> 0 | J14: =IF(VLOOKUP(H14,法术大全!$A$3:$E$574,5,0)="√",1,0) -> 0 | K14: {=IFERROR(INDEX($H$1:$H$59,SMALL(IF($H$2:$H$59<>"",ROW($H$2:$H$59),4^8),ROW(14:14)))&"","")} | M14: 主职业 | N14: =IF(主要!E6="","",主要!E6) | O14: 准备法术 | P14: =IFERROR(VLOOKUP(主要!B70,$M$2:$AG$12, IF(VLOOKUP(主要!$B$70,$M$2:$AH$12,22,FALSE)=0,"",VLOOKUP(主要!$B$70,$M$2:$AH$12,22,FALSE)+1), FALSE),"") | CI14: 体型 | CL14: =IF(ISBLANK(背包!B17),,INDEX(CO1:CQ149,MATCH(背包!B17&"*",CN1:CN149,0),1)) -> 0 | CM14: =IF(ISBLANK(背包!B17),,INDEX(CN1:CQ149,MATCH(背包!B17&"*",CN1:CN149,0),1)) -> 0 | CN14: 魔杖 | CO14: 奥术法器是一件用来引导奥术法术的特殊物品，它可以是一枚法球、一块水晶、一只权杖、一根特制法杖、一根魔杖般的长木条或是其它类似的物品。术士、邪术师或法师能将这样的物品用作施法法器。 | CP14: 10gp | CQ14: 1 | CR14: =VLOOKUP(CM14,CN1:CQ147,4,0) -> 0 | CT14: 深渊语
A15: 14 | B15: =IF(法术书!X16="","",法术书!X16) | C15: =IFERROR(VLOOKUP(B15,法术大全!$A:$W,5,FALSE),"") | D15: =IFERROR(VLOOKUP(B15,法术大全!$A:$W,4,FALSE),"") | E15: 14 | F15: =B15 | H15: =IF(主要!Y79<>"",主要!Y79,"") | I15: =IF(VLOOKUP(H15,法术大全!$A$3:$E$574,4,0)="√",1,0) -> 0 | J15: =IF(VLOOKUP(H15,法术大全!$A$3:$E$574,5,0)="√",1,0) -> 0 | K15: {=IFERROR(INDEX($H$1:$H$59,SMALL(IF($H$2:$H$59<>"",ROW($H$2:$H$59),4^8),ROW(15:15)))&"","")} | M15: 兼职1 | N15: =IF(主要!E7="","",主要!E7) | CI15: 微型 | CL15: =IF(ISBLANK(背包!B18),,INDEX(CO1:CQ149,MATCH(背包!B18&"*",CN1:CN149,0),1)) -> 0 | CM15: =IF(ISBLANK(背包!B18),,INDEX(CN1:CQ149,MATCH(背包!B18&"*",CN1:CN149,0),1)) -> 0 | CN15: 背包 | CO15: 一个背包可以容纳1立方尺或30磅重的装备，你还可以将物品系在背包外面，例如一卷铺盖或是一捆绳索。 | CP15: 2gp | CQ15: 5 | CR15: =VLOOKUP(CM15,CN1:CQ147,4,0) -> 0 | CT15: 天界语
A16: 15 | B16: =IF(法术书!X17="","",法术书!X17) | C16: =IFERROR(VLOOKUP(B16,法术大全!$A:$W,5,FALSE),"") | D16: =IFERROR(VLOOKUP(B16,法术大全!$A:$W,4,FALSE),"") | E16: 15 | F16: =B16 | H16: =IF(主要!Y80<>"",主要!Y80,"") | I16: =IF(VLOOKUP(H16,法术大全!$A$3:$E$574,4,0)="√",1,0) -> 0 | J16: =IF(VLOOKUP(H16,法术大全!$A$3:$E$574,5,0)="√",1,0) -> 0 | K16: {=IFERROR(INDEX($H$1:$H$59,SMALL(IF($H$2:$H$59<>"",ROW($H$2:$H$59),4^8),ROW(16:16)))&"","")} | M16: 兼职2 | N16: =IF(主要!E8="","",主要!E8) | CI16: 小型 | CL16: =IF(ISBLANK(背包!B19),,INDEX(CO1:CQ149,MATCH(背包!B19&"*",CN1:CN149,0),1)) -> 0 | CM16: =IF(ISBLANK(背包!B19),,INDEX(CN1:CQ149,MATCH(背包!B19&"*",CN1:CN149,0),1)) -> 0 | CN16: 滚珠_一包1000粒 | CO16: 你可以用一个动作将这些小金属珠从袋子中洒出，并覆盖一片边长10尺的方形区域。穿过这片区域的生物必须进行一次DC10的敏捷豁免，豁免失败则摔至倒地。以半速穿过该区域的生物不需要进行该豁免。 | CP16: 1gp | CQ16: 2 | CR16: =VLOOKUP(CM16,CN1:CQ147,4,0) -> 0 | CT16: 深潜语
A17: 16 | B17: =IF(法术书!X18="","",法术书!X18) | C17: =IFERROR(VLOOKUP(B17,法术大全!$A:$W,5,FALSE),"") | D17: =IFERROR(VLOOKUP(B17,法术大全!$A:$W,4,FALSE),"") | E17: 16 | F17: =B17 | H17: =IF(主要!Q81<>"",主要!Q81,"") | I17: =IF(VLOOKUP(H17,法术大全!$A$3:$E$574,4,0)="√",1,0) -> 0 | J17: =IF(VLOOKUP(H17,法术大全!$A$3:$E$574,5,0)="√",1,0) -> 0 | K17: {=IFERROR(INDEX($H$1:$H$59,SMALL(IF($H$2:$H$59<>"",ROW($H$2:$H$59),4^8),ROW(17:17)))&"","")} | M17: =IFERROR(IF(主要!B70="主职业",VLOOKUP(N14,M1:AG9,主要!O6+1,IF(主要!B70="兼职1",VLOOKUP(N15,M1:AG9,主要!O7+1,IF(主要!B70="兼职2",VLOOKUP(N16,M1:AG9,主要!O8+1,0)))))),"") -> FALSE | CI17: 中型 | CL17: =IF(ISBLANK(背包!B20),,INDEX(CO1:CQ149,MATCH(背包!B20&"*",CN1:CN149,0),1)) -> 0 | CM17: =IF(ISBLANK(背包!B20),,INDEX(CN1:CQ149,MATCH(背包!B20&"*",CN1:CN149,0),1)) -> 0 | CN17: 粗腰桶 | CO17: 一个粗腰桶可以容纳40加仑的液体或4立方尺的固体。 | CP17: 2gp | CQ17: 70 | CR17: =VLOOKUP(CM17,CN1:CQ147,4,0) -> 0 | CT17: 德鲁伊语
A18: 17 | B18: =IF(法术书!X19="","",法术书!X19) | C18: =IFERROR(VLOOKUP(B18,法术大全!$A:$W,5,FALSE),"") | D18: =IFERROR(VLOOKUP(B18,法术大全!$A:$W,4,FALSE),"") | E18: 17 | F18: =B18 | H18: =IF(主要!Y81<>"",主要!Y81,"") | I18: =IF(VLOOKUP(H18,法术大全!$A$3:$E$574,4,0)="√",1,0) -> 0 | J18: =IF(VLOOKUP(H18,法术大全!$A$3:$E$574,5,0)="√",1,0) -> 0 | K18: {=IFERROR(INDEX($H$1:$H$59,SMALL(IF($H$2:$H$59<>"",ROW($H$2:$H$59),4^8),ROW(18:18)))&"","")} | AJ18: 背包 | CF18: 经验值 | CI18: 大型 | CL18: =IF(ISBLANK(背包!B21),,INDEX(CO1:CQ149,MATCH(背包!B21&"*",CN1:CN149,0),1)) -> 0 | CM18: =IF(ISBLANK(背包!B21),,INDEX(CN1:CQ149,MATCH(背包!B21&"*",CN1:CN149,0),1)) -> 0 | CN18: 篮子 | CO18: 篮子可以容纳2立方尺或40磅重的物品。 | CP18: 0.4gp | CQ18: 2 | CR18: =VLOOKUP(CM18,CN1:CQ147,4,0) -> 0 | CT18: 炼狱语
A19: 18 | B19: =IF(法术书!X20="","",法术书!X20) | C19: =IFERROR(VLOOKUP(B19,法术大全!$A:$W,5,FALSE),"") | D19: =IFERROR(VLOOKUP(B19,法术大全!$A:$W,4,FALSE),"") | E19: 18 | F19: =B19 | H19: =IF(主要!AG81<>"",主要!AG81,"") | I19: =IF(VLOOKUP(H19,法术大全!$A$3:$E$574,4,0)="√",1,0) -> 0 | J19: =IF(VLOOKUP(H19,法术大全!$A$3:$E$574,5,0)="√",1,0) -> 0 | K19: {=IFERROR(INDEX($H$1:$H$59,SMALL(IF($H$2:$H$59<>"",ROW($H$2:$H$59),4^8),ROW(19:19)))&"","")} | AJ19: 装备 | AP19: 稀有度 | AS19: 部位 | AU19: 描述 | BL19: 重量 | BP19: 重量 | BT19: 重量 | BY19: 重量 | CF19: Exp | CG19: Lv | CI19: 巨型 | CL19: =IF(ISBLANK(背包!B22),,INDEX(CO1:CQ149,MATCH(背包!B22&"*",CN1:CN149,0),1)) -> 0 | CM19: =IF(ISBLANK(背包!B22),,INDEX(CN1:CQ149,MATCH(背包!B22&"*",CN1:CN149,0),1)) -> 0 | CN19: 铺盖 | CO19: - | CP19: 1gp | CQ19: 7 | CR19: =VLOOKUP(CM19,CN1:CQ147,4,0) -> 0 | CT19: 原初语
A20: 19 | B20: =IF(法术书!X21="","",法术书!X21) | C20: =IFERROR(VLOOKUP(B20,法术大全!$A:$W,5,FALSE),"") | D20: =IFERROR(VLOOKUP(B20,法术大全!$A:$W,4,FALSE),"") | E20: 19 | F20: =B20 | H20: =IF(主要!AO81<>"",主要!AO81,"") | I20: =IF(VLOOKUP(H20,法术大全!$A$3:$E$574,4,0)="√",1,0) -> 0 | J20: =IF(VLOOKUP(H20,法术大全!$A$3:$E$574,5,0)="√",1,0) -> 0 | K20: {=IFERROR(INDEX($H$1:$H$59,SMALL(IF($H$2:$H$59<>"",ROW($H$2:$H$59),4^8),ROW(20:20)))&"","")} | AO20: > | BP20: =IF(主要!AS40="否","",6) | CF20: 0 | CG20: 1 | CI20: 超巨型 | CL20: =IF(ISBLANK(背包!B23),,INDEX(CO1:CQ149,MATCH(背包!B23&"*",CN1:CN149,0),1)) -> 0 | CM20: =IF(ISBLANK(背包!B23),,INDEX(CN1:CQ149,MATCH(背包!B23&"*",CN1:CN149,0),1)) -> 0 | CN20: 铃铛 | CO20: - | CP20: 1gp | CQ20: 0 | CR20: =VLOOKUP(CM20,CN1:CQ147,4,0) -> 0 | CT20: 木族语
A21: 20 | B21: =IF(法术书!X22="","",法术书!X22) | C21: =IFERROR(VLOOKUP(B21,法术大全!$A:$W,5,FALSE),"") | D21: =IFERROR(VLOOKUP(B21,法术大全!$A:$W,4,FALSE),"") | E21: 20 | F21: =B21 | H21: =IF(主要!Q73<>"",主要!Q73,"") | I21: =IF(VLOOKUP(H21,法术大全!$A$3:$E$574,4,0)="√",1,0) -> 0 | J21: =IF(VLOOKUP(H21,法术大全!$A$3:$E$574,5,0)="√",1,0) -> 0 | K21: {=IFERROR(INDEX($H$1:$H$59,SMALL(IF($H$2:$H$59<>"",ROW($H$2:$H$59),4^8),ROW(21:21)))&"","")} | N21: 戏法 | O21: 变化 | P21: 动作 | Q21: 触及 | R21: 立即 | W21: 背包1 | X21: 背包2 | Y21: 次元袋1 | Z21: 次元袋2 | AO21: > | CF21: 300 | CG21: 2 | CL21: =IF(ISBLANK(背包!B24),,INDEX(CO1:CQ149,MATCH(背包!B24&"*",CN1:CN149,0),1)) -> 0 | CM21: =IF(ISBLANK(背包!B24),,INDEX(CN1:CQ149,MATCH(背包!B24&"*",CN1:CN149,0),1)) -> 0 | CN21: 毯子 | CO21: - | CP21: 0.5gp | CQ21: 3 | CR21: =VLOOKUP(CM21,CN1:CQ147,4,0) -> 0 | CT21: 盗贼黑话
A22: 21 | B22: =IF(法术书!X23="","",法术书!X23) | C22: =IFERROR(VLOOKUP(B22,法术大全!$A:$W,5,FALSE),"") | D22: =IFERROR(VLOOKUP(B22,法术大全!$A:$W,4,FALSE),"") | E22: 21 | F22: =B22 | H22: =IF(主要!Y66<>"",主要!Y66,"") | I22: =IF(VLOOKUP(H22,法术大全!$A$3:$E$574,4,0)="√",1,0) -> 0 | J22: =IF(VLOOKUP(H22,法术大全!$A$3:$E$574,5,0)="√",1,0) -> 0 | K22: {=IFERROR(INDEX($H$1:$H$59,SMALL(IF($H$2:$H$59<>"",ROW($H$2:$H$59),4^8),ROW(22:22)))&"","")} | N22: 1 | O22: 塑能 | P22: 附赠动作 | Q22: 自身 | R22: 1轮 | W22: =SUM(背包!S5*背包!V5) -> 0 | X22: =SUM(背包!AP5*背包!AS5) -> 0 | Y22: =SUM(背包!S29*背包!V29) -> 0 | Z22: =SUM(背包!AP29*背包!AS29) -> 0 | AO22: > | CF22: 900 | CG22: 3 | CI22: 装备同调数量 | CL22: =IF(ISBLANK(背包!B25),,INDEX(CO1:CQ149,MATCH(背包!B25&"*",CN1:CN149,0),1)) -> 0 | CM22: =IF(ISBLANK(背包!B25),,INDEX(CN1:CQ149,MATCH(背包!B25&"*",CN1:CN149,0),1)) -> 0 | CN22: 滑轮组 | CO22: 一组滑轮组，其中配有一根绳索绕过轮组中，其上还装着一个系物的钩子。滑轮组可以让你提起相当于你正常举重四倍重量的物件。 | CP22: 5gp | CQ22: 5 | CR22: =VLOOKUP(CM22,CN1:CQ147,4,0) -> 0 | CT22: 地底通用语
A23: 22 | B23: =IF(法术书!X24="","",法术书!X24) | C23: =IFERROR(VLOOKUP(B23,法术大全!$A:$W,5,FALSE),"") | D23: =IFERROR(VLOOKUP(B23,法术大全!$A:$W,4,FALSE),"") | E23: 22 | F23: =B23 | H23: =IF(主要!Y67<>"",主要!Y67,"") | I23: =IF(VLOOKUP(H23,法术大全!$A$3:$E$574,4,0)="√",1,0) -> 0 | J23: =IF(VLOOKUP(H23,法术大全!$A$3:$E$574,5,0)="√",1,0) -> 0 | K23: {=IFERROR(INDEX($H$1:$H$59,SMALL(IF($H$2:$H$59<>"",ROW($H$2:$H$59),4^8),ROW(23:23)))&"","")} | N23: 2 | O23: 防护 | P23: 1分钟 | Q23: 15尺 | R23: 1分钟 | W23: =SUM(背包!S6*背包!V6) -> 0 | X23: =SUM(背包!AP6*背包!AS6) -> 0 | Y23: =SUM(背包!S30*背包!V30) -> 0 | Z23: =SUM(背包!AP30*背包!AS30) -> 0 | AO23: > | CF23: =CF22*CG22 -> 2700 | CG23: 4 | CI23: =IF(主要!P40="O",1,0) -> 0 | CN23: 书 | CO23: 一本书可能写着诗歌、故事或是其他的内容。里面可能有关于某个特定地区的学识信息，也可能有侏儒语记载的机械图和笔记，或者任何其它能够用文字或图形表达的内容。一本载有法术的书则是一本法术书（见后文详述）。 | CP23: 28gp | CQ23: 5
A24: 23 | B24: =IF(法术书!X25="","",法术书!X25) | C24: =IFERROR(VLOOKUP(B24,法术大全!$A:$W,5,FALSE),"") | D24: =IFERROR(VLOOKUP(B24,法术大全!$A:$W,4,FALSE),"") | E24: 23 | F24: =B24 | H24: =IF(主要!Y68<>"",主要!Y68,"") | I24: =IF(VLOOKUP(H24,法术大全!$A$3:$E$574,4,0)="√",1,0) -> 0 | J24: =IF(VLOOKUP(H24,法术大全!$A$3:$E$574,5,0)="√",1,0) -> 0 | K24: {=IFERROR(INDEX($H$1:$H$59,SMALL(IF($H$2:$H$59<>"",ROW($H$2:$H$59),4^8),ROW(24:24)))&"","")} | N24: 3 | O24: 死灵 | P24: 动作或仪式 | Q24: 30尺 | R24: 10分钟 | W24: =SUM(背包!S7*背包!V7) -> 0 | X24: =SUM(背包!AP7*背包!AS7) -> 0 | Y24: =SUM(背包!S31*背包!V31) -> 0 | Z24: =SUM(背包!AP31*背包!AS31) -> 0 | AO24: > | CF24: 6500 | CG24: 5 | CI24: =IF(主要!F32="O",1,0) -> 0 | CN24: 玻璃瓶 | CO24: - | CP24: 2gp | CQ24: 2
A25: 24 | B25: =IF(法术书!X26="","",法术书!X26) | C25: =IFERROR(VLOOKUP(B25,法术大全!$A:$W,5,FALSE),"") | D25: =IFERROR(VLOOKUP(B25,法术大全!$A:$W,4,FALSE),"") | E25: 24 | F25: =B25 | H25: =IF(主要!Y69<>"",主要!Y69,"") | I25: =IF(VLOOKUP(H25,法术大全!$A$3:$E$574,4,0)="√",1,0) -> 0 | J25: =IF(VLOOKUP(H25,法术大全!$A$3:$E$574,5,0)="√",1,0) -> 0 | K25: {=IFERROR(INDEX($H$1:$H$59,SMALL(IF($H$2:$H$59<>"",ROW($H$2:$H$59),4^8),ROW(25:25)))&"","")} | N25: 4 | O25: 预言 | P25: 1分钟或仪式 | Q25: 60尺 | R25: 1小时 | W25: =SUM(背包!S8*背包!V8) -> 0 | X25: =SUM(背包!AP8*背包!AS8) -> 0 | Y25: =SUM(背包!S32*背包!V32) -> 0 | Z25: =SUM(背包!AP32*背包!AS32) -> 0 | AJ25: 消耗品 | AP25: 描述 | BA25: 数量 | CF25: 14000 | CG25: 6 | CI25: =IF(主要!F33="O",1,0) -> 0 | CN25: 水桶 | CO25: 水桶可以容纳3加仑的液体或½立方尺的固体。 | CP25: 0.05gp | CQ25: 2
A26: 25 | B26: =IF(法术书!X27="","",法术书!X27) | C26: =IFERROR(VLOOKUP(B26,法术大全!$A:$W,5,FALSE),"") | D26: =IFERROR(VLOOKUP(B26,法术大全!$A:$W,4,FALSE),"") | E26: 25 | F26: =B26 | H26: =IF(主要!Y70<>"",主要!Y70,"") | I26: =IF(VLOOKUP(H26,法术大全!$A$3:$E$574,4,0)="√",1,0) -> 0 | J26: =IF(VLOOKUP(H26,法术大全!$A$3:$E$574,5,0)="√",1,0) -> 0 | K26: {=IFERROR(INDEX($H$1:$H$59,SMALL(IF($H$2:$H$59<>"",ROW($H$2:$H$59),4^8),ROW(26:26)))&"","")} | N26: 5 | O26: 咒法 | P26: 10分钟 | Q26: 90尺 | R26: 8小时 | W26: =SUM(背包!S9*背包!V9) -> 0 | X26: =SUM(背包!AP9*背包!AS9) -> 0 | Y26: =SUM(背包!S33*背包!V33) -> 0 | Z26: =SUM(背包!AP33*背包!AS33) -> 0 | AO26: > | BC26: / | CF26: 23000 | CG26: 7 | CI26: =IF(主要!F34="O",1,0) -> 0 | CN26: 铁蒺藜_一包20枚 | CO26: 你可以用一个动作将一包铁蒺藜撒出，并覆盖一块边长5尺的方形区域。任何进入该区域的生物必须进行一次DC15的敏捷豁免，豁免失败则该生物停止移动，并受到1点穿刺伤害。在该生物恢复至少1点生命值前，其步行速度将减少10尺。以半速穿过该区域的生物不需要进行该豁免。 | CP26: 1gp | CQ26: 2
A27: 26 | B27: =IF(法术书!X28="","",法术书!X28) | C27: =IFERROR(VLOOKUP(B27,法术大全!$A:$W,5,FALSE),"") | D27: =IFERROR(VLOOKUP(B27,法术大全!$A:$W,4,FALSE),"") | E27: 26 | F27: =B27 | H27: =IF(主要!Y71<>"",主要!Y71,"") | I27: =IF(VLOOKUP(H27,法术大全!$A$3:$E$574,4,0)="√",1,0) -> 0 | J27: =IF(VLOOKUP(H27,法术大全!$A$3:$E$574,5,0)="√",1,0) -> 0 | K27: {=IFERROR(INDEX($H$1:$H$59,SMALL(IF($H$2:$H$59<>"",ROW($H$2:$H$59),4^8),ROW(27:27)))&"","")} | N27: 6 | O27: 附魔 | P27: 1小时 | Q27: 120尺 | R27: 24小时 | W27: =SUM(背包!S10*背包!V10) -> 0 | X27: =SUM(背包!AP10*背包!AS10) -> 0 | Y27: =SUM(背包!S34*背包!V34) -> 0 | Z27: =SUM(背包!AP34*背包!AS34) -> 0 | AO27: > | BC27: / | CF27: 34000 | CG27: 8 | CI27: =IF(主要!F35="O",1,0) -> 0 | CN27: 蜡烛 | CO27: 一只蜡烛可以为其身边5尺半径范围提供明亮光照，以及该范围外5尺的微光光照。蜡烛的照明效果可以持续1小时。 | CP27: 0.01gp | CQ27: 0
A28: 27 | B28: =IF(法术书!X29="","",法术书!X29) | C28: =IFERROR(VLOOKUP(B28,法术大全!$A:$W,5,FALSE),"") | D28: =IFERROR(VLOOKUP(B28,法术大全!$A:$W,4,FALSE),"") | E28: 27 | F28: =B28 | H28: =IF(主要!Y72<>"",主要!Y72,"") | I28: =IF(VLOOKUP(H28,法术大全!$A$3:$E$574,4,0)="√",1,0) -> 0 | J28: =IF(VLOOKUP(H28,法术大全!$A$3:$E$574,5,0)="√",1,0) -> 0 | K28: {=IFERROR(INDEX($H$1:$H$59,SMALL(IF($H$2:$H$59<>"",ROW($H$2:$H$59),4^8),ROW(28:28)))&"","")} | N28: 7 | O28: 幻术 | P28: 8小时 | Q28: 150尺 | R28: 专注，至多1轮 | W28: =SUM(背包!S11*背包!V11) -> 0 | X28: =SUM(背包!AP11*背包!AS11) -> 0 | Y28: =SUM(背包!S35*背包!V35) -> 0 | Z28: =SUM(背包!AP35*背包!AS35) -> 0 | AO28: > | BC28: / | CF28: 48000 | CG28: 9 | CI28: =IF(主要!F36="O",1,0) -> 0 | CN28: 弩矢匣 | CO28: 一只木匣能装二十支弩矢。 | CP28: 1gp | CQ28: 1
A29: 28 | B29: =IF(法术书!X30="","",法术书!X30) | C29: =IFERROR(VLOOKUP(B29,法术大全!$A:$W,5,FALSE),"") | D29: =IFERROR(VLOOKUP(B29,法术大全!$A:$W,4,FALSE),"") | E29: 28 | F29: =B29 | H29: =IF(主要!Y73<>"",主要!Y73,"") | I29: =IF(VLOOKUP(H29,法术大全!$A$3:$E$574,4,0)="√",1,0) -> 0 | J29: =IF(VLOOKUP(H29,法术大全!$A$3:$E$574,5,0)="√",1,0) -> 0 | K29: {=IFERROR(INDEX($H$1:$H$59,SMALL(IF($H$2:$H$59<>"",ROW($H$2:$H$59),4^8),ROW(29:29)))&"","")} | N29: 8 | Q29: 300尺 | R29: 专注，至多1分钟 | W29: =SUM(背包!S12*背包!V12) -> 0 | X29: =SUM(背包!AP12*背包!AS12) -> 0 | Y29: =SUM(背包!S36*背包!V36) -> 0 | Z29: =SUM(背包!AP36*背包!AS36) -> 0 | AO29: > | BC29: / | CF29: 64000 | CG29: 10 | CI29: =IF(主要!P42="O",1,0) -> 0 | CN29: 地图或卷轴匣 | CO29: 一个圆柱形皮匣能够装上十张卷起的纸或是五张卷起的羊皮纸。 | CP29: 1gp | CQ29: 1
A30: 29 | B30: =IF(法术书!X31="","",法术书!X31) | C30: =IFERROR(VLOOKUP(B30,法术大全!$A:$W,5,FALSE),"") | D30: =IFERROR(VLOOKUP(B30,法术大全!$A:$W,4,FALSE),"") | E30: 29 | F30: =B30 | H30: =IF(主要!AG66<>"",主要!AG66,"") | I30: =IF(VLOOKUP(H30,法术大全!$A$3:$E$574,4,0)="√",1,0) -> 0 | J30: =IF(VLOOKUP(H30,法术大全!$A$3:$E$574,5,0)="√",1,0) -> 0 | K30: {=IFERROR(INDEX($H$1:$H$59,SMALL(IF($H$2:$H$59<>"",ROW($H$2:$H$59),4^8),ROW(30:30)))&"","")} | N30: 9 | Q30: 自身(5尺半径) | R30: 专注，至多10分钟 | W30: =SUM(背包!S13*背包!V13) -> 0 | X30: =SUM(背包!AP13*背包!AS13) -> 0 | Y30: =SUM(背包!S37*背包!V37) -> 0 | Z30: =SUM(背包!AP37*背包!AS37) -> 0 | AO30: > | BC30: / | CF30: 85000 | CG30: 11 | CI30: =IF(主要!P43="O",1,0) -> 0 | CN30: 链条_10尺 | CO30: 一根链条有10点生命值。它可以被一次成功的DC20力量检定挣断。 | CP30: 5gp | CQ30: 10
A31: 30 | B31: =IF(法术书!X32="","",法术书!X32) | C31: =IFERROR(VLOOKUP(B31,法术大全!$A:$W,5,FALSE),"") | D31: =IFERROR(VLOOKUP(B31,法术大全!$A:$W,4,FALSE),"") | E31: 30 | F31: =B31 | H31: =IF(主要!AG67<>"",主要!AG67,"") | I31: =IF(VLOOKUP(H31,法术大全!$A$3:$E$574,4,0)="√",1,0) -> 0 | J31: =IF(VLOOKUP(H31,法术大全!$A$3:$E$574,5,0)="√",1,0) -> 0 | K31: {=IFERROR(INDEX($H$1:$H$59,SMALL(IF($H$2:$H$59<>"",ROW($H$2:$H$59),4^8),ROW(31:31)))&"","")} | Q31: 自身(30尺半径) | R31: 专注，至多1小时 | W31: =SUM(背包!S14*背包!V14) -> 0 | X31: =SUM(背包!AP14*背包!AS14) -> 0 | Y31: =SUM(背包!S38*背包!V38) -> 0 | Z31: =SUM(背包!AP38*背包!AS38) -> 0 | AJ31: 消耗品 | AP31: 稀有度 | AS31: 描述 | BD31: 数量 | CF31: 100000 | CG31: 12 | CI31: =IF(主要!P44="O",1,0) -> 0 | CN31: 粉笔_1块 | CO31: - | CP31: 0.01gp | CQ31: 0
A32: 31 | B32: =IF(法术书!X33="","",法术书!X33) | C32: =IFERROR(VLOOKUP(B32,法术大全!$A:$W,5,FALSE),"") | D32: =IFERROR(VLOOKUP(B32,法术大全!$A:$W,4,FALSE),"") | E32: 31 | F32: =B32 | H32: =IF(主要!AG68<>"",主要!AG68,"") | I32: =IF(VLOOKUP(H32,法术大全!$A$3:$E$574,4,0)="√",1,0) -> 0 | J32: =IF(VLOOKUP(H32,法术大全!$A$3:$E$574,5,0)="√",1,0) -> 0 | K32: {=IFERROR(INDEX($H$1:$H$59,SMALL(IF($H$2:$H$59<>"",ROW($H$2:$H$59),4^8),ROW(32:32)))&"","")} | Q32: 自身(15尺立方) | R32: 10日 | AO32: > | BF32: / | CF32: 120000 | CG32: 13 | CI32: =IF(主要!P45="O",1,0) -> 0 | CN32: 箱子 | CO32: 一个箱子可以容纳12立方尺或300磅重的物品。 | CP32: 5gp | CQ32: 25
A33: 32 | B33: =IF(法术书!X34="","",法术书!X34) | C33: =IFERROR(VLOOKUP(B33,法术大全!$A:$W,5,FALSE),"") | D33: =IFERROR(VLOOKUP(B33,法术大全!$A:$W,4,FALSE),"") | E33: 32 | F33: =B33 | H33: =IF(主要!AG69<>"",主要!AG69,"") | I33: =IF(VLOOKUP(H33,法术大全!$A$3:$E$574,4,0)="√",1,0) -> 0 | J33: =IF(VLOOKUP(H33,法术大全!$A$3:$E$574,5,0)="√",1,0) -> 0 | K33: {=IFERROR(INDEX($H$1:$H$59,SMALL(IF($H$2:$H$59<>"",ROW($H$2:$H$59),4^8),ROW(33:33)))&"","")} | Q33: 自身(30尺锥状) | R33: 7日 | W33: =SUM(背包!S16*背包!V16) -> 0 | X33: =SUM(背包!AP16*背包!AS16) -> 0 | Y33: =SUM(背包!S40*背包!V40) -> 0 | Z33: =SUM(背包!AP40*背包!AS40) -> 0 | AO33: > | BF33: / | CF33: 140000 | CG33: 14 | CI33: =IF(主要!P46="O",1,0) -> 0 | CN33: 攀爬工具 | CO33: 一套攀爬工具包括特制的岩钉，靴子包头，手套和系带。你可以用一个动作来运用攀爬工具锚定自己；此时你不会从锚定处摔落超过25尺，且在解除锚定前无法从锚定处向外攀爬超过25尺。 | CP33: 25gp | CQ33: 12
A34: 33 | B34: =IF(法术书!X35="","",法术书!X35) | C34: =IFERROR(VLOOKUP(B34,法术大全!$A:$W,5,FALSE),"") | D34: =IFERROR(VLOOKUP(B34,法术大全!$A:$W,4,FALSE),"") | E34: 33 | F34: =B34 | H34: =IF(主要!AG70<>"",主要!AG70,"") | I34: =IF(VLOOKUP(H34,法术大全!$A$3:$E$574,4,0)="√",1,0) -> 0 | J34: =IF(VLOOKUP(H34,法术大全!$A$3:$E$574,5,0)="√",1,0) -> 0 | K34: {=IFERROR(INDEX($H$1:$H$59,SMALL(IF($H$2:$H$59<>"",ROW($H$2:$H$59),4^8),ROW(34:34)))&"","")} | Q34: 自身(30尺线状) | R34: 30日 | W34: =SUM(背包!S17*背包!V17) -> 0 | X34: =SUM(背包!AP17*背包!AS17) -> 0 | Y34: =SUM(背包!S41*背包!V41) -> 0 | Z34: =SUM(背包!AP41*背包!AS41) -> 0 | AO34: > | BF34: / | CF34: 165000 | CG34: 15 | CI34: =IF(主要!P47="O",1,0) -> 0 | CN34: 普通服装 | CO34: - | CP34: 0.5gp | CQ34: 3
A35: 34 | B35: =IF(法术书!X36="","",法术书!X36) | C35: =IFERROR(VLOOKUP(B35,法术大全!$A:$W,5,FALSE),"") | D35: =IFERROR(VLOOKUP(B35,法术大全!$A:$W,4,FALSE),"") | E35: 34 | F35: =B35 | H35: =IF(主要!AG71<>"",主要!AG71,"") | I35: =IF(VLOOKUP(H35,法术大全!$A$3:$E$574,4,0)="√",1,0) -> 0 | J35: =IF(VLOOKUP(H35,法术大全!$A$3:$E$574,5,0)="√",1,0) -> 0 | K35: {=IFERROR(INDEX($H$1:$H$59,SMALL(IF($H$2:$H$59<>"",ROW($H$2:$H$59),4^8),ROW(35:35)))&"","")} | Q35: 1里 | R35: 特殊 | W35: =SUM(背包!S18*背包!V18) -> 0 | X35: =SUM(背包!AP18*背包!AS18) -> 0 | Y35: =SUM(背包!S42*背包!V42) -> 0 | Z35: =SUM(背包!AP42*背包!AS42) -> 0 | AO35: > | BF35: / | CF35: 195000 | CG35: 16 | CI35: =IF(主要!P48="O",1,0) -> 0 | CN35: 表演服装 | CO35: - | CP35: 5gp | CQ35: 4
A36: 35 | B36: =IF(法术书!X37="","",法术书!X37) | C36: =IFERROR(VLOOKUP(B36,法术大全!$A:$W,5,FALSE),"") | D36: =IFERROR(VLOOKUP(B36,法术大全!$A:$W,4,FALSE),"") | E36: 35 | F36: =B36 | H36: =IF(主要!AG72<>"",主要!AG72,"") | I36: =IF(VLOOKUP(H36,法术大全!$A$3:$E$574,4,0)="√",1,0) -> 0 | J36: =IF(VLOOKUP(H36,法术大全!$A$3:$E$574,5,0)="√",1,0) -> 0 | K36: {=IFERROR(INDEX($H$1:$H$59,SMALL(IF($H$2:$H$59<>"",ROW($H$2:$H$59),4^8),ROW(36:36)))&"","")} | Q36: 视野内 | R36: 直到被解除 | W36: =SUM(背包!S19*背包!V19) -> 0 | X36: =SUM(背包!AP19*背包!AS19) -> 0 | Y36: =SUM(背包!S43*背包!V43) -> 0 | Z36: =SUM(背包!AP43*背包!AS43) -> 0 | CF36: 225000 | CG36: 17 | CI36: =IF(主要!P49="O",1,0) -> 0 | CN36: 高档服装 | CO36: - | CP36: 15gp | CQ36: 6
A37: 36 | B37: =IF(法术书!X38="","",法术书!X38) | C37: =IFERROR(VLOOKUP(B37,法术大全!$A:$W,5,FALSE),"") | D37: =IFERROR(VLOOKUP(B37,法术大全!$A:$W,4,FALSE),"") | E37: 36 | F37: =B37 | H37: =IF(主要!AG73<>"",主要!AG73,"") | I37: =IF(VLOOKUP(H37,法术大全!$A$3:$E$574,4,0)="√",1,0) -> 0 | J37: =IF(VLOOKUP(H37,法术大全!$A$3:$E$574,5,0)="√",1,0) -> 0 | K37: {=IFERROR(INDEX($H$1:$H$59,SMALL(IF($H$2:$H$59<>"",ROW($H$2:$H$59),4^8),ROW(37:37)))&"","")} | Q37: 特殊 | R37: 直至被解除或被触发 | W37: =SUM(背包!S20*背包!V20) -> 0 | X37: =SUM(背包!AP20*背包!AS20) -> 0 | Y37: =SUM(背包!S44*背包!V44) -> 0 | Z37: =SUM(背包!AP44*背包!AS44) -> 0 | AJ37: ———随身钱币——— | CF37: 265000 | CG37: 18 | CI37: =IF(主要!P50="O",1,0) -> 0 | CN37: 旅行者服装 | CO37: - | CP37: 2gp | CQ37: 4
A38: 37 | B38: =IF(法术书!X39="","",法术书!X39) | C38: =IFERROR(VLOOKUP(B38,法术大全!$A:$W,5,FALSE),"") | D38: =IFERROR(VLOOKUP(B38,法术大全!$A:$W,4,FALSE),"") | E38: 37 | F38: =B38 | H38: =IF(主要!AG74<>"",主要!AG74,"") | I38: =IF(VLOOKUP(H38,法术大全!$A$3:$E$574,4,0)="√",1,0) -> 0 | J38: =IF(VLOOKUP(H38,法术大全!$A$3:$E$574,5,0)="√",1,0) -> 0 | K38: {=IFERROR(INDEX($H$1:$H$59,SMALL(IF($H$2:$H$59<>"",ROW($H$2:$H$59),4^8),ROW(38:38)))&"","")} | R38: 直至被驱散 | W38: =SUM(背包!S21*背包!V21) -> 0 | X38: =SUM(背包!AP21*背包!AS21) -> 0 | Y38: =SUM(背包!S45*背包!V45) -> 0 | Z38: =SUM(背包!AP45*背包!AS45) -> 0 | AJ38: CP | AQ38: SP | AX38: EP | BE38: GP | BL38: PP | BS38: 总计 | BV38: =CONCATENATE(SUM(BN38*10+AZ38/2+BG38+AS38/10+AL38/100),"GP") -> 0GP | CF38: 305000 | CG38: 19 | CI38: =IF(主要!P51="O",1,0) -> 0 | CN38: 材料包 | CO38: 材料包是一个防水的皮质小小包，其内有间格用以放置各种材料成分以及其它你需要用以施展法术的特殊物品。某些有着特定价格的材料不包含在材料包中（详见相关法术的描述内容）。 | CP38: 25gp | CQ38: 2
A39: 38 | B39: =IF(法术书!X40="","",法术书!X40) | C39: =IFERROR(VLOOKUP(B39,法术大全!$A:$W,5,FALSE),"") | D39: =IFERROR(VLOOKUP(B39,法术大全!$A:$W,4,FALSE),"") | E39: 38 | F39: =B39 | H39: =IF(主要!AG75<>"",主要!AG75,"") | I39: =IF(VLOOKUP(H39,法术大全!$A$3:$E$574,4,0)="√",1,0) -> 0 | J39: =IF(VLOOKUP(H39,法术大全!$A$3:$E$574,5,0)="√",1,0) -> 0 | K39: {=IFERROR(INDEX($H$1:$H$59,SMALL(IF($H$2:$H$59<>"",ROW($H$2:$H$59),4^8),ROW(39:39)))&"","")} | W39: =SUM(背包!S22*背包!V22) -> 0 | X39: =SUM(背包!AP22*背包!AS22) -> 0 | Y39: =SUM(背包!S46*背包!V46) -> 0 | Z39: =SUM(背包!AP46*背包!AS46) -> 0 | CF39: 355000 | CG39: 20 | CI39: =IF(主要!AP40="O",1,0) -> 0 | CN39: 撬棍 | CO39: 在适当的地方使用撬棍时，可以让相应的力量检定具有优势。 | CP39: 2gp | CQ39: 5
A40: 39 | B40: =IF(法术书!X41="","",法术书!X41) | C40: =IFERROR(VLOOKUP(B40,法术大全!$A:$W,5,FALSE),"") | D40: =IFERROR(VLOOKUP(B40,法术大全!$A:$W,4,FALSE),"") | E40: 39 | F40: =B40 | H40: =IF(主要!AG76<>"",主要!AG76,"") | I40: =IF(VLOOKUP(H40,法术大全!$A$3:$E$574,4,0)="√",1,0) -> 0 | J40: =IF(VLOOKUP(H40,法术大全!$A$3:$E$574,5,0)="√",1,0) -> 0 | K40: {=IFERROR(INDEX($H$1:$H$59,SMALL(IF($H$2:$H$59<>"",ROW($H$2:$H$59),4^8),ROW(40:40)))&"","")} | W40: =SUM(背包!S23*背包!V23) -> 0 | X40: =SUM(背包!AP23*背包!AS23) -> 0 | Y40: =SUM(背包!S47*背包!V47) -> 0 | Z40: =SUM(背包!AP47*背包!AS47) -> 0 | CN40: 槲寄生枝条 | CO40: 德鲁伊法器是一件用来引导德鲁伊法术的特殊物品。它可以是一枝槲寄生或冬青，一根用紫衫木或其它特殊木材制作的魔杖或节杖，一根从活树上折下的法杖或是一个包含神圣动物身上的羽毛、毛皮、骨头和牙齿组合成的图腾。德鲁伊能将这样的物品用作其施法的法器。 | CP40: 1gp | CQ40: 0
A41: 40 | B41: =IF(法术书!X42="","",法术书!X42) | C41: =IFERROR(VLOOKUP(B41,法术大全!$A:$W,5,FALSE),"") | D41: =IFERROR(VLOOKUP(B41,法术大全!$A:$W,4,FALSE),"") | E41: 40 | F41: =B41 | H41: =IF(主要!AG77<>"",主要!AG77,"") | I41: =IF(VLOOKUP(H41,法术大全!$A$3:$E$574,4,0)="√",1,0) -> 0 | J41: =IF(VLOOKUP(H41,法术大全!$A$3:$E$574,5,0)="√",1,0) -> 0 | K41: {=IFERROR(INDEX($H$1:$H$59,SMALL(IF($H$2:$H$59<>"",ROW($H$2:$H$59),4^8),ROW(41:41)))&"","")} | W41: =SUM(背包!S24*背包!V24) -> 0 | X41: =SUM(背包!AP24*背包!AS24) -> 0 | Y41: =SUM(背包!S48*背包!V48) -> 0 | Z41: =SUM(背包!AP48*背包!AS48) -> 0 | CF41: 阵营 | CN41: 图腾 | CO41: 德鲁伊法器是一件用来引导德鲁伊法术的特殊物品。它可以是一枝槲寄生或冬青，一根用紫衫木或其它特殊木材制作的魔杖或节杖，一根从活树上折下的法杖或是一个包含神圣动物身上的羽毛、毛皮、骨头和牙齿组合成的图腾。德鲁伊能将这样的物品用作其施法的法器。 | CP41: 1gp | CQ41: 0
A42: 41 | B42: =IF(法术书!X43="","",法术书!X43) | C42: =IFERROR(VLOOKUP(B42,法术大全!$A:$W,5,FALSE),"") | D42: =IFERROR(VLOOKUP(B42,法术大全!$A:$W,4,FALSE),"") | E42: 41 | F42: =B42 | H42: =IF(主要!AG78<>"",主要!AG78,"") | I42: =IF(VLOOKUP(H42,法术大全!$A$3:$E$574,4,0)="√",1,0) -> 0 | J42: =IF(VLOOKUP(H42,法术大全!$A$3:$E$574,5,0)="√",1,0) -> 0 | K42: {=IFERROR(INDEX($H$1:$H$59,SMALL(IF($H$2:$H$59<>"",ROW($H$2:$H$59),4^8),ROW(42:42)))&"","")} | W42: =SUM(背包!S25*背包!V25) -> 0 | X42: =SUM(背包!AP25*背包!AS25) -> 0 | Y42: =SUM(背包!S49*背包!V49) -> 0 | Z42: =SUM(背包!AP49*背包!AS49) -> 0 | CF42: 守序善良 | CG42: 中立善良 | CH42: 混乱善良 | CN42: 木制法杖 | CO42: 德鲁伊法器是一件用来引导德鲁伊法术的特殊物品。它可以是一枝槲寄生或冬青，一根用紫衫木或其它特殊木材制作的魔杖或节杖，一根从活树上折下的法杖或是一个包含神圣动物身上的羽毛、毛皮、骨头和牙齿组合成的图腾。德鲁伊能将这样的物品用作其施法的法器。 | CP42: 5gp | CQ42: 4
A43: 42 | B43: =IF(法术书!X44="","",法术书!X44) | C43: =IFERROR(VLOOKUP(B43,法术大全!$A:$W,5,FALSE),"") | D43: =IFERROR(VLOOKUP(B43,法术大全!$A:$W,4,FALSE),"") | E43: 42 | F43: =B43 | H43: =IF(主要!AG79<>"",主要!AG79,"") | I43: =IF(VLOOKUP(H43,法术大全!$A$3:$E$574,4,0)="√",1,0) -> 0 | J43: =IF(VLOOKUP(H43,法术大全!$A$3:$E$574,5,0)="√",1,0) -> 0 | K43: {=IFERROR(INDEX($H$1:$H$59,SMALL(IF($H$2:$H$59<>"",ROW($H$2:$H$59),4^8),ROW(43:43)))&"","")} | CF43: 守序中立 | CG43: 绝对中立 | CH43: 混乱中立 | CN43: 紫衫魔杖 | CO43: 德鲁伊法器是一件用来引导德鲁伊法术的特殊物品。它可以是一枝槲寄生或冬青，一根用紫衫木或其它特殊木材制作的魔杖或节杖，一根从活树上折下的法杖或是一个包含神圣动物身上的羽毛、毛皮、骨头和牙齿组合成的图腾。德鲁伊能将这样的物品用作其施法的法器。 | CP43: 10gp | CQ43: 1
A44: 43 | B44: =IF(法术书!X45="","",法术书!X45) | C44: =IFERROR(VLOOKUP(B44,法术大全!$A:$W,5,FALSE),"") | D44: =IFERROR(VLOOKUP(B44,法术大全!$A:$W,4,FALSE),"") | E44: 43 | F44: =B44 | H44: =IF(主要!AG80<>"",主要!AG80,"") | I44: =IF(VLOOKUP(H44,法术大全!$A$3:$E$574,4,0)="√",1,0) -> 0 | J44: =IF(VLOOKUP(H44,法术大全!$A$3:$E$574,5,0)="√",1,0) -> 0 | K44: {=IFERROR(INDEX($H$1:$H$59,SMALL(IF($H$2:$H$59<>"",ROW($H$2:$H$59),4^8),ROW(44:44)))&"","")} | CF44: 守序邪恶 | CG44: 中立邪恶 | CH44: 混乱邪恶 | CN44: 渔具 | CO44: 一套渔具工具包中，装有一根木杆、丝线、软木转轴、铅坠、天鹅绒饵以及窄眼网。 | CP44: 1gp | CQ44: 4
A45: 44 | B45: =IF(法术书!X46="","",法术书!X46) | C45: =IFERROR(VLOOKUP(B45,法术大全!$A:$W,5,FALSE),"") | D45: =IFERROR(VLOOKUP(B45,法术大全!$A:$W,4,FALSE),"") | E45: 44 | F45: =B45 | H45: =IF(主要!AO66<>"",主要!AO66,"") | I45: =IF(VLOOKUP(H45,法术大全!$A$3:$E$574,4,0)="√",1,0) -> 0 | J45: =IF(VLOOKUP(H45,法术大全!$A$3:$E$574,5,0)="√",1,0) -> 0 | K45: {=IFERROR(INDEX($H$1:$H$59,SMALL(IF($H$2:$H$59<>"",ROW($H$2:$H$59),4^8),ROW(45:45)))&"","")} | CN45: 扁瓶或大杯 | CO45: 一个扁瓶或大杯可以容纳1品脱的液体。 | CP45: 0.02gp | CQ45: 1
A46: 45 | B46: =IF(法术书!X47="","",法术书!X47) | C46: =IFERROR(VLOOKUP(B46,法术大全!$A:$W,5,FALSE),"") | D46: =IFERROR(VLOOKUP(B46,法术大全!$A:$W,4,FALSE),"") | E46: 45 | F46: =B46 | H46: =IF(主要!AO67<>"",主要!AO67,"") | I46: =IF(VLOOKUP(H46,法术大全!$A$3:$E$574,4,0)="√",1,0) -> 0 | J46: =IF(VLOOKUP(H46,法术大全!$A$3:$E$574,5,0)="√",1,0) -> 0 | K46: {=IFERROR(INDEX($H$1:$H$59,SMALL(IF($H$2:$H$59<>"",ROW($H$2:$H$59),4^8),ROW(46:46)))&"","")} | CI46: 等级 | CJ46: 熟练加值 | CN46: 爪钩 | CO46: - | CP46: 2gp | CQ46: 4
A47: 46 | B47: =IF(法术书!X48="","",法术书!X48) | C47: =IFERROR(VLOOKUP(B47,法术大全!$A:$W,5,FALSE),"") | D47: =IFERROR(VLOOKUP(B47,法术大全!$A:$W,4,FALSE),"") | E47: 46 | F47: =B47 | H47: =IF(主要!AO68<>"",主要!AO68,"") | I47: =IF(VLOOKUP(H47,法术大全!$A$3:$E$574,4,0)="√",1,0) -> 0 | J47: =IF(VLOOKUP(H47,法术大全!$A$3:$E$574,5,0)="√",1,0) -> 0 | K47: {=IFERROR(INDEX($H$1:$H$59,SMALL(IF($H$2:$H$59<>"",ROW($H$2:$H$59),4^8),ROW(47:47)))&"","")} | CI47: 1 | CJ47: 2 | CN47: 锤子 | CO47: - | CP47: 1gp | CQ47: 3
A48: 47 | B48: =IF(法术书!X49="","",法术书!X49) | C48: =IFERROR(VLOOKUP(B48,法术大全!$A:$W,5,FALSE),"") | D48: =IFERROR(VLOOKUP(B48,法术大全!$A:$W,4,FALSE),"") | E48: 47 | F48: =B48 | H48: =IF(主要!AO69<>"",主要!AO69,"") | I48: =IF(VLOOKUP(H48,法术大全!$A$3:$E$574,4,0)="√",1,0) -> 0 | J48: =IF(VLOOKUP(H48,法术大全!$A$3:$E$574,5,0)="√",1,0) -> 0 | K48: {=IFERROR(INDEX($H$1:$H$59,SMALL(IF($H$2:$H$59<>"",ROW($H$2:$H$59),4^8),ROW(48:48)))&"","")} | CI48: 2 | CJ48: 2 | CN48: 大锤 | CO48: - | CP48: 2gp | CQ48: 10
A49: 48 | B49: =IF(法术书!X50="","",法术书!X50) | C49: =IFERROR(VLOOKUP(B49,法术大全!$A:$W,5,FALSE),"") | D49: =IFERROR(VLOOKUP(B49,法术大全!$A:$W,4,FALSE),"") | E49: 48 | F49: =B49 | H49: =IF(主要!AO70<>"",主要!AO70,"") | I49: =IF(VLOOKUP(H49,法术大全!$A$3:$E$574,4,0)="√",1,0) -> 0 | J49: =IF(VLOOKUP(H49,法术大全!$A$3:$E$574,5,0)="√",1,0) -> 0 | K49: {=IFERROR(INDEX($H$1:$H$59,SMALL(IF($H$2:$H$59<>"",ROW($H$2:$H$59),4^8),ROW(49:49)))&"","")} | CI49: 3 | CJ49: 2 | CN49: 医疗包 | CO49: 一个医疗用小皮包中，装有绷带、药膏和夹板。医疗包可以使用十次。你可以使用一个动作，并花费一次使用次数来为一个生命值为0的生物稳定伤势，而无需进行相应的感知（医药）检定。 | CP49: 5gp | CQ49: 3
A50: 49 | B50: =IF(法术书!X51="","",法术书!X51) | C50: =IFERROR(VLOOKUP(B50,法术大全!$A:$W,5,FALSE),"") | D50: =IFERROR(VLOOKUP(B50,法术大全!$A:$W,4,FALSE),"") | E50: 49 | F50: =B50 | H50: =IF(主要!AO71<>"",主要!AO71,"") | I50: =IF(VLOOKUP(H50,法术大全!$A$3:$E$574,4,0)="√",1,0) -> 0 | J50: =IF(VLOOKUP(H50,法术大全!$A$3:$E$574,5,0)="√",1,0) -> 0 | K50: {=IFERROR(INDEX($H$1:$H$59,SMALL(IF($H$2:$H$59<>"",ROW($H$2:$H$59),4^8),ROW(50:50)))&"","")} | CI50: 4 | CJ50: 2 | CN50: 护符 | CO50: 枚圣徽是某个神袛或神系象征。它可能是一个描绘有代表一个神袛符号的护身符，相同的符号可能作为一个徽章被仔细地雕刻或镶嵌在一面盾牌上，也可能是一个盛有一块神圣遗物碎片的小盒。附录B中列举有多元宇宙众神的代表性徵记。牧师或圣武士能将圣徽用作其施法的法器。使用这些圣徽时，施法着必须将其握在手中，戴在身上可见处，或者将其装在盾上使用。 | CP50: 5gp | CQ50: 1
A51: 50 | B51: =IF(法术书!X52="","",法术书!X52) | C51: =IFERROR(VLOOKUP(B51,法术大全!$A:$W,5,FALSE),"") | D51: =IFERROR(VLOOKUP(B51,法术大全!$A:$W,4,FALSE),"") | E51: 50 | F51: =B51 | H51: =IF(主要!AO72<>"",主要!AO72,"") | I51: =IF(VLOOKUP(H51,法术大全!$A$3:$E$574,4,0)="√",1,0) -> 0 | J51: =IF(VLOOKUP(H51,法术大全!$A$3:$E$574,5,0)="√",1,0) -> 0 | K51: {=IFERROR(INDEX($H$1:$H$59,SMALL(IF($H$2:$H$59<>"",ROW($H$2:$H$59),4^8),ROW(51:51)))&"","")} | CI51: 5 | CJ51: 3 | CN51: 徽章 | CO51: 枚圣徽是某个神袛或神系象征。它可能是一个描绘有代表一个神袛符号的护身符，相同的符号可能作为一个徽章被仔细地雕刻或镶嵌在一面盾牌上，也可能是一个盛有一块神圣遗物碎片的小盒。附录B中列举有多元宇宙众神的代表性徵记。牧师或圣武士能将圣徽用作其施法的法器。使用这些圣徽时，施法着必须将其握在手中，戴在身上可见处，或者将其装在盾上使用。 | CP51: 5gp | CQ51: 0
A52: 51 | B52: =IF(法术书!AC3="","",法术书!AC3) | C52: =IFERROR(VLOOKUP(B52,法术大全!$A:$W,5,FALSE),"") | D52: =IFERROR(VLOOKUP(B52,法术大全!$A:$W,4,FALSE),"") | E52: 51 | F52: =B52 | H52: =IF(主要!AO73<>"",主要!AO73,"") | I52: =IF(VLOOKUP(H52,法术大全!$A$3:$E$574,4,0)="√",1,0) -> 0 | J52: =IF(VLOOKUP(H52,法术大全!$A$3:$E$574,5,0)="√",1,0) -> 0 | K52: {=IFERROR(INDEX($H$1:$H$59,SMALL(IF($H$2:$H$59<>"",ROW($H$2:$H$59),4^8),ROW(52:52)))&"","")} | CI52: 6 | CJ52: 3 | CN52: 圣物匣 | CO52: 枚圣徽是某个神袛或神系象征。它可能是一个描绘有代表一个神袛符号的护身符，相同的符号可能作为一个徽章被仔细地雕刻或镶嵌在一面盾牌上，也可能是一个盛有一块神圣遗物碎片的小盒。附录B中列举有多元宇宙众神的代表性徵记。牧师或圣武士能将圣徽用作其施法的法器。使用这些圣徽时，施法着必须将其握在手中，戴在身上可见处，或者将其装在盾上使用。 | CP52: 5gp | CQ52: 2
A53: 52 | B53: =IF(法术书!AC4="","",法术书!AC4) | C53: =IFERROR(VLOOKUP(B53,法术大全!$A:$W,5,FALSE),"") | D53: =IFERROR(VLOOKUP(B53,法术大全!$A:$W,4,FALSE),"") | E53: 52 | F53: =B53 | H53: =IF(主要!AO74<>"",主要!AO74,"") | I53: =IF(VLOOKUP(H53,法术大全!$A$3:$E$574,4,0)="√",1,0) -> 0 | J53: =IF(VLOOKUP(H53,法术大全!$A$3:$E$574,5,0)="√",1,0) -> 0 | K53: {=IFERROR(INDEX($H$1:$H$59,SMALL(IF($H$2:$H$59<>"",ROW($H$2:$H$59),4^8),ROW(53:53)))&"","")} | CI53: 7 | CJ53: 3 | CN53: 圣水_扁瓶 | CO53: 你可以用一个动作将这小瓶液体泼溅到你身边5尺范围内的一个生物身上，或是将小瓶投到至多20尺远的地方，并利用冲击打破它。两种情况都可以视为对一个生物或物件发动一次远程攻击，并将圣水视为一件临时武器。命中时，如果目标是一只邪魔或不死生物，则目标受到2d6点光耀伤害。 一名牧师或圣武士能通过主持一种特殊的仪式来创造圣水。该仪式花费1小时进行，且需要花费价值25gp的银粉，并消耗施法者一枚1环法术位。 | CP53: 25gp | CQ53: 1
A54: 53 | B54: =IF(法术书!AC5="","",法术书!AC5) | C54: =IFERROR(VLOOKUP(B54,法术大全!$A:$W,5,FALSE),"") | D54: =IFERROR(VLOOKUP(B54,法术大全!$A:$W,4,FALSE),"") | E54: 53 | F54: =B54 | H54: =IF(主要!AO75<>"",主要!AO75,"") | I54: =IF(VLOOKUP(H54,法术大全!$A$3:$E$574,4,0)="√",1,0) -> 0 | J54: =IF(VLOOKUP(H54,法术大全!$A$3:$E$574,5,0)="√",1,0) -> 0 | K54: {=IFERROR(INDEX($H$1:$H$59,SMALL(IF($H$2:$H$59<>"",ROW($H$2:$H$59),4^8),ROW(54:54)))&"","")} | CI54: 8 | CJ54: 3 | CN54: 沙漏 | CO54: - | CP54: 25gp | CQ54: 1
A55: 54 | B55: =IF(法术书!AC6="","",法术书!AC6) | C55: =IFERROR(VLOOKUP(B55,法术大全!$A:$W,5,FALSE),"") | D55: =IFERROR(VLOOKUP(B55,法术大全!$A:$W,4,FALSE),"") | E55: 54 | F55: =B55 | H55: =IF(主要!AO76<>"",主要!AO76,"") | I55: =IF(VLOOKUP(H55,法术大全!$A$3:$E$574,4,0)="√",1,0) -> 0 | J55: =IF(VLOOKUP(H55,法术大全!$A$3:$E$574,5,0)="√",1,0) -> 0 | K55: {=IFERROR(INDEX($H$1:$H$59,SMALL(IF($H$2:$H$59<>"",ROW($H$2:$H$59),4^8),ROW(55:55)))&"","")} | CF55: 运动 | CG55: =VLOOKUP(CF55,主要!C:J,7,FALSE) -> 0 | CI55: 9 | CJ55: 4 | CN55: 狩猎陷阱 | CO55: 使用动作设置好该陷阱后，其形成一个锯齿钢圈，并在生物踏上其中央压板时闭合。陷阱由一根沉重的链条固定在某处，例如一棵树或是一根钉在地上的钉子。任何踩上压板的生物都必须进行一次DC13的敏捷豁免，豁免失败则受到1d4点穿刺伤害，并停止移动。在该生物从陷阱中解脱前，其移动范围都被限制在链条的长度内（通常为3尺）。一个生物可以使用动作进行一次DC13的力量检定，以解脱自己或其触及范围内的另一生物。每次豁免失败时，被困生物都将受到1点穿刺伤害。 | CP55: 5gp | CQ55: 25
A56: 55 | B56: =IF(法术书!AC7="","",法术书!AC7) | C56: =IFERROR(VLOOKUP(B56,法术大全!$A:$W,5,FALSE),"") | D56: =IFERROR(VLOOKUP(B56,法术大全!$A:$W,4,FALSE),"") | E56: 55 | F56: =B56 | H56: =IF(主要!AO77<>"",主要!AO77,"") | I56: =IF(VLOOKUP(H56,法术大全!$A$3:$E$574,4,0)="√",1,0) -> 0 | J56: =IF(VLOOKUP(H56,法术大全!$A$3:$E$574,5,0)="√",1,0) -> 0 | K56: {=IFERROR(INDEX($H$1:$H$59,SMALL(IF($H$2:$H$59<>"",ROW($H$2:$H$59),4^8),ROW(56:56)))&"","")} | CF56: 特技 | CG56: =VLOOKUP(CF56,主要!C:J,7,FALSE) -> 0 | CI56: 10 | CJ56: 4 | CN56: 墨水_1盎司瓶 | CO56: - | CP56: 10gp | CQ56: 0
A57: 56 | B57: =IF(法术书!AC8="","",法术书!AC8) | C57: =IFERROR(VLOOKUP(B57,法术大全!$A:$W,5,FALSE),"") | D57: =IFERROR(VLOOKUP(B57,法术大全!$A:$W,4,FALSE),"") | E57: 56 | F57: =B57 | H57: =IF(主要!AO78<>"",主要!AO78,"") | I57: =IF(VLOOKUP(H57,法术大全!$A$3:$E$574,4,0)="√",1,0) -> 0 | J57: =IF(VLOOKUP(H57,法术大全!$A$3:$E$574,5,0)="√",1,0) -> 0 | K57: {=IFERROR(INDEX($H$1:$H$59,SMALL(IF($H$2:$H$59<>"",ROW($H$2:$H$59),4^8),ROW(57:57)))&"","")} | CF57: 巧手 | CG57: =VLOOKUP(CF57,主要!C:J,7,FALSE) -> 0 | CI57: 11 | CJ57: 4 | CN57: 墨水笔 | CO57: - | CP57: 0.02gp | CQ57: 0
A58: 57 | B58: =IF(法术书!AC9="","",法术书!AC9) | C58: =IFERROR(VLOOKUP(B58,法术大全!$A:$W,5,FALSE),"") | D58: =IFERROR(VLOOKUP(B58,法术大全!$A:$W,4,FALSE),"") | E58: 57 | F58: =B58 | H58: =IF(主要!AO79<>"",主要!AO79,"") | I58: =IF(VLOOKUP(H58,法术大全!$A$3:$E$574,4,0)="√",1,0) -> 0 | J58: =IF(VLOOKUP(H58,法术大全!$A$3:$E$574,5,0)="√",1,0) -> 0 | K58: {=IFERROR(INDEX($H$1:$H$59,SMALL(IF($H$2:$H$59<>"",ROW($H$2:$H$59),4^8),ROW(58:58)))&"","")} | CF58: 隐匿 | CG58: =VLOOKUP(CF58,主要!C:J,7,FALSE) -> 0 | CI58: 12 | CJ58: 4 | CN58: 壶或罐 | CO58: - | CP58: 0.02gp | CQ58: 4
A59: 58 | B59: =IF(法术书!AC10="","",法术书!AC10) | C59: =IFERROR(VLOOKUP(B59,法术大全!$A:$W,5,FALSE),"") | D59: =IFERROR(VLOOKUP(B59,法术大全!$A:$W,4,FALSE),"") | E59: 58 | F59: =B59 | H59: =IF(主要!AO80<>"",主要!AO80,"") | I59: =IF(VLOOKUP(H59,法术大全!$A$3:$E$574,4,0)="√",1,0) -> 0 | J59: =IF(VLOOKUP(H59,法术大全!$A$3:$E$574,5,0)="√",1,0) -> 0 | K59: {=IFERROR(INDEX($H$1:$H$59,SMALL(IF($H$2:$H$59<>"",ROW($H$2:$H$59),4^8),ROW(59:59)))&"","")} | CF59: 调查 | CG59: =VLOOKUP(CF59,主要!C:J,7,FALSE) -> 0 | CI59: 13 | CJ59: 5 | CN59: 爬梯_10尺 | CO59: - | CP59: 0.1gp | CQ59: 25
A60: 59 | B60: =IF(法术书!AC11="","",法术书!AC11) | C60: =IFERROR(VLOOKUP(B60,法术大全!$A:$W,5,FALSE),"") | D60: =IFERROR(VLOOKUP(B60,法术大全!$A:$W,4,FALSE),"") | E60: 59 | F60: =B60 | CF60: 奥秘 | CG60: =VLOOKUP(CF60,主要!C:J,7,FALSE) -> 0 | CI60: 14 | CJ60: 5 | CN60: 油灯 | CO60: 一只油灯可以为其身边15尺半径范围提供明亮光照，以及该范围外30尺的微光光照。点亮的油灯每6小时消耗一扁瓶灯油（1品脱）。 | CP60: 0.5gp | CQ60: 1
A61: 60 | B61: =IF(法术书!AC12="","",法术书!AC12) | C61: =IFERROR(VLOOKUP(B61,法术大全!$A:$W,5,FALSE),"") | D61: =IFERROR(VLOOKUP(B61,法术大全!$A:$W,4,FALSE),"") | E61: 60 | F61: =B61 | CF61: 历史 | CG61: =VLOOKUP(CF61,主要!C:J,7,FALSE) -> 0 | CI61: 15 | CJ61: 5 | CN61: 牛眼提灯 | CO61: 一盏牛眼提灯可以为前方60尺的锥状区域提供明亮光照，以及该范围外60尺的微光光照。点亮的牛眼提灯每6小时消耗一扁瓶的灯油（1品脱）。 | CP61: 10gp | CQ61: 2
A62: 61 | B62: =IF(法术书!AC13="","",法术书!AC13) | C62: =IFERROR(VLOOKUP(B62,法术大全!$A:$W,5,FALSE),"") | D62: =IFERROR(VLOOKUP(B62,法术大全!$A:$W,4,FALSE),"") | E62: 61 | F62: =B62 | CF62: 自然 | CG62: =VLOOKUP(CF62,主要!C:J,7,FALSE) -> 0 | CI62: 16 | CJ62: 5 | CN62: 附盖提灯 | CO62: 一盏附盖提灯可以为其身边30尺半径范围提供明亮光照，以及该范围外30尺的微光光照。点亮的提灯每6小时消耗一扁瓶的灯油（1品脱）。你可以使用一个动作放下盖子，使其光照减弱为5尺范围的微光照明。 | CP62: 5gp | CQ62: 2
A63: 62 | B63: =IF(法术书!AC14="","",法术书!AC14) | C63: =IFERROR(VLOOKUP(B63,法术大全!$A:$W,5,FALSE),"") | D63: =IFERROR(VLOOKUP(B63,法术大全!$A:$W,4,FALSE),"") | E63: 62 | F63: =B63 | CF63: 宗教 | CG63: =VLOOKUP(CF63,主要!C:J,7,FALSE) -> 0 | CI63: 17 | CJ63: 6 | CN63: 锁 | CO63: 每把锁与一把钥匙相配套。不使用钥匙时，一个具有盗贼工具熟练项的生物可以通过一次成功的DC15敏捷检定撬开这把锁。你的DM可以决定是否能够用更高的价格购买更好的锁。 | CP63: 10gp | CQ63: 1
A64: 63 | B64: =IF(法术书!AC15="","",法术书!AC15) | C64: =IFERROR(VLOOKUP(B64,法术大全!$A:$W,5,FALSE),"") | D64: =IFERROR(VLOOKUP(B64,法术大全!$A:$W,4,FALSE),"") | E64: 63 | F64: =B64 | CF64: 察觉 | CG64: =VLOOKUP(CF64,主要!C:J,7,FALSE) -> 0 | CI64: 18 | CJ64: 6 | CN64: 放大镜 | CO64: 一枚用以详细观察小物件的透镜。生火时，你也可以用它代替燧石与铁片。使用放大镜聚焦光来生火需要如同阳光般明亮的光照、可用的引火物质以及约5分钟的时间来完成点燃作业。进行估价或是检查某个细小或具有精细细节物件时所作的属性检定可以使用放大镜来获得优势。 | CP64: 100gp | CQ64: 0
A65: 64 | B65: =IF(法术书!AC16="","",法术书!AC16) | C65: =IFERROR(VLOOKUP(B65,法术大全!$A:$W,5,FALSE),"") | D65: =IFERROR(VLOOKUP(B65,法术大全!$A:$W,4,FALSE),"") | E65: 64 | F65: =B65 | CF65: 洞悉 | CG65: =VLOOKUP(CF65,主要!C:J,7,FALSE) -> 0 | CI65: 19 | CJ65: 6 | CN65: 镣铐 | CO65: 这些金属束具可以困住一只小型或中型体型的生物。解开镣铐必须成功通过一次DC20的敏捷检定。破坏镣铐则必须成功通过一次DC20的力量检定。每套镣铐配有一把对应的钥匙。不用钥匙时，一个具有盗贼工具熟练项的生物可以通过一次成功的DC15敏捷检定撬开镣铐的锁。镣铐具有15点生命值。 | CP65: 2gp | CQ65: 6
A66: 65 | B66: =IF(法术书!AC17="","",法术书!AC17) | C66: =IFERROR(VLOOKUP(B66,法术大全!$A:$W,5,FALSE),"") | D66: =IFERROR(VLOOKUP(B66,法术大全!$A:$W,4,FALSE),"") | E66: 65 | F66: =B66 | CF66: 驯养 | CG66: =VLOOKUP(CF66,主要!C:J,7,FALSE) -> 0 | CI66: 20 | CJ66: 6 | CN66: 野炊工具 | CO66: 一个野炊工具锡盒包括一只茶杯和一些简易餐具。盒子被夹在一起，并且其中一面能够被用作一只煎锅而另一面则可以作为一只碟子或是浅碗。 | CP66: 0.2gp | CQ66: 1
A67: 66 | B67: =IF(法术书!AC18="","",法术书!AC18) | C67: =IFERROR(VLOOKUP(B67,法术大全!$A:$W,5,FALSE),"") | D67: =IFERROR(VLOOKUP(B67,法术大全!$A:$W,4,FALSE),"") | E67: 66 | F67: =B67 | CF67: 医药 | CG67: =VLOOKUP(CF67,主要!C:J,7,FALSE) -> 0 | CN67: 钢面镜 | CO67: - | CP67: 5gp | CQ67: 0.5
A68: 67 | B68: =IF(法术书!AC19="","",法术书!AC19) | C68: =IFERROR(VLOOKUP(B68,法术大全!$A:$W,5,FALSE),"") | D68: =IFERROR(VLOOKUP(B68,法术大全!$A:$W,4,FALSE),"") | E68: 67 | F68: =B68 | CF68: 生存 | CG68: =VLOOKUP(CF68,主要!C:J,7,FALSE) -> 0 | CI68: CR | CJ68: 熟练加值 | CN68: 灯油_扁瓶 | CO68: 灯油通常装在一个1品脱大小的陶土扁瓶中。你可以用一个动作将扁瓶中的灯油泼溅到你身边5尺范围内的一个生物身上，或是将扁瓶投到至多20尺远的地方，并利用冲击打破它。两种情况都可以视为对一个生物或物件发动一次远程攻击，并将灯油视为一件临时武器。命中时，目标被灯油洒满全身。如果目标在灯油挥发前（1分钟后）受到任何火焰伤害，则目标因燃烧的灯油受到额外5点火焰伤害。你还可以将一扁瓶灯油泼在地面上，以覆盖一块边长5尺且保持水平的方形区域。点燃该区域后，灯油将持续燃烧2轮，并对任何进入该区域或在该区域结束其回合的生物造成5点火焰伤害。同一生物每回合只受该伤害作用一次。 | CP68: 0.1gp | CQ68: 1
A69: 68 | B69: =IF(法术书!AC20="","",法术书!AC20) | C69: =IFERROR(VLOOKUP(B69,法术大全!$A:$W,5,FALSE),"") | D69: =IFERROR(VLOOKUP(B69,法术大全!$A:$W,4,FALSE),"") | E69: 68 | F69: =B69 | CF69: 游说 | CG69: =VLOOKUP(CF69,主要!C:J,7,FALSE) -> 0 | CI69: 0 | CJ69: 2 | CN69: 纸_每张 | CO69: - | CP69: 0.2gp | CQ69: 0
A70: 69 | B70: =IF(法术书!AC21="","",法术书!AC21) | C70: =IFERROR(VLOOKUP(B70,法术大全!$A:$W,5,FALSE),"") | D70: =IFERROR(VLOOKUP(B70,法术大全!$A:$W,4,FALSE),"") | E70: 69 | F70: =B70 | CF70: 欺瞒 | CG70: =VLOOKUP(CF70,主要!C:J,7,FALSE) -> 0 | CI70: 1/8 | CJ70: 2 | CN70: 羊皮纸_每张 | CO70: - | CP70: 0.1gp | CQ70: 0
A71: 70 | B71: =IF(法术书!AC22="","",法术书!AC22) | C71: =IFERROR(VLOOKUP(B71,法术大全!$A:$W,5,FALSE),"") | D71: =IFERROR(VLOOKUP(B71,法术大全!$A:$W,4,FALSE),"") | E71: 70 | F71: =B71 | CF71: 威吓 | CG71: =VLOOKUP(CF71,主要!C:J,7,FALSE) -> 0 | CI71: 1/4 | CJ71: 2 | CN71: 香水_小瓶 | CO71: - | CP71: 5gp | CQ71: 0
A72: 71 | B72: =IF(法术书!AC23="","",法术书!AC23) | C72: =IFERROR(VLOOKUP(B72,法术大全!$A:$W,5,FALSE),"") | D72: =IFERROR(VLOOKUP(B72,法术大全!$A:$W,4,FALSE),"") | E72: 71 | F72: =B72 | CF72: 表演 | CG72: =VLOOKUP(CF72,主要!C:J,7,FALSE) -> 0 | CI72: 1/2 | CJ72: 2 | CN72: 矿工镐 | CO72: - | CP72: 2gp | CQ72: 10
A73: 72 | B73: =IF(法术书!AC24="","",法术书!AC24) | C73: =IFERROR(VLOOKUP(B73,法术大全!$A:$W,5,FALSE),"") | D73: =IFERROR(VLOOKUP(B73,法术大全!$A:$W,4,FALSE),"") | E73: 72 | F73: =B73 | CI73: 1 | CJ73: 2 | CN73: 岩钉 | CO73: - | CP73: 0.05gp | CQ73: 0.25
A74: 73 | B74: =IF(法术书!AC25="","",法术书!AC25) | C74: =IFERROR(VLOOKUP(B74,法术大全!$A:$W,5,FALSE),"") | D74: =IFERROR(VLOOKUP(B74,法术大全!$A:$W,4,FALSE),"") | E74: 73 | F74: =B74 | CI74: 2 | CJ74: 2 | CN74: 基础毒药_小瓶 | CO74: 你可以用一个动作将小瓶中的毒药涂于一把挥砍或穿刺武器上，或者涂在至多三发弹药上。涂毒武器或弹药命中时，被命中生物必须进行一次DC10的体质豁免，豁免失败则受到1d4的毒素伤害。涂毒后，武器的毒性效果可以维持1分钟。 | CP74: 100gp | CQ74: 0
A75: 74 | B75: =IF(法术书!AC26="","",法术书!AC26) | C75: =IFERROR(VLOOKUP(B75,法术大全!$A:$W,5,FALSE),"") | D75: =IFERROR(VLOOKUP(B75,法术大全!$A:$W,4,FALSE),"") | E75: 74 | F75: =B75 | CI75: 3 | CJ75: 2 | CN75: 长杆_10尺 | CO75: - | CP75: 0.05gp | CQ75: 7
A76: 75 | B76: =IF(法术书!AC27="","",法术书!AC27) | C76: =IFERROR(VLOOKUP(B76,法术大全!$A:$W,5,FALSE),"") | D76: =IFERROR(VLOOKUP(B76,法术大全!$A:$W,4,FALSE),"") | E76: 75 | F76: =B76 | CI76: 4 | CJ76: 2 | CN76: 铁壶 | CO76: 一个铁壶可以容纳1加仑的液体。 | CP76: 2gp | CQ76: 10
A77: 76 | B77: =IF(法术书!AC28="","",法术书!AC28) | C77: =IFERROR(VLOOKUP(B77,法术大全!$A:$W,5,FALSE),"") | D77: =IFERROR(VLOOKUP(B77,法术大全!$A:$W,4,FALSE),"") | E77: 76 | F77: =B77 | CI77: 5 | CJ77: 3 | CN77: 治疗药水 | CO77: 一种红色的魔力药剂，可以使饮用者恢复2d4+2的生命值。喝药或者喂人喝药需要使用一个动作。 | CP77: 50gp | CQ77: 0.5
A78: 77 | B78: =IF(法术书!AC29="","",法术书!AC29) | C78: =IFERROR(VLOOKUP(B78,法术大全!$A:$W,5,FALSE),"") | D78: =IFERROR(VLOOKUP(B78,法术大全!$A:$W,4,FALSE),"") | E78: 77 | F78: =B78 | CI78: 6 | CJ78: 3 | CN78: 小包 | CO78: 一个布料或皮革制成的小包可以装20发弹丸或50发吹矢，或者其他东西。用来装施法材料成分的小包则成为材料包（详见前文）。一个小包最多可以容纳⅕立方尺或6磅重的物体。 | CP78: 0.5gp | CQ78: 1
A79: 78 | B79: =IF(法术书!AC30="","",法术书!AC30) | C79: =IFERROR(VLOOKUP(B79,法术大全!$A:$W,5,FALSE),"") | D79: =IFERROR(VLOOKUP(B79,法术大全!$A:$W,4,FALSE),"") | E79: 78 | F79: =B79 | CI79: 7 | CJ79: 3 | CN79: 箭袋 | CO79: 一只箭袋可以盛装20支箭。 | CP79: 1gp | CQ79: 1
A80: 79 | B80: =IF(法术书!AC31="","",法术书!AC31) | C80: =IFERROR(VLOOKUP(B80,法术大全!$A:$W,5,FALSE),"") | D80: =IFERROR(VLOOKUP(B80,法术大全!$A:$W,4,FALSE),"") | E80: 79 | F80: =B80 | CI80: 8 | CJ80: 3 | CN80: 便携式攻城锤 | CO80: 你可以使用一具便携式攻城锤破门。此时你破门的力量检定具有 +4加值。如果另一名角色从旁协助，则你破门的力量检定因此而具有优势。 | CP80: 4gp | CQ80: 35
A81: 80 | B81: =IF(法术书!AC32="","",法术书!AC32) | C81: =IFERROR(VLOOKUP(B81,法术大全!$A:$W,5,FALSE),"") | D81: =IFERROR(VLOOKUP(B81,法术大全!$A:$W,4,FALSE),"") | E81: 80 | F81: =B81 | CI81: 9 | CJ81: 4 | CN81: 口粮_1日份 | CO81: 适合长途旅行携带的高能量干粮，包括牛肉干、干果、饼干和坚果等。 | CP81: 0.5gp | CQ81: 2
A82: 81 | B82: =IF(法术书!AC33="","",法术书!AC33) | C82: =IFERROR(VLOOKUP(B82,法术大全!$A:$W,5,FALSE),"") | D82: =IFERROR(VLOOKUP(B82,法术大全!$A:$W,4,FALSE),"") | E82: 81 | F82: =B82 | CI82: 10 | CJ82: 4 | CN82: 长袍 | CO82: - | CP82: 1gp | CQ82: 4
A83: 82 | B83: =IF(法术书!AC34="","",法术书!AC34) | C83: =IFERROR(VLOOKUP(B83,法术大全!$A:$W,5,FALSE),"") | D83: =IFERROR(VLOOKUP(B83,法术大全!$A:$W,4,FALSE),"") | E83: 82 | F83: =B83 | CI83: 11 | CJ83: 4 | CN83: 麻绳_50尺 | CO83: 麻质的绳索，拥有2点生命值，且可以通过一次成功的DC17力量检定扯断。 | CP83: 1gp | CQ83: 10
A84: 83 | B84: =IF(法术书!AC35="","",法术书!AC35) | C84: =IFERROR(VLOOKUP(B84,法术大全!$A:$W,5,FALSE),"") | D84: =IFERROR(VLOOKUP(B84,法术大全!$A:$W,4,FALSE),"") | E84: 83 | F84: =B84 | CI84: 12 | CJ84: 4 | CN84: 丝绳_50尺 | CO84: 丝质的绳索，拥有2点生命值，且可以通过一次成功的DC17力量检定扯断。 | CP84: 10gp | CQ84: 5
... A101: 100 | B101: =IF(法术书!AC52="","",法术书!AC52) | C101: =IFERROR(VLOOKUP(B101,法术大全!$A:$W,5,FALSE),"") | D101: =IFERROR(VLOOKUP(B101,法术大全!$A:$W,4,FALSE),"") | E101: 100 | F101: =B101 | CI101: 29 | CJ101: 9 | CN101: 炼金工具 | CO101: 炼金工具可以用来制作有用的化合物，如强酸或炽火胶。 组件Components。炼金工具包括两只玻璃烧杯、一个铁架台、一根玻璃搅拌棒、一个小研钵和药杵，以及一袋常用炼金术材料，包括盐、铁粉、纯净水。 奥秘Arcana。炼金工具熟练项可以让你在进行鉴定药水或类似物质的奥秘检定中获得更多信息。 调查Investigation。当你调查一个区域的线索时，如果该区域曾使用过任何化合物或其他物质，炼金工具熟练项将使你对此具有额外的洞察力。 道具制作Alchemical Crafting。 你可以使用这套工具熟练制作炼金道具。角色可以花钱收集原材料，每磅材料花费50金币。DM可以允许角色使用指定技能进行检定时具有优势。 作为长休的一部分，你可以使用炼金工具制作一份剂量的强酸、炽火胶、抗毒剂、油、香水或者香皂。从你所携带的原材料总价值中减去所制作物品价值的一半。 炼金工具Alchemist’s Supplies 用途 DC 制造一股浓烟 10 鉴定一瓶药水 10 鉴定一种物质 15 点火 15 中和强酸 20 | CP101: 50gp | CQ101: 8
A102: 101 | B102: =IF(法术书!AH3="","",法术书!AH3) | C102: =IFERROR(VLOOKUP(B102,法术大全!$A:$W,5,FALSE),"") | D102: =IFERROR(VLOOKUP(B102,法术大全!$A:$W,4,FALSE),"") | E102: 101 | F102: =B102 | CI102: 30 | CJ102: 9 | CN102: 酿酒工具 | CO102: 酿酒即是酿造酒精饮料。除了酿酒以外，这套程序还能用于蒸馏淡水。麦酒的发酵需要等待好几周时间，但酿造工作只需要几个小时。 组件Components。酿酒工具包括一个大玻璃罐、一些酵母、一根虹吸管，以及几尺长的管子。 历史History。酿酒工具熟练项能让你在进行与酒大有关联的事件的智力（历史）检定时有更多的了解。 医药Medicine。当你治疗酒精中毒的病人，或你能使用酒精来减轻疼痛时，酿酒工具熟练项会给你更多的启示。 游说Persuasion。酒逢知己千杯少。酿酒工具熟练项能让你向他人提供私酿的美酒，借此改善关系。 饮用水Potable Water。你的酿造知识允许你用非饮用水蒸馏纯净水。你在一次长休中可以蒸馏出6加仑的淡水，而一次短休则只有1加仑。 酿酒工具Brewer’s Supplies 用途 DC 检查饮品中的毒素或杂质 10 鉴定酒精饮料 15 抵抗酒精的影响 20 | CP102: 20gp | CQ102: 9
A103: 102 | B103: =IF(法术书!AH4="","",法术书!AH4) | C103: =IFERROR(VLOOKUP(B103,法术大全!$A:$W,5,FALSE),"") | D103: =IFERROR(VLOOKUP(B103,法术大全!$A:$W,4,FALSE),"") | E103: 102 | F103: =B103 | CN103: 书法工具 | CO103: 书法将写字升华为富有美感的艺术形式。 书法家用独特的风格创作出赏心悦目的文字。他们的工具也提供了验证文稿真伪的能力，前提是书法家要花费数个小时来不断临摹文稿，以掌握其书写风格和结构特征。 组件Components。书法工具包括墨水、一打羊皮纸，以及三支羽毛笔。 奥秘Arcana。虽然书法对于破解魔法密文来说没什么作用，但是书法工具熟练项至少能让你判断出这堆鬼画符的作者是谁。 历史History。该工具熟练项可以在进行分析或调查文本内容的成功检定中获得好处，例如古代文稿、卷轴，还有包括石头上的符文、壁画中的内容或者诸如此类的的其他文本。 解读藏宝图Decipher Treasure Map。该工具熟练项意味着你具有解读地图的专业知识。你可以进行一次智力检定以确定地图的年代，地图是否包含任何隐藏的信息，或类似的内容。 书法工具Calligrapher’s Supplies 用途 DC 判断非魔法手迹的作者 10 理解作者的心态 15 现场伪造文稿 15 伪造签名 20 | CP103: 10gp | CQ103: 5
A104: 103 | B104: =IF(法术书!AH5="","",法术书!AH5) | C104: =IFERROR(VLOOKUP(B104,法术大全!$A:$W,5,FALSE),"") | D104: =IFERROR(VLOOKUP(B104,法术大全!$A:$W,4,FALSE),"") | E104: 103 | F104: =B104 | CN104: 木匠工具 | CO104: 木工技能允许角色打造木结构的物品。木匠可以建造房屋、棚屋、木制橱柜或类似的物品。 组件Components。木匠工具包括一把锯子、一把锤子、一些钉子、一把短斧、一把角尺、一把直尺，一把扁斧，一具木工刨和一把凿子。 历史History。该工具熟练项有助于你分辨木结构建筑和其他大型木制品的用途和来历。 调查Investigation。当你调查木结构建筑时具有额外的洞察力，因为你深谙营造法则，可以发现隐藏的区域。 察觉Perception。你可以发现木墙或地板的不自然之处，从而更容易找到陷阱门和秘密通道。 隐匿Stealth。你可以很快地判断出木地板上的薄弱点，这样就可以更容易地避开，以免发出嘎吱声。 加固Fortify。消耗原材料并进行1分钟的加工，你可以使一扇门或窗更难强行打开。打开门窗的DC值增加5点。 临时住所Temporary Shelter。作为长休的一部分，你可以建造一个棚屋或类似的遮蔽物，使你的团队能在一个阴凉干燥的环境中休息。因为它只是草草搭建起来的临时住所，所以在1d3天后便会倒塌。 木匠工具Carpenter’s Tools 用途 DC 建造简单的木结构 10 设计复杂的木结构 15 在木墙上找到一个薄弱点 15 撬门 20 | CP104: 8gp | CQ104: 6
A105: 104 | B105: =IF(法术书!AH6="","",法术书!AH6) | C105: =IFERROR(VLOOKUP(B105,法术大全!$A:$W,5,FALSE),"") | D105: =IFERROR(VLOOKUP(B105,法术大全!$A:$W,4,FALSE),"") | E105: 104 | F105: =B105 | CN105: 制图工具 | CO105: 使用制图工具，您可以创建精确的地图做旅行为自己和那些来找你更容易。这些地图可以从山脉的大规模描述到显示地下城平面布局的图表。 组件Components。制图工具包括一支鹅毛笔、墨水、羊皮纸，一副圆规、卡尺，和一把直尺。 奥秘Arcana、历史History、宗教Religion。当你使用这些技能时，你可以利用有关于地图和定位的知识来挖掘更详细的信息。例如，你可以在发现一张地图中的隐藏信息，确定地图绘制的年代以判断地理特征从那时起是否发生了变化，等等。 自然Nature。你对自然地理的熟悉使你更容易回答或解释有关于你周遭地形的问题。 求生Survival。你拥有的地理知识能帮你找到走出荒野的道路，判断有可能找到村庄或城镇的方向，以避免迷路。你研究过大量具有共通模式的地图，以至于对贸易路线的演变和定居点的分布格局了然于心。 绘制地图Craft a map。旅行时，除了参加其他活动外，你还可以画一张地图。 制图工具Cartographer’s Tools 用途 DC 确定地图的年代和来历 10 估测地标的方向和距离 15 辨别地图的真伪 15 填补地图上缺漏的部分 20 | CP105: 15gp | CQ105: 6
A106: 105 | B106: =IF(法术书!AH7="","",法术书!AH7) | C106: =IFERROR(VLOOKUP(B106,法术大全!$A:$W,5,FALSE),"") | D106: =IFERROR(VLOOKUP(B106,法术大全!$A:$W,4,FALSE),"") | E106: 105 | F106: =B106 | CN106: 鞋匠工具 | CO106: 虽然鞋匠的生意对冒险者来说似乎太卑微了，但一双好鞋子却能在崎岖的荒野和致命的地牢帮上大忙。 组件Components。鞋匠的工具包括一把锤子、一支锥子、一柄小刀、一个鞋架、一把切刀、备用皮革和线。 奥秘Arcana、历史History。你对鞋子的知识有助于你识别魔法靴的魔法属性或这些物品的历史。 调查Investigation。鞋子能透露出的秘密远比你想象的多。你可以通过检查鞋子的磨损和污迹来推断出某人最近到过什么样的地方。你的修鞋经验能让你更好地判断出导致鞋子磨损的原因。 修鞋Maintain Shoes。作为长休的一部分，你可以保养同伴的鞋子。至多六个由你选定的穿着你修补过的鞋子的生物，接下来的24小时内，在需要进行对抗力竭Exhaustion状态的豁免检定前可以旅行至多10小时。 秘密夹层Craft Hidden Compartment。通过8小时的工作，你可以在一双鞋子内做出一个秘密夹层。这个夹层可以容纳一件至多长3寸、宽1寸的物品。你进行一次附带工具熟练加值的智力检定，以确定寻找夹层所需的智力（调查）检定DC值。 鞋匠工具Cobbler’s Tools 用途 DC 判断一双鞋子的年龄和来历 10 找出鞋后跟的秘密夹层 15 | CP106: 5gp | CQ106: 5
A107: 106 | B107: =IF(法术书!AH8="","",法术书!AH8) | C107: =IFERROR(VLOOKUP(B107,法术大全!$A:$W,5,FALSE),"") | D107: =IFERROR(VLOOKUP(B107,法术大全!$A:$W,4,FALSE),"") | E107: 106 | F107: =B107 | CN107: 厨师工具 | CO107: 冒险可是个辛苦活儿。如果能和一位厨师一起旅行，你的伙食可比整天啃饼干嚼果脯好多了。 组件Components。厨师工具包括一个金属锅、餐刀、餐叉、一柄搅拌勺，和一柄长柄勺。 历史History。你对厨艺的了解允许你品味从餐饮习惯中透露出来的社会模式。 医药Medicine。进行治疗时，你可以改善药物的口感，使其不那么难以下咽。 求生Survival。寻找食物时，你可以把他人认为不能吃的玩意儿处理成可食用的东西。 准备饭菜Prepare Meals。 作为短休的一部分，你可以准备一顿美味的饭菜，帮助同伴恢复体力。在短休时，你和至多五个你所选择的生物每消耗一枚生命骰就可以多恢复1点生命值，只要你有机会使用你的厨师工具并且食材充足。 厨师工具Cook's Utensils 用途 DC 稍微改善伙食 10 做一顿同样的饭 10 检验饭菜中的毒素或杂质 15 | CP107: 1gp | CQ107: 8
A108: 107 | B108: =IF(法术书!AH9="","",法术书!AH9) | C108: =IFERROR(VLOOKUP(B108,法术大全!$A:$W,5,FALSE),"") | D108: =IFERROR(VLOOKUP(B108,法术大全!$A:$W,4,FALSE),"") | E108: 107 | F108: =B108 | CN108: 玻璃匠工具 | CO108: 具有玻璃匠工具熟练项的人不仅知道如何将玻璃吹制成形，还懂得生产玻璃制品的专业知识。 组件Components。这些工具包括一支吹管、一个小搓板、一些模具，和几把工钳。此外你还需要一个热源才能吹制玻璃。 奥秘Arcana、历史History。你的玻璃制造技术有助于检查玻璃制品，例如在藏宝库中发现的药剂瓶或玻璃物品。例如，你可以研究玻璃药瓶受到内容物的影响，以判断药水的效果。（药水可能留有残液、使玻璃变形或造成色斑。） 调查Investigation。当你调查一个拥有碎玻璃或玻璃制品等线索的区域时，你的知识能够提供帮助。 发现弱点Identify Weakness。通过1分钟的研究，你能找出玻璃制品的薄弱点。击打该物件的薄弱点能够造成双倍的伤害。 玻璃匠工具Glassblower’s Tools 用途 DC 判断玻璃的产地 10 判断一件玻璃制品曾经装过什么 20 | CP108: 30gp | CQ108: 5
A109: 108 | B109: =IF(法术书!AH10="","",法术书!AH10) | C109: =IFERROR(VLOOKUP(B109,法术大全!$A:$W,5,FALSE),"") | D109: =IFERROR(VLOOKUP(B109,法术大全!$A:$W,4,FALSE),"") | E109: 108 | F109: =B109 | CN109: 珠宝匠工具 | CO109: 珠宝匠工具的培训包括加工珠宝的基本技术，以及鉴定宝石的专业知识。 组件Components。珠宝匠工具包括一把小锯、小锤、锉刀、钳子，和镊子。 奥秘Arcana。珠宝匠工具熟练项让你能够了解各种宝石的魔法用途。这一能力在你对宝石或镶嵌宝石的物品进行奥秘检定时很有用处。 调查Investigation。当你检查珠宝类物件时，珠宝匠工具熟练项有助于你发现可能存在的线索。 鉴定宝石Identify Gems。 你能很快鉴定出宝石的种类和价值。 珠宝匠工具Eweler’s Tools 用途 DC 宝石外观加工 15 鉴定宝石历史 20 | CP109: 25gp | CQ109: 2
A110: 109 | B110: =IF(法术书!AH11="","",法术书!AH11) | C110: =IFERROR(VLOOKUP(B110,法术大全!$A:$W,5,FALSE),"") | D110: =IFERROR(VLOOKUP(B110,法术大全!$A:$W,4,FALSE),"") | E110: 109 | F110: =B110 | CN110: 皮匠工具 | CO110: 皮匠工具 Leatherworker's Tools 皮革加工的知识还包括兽皮特性、皮革盔甲和类似物品的学识。 组件Components。皮匠工具包括一把小刀、一柄小木槌、一台磨边机、一个打孔器、一个纺锤，以及一些皮革碎料。 奥秘Arcana。皮匠工具熟练项在你检查皮制魔法物品，如鞋子和部分斗篷时提供额外的洞察力。 调查Investigation。当你研究皮制物品或与之相关的线索时，你具有额外的洞察力，因为你对于皮革的专业知识能够发现他人忽略的细节。 皮革鉴定Identify Hides。 当你检查皮革物品时，你能分辨出皮料的种类以及运用的特殊工艺。例如，你能分辨出矮人制革工艺与半身人制革工艺的不同。 皮匠工具Leatherworker’s Tools 用途 DC 皮革外观加工 10 检定皮革制品的历史 20 | CP110: 5gp | CQ110: 5
A111: 110 | B111: =IF(法术书!AH12="","",法术书!AH12) | C111: =IFERROR(VLOOKUP(B111,法术大全!$A:$W,5,FALSE),"") | D111: =IFERROR(VLOOKUP(B111,法术大全!$A:$W,4,FALSE),"") | E111: 110 | F111: =B111 | CN111: 泥瓦匠工具 | CO111: 泥瓦匠工具允许你制造石质或砖制建筑。 组件Components。泥瓦匠工具包括泥刀、锤子、凿子、刷子、和角尺。 历史History。你的专业知识有助于你确定一座石质建筑的建造日期和用途，以及可能是谁建造了它。 调查Investigation。当你检查石质建筑中的区域时，你具有额外的洞察力。 察觉Perception。你可以在石墙或地板上发现不规则的地方，从而更容易找到陷阱门和秘密通道。 拆迁Demolition。你对砖石结构的知识可以让你发现墙壁的薄弱点。你的武器攻击会对这种建筑造成双倍伤害。 泥瓦匠工具Mason’s Tools 用途 DC 在石墙上开个小洞 10 找出石墙的薄弱点 20 | CP111: 10gp | CQ111: 8
A112: 111 | B112: =IF(法术书!AH13="","",法术书!AH13) | C112: =IFERROR(VLOOKUP(B112,法术大全!$A:$W,5,FALSE),"") | D112: =IFERROR(VLOOKUP(B112,法术大全!$A:$W,4,FALSE),"") | E112: 111 | F112: =B112 | CN112: 画家工具 | CO112: 画家工具熟练项代表了你的素描和绘画能力。你也会对艺术史有所了解，这有助于你鉴赏艺术作品。 组件Components。画家工具包括画架、画布、颜料、画笔、炭笔，还有调色板。 奥秘Arcana、历史History、宗教Religion。你的专业知识有助于你了解任何与艺术有关的知识，比如一幅画作的魔法属性或在地下城中发现的奇怪壁画的来历。 调查Investigation、察觉Perception。当你检查一幅画作或类似的图画类艺术作品时，你的绘画功底可以给你额外的洞察力。 作画Painting and Drawing。作为短休或长休的一部分，你可以创作一件简单的艺术品。虽然你的画作可能不够精细，但你可以展现出一副图像或场景，或者快速还原出你所见过的一幅艺术品。 画家工具Painter’s Supplies 用途 DC 画一幅精确的肖像画 10 创作带有隐藏信息的画作 20 | CP112: 10gp | CQ112: 5
A113: 112 | B113: =IF(法术书!AH14="","",法术书!AH14) | C113: =IFERROR(VLOOKUP(B113,法术大全!$A:$W,5,FALSE),"") | D113: =IFERROR(VLOOKUP(B113,法术大全!$A:$W,4,FALSE),"") | E113: 112 | F113: =B113 | CN113: 陶匠工具 | CO113: 陶匠工具用于制造各种各样的陶器，最典型的是陶罐和类似的器皿。 组件Components。陶匠工具包括穿刺针、骨架刀、刮刀、小刀，以及卡尺。 历史History。你的专业知识有助于你鉴定陶器，包括生产时间，以及它们可能的产地或产地文化。 调查Investigation、察觉 Perception。你在检查陶器时具有额外的洞察力，通过一些小细节来发现他人忽略的线索。 复原Reconstruction。通过检查陶器碎片，你可以推断出该物件原本、完整的形状及其可能的用途。 陶匠工具Potter’s Tools 用途 DC 确认一件陶器装过什么 10 制作一个可用的陶罐 15 找出一件陶器的薄弱点 20 | CP113: 10gp | CQ113: 3
A114: 113 | B114: =IF(法术书!AH15="","",法术书!AH15) | C114: =IFERROR(VLOOKUP(B114,法术大全!$A:$W,5,FALSE),"") | D114: =IFERROR(VLOOKUP(B114,法术大全!$A:$W,4,FALSE),"") | E114: 113 | F114: =B114 | CN114: 铁匠工具 | CO114: 铁匠工具允许你加工金属，加热它来塑性变形、修复损坏，或者把钢锭加工成有用的物品。 组件Components。铁匠工具包括锤子、钳子、木炭、破布和磨刀石。 奥秘Arcana、历史History。当你检查金属物体，比如武器时，你的专业知识会给你额外的洞察力。 调查Investigation。在调查护甲、武器或其他金属制品时，你可以发现他人可能会忽略的线索并作出推论。 修复Repair。当你能够使用工具并且具备一处足以使金属热塑变形的明火时，你每花费1个小时的工作时间，就能为一件损坏的金属制品恢复10点生命值。 铁匠工具Smith’s Tools 用途 DC 磨刀 10 修复一套护甲 15 熔解非魔法金属物件 15 | CP114: 20gp | CQ114: 8
... A118: 117 | B118: =IF(法术书!AH19="","",法术书!AH19) | C118: =IFERROR(VLOOKUP(B118,法术大全!$A:$W,5,FALSE),"") | D118: =IFERROR(VLOOKUP(B118,法术大全!$A:$W,4,FALSE),"") | E118: 117 | F118: =B118 | CN118: 易容工具 | CO118: 对于伪装者来说，易容工具是必不可少的，它可以让使用者轻易地改头换面。 组件Components。易容工具包括化妆品、染发剂、小道具，以及几套衣服。 欺瞒Deception。在某些情况下，一副伪装可以提高你撒谎的能力。 恐吓Intimidation。合适的伪装会让你看起来更可怕，不管你是想假扮成瘟疫患者来吓跑路人或是装成暴徒以恐吓一帮恶棍。 表演Performance。巧妙的化妆可以提升观众的体验，前提是化妆要设计得当，能够唤起想要的反应。 说服Persuasion。人们往往会信任穿制服的人。如果你伪装成一个权威人物，你与他人的交涉会更有说服力。 易容Create Disguise。你可以在长休中制造一套伪装物品。完成后你可以花费1分钟时间来变装。为了避免过度的关注，你一次只能携带一套伪装，除非你有一个背包或类似的方法来隐藏它们。每套伪装重1磅。 在其他时候，需要10分钟来制作一套适当修改外观的的伪装，而大幅改变外观则需要30分钟。 易容工具Disguise Kit 用途 DC 遮盖伤疤或特征性标记 10 识破他人的伪装 15 易容成另一个类人生物 20 | CP118: 25gp | CQ118: 3
A119: 118 | B119: =IF(法术书!AH20="","",法术书!AH20) | C119: =IFERROR(VLOOKUP(B119,法术大全!$A:$W,5,FALSE),"") | D119: =IFERROR(VLOOKUP(B119,法术大全!$A:$W,4,FALSE),"") | E119: 118 | F119: =B119 | CM119: 赌具描述 | CN119: 文书伪造工具 | CO119: 文书伪造工具通常用于伪造一份信用文书和模仿某人的印章或签名。 组件Components。文书伪造工具包括几种不同类型的墨水、各种羊皮纸和普通纸、几支鹅毛笔、印章和封蜡、金银叶饰，以及伪造蜡封的小型雕刻工具。 奥秘Arcana。文书伪造工具与奥秘技能搭配可以鉴定一件魔法物品的真伪。 欺瞒Deception。一份精心伪造的文书，比如贵族血统证明或管制区通行证，可以让你的谎言更有可信度。 历史History。文书伪造工具与你的历史知识相结合，可以让你更轻易地伪造历史文献或鉴定文献的真伪。 调查Investigation。当你检查一个物件时，文书伪造工具熟练项有助于你判断该物件是如何制成的，以及它的真伪。 其他工具Other Tools。 掌握其他工具的用法可以提高你所制赝品的可信度。例如，同时具有文书伪造工具和制图工具熟练项可以制造一份假地图。 快速伪造Quick Fake。 你在一次短休中可以伪造篇幅不超过1页的假文书。而一次长休中，你至多可以制造4页的文书。你进行一次附带文书伪造工具熟练加值的智力检定，以决定他人识破赝品的智力（调查）检定DC值。 文书伪造工具Forgery Kit 用途 DC 伪造笔迹 15 伪造蜡封 20 | CP119: 15gp | CQ119: 5
...

Sheet 职业
B1: PHB | C1: XGE | D1: SCAG | E1: TCE | F1: EGtW | G1: BGG | H1: VGR | I1: FTD | T1: 主职业 | U1: 范型 | V1: 兼职1 | W1: 范型 | X1: 兼职2 | Y1: 范型 | Z1: 职业特性 | AA1: 范型 | AC1: 生命值成长 | AE1: 生命骰 | AF1: 期望值 | AH1: 职业 | AI1: 等级 | AJ1: 本职 | AK1: 子职 | AL1: 等级 | AN1: 等级 | AO1: 1环 | AP1: 2环 | AQ1: 3环 | AR1: 4环 | AS1: 5环 | AT1: 6环 | AU1: 7环 | AV1: 8环 | AW1: 9环 | AX1: 法术值 | AY1: 邪术师等级 | AZ1: 1环 | BA1: 2环 | BB1: 3环 | BC1: 4环 | BD1: 5环 | BN1: 列1 | BO1: 列2 | BP1: 最小数据行 | BQ1: 最大数据行 | BS1: 待选特性 | BU1: 特性名 | BV1: 特性描述
B2: 0 | C2: 1 | D2: 2 | E2: 3 | F2: 4 | G2: 5 | H2: 6 | I2: 7 | J2: 8 | K2: 9 | L2: 10 | M2: 11 | N2: 12 | O2: 13 | P2: 14 | Q2: 15 | R2: 16 | T2: =主要!E6 -> 0 | U2: =IFERROR(IF(VLOOKUP(T2,B3:R22,2,FALSE)=0,"",VLOOKUP(T2,B3:R22,2,FALSE)),"") | V2: =主要!E7 -> 0 | W2: =IFERROR(IF(VLOOKUP(V2,B3:R22,2,FALSE)=0,"",VLOOKUP(V2,B3:R22,2,FALSE)),"") | X2: =主要!E8 -> 0 | Y2: =IFERROR(IF(VLOOKUP(X2,B3:R22,2,FALSE)=0,"",VLOOKUP(X2,B3:R22,2,FALSE)),"") | Z2: =主要!AW9 -> 0 | AA2: =IFERROR(IF(VLOOKUP(Z2,B3:R22,2,FALSE)=0,"",VLOOKUP(Z2,B3:R22,2,FALSE)),"") | AC2: 法师 | AD2: D6 | AE2: =IFERROR(VLOOKUP(主要!E6,AC2:AD14,2,FALSE),"") | AF2: =IFERROR(VLOOKUP(AE2,AC16:AD19,2,FALSE),0) -> 0 | AH2: 野蛮人 | AI2: =IFERROR(VLOOKUP(AH2,$AJ$2:$AL$4,3,0),0) -> 0 | AJ2: =IF(主要!E6="",0,主要!E6) -> 0 | AK2: =IF(主要!I6="",0,主要!I6) -> 0 | AL2: =IF(主要!O6="",0,主要!O6) -> 1 | AN2: 0 | AY2: 0 | BH2: 名称列 | BI2: 描述列 | BJ2: 最小数据行 | BK2: 最大数据行 | BM2: =IF(主要!AW9<>"",主要!AW9,"") | BN2: =IFERROR(VLOOKUP(BM2,BG3:BK131,2,FALSE),"") | BO2: =IFERROR(VLOOKUP(BM2,BG3:BK131,3,FALSE),"") | BP2: =IFERROR(VLOOKUP(BM2,BG3:BK131,4,FALSE),"") | BQ2: =IFERROR(VLOOKUP(BM2,BG3:BK131,5,FALSE),"") | BS2: =IFERROR(IF(OR(BN6="",COUNTIF($BU$2:$BU$68,BN6)),"",BN6),"") | BT2: {=INDEX(BS:BS,SMALL(IF($BS$2:$BS$101<>"",ROW($BS$2:$BS$101),142),ROW(BS1)))&""} | BU2: =IF(主要!AX11="","",主要!AX11) | BV2: =IFERROR(VLOOKUP(BU2,$BN$6:$BO$105,2,FALSE),"")
A3: 1 | B3: 野蛮人 | C3: 狂战士 | D3: 图腾武者 | E3: 狂热者 | F3: 先祖守卫 | G3: 风暴先驱 | H3: 战狂 | I3: 狂野魔法道途 | J3: 野兽道途 | K3: 巨人道途 | U3: =IFERROR(IF(VLOOKUP(T2,B3:R22,3,FALSE)=0,"",VLOOKUP(T2,B3:R22,3,FALSE)),"") | W3: =IFERROR(IF(VLOOKUP(V2,B3:R22,3,FALSE)=0,"",VLOOKUP(V2,B3:R22,3,FALSE)),"") | Y3: =IFERROR(IF(VLOOKUP(X2,B3:R22,3,FALSE)=0,"",VLOOKUP(X2,B3:R22,3,FALSE)),"") | AA3: =IFERROR(IF(VLOOKUP(Z2,B3:R22,3,FALSE)=0,"",VLOOKUP(Z2,B3:R22,3,FALSE)),"") | AC3: 术士 | AD3: D6 | AE3: =IFERROR(VLOOKUP(主要!E7,AC2:AD14,2,FALSE),"") | AF3: =IFERROR(VLOOKUP(AE3,AC16:AD19,2,FALSE),0) -> 0 | AH3: 吟游诗人 | AI3: =IFERROR(VLOOKUP(AH3,$AJ$2:$AL$4,3,0),0) -> 0 | AJ3: =IF(主要!E7="",0,主要!E7) -> 0 | AK3: =IF(主要!I7="",0,主要!I7) -> 0 | AL3: =IF(主要!O7="",0,主要!O7) -> 0 | AN3: 1 | AO3: 2 | AX3: 4 | AY3: 1 | AZ3: 1 | BG3: 野蛮人 | BH3: 1 | BI3: 2 | BJ3: 1 | BK3: {=_xlfn.IFS($AI$2>=20,19,$AI$2>=18,18,$AI$2>=15,17,$AI$2>=11,16,$AI$2>=9,15,$AI$2>=7,14,$AI$2>=5,12,$AI$2>=4,10,$AI$2>=3,9,$AI$2>=2,7,$AI$2>=1,5,1,0)} -> 0 | BM3: =IF(主要!BD9<>"",主要!BD9,"") | BN3: 0v0? | BO3: 0v0? | BP3: =IFERROR(VLOOKUP(BM3,BG3:BK131,4,FALSE),"") | BQ3: =IFERROR(VLOOKUP(BM3,BG3:BK131,5,FALSE),"") | BS3: =IFERROR(IF(OR(BN7="",COUNTIF($BU$2:$BU$68,BN7)),"",BN7),"") | BT3: {=INDEX(BS:BS,SMALL(IF($BS$2:$BS$101<>"",ROW($BS$2:$BS$101),142),ROW(BS2)))&""} | BU3: =IF(主要!AX12="","",主要!AX12) | BV3: =IFERROR(VLOOKUP(BU3,$BN$6:$BO$105,2,FALSE),"")
A4: 2 | B4: 吟游诗人 | C4: 逸闻学院 | D4: 勇气学院 | E4: 迷惑学院 | F4: 剑舞学院 | G4: 低语学院 | H4: 创造学院 | I4: 雄辩学院 | J4: 精魂学院 | U4: =IFERROR(IF(VLOOKUP(T2,B3:R22,4,FALSE)=0,"",VLOOKUP(T2,B3:R22,4,FALSE)),"") | W4: =IFERROR(IF(VLOOKUP(V2,B3:R22,4,FALSE)=0,"",VLOOKUP(V2,B3:R22,4,FALSE)),"") | Y4: =IFERROR(IF(VLOOKUP(X2,B3:R22,4,FALSE)=0,"",VLOOKUP(X2,B3:R22,4,FALSE)),"") | AA4: =IFERROR(IF(VLOOKUP(Z2,B3:R22,4,FALSE)=0,"",VLOOKUP(Z2,B3:R22,4,FALSE)),"") | AC4: 吟游诗人 | AD4: D8 | AE4: =IFERROR(VLOOKUP(主要!E8,AC2:AD14,2,FALSE),"") | AF4: =IFERROR(VLOOKUP(AE4,AC16:AD19,2,FALSE),0) -> 0 | AH4: 牧师 | AI4: =IFERROR(VLOOKUP(AH4,$AJ$2:$AL$4,3,0),0) -> 0 | AJ4: =IF(主要!E8="",0,主要!E8) -> 0 | AK4: =IF(主要!I8="",0,主要!I8) -> 0 | AL4: =IF(主要!O8="",0,主要!O8) -> 0 | AN4: 2 | AO4: 3 | AX4: 6 | AY4: 2 | AZ4: 2 | BG4: 吟游诗人 | BH4: 3 | BI4: 4 | BJ4: 1 | BK4: {=_xlfn.IFS($AI$3>=20,22,$AI$3>=10,21,$AI$3>=6,20,$AI$3>=5,19,$AI$3>=4,18,$AI$3>=3,16,$AI$3>=2,13,$AI$3>=1,11,1,0)} -> 0 | BS4: =IFERROR(IF(OR(BN8="",COUNTIF($BU$2:$BU$68,BN8)),"",BN8),"") | BT4: {=INDEX(BS:BS,SMALL(IF($BS$2:$BS$101<>"",ROW($BS$2:$BS$101),142),ROW(BS3)))&""} | BU4: =IF(主要!AX13="","",主要!AX13) | BV4: =IFERROR(VLOOKUP(BU4,$BN$6:$BO$105,2,FALSE),"")
A5: 3 | B5: 牧师 | C5: 知识领域 | D5: 生命领域 | E5: 光明领域 | F5: 自然领域 | G5: 风暴领域 | H5: 诡术领域 | I5: 战争领域 | J5: 锻造领域 | K5: 坟墓领域 | L5: 奥秘领域 | M5: 秩序领域 | N5: 和平领域 | O5: 暮光领域 | U5: =IFERROR(IF(VLOOKUP(T2,B3:R22,5,FALSE)=0,"",VLOOKUP(T2,B3:R22,5,FALSE)),"") | W5: =IFERROR(IF(VLOOKUP(V2,B3:R22,5,FALSE)=0,"",VLOOKUP(V2,B3:R22,5,FALSE)),"") | Y5: =IFERROR(IF(VLOOKUP(X2,B3:R22,5,FALSE)=0,"",VLOOKUP(X2,B3:R22,5,FALSE)),"") | AA5: =IFERROR(IF(VLOOKUP(Z2,B3:R22,5,FALSE)=0,"",VLOOKUP(Z2,B3:R22,5,FALSE)),"") | AC5: 牧师 | AD5: D8 | AH5: 德鲁伊 | AI5: =IFERROR(VLOOKUP(AH5,$AJ$2:$AL$4,3,0),0) -> 0 | AN5: 3 | AO5: 4 | AP5: 2 | AX5: 14 | AY5: 3 | BA5: 2 | BG5: 牧师 | BH5: 5 | BI5: 6 | BJ5: 1 | BK5: {=_xlfn.IFS($AI$4>=10,19,$AI$4>=8,18,$AI$4>=5,17,$AI$4>=4,16,$AI$4>=2,14,$AI$4>=1,11,1,0)} -> 0 | BM5: 0 | BN5: 名称 | BO5: 描述 | BP5: 增值 | BS5: =IFERROR(IF(OR(BN9="",COUNTIF($BU$2:$BU$68,BN9)),"",BN9),"") | BT5: {=INDEX(BS:BS,SMALL(IF($BS$2:$BS$101<>"",ROW($BS$2:$BS$101),142),ROW(BS4)))&""} | BU5: =IF(主要!AX14="","",主要!AX14) | BV5: =IFERROR(VLOOKUP(BU5,$BN$6:$BO$105,2,FALSE),"")
A6: 4 | B6: 德鲁伊 | C6: 大地结社 | D6: 月亮结社 | E6: 梦境结社 | F6: 牧人结社 | G6: 孢子结社 | H6: 星辰结社 | I6: 野火结社 | U6: =IFERROR(IF(VLOOKUP(T2,B3:R22,6,FALSE)=0,"",VLOOKUP(T2,B3:R22,6,FALSE)),"") | W6: =IFERROR(IF(VLOOKUP(V2,B3:R22,6,FALSE)=0,"",VLOOKUP(V2,B3:R22,6,FALSE)),"") | Y6: =IFERROR(IF(VLOOKUP(X2,B3:R22,6,FALSE)=0,"",VLOOKUP(X2,B3:R22,6,FALSE)),"") | AA6: =IFERROR(IF(VLOOKUP(Z2,B3:R22,6,FALSE)=0,"",VLOOKUP(Z2,B3:R22,6,FALSE)),"") | AC6: 德鲁伊 | AD6: D8 | AE6: 总等级 | AF6: =主要!O6+主要!O7+主要!O8 -> 1 | AH6: 战士 | AI6: =IFERROR(VLOOKUP(AH6,$AJ$2:$AL$4,3,0),0) -> 0 | AK6: 奥法骑士 | AL6: =IF(AK2="奥法骑士",AL2,IF(AK3="奥法骑士",AL3,IF(AK4="奥法骑士",AL4,0))) -> 0 | AN6: 4 | AO6: 4 | AP6: 3 | AX6: 17 | AY6: 4 | BA6: 2 | BG6: 德鲁伊 | BH6: 7 | BI6: 8 | BJ6: 1 | BK6: {=_xlfn.IFS($AI$5>=20,19,$AI$5>=18,18,$AI$5>=4,16,$AI$5>=2,14,$AI$5>=1,11,1,0)} -> 0 | BM6: =IFERROR(IF(BM5+1>BQ2,IF(BM5+1>BQ2,IF(BP3+BP5>BQ3,"",BP3+BP5)),BM5+1),"") -> 1 | BN6: =IFERROR(INDEX(B30:AO180,BM6,BN2),"") | BO6: =IFERROR(INDEX(B30:AO180,BM6,BO2),"") | BP6: =IFERROR(IF(BM5+1>BQ2,BP5+1,0),"") -> 0 | BS6: =IFERROR(IF(OR(BN10="",COUNTIF($BU$2:$BU$68,BN10)),"",BN10),"") | BT6: {=INDEX(BS:BS,SMALL(IF($BS$2:$BS$101<>"",ROW($BS$2:$BS$101),142),ROW(BS5)))&""} | BU6: =IF(主要!AX15="","",主要!AX15) | BV6: =IFERROR(VLOOKUP(BU6,$BN$6:$BO$105,2,FALSE),"")
A7: 5 | B7: 战士 | C7: 勇士 | D7: 战斗大师 | E7: 奥法骑士 | F7: 魔射手 | G7: 骑兵 | H7: 武士 | I7: 紫龙骑士 | J7: 回音骑士 | K7: 符文骑士 | L7: 灵能武士 | U7: =IFERROR(IF(VLOOKUP(T2,B3:R22,7,FALSE)=0,"",VLOOKUP(T2,B3:R22,7,FALSE)),"") | W7: =IFERROR(IF(VLOOKUP(V2,B3:R22,7,FALSE)=0,"",VLOOKUP(V2,B3:R22,7,FALSE)),"") | Y7: =IFERROR(IF(VLOOKUP(X2,B3:R22,7,FALSE)=0,"",VLOOKUP(X2,B3:R22,7,FALSE)),"") | AA7: =IFERROR(IF(VLOOKUP(Z2,B3:R22,7,FALSE)=0,"",VLOOKUP(Z2,B3:R22,7,FALSE)),"") | AC7: 武僧 | AD7: D8 | AE7: 首级 | AF7: =IFERROR(VLOOKUP(AE2,AC21:AD24,2,FALSE),0) -> 0 | AH7: 武僧 | AI7: =IFERROR(VLOOKUP(AH7,$AJ$2:$AL$4,3,0),0) -> 0 | AK7: 诡术师 | AL7: =IF(AK2="诡术师",AL2,IF(AK3="诡术师",AL3,IF(AK4="诡术师",AL4,0))) -> 0 | AN7: 5 | AO7: 4 | AP7: 3 | AQ7: 2 | AX7: 27 | AY7: 5 | BB7: 2 | BG7: 战士 | BH7: 9 | BI7: 10 | BJ7: 1 | BK7: {=_xlfn.IFS($AI$6>=9,12,$AI$6>=5,11,$AI$6>=4,10,$AI$6>=3,8,$AI$6>=2,7,$AI$6>=1,6,1,0)} -> 0 | BM7: =IFERROR(IF(BM6+1>BQ2,IF(BM6+1>BQ2,IF(BP3+BP6>BQ3,"",BP3+BP6)),BM6+1),"") -> 2 | BN7: =IFERROR(INDEX(B30:AO180,BM7,BN2),"") | BO7: =IFERROR(INDEX(B30:AO180,BM7,BO2),"") | BP7: =IFERROR(IF(BM6+1>BQ2,BP6+1,0),"") -> 0 | BS7: =IFERROR(IF(OR(BN11="",COUNTIF($BU$2:$BU$68,BN11)),"",BN11),"") | BT7: {=INDEX(BS:BS,SMALL(IF($BS$2:$BS$101<>"",ROW($BS$2:$BS$101),142),ROW(BS6)))&""} | BU7: =IF(主要!AX16="","",主要!AX16) | BV7: =IFERROR(VLOOKUP(BU7,$BN$6:$BO$105,2,FALSE),"")
A8: 6 | B8: 武僧 | C8: 散打宗 | D8: 暗影宗 | E8: 四象宗 | F8: 醉拳宗 | G8: 剑圣宗 | H8: 日魂宗 | I8: 永亡宗 | J8: 命流宗 | K8: 星我宗 | L8: 神龙宗 | U8: =IFERROR(IF(VLOOKUP(T2,B3:R22,8,FALSE)=0,"",VLOOKUP(T2,B3:R22,8,FALSE)),"") | W8: =IFERROR(IF(VLOOKUP(V2,B3:R22,8,FALSE)=0,"",VLOOKUP(V2,B3:R22,8,FALSE)),"") | Y8: =IFERROR(IF(VLOOKUP(X2,B3:R22,8,FALSE)=0,"",VLOOKUP(X2,B3:R22,8,FALSE)),"") | AA8: =IFERROR(IF(VLOOKUP(Z2,B3:R22,8,FALSE)=0,"",VLOOKUP(Z2,B3:R22,8,FALSE)),"") | AC8: 游荡者 | AD8: D8 | AH8: 圣武士 | AI8: =IFERROR(VLOOKUP(AH8,$AJ$2:$AL$4,3,0),0) -> 0 | AN8: 6 | AO8: 4 | AP8: 3 | AQ8: 3 | AX8: 32 | AY8: 6 | BB8: 2 | BG8: 武僧 | BH8: 11 | BI8: 12 | BJ8: 1 | BK8: {=_xlfn.IFS($AI$7>=20,29,$AI$7>=18,28,$AI$7>=15,28,$AI$7>=14,26,$AI$7>=13,25,$AI$7>=10,24,$AI$7>=7,23,$AI$7>=6,21,$AI$7>=5,20,$AI$7>=4,17,$AI$7>=3,14,$AI$7>=2,11,$AI$7>=1,5,1,0)} -> 0 | BM8: =IFERROR(IF(BM7+1>BQ2,IF(BM7+1>BQ2,IF(BP3+BP7>BQ3,"",BP3+BP7)),BM7+1),"") -> 3 | BN8: =IFERROR(INDEX(B30:AO180,BM8,BN2),"") | BO8: =IFERROR(INDEX(B30:AO180,BM8,BO2),"") | BP8: =IFERROR(IF(BM7+1>BQ2,BP7+1,0),"") -> 0 | BS8: =IFERROR(IF(OR(BN12="",COUNTIF($BU$2:$BU$68,BN12)),"",BN12),"") | BT8: {=INDEX(BS:BS,SMALL(IF($BS$2:$BS$101<>"",ROW($BS$2:$BS$101),142),ROW(BS7)))&""} | BU8: =IF(主要!AX17="","",主要!AX17) | BV8: =IFERROR(VLOOKUP(BU8,$BN$6:$BO$105,2,FALSE),"")
A9: 7 | B9: 圣武士 | C9: 奉献之誓 | D9: 古贤之誓 | E9: 复仇之誓 | F9: 征服之誓 | G9: 救赎之誓 | H9: 王冠之誓 | I9: 荣耀之誓 | J9: 守望之誓 | U9: =IFERROR(IF(VLOOKUP(T2,B3:R22,9,FALSE)=0,"",VLOOKUP(T2,B3:R22,9,FALSE)),"") | W9: =IFERROR(IF(VLOOKUP(V2,B3:R22,9,FALSE)=0,"",VLOOKUP(V2,B3:R22,9,FALSE)),"") | Y9: =IFERROR(IF(VLOOKUP(X2,B3:R22,9,FALSE)=0,"",VLOOKUP(X2,B3:R22,9,FALSE)),"") | AA9: =IFERROR(IF(VLOOKUP(Z2,B3:R22,9,FALSE)=0,"",VLOOKUP(Z2,B3:R22,9,FALSE)),"") | AC9: 邪术师 | AD9: D8 | AE9: 全施法者 | AF9: =$AI$3+$AI$4+$AI$5+$AI$11+$AI$13 -> 0 | AH9: 游侠 | AI9: =IFERROR(VLOOKUP(AH9,$AJ$2:$AL$4,3,0),0) -> 0 | AN9: 7 | AO9: 4 | AP9: 3 | AQ9: 3 | AR9: 1 | AX9: 38 | AY9: 7 | BC9: 2 | BG9: 圣武士 | BH9: 13 | BI9: 14 | BJ9: 1 | BK9: {=_xlfn.IFS($AI$8>=14,24,$AI$8>=11,23,$AI$8>=10,22,$AI$8>=6,21,$AI$8>=5,20,$AI$8>=4,19,$AI$8>=3,17,$AI$8>=2,12,$AI$8>=1,5,1,0)} -> 0 | BM9: =IFERROR(IF(BM8+1>BQ2,IF(BM8+1>BQ2,IF(BP3+BP8>BQ3,"",BP3+BP8)),BM8+1),"") -> 4 | BN9: =IFERROR(INDEX(B30:AO180,BM9,BN2),"") | BO9: =IFERROR(INDEX(B30:AO180,BM9,BO2),"") | BP9: =IFERROR(IF(BM8+1>BQ2,BP8+1,0),"") -> 0 | BS9: =IFERROR(IF(OR(BN13="",COUNTIF($BU$2:$BU$68,BN13)),"",BN13),"") | BT9: {=INDEX(BS:BS,SMALL(IF($BS$2:$BS$101<>"",ROW($BS$2:$BS$101),142),ROW(BS8)))&""} | BU9: =IF(主要!AX18="","",主要!AX18) | BV9: =IFERROR(VLOOKUP(BU9,$BN$6:$BO$105,2,FALSE),"")
A10: 8 | B10: 游侠 | C10: 猎人 | D10: 驯兽师 | E10: 幽域追踪者 | F10: 边界行者 | G10: 怪物杀手 | H10: 集群牧者 | I10: 妖精漫游者 | J10: 龙兽守卫 | U10: =IFERROR(IF(VLOOKUP(T2,B3:R22,10,FALSE)=0,"",VLOOKUP(T2,B3:R22,10,FALSE)),"") | W10: =IFERROR(IF(VLOOKUP(V2,B3:R22,10,FALSE)=0,"",VLOOKUP(V2,B3:R22,10,FALSE)),"") | Y10: =IFERROR(IF(VLOOKUP(X2,B3:R22,10,FALSE)=0,"",VLOOKUP(X2,B3:R22,10,FALSE)),"") | AA10: =IFERROR(IF(VLOOKUP(Z2,B3:R22,10,FALSE)=0,"",VLOOKUP(Z2,B3:R22,10,FALSE)),"") | AC10: 奇械师 | AD10: D8 | AE10: 半施法者 | AF10: =IF(AF9=0,ROUNDUP(($AI$8+$AI$9+$AI$14)/2,0),ROUNDDOWN(($AI$8+$AI$9+$AI$14)/2,0)) -> 0 | AH10: 游荡者 | AI10: =IFERROR(VLOOKUP(AH10,$AJ$2:$AL$4,3,0),0) -> 0 | AN10: 8 | AO10: 4 | AP10: 3 | AQ10: 3 | AR10: 2 | AX10: 44 | AY10: 8 | BC10: 2 | BG10: 游侠 | BH10: 15 | BI10: 16 | BJ10: 1 | BK10: {=_xlfn.IFS($AI$9>=20,25,$AI$9>=18,24,$AI$9>=14,23,$AI$9>=10,22,$AI$9>=8,20,$AI$9>=5,19,$AI$9>=4,18,$AI$9>=3,16,$AI$9>=2,13,$AI$9>=1,7,1,0)} -> 0 | BM10: =IFERROR(IF(BM9+1>BQ2,IF(BM9+1>BQ2,IF(BP3+BP9>BQ3,"",BP3+BP9)),BM9+1),"") -> 5 | BN10: =IFERROR(INDEX(B30:AO180,BM10,BN2),"") | BO10: =IFERROR(INDEX(B30:AO180,BM10,BO2),"") | BP10: =IFERROR(IF(BM9+1>BQ2,BP9+1,0),"") -> 0 | BS10: =IFERROR(IF(OR(BN14="",COUNTIF($BU$2:$BU$68,BN14)),"",BN14),"") | BT10: {=INDEX(BS:BS,SMALL(IF($BS$2:$BS$101<>"",ROW($BS$2:$BS$101),142),ROW(BS9)))&""} | BU10: =IF(主要!AX19="","",主要!AX19) | BV10: =IFERROR(VLOOKUP(BU10,$BN$6:$BO$105,2,FALSE),"")
A11: 9 | B11: 游荡者 | C11: 盗贼 | D11: 刺客 | E11: 诡术师 | F11: 调查员 | G11: 策士 | H11: 斥候 | I11: 游荡剑客 | J11: 鬼魅 | K11: 魂刃 | U11: =IFERROR(IF(VLOOKUP(T2,B3:R22,11,FALSE)=0,"",VLOOKUP(T2,B3:R22,11,FALSE)),"") | W11: =IFERROR(IF(VLOOKUP(V2,B3:R22,11,FALSE)=0,"",VLOOKUP(V2,B3:R22,11,FALSE)),"") | Y11: =IFERROR(IF(VLOOKUP(X2,B3:R22,11,FALSE)=0,"",VLOOKUP(X2,B3:R22,11,FALSE)),"") | AA11: =IFERROR(IF(VLOOKUP(Z2,B3:R22,11,FALSE)=0,"",VLOOKUP(Z2,B3:R22,11,FALSE)),"") | AC11: 战士 | AD11: D10 | AE11: 诡奥 | AF11: =IF(AF9=0,ROUNDUP((AL6+AL7)/3,0),ROUNDDOWN((AL6+AL7)/3,0)) -> 0 | AH11: 术士 | AI11: =IFERROR(VLOOKUP(AH11,$AJ$2:$AL$4,3,0),0) -> 0 | AN11: 9 | AO11: 4 | AP11: 3 | AQ11: 3 | AR11: 3 | AS11: 1 | AX11: 57 | AY11: 9 | BD11: 3 | BG11: 游荡者 | BH11: 17 | BI11: 18 | BJ11: 1 | BK11: {=_xlfn.IFS($AI$10>=20,17,$AI$10>=18,16,$AI$10>=15,14,$AI$10>=14,14,$AI$10>=11,13,$AI$10>=7,12,$AI$10>=5,11,$AI$10>=4,10,$AI$10>=3,9,$AI$10>=2,7,$AI$10>=1,6,1,0)} -> 0 | BM11: =IFERROR(IF(BM10+1>BQ2,IF(BM10+1>BQ2,IF(BP3+BP10>BQ3,"",BP3+BP10)),BM10+1),"") -> 6 | BN11: =IFERROR(INDEX(B30:AO180,BM11,BN2),"") | BO11: =IFERROR(INDEX(B30:AO180,BM11,BO2),"") | BP11: =IFERROR(IF(BM10+1>BQ2,BP10+1,0),"") -> 0 | BS11: =IFERROR(IF(OR(BN15="",COUNTIF($BU$2:$BU$68,BN15)),"",BN15),"") | BT11: {=INDEX(BS:BS,SMALL(IF($BS$2:$BS$101<>"",ROW($BS$2:$BS$101),142),ROW(BS10)))&""} | BU11: =IF(主要!AX20="","",主要!AX20) | BV11: =IFERROR(VLOOKUP(BU11,$BN$6:$BO$105,2,FALSE),"")
A12: 10 | B12: 术士 | C12: 龙族血脉 | D12: 狂野魔法 | E12: 神圣之魂 | F12: 幽影魔法 | G12: 风暴术法 | H12: 畸变心智 | I12: 时械之魂 | J12: 月之术法 | U12: =IFERROR(IF(VLOOKUP(T2,B3:R22,12,FALSE)=0,"",VLOOKUP(T2,B3:R22,12,FALSE)),"") | W12: =IFERROR(IF(VLOOKUP(V2,B3:R22,12,FALSE)=0,"",VLOOKUP(V2,B3:R22,12,FALSE)),"") | Y12: =IFERROR(IF(VLOOKUP(X2,B3:R22,12,FALSE)=0,"",VLOOKUP(X2,B3:R22,12,FALSE)),"") | AA12: =IFERROR(IF(VLOOKUP(Z2,B3:R22,12,FALSE)=0,"",VLOOKUP(Z2,B3:R22,12,FALSE)),"") | AC12: 圣武士 | AD12: D10 | AH12: 邪术师 | AI12: =IFERROR(VLOOKUP(AH12,$AJ$2:$AL$4,3,0),0) -> 0 | AN12: 10 | AO12: 4 | AP12: 3 | AQ12: 3 | AR12: 3 | AS12: 2 | AX12: 64 | AY12: 10 | BD12: 3 | BG12: 术士 | BH12: 19 | BI12: 20 | BJ12: 1 | BK12: {=_xlfn.IFS($AI$11>=20,30,$AI$11>=5,29,$AI$11>=4,28,$AI$11>=3,26,$AI$11>=2,15,$AI$11>=1,10,1,0)} -> 0 | BM12: =IFERROR(IF(BM11+1>BQ2,IF(BM11+1>BQ2,IF(BP3+BP11>BQ3,"",BP3+BP11)),BM11+1),"") -> 7 | BN12: =IFERROR(INDEX(B30:AO180,BM12,BN2),"") | BO12: =IFERROR(INDEX(B30:AO180,BM12,BO2),"") | BP12: =IFERROR(IF(BM11+1>BQ2,BP11+1,0),"") -> 0 | BS12: =IFERROR(IF(OR(BN16="",COUNTIF($BU$2:$BU$68,BN16)),"",BN16),"") | BT12: {=INDEX(BS:BS,SMALL(IF($BS$2:$BS$101<>"",ROW($BS$2:$BS$101),142),ROW(BS11)))&""} | BU12: =IF(主要!AX21="","",主要!AX21) | BV12: =IFERROR(VLOOKUP(BU12,$BN$6:$BO$105,2,FALSE),"")
A13: 11 | B13: 邪术师 | C13: 至高妖精 | D13: 邪魔宗主 | E13: 旧日支配者 | F13: 天界宗主 | G13: 咒剑士 | H13: 不朽者 | I13: 巨灵宗主 | J13: 深海意志 | K13: 死灵宗主 | U13: =IFERROR(IF(VLOOKUP(T2,B3:R22,13,FALSE)=0,"",VLOOKUP(T2,B3:R22,13,FALSE)),"") | W13: =IFERROR(IF(VLOOKUP(V2,B3:R22,13,FALSE)=0,"",VLOOKUP(V2,B3:R22,13,FALSE)),"") | Y13: =IFERROR(IF(VLOOKUP(X2,B3:R22,13,FALSE)=0,"",VLOOKUP(X2,B3:R22,13,FALSE)),"") | AA13: =IFERROR(IF(VLOOKUP(Z2,B3:R22,13,FALSE)=0,"",VLOOKUP(Z2,B3:R22,13,FALSE)),"") | AC13: 游侠 | AD13: D10 | AH13: 法师 | AI13: =IFERROR(VLOOKUP(AH13,$AJ$2:$AL$4,3,0),0) -> 0 | AN13: 11 | AO13: 4 | AP13: 3 | AQ13: 3 | AR13: 3 | AS13: 2 | AT13: 1 | AX13: 73 | AY13: 11 | BD13: 3 | BG13: 邪术师 | BH13: 21 | BI13: 22 | BJ13: 1 | BK13: {=_xlfn.IFS($AI$12>=20,73,$AI$12>=15,72,$AI$12>=12,67,$AI$12>=11,65,$AI$12>=9,64,$AI$12>=7,59,$AI$12>=5,52,$AI$12>=4,41,$AI$12>=3,39,$AI$12>=2,27,$AI$12>=1,9,1,0)} -> 0 | BM13: =IFERROR(IF(BM12+1>BQ2,IF(BM12+1>BQ2,IF(BP3+BP12>BQ3,"",BP3+BP12)),BM12+1),"") -> 8 | BN13: =IFERROR(INDEX(B30:AO180,BM13,BN2),"") | BO13: =IFERROR(INDEX(B30:AO180,BM13,BO2),"") | BP13: =IFERROR(IF(BM12+1>BQ2,BP12+1,0),"") -> 0 | BS13: =IFERROR(IF(OR(BN17="",COUNTIF($BU$2:$BU$68,BN17)),"",BN17),"") | BT13: {=INDEX(BS:BS,SMALL(IF($BS$2:$BS$101<>"",ROW($BS$2:$BS$101),142),ROW(BS12)))&""} | BU13: =IF(主要!AX22="","",主要!AX22) | BV13: =IFERROR(VLOOKUP(BU13,$BN$6:$BO$105,2,FALSE),"")
A14: 12 | B14: 法师 | C14: 防护学派 | D14: 咒法学派 | E14: 预言学派 | F14: 附魔学派 | G14: 塑能学派 | H14: 幻术学派 | I14: 死灵学派 | J14: 变化学派 | K14: 战争魔法 | L14: 剑咏者 | M14: 时间魔法 | N14: 重力魔法 | O14: 书士会 | U14: =IFERROR(IF(VLOOKUP(T2,B3:R22,14,FALSE)=0,"",VLOOKUP(T2,B3:R22,14,FALSE)),"") | W14: =IFERROR(IF(VLOOKUP(V2,B3:R22,14,FALSE)=0,"",VLOOKUP(V2,B3:R22,14,FALSE)),"") | Y14: =IFERROR(IF(VLOOKUP(X2,B3:R22,14,FALSE)=0,"",VLOOKUP(X2,B3:R22,14,FALSE)),"") | AA14: =IFERROR(IF(VLOOKUP(Z2,B3:R22,14,FALSE)=0,"",VLOOKUP(Z2,B3:R22,14,FALSE)),"") | AC14: 野蛮人 | AD14: D12 | AE14: 施法者等级 | AF14: =AF9+AF10+AF11 -> 0 | AH14: 奇械师 | AI14: =IFERROR(VLOOKUP(AH14,$AJ$2:$AL$4,3,0),0) -> 0 | AN14: 12 | AO14: 4 | AP14: 3 | AQ14: 3 | AR14: 3 | AS14: 2 | AT14: 1 | AX14: 73 | AY14: 12 | BD14: 3 | BG14: 法师 | BH14: 23 | BI14: 24 | BJ14: 1 | BK14: {=_xlfn.IFS($AI$13>=20,18,$AI$13>=18,17,$AI$13>=4,16,$AI$13>=3,15,$AI$13>=2,14,$AI$13>=1,13,1,0)} -> 0 | BM14: =IFERROR(IF(BM13+1>BQ2,IF(BM13+1>BQ2,IF(BP3+BP13>BQ3,"",BP3+BP13)),BM13+1),"") -> 9 | BN14: =IFERROR(INDEX(B30:AO180,BM14,BN2),"") | BO14: =IFERROR(INDEX(B30:AO180,BM14,BO2),"") | BP14: =IFERROR(IF(BM13+1>BQ2,BP13+1,0),"") -> 0 | BS14: =IFERROR(IF(OR(BN18="",COUNTIF($BU$2:$BU$68,BN18)),"",BN18),"") | BT14: {=INDEX(BS:BS,SMALL(IF($BS$2:$BS$101<>"",ROW($BS$2:$BS$101),142),ROW(BS13)))&""} | BU14: =IF(主要!AX23="","",主要!AX23) | BV14: =IFERROR(VLOOKUP(BU14,$BN$6:$BO$105,2,FALSE),"")
A15: 13 | B15: 奇械师 | C15: 炼金师 | D15: 魔炮师 | E15: 战地匠师 | F15: 装甲师 | U15: =IFERROR(IF(VLOOKUP(T2,B3:R22,15,FALSE)=0,"",VLOOKUP(T2,B3:R22,15,FALSE)),"") | W15: =IFERROR(IF(VLOOKUP(V2,B3:R22,15,FALSE)=0,"",VLOOKUP(V2,B3:R22,15,FALSE)),"") | Y15: =IFERROR(IF(VLOOKUP(X2,B3:R22,15,FALSE)=0,"",VLOOKUP(X2,B3:R22,15,FALSE)),"") | AA15: =IFERROR(IF(VLOOKUP(Z2,B3:R22,15,FALSE)=0,"",VLOOKUP(Z2,B3:R22,15,FALSE)),"") | AC15: 期望值 | AE15: 1环 | AF15: =IFERROR(VLOOKUP($AF$14,$AN$2:$AW$22,2,FALSE),"") -> 0 | AN15: 13 | AO15: 4 | AP15: 3 | AQ15: 3 | AR15: 3 | AS15: 2 | AT15: 1 | AU15: 1 | AX15: 83 | AY15: 13 | BD15: 3 | BG15: 奇械师 | BH15: 25 | BI15: 26 | BJ15: 1 | BK15: {=_xlfn.IFS($AI$14>=20,41,$AI$14>=18,40,$AI$14>=14,39,$AI$14>=11,37,$AI$14>=10,36,$AI$14>=7,34,$AI$14>=6,33,$AI$14>=4,27,$AI$14>=3,26,$AI$14>=2,24,$AI$14>=1,11,1,0)} -> 0 | BM15: =IFERROR(IF(BM14+1>BQ2,IF(BM14+1>BQ2,IF(BP3+BP14>BQ3,"",BP3+BP14)),BM14+1),"") -> 10 | BN15: =IFERROR(INDEX(B30:AO180,BM15,BN2),"") | BO15: =IFERROR(INDEX(B30:AO180,BM15,BO2),"") | BP15: =IFERROR(IF(BM14+1>BQ2,BP14+1,0),"") -> 0 | BS15: =IFERROR(IF(OR(BN19="",COUNTIF($BU$2:$BU$68,BN19)),"",BN19),"") | BT15: {=INDEX(BS:BS,SMALL(IF($BS$2:$BS$101<>"",ROW($BS$2:$BS$101),142),ROW(BS14)))&""} | BU15: =IF(主要!AX24="","",主要!AX24) | BV15: =IFERROR(VLOOKUP(BU15,$BN$6:$BO$105,2,FALSE),"")
A16: 14 | U16: =IFERROR(IF(VLOOKUP(T2,B3:R22,16,FALSE)=0,"",VLOOKUP(T2,B3:R22,16,FALSE)),"") | W16: =IFERROR(IF(VLOOKUP(V2,B3:R22,16,FALSE)=0,"",VLOOKUP(V2,B3:R22,16,FALSE)),"") | Y16: =IFERROR(IF(VLOOKUP(X2,B3:R22,16,FALSE)=0,"",VLOOKUP(X2,B3:R22,16,FALSE)),"") | AA16: =IFERROR(IF(VLOOKUP(Z2,B3:R22,16,FALSE)=0,"",VLOOKUP(Z2,B3:R22,16,FALSE)),"") | AC16: D6 | AD16: 4 | AE16: 2环 | AF16: =IFERROR(VLOOKUP($AF$14,$AN$2:$AW$22,3,FALSE),"") -> 0 | AI16: 1环 | AJ16: =IF(AF15+AH20=0,"",AF15+AH20) | AN16: 14 | AO16: 4 | AP16: 3 | AQ16: 3 | AR16: 3 | AS16: 2 | AT16: 1 | AU16: 1 | AX16: 83 | AY16: 14 | BD16: 3 | BG16: 狂战士 | BH16: 1 | BI16: 2 | BJ16: =A49 -> 20 | BK16: {=_xlfn.IFS($AI$2>=14,23,$AI$2>=10,22,$AI$2>=6,21,$AI$2>=3,20,1,0)} -> 0 | BM16: =IFERROR(IF(BM15+1>BQ2,IF(BM15+1>BQ2,IF(BP3+BP15>BQ3,"",BP3+BP15)),BM15+1),"") -> 11 | BN16: =IFERROR(INDEX(B30:AO180,BM16,BN2),"") | BO16: =IFERROR(INDEX(B30:AO180,BM16,BO2),"") | BP16: =IFERROR(IF(BM15+1>BQ2,BP15+1,0),"") -> 0 | BS16: =IFERROR(IF(OR(BN20="",COUNTIF($BU$2:$BU$68,BN20)),"",BN20),"") | BT16: {=INDEX(BS:BS,SMALL(IF($BS$2:$BS$101<>"",ROW($BS$2:$BS$101),142),ROW(BS15)))&""} | BU16: =IF(主要!AX25="","",主要!AX25) | BV16: =IFERROR(VLOOKUP(BU16,$BN$6:$BO$105,2,FALSE),"")
A17: 15 | U17: =IFERROR(IF(VLOOKUP(T2,B3:R22,17,FALSE)=0,"",VLOOKUP(T2,B3:R22,17,FALSE)),"") | W17: =IFERROR(IF(VLOOKUP(V2,B3:R22,17,FALSE)=0,"",VLOOKUP(V2,B3:R22,17,FALSE)),"") | Y17: =IFERROR(IF(VLOOKUP(X2,B3:R22,17,FALSE)=0,"",VLOOKUP(X2,B3:R22,17,FALSE)),"") | AA17: =IFERROR(IF(VLOOKUP(Z2,B3:R22,17,FALSE)=0,"",VLOOKUP(Z2,B3:R22,17,FALSE)),"") | AC17: D8 | AD17: 5 | AE17: 3环 | AF17: =IFERROR(VLOOKUP($AF$14,$AN$2:$AW$22,4,FALSE),"") -> 0 | AI17: 2环 | AJ17: =IF(AF16+AH21=0,"",AF16+AH21) | AN17: 15 | AO17: 4 | AP17: 3 | AQ17: 3 | AR17: 3 | AS17: 2 | AT17: 1 | AU17: 1 | AV17: 1 | AX17: 94 | AY17: 15 | BD17: 3 | BG17: 图腾武者 | BH17: 1 | BI17: 2 | BJ17: =A53 -> 24 | BK17: {=_xlfn.IFS($AI$2>=14,28,$AI$2>=10,27,$AI$2>=6,26,$AI$2>=3,25,1,0)} -> 0 | BM17: =IFERROR(IF(BM16+1>BQ2,IF(BM16+1>BQ2,IF(BP3+BP16>BQ3,"",BP3+BP16)),BM16+1),"") -> 12 | BN17: =IFERROR(INDEX(B30:AO180,BM17,BN2),"") | BO17: =IFERROR(INDEX(B30:AO180,BM17,BO2),"") | BP17: =IFERROR(IF(BM16+1>BQ2,BP16+1,0),"") -> 0 | BS17: =IFERROR(IF(OR(BN21="",COUNTIF($BU$2:$BU$68,BN21)),"",BN21),"") | BT17: {=INDEX(BS:BS,SMALL(IF($BS$2:$BS$101<>"",ROW($BS$2:$BS$101),142),ROW(BS16)))&""} | BU17: =IF(主要!AX26="","",主要!AX26) | BV17: =IFERROR(VLOOKUP(BU17,$BN$6:$BO$105,2,FALSE),"")
A18: 16 | AC18: D10 | AD18: 6 | AE18: 4环 | AF18: =IFERROR(VLOOKUP($AF$14,$AN$2:$AW$22,5,FALSE),"") -> 0 | AI18: 3环 | AJ18: =IF(AF17+AH22=0,"",AF17+AH22) | AN18: 16 | AO18: 4 | AP18: 3 | AQ18: 3 | AR18: 3 | AS18: 2 | AT18: 1 | AU18: 1 | AV18: 1 | AX18: 94 | AY18: 16 | BD18: 3 | BG18: 狂热者 | BH18: 1 | BI18: 2 | BJ18: =A58 -> 29 | BK18: {=_xlfn.IFS($AI$2>=14,33,$AI$2>=10,32,$AI$2>=6,31,$AI$2>=3,30,1,0)} -> 0 | BM18: =IFERROR(IF(BM17+1>BQ2,IF(BM17+1>BQ2,IF(BP3+BP17>BQ3,"",BP3+BP17)),BM17+1),"") -> 13 | BN18: =IFERROR(INDEX(B30:AO180,BM18,BN2),"") | BO18: =IFERROR(INDEX(B30:AO180,BM18,BO2),"") | BP18: =IFERROR(IF(BM17+1>BQ2,BP17+1,0),"") -> 0 | BS18: =IFERROR(IF(OR(BN22="",COUNTIF($BU$2:$BU$68,BN22)),"",BN22),"") | BT18: {=INDEX(BS:BS,SMALL(IF($BS$2:$BS$101<>"",ROW($BS$2:$BS$101),142),ROW(BS17)))&""} | BU18: =IF(主要!AX27="","",主要!AX27) | BV18: =IFERROR(VLOOKUP(BU18,$BN$6:$BO$105,2,FALSE),"")
A19: 17 | AC19: D12 | AD19: 7 | AE19: 5环 | AF19: =IFERROR(VLOOKUP($AF$14,$AN$2:$AW$22,6,FALSE),"") -> 0 | AG19: 邪术师 | AI19: 4环 | AJ19: =IF(AF18+AH23=0,"",AF18+AH23) | AN19: 17 | AO19: 4 | AP19: 3 | AQ19: 3 | AR19: 3 | AS19: 2 | AT19: 1 | AU19: 1 | AV19: 1 | AW19: 1 | AX19: 107 | AY19: 17 | BD19: 4 | BG19: 先祖守卫 | BH19: 1 | BI19: 2 | BJ19: =A63 -> 34 | BK19: {=_xlfn.IFS($AI$2>=14,37,$AI$2>=10,36,$AI$2>=6,35,$AI$2>=3,34,1,0)} -> 0 | BM19: =IFERROR(IF(BM18+1>BQ2,IF(BM18+1>BQ2,IF(BP3+BP18>BQ3,"",BP3+BP18)),BM18+1),"") -> 14 | BN19: =IFERROR(INDEX(B30:AO180,BM19,BN2),"") | BO19: =IFERROR(INDEX(B30:AO180,BM19,BO2),"") | BP19: =IFERROR(IF(BM18+1>BQ2,BP18+1,0),"") -> 0 | BS19: =IFERROR(IF(OR(BN23="",COUNTIF($BU$2:$BU$68,BN23)),"",BN23),"") | BT19: {=INDEX(BS:BS,SMALL(IF($BS$2:$BS$101<>"",ROW($BS$2:$BS$101),142),ROW(BS18)))&""} | BU19: =IF(主要!AX28="","",主要!AX28) | BV19: =IFERROR(VLOOKUP(BU19,$BN$6:$BO$105,2,FALSE),"")
A20: 18 | AC20: 首级 | AE20: 6环 | AF20: =IFERROR(VLOOKUP($AF$14,$AN$2:$AW$22,7,FALSE),"") -> 0 | AG20: 1环 | AH20: =IFERROR(VLOOKUP($AI$12,$AY$2:$BD$22,2,FALSE),"") -> 0 | AI20: 5环 | AJ20: =IF(AF19+AH24=0,"",AF19+AH24) | AN20: 18 | AO20: 4 | AP20: 3 | AQ20: 3 | AR20: 3 | AS20: 3 | AT20: 1 | AU20: 1 | AV20: 1 | AW20: 1 | AX20: 114 | AY20: 18 | BD20: 4 | BG20: 风暴先驱 | BH20: 1 | BI20: 2 | BJ20: =A67 -> 38 | BK20: {=_xlfn.IFS($AI$2>=14,41,$AI$2>=10,40,$AI$2>=6,39,$AI$2>=3,38,1,0)} -> 0 | BM20: =IFERROR(IF(BM19+1>BQ2,IF(BM19+1>BQ2,IF(BP3+BP19>BQ3,"",BP3+BP19)),BM19+1),"") -> 15 | BN20: =IFERROR(INDEX(B30:AO180,BM20,BN2),"") | BO20: =IFERROR(INDEX(B30:AO180,BM20,BO2),"") | BP20: =IFERROR(IF(BM19+1>BQ2,BP19+1,0),"") -> 0 | BS20: =IFERROR(IF(OR(BN24="",COUNTIF($BU$2:$BU$68,BN24)),"",BN24),"") | BT20: {=INDEX(BS:BS,SMALL(IF($BS$2:$BS$101<>"",ROW($BS$2:$BS$101),142),ROW(BS19)))&""} | BU20: =IF(主要!AX29="","",主要!AX29) | BV20: =IFERROR(VLOOKUP(BU20,$BN$6:$BO$105,2,FALSE),"")
A21: 19 | AC21: D6 | AD21: 2 | AE21: 7环 | AF21: =IFERROR(VLOOKUP($AF$14,$AN$2:$AW$22,8,FALSE),"") -> 0 | AG21: 2环 | AH21: =IFERROR(VLOOKUP($AI$12,$AY$2:$BD$22,3,FALSE),"") -> 0 | AI21: 6环 | AJ21: =IF(AF20=0,"",AF20) | AN21: 19 | AO21: 4 | AP21: 3 | AQ21: 3 | AR21: 3 | AS21: 3 | AT21: 2 | AU21: 1 | AV21: 1 | AW21: 1 | AX21: 123 | AY21: 19 | BD21: 4 | BG21: 战狂 | BH21: 1 | BI21: 2 | BJ21: =A71 -> 42 | BK21: {=_xlfn.IFS($AI$2>=14,46,$AI$2>=10,45,$AI$2>=6,44,$AI$2>=3,43,1,0)} -> 0 | BM21: =IFERROR(IF(BM20+1>BQ2,IF(BM20+1>BQ2,IF(BP3+BP20>BQ3,"",BP3+BP20)),BM20+1),"") -> 16 | BN21: =IFERROR(INDEX(B30:AO180,BM21,BN2),"") | BO21: =IFERROR(INDEX(B30:AO180,BM21,BO2),"") | BP21: =IFERROR(IF(BM20+1>BQ2,BP20+1,0),"") -> 0 | BS21: =IFERROR(IF(OR(BN25="",COUNTIF($BU$2:$BU$68,BN25)),"",BN25),"") | BT21: {=INDEX(BS:BS,SMALL(IF($BS$2:$BS$101<>"",ROW($BS$2:$BS$101),142),ROW(BS20)))&""} | BU21: =IF(主要!AX30="","",主要!AX30) | BV21: =IFERROR(VLOOKUP(BU21,$BN$6:$BO$105,2,FALSE),"")
A22: 20 | AC22: D8 | AD22: 3 | AE22: 8环 | AF22: =IFERROR(VLOOKUP($AF$14,$AN$2:$AW$22,9,FALSE),"") -> 0 | AG22: 3环 | AH22: =IFERROR(VLOOKUP($AI$12,$AY$2:$BD$22,4,FALSE),"") -> 0 | AI22: 7环 | AJ22: =IF(AF21=0,"",AF21) | AN22: 20 | AO22: 4 | AP22: 3 | AQ22: 3 | AR22: 3 | AS22: 3 | AT22: 2 | AU22: 2 | AV22: 1 | AW22: 1 | AX22: 133 | AY22: 20 | AZ22: ="" | BA22: ="" | BB22: ="" | BC22: ="" | BD22: 4 | BG22: 狂野魔法道途 | BH22: 1 | BI22: 2 | BJ22: 47 | BK22: {=_xlfn.IFS($AI$2>=14,51,$AI$2>=10,50,$AI$2>=6,49,$AI$2>=3,48,1,0)} -> 0 | BM22: =IFERROR(IF(BM21+1>BQ2,IF(BM21+1>BQ2,IF(BP3+BP21>BQ3,"",BP3+BP21)),BM21+1),"") -> 17 | BN22: =IFERROR(INDEX(B30:AO180,BM22,BN2),"") | BO22: =IFERROR(INDEX(B30:AO180,BM22,BO2),"") | BP22: =IFERROR(IF(BM21+1>BQ2,BP21+1,0),"") -> 0 | BS22: =IFERROR(IF(OR(BN26="",COUNTIF($BU$2:$BU$68,BN26)),"",BN26),"") | BT22: {=INDEX(BS:BS,SMALL(IF($BS$2:$BS$101<>"",ROW($BS$2:$BS$101),142),ROW(BS21)))&""} | BU22: =IF(主要!AX31="","",主要!AX31) | BV22: =IFERROR(VLOOKUP(BU22,$BN$6:$BO$105,2,FALSE),"")
AC23: D10 | AD23: 4 | AE23: 9环 | AF23: =IFERROR(VLOOKUP($AF$14,$AN$2:$AW$22,10,FALSE),"") -> 0 | AG23: 4环 | AH23: =IFERROR(VLOOKUP($AI$12,$AY$2:$BD$22,5,FALSE),"") -> 0 | AI23: 8环 | AJ23: =IF(AF22=0,"",AF22) | BG23: 野兽道途 | BH23: 1 | BI23: 2 | BJ23: 52 | BK23: {=_xlfn.IFS($AI$2>=14,56,$AI$2>=10,55,$AI$2>=6,54,$AI$2>=3,53,1,0)} -> 0 | BM23: =IFERROR(IF(BM22+1>BQ2,IF(BM22+1>BQ2,IF(BP3+BP22>BQ3,"",BP3+BP22)),BM22+1),"") -> 18 | BN23: =IFERROR(INDEX(B30:AO180,BM23,BN2),"") | BO23: =IFERROR(INDEX(B30:AO180,BM23,BO2),"") | BP23: =IFERROR(IF(BM22+1>BQ2,BP22+1,0),"") -> 0 | BS23: =IFERROR(IF(OR(BN27="",COUNTIF($BU$2:$BU$68,BN27)),"",BN27),"") | BT23: {=INDEX(BS:BS,SMALL(IF($BS$2:$BS$101<>"",ROW($BS$2:$BS$101),142),ROW(BS22)))&""} | BU23: =IF(主要!AX32="","",主要!AX32) | BV23: =IFERROR(VLOOKUP(BU23,$BN$6:$BO$105,2,FALSE),"")
AC24: D12 | AD24: 5 | AE24: 法术值 | AF24: =IFERROR(VLOOKUP($AF$14,$AN$2:$AX$22,11,FALSE),"") -> 0 | AG24: 5环 | AH24: =IFERROR(VLOOKUP($AI$12,$AY$2:$BD$22,6,FALSE),"") -> 0 | AI24: 9环 | AJ24: =IF(AF23=0,"",AF23) | BG24: 巨人道途 | BH24: 1 | BI24: 2 | BJ24: 57 | BK24: {=_xlfn.IFS($AI$2>=14,61,$AI$2>=10,60,$AI$2>=6,59,$AI$2>=3,58,1,0)} -> 0 | BM24: =IFERROR(IF(BM23+1>BQ2,IF(BM23+1>BQ2,IF(BP3+BP23>BQ3,"",BP3+BP23)),BM23+1),"") -> 19 | BN24: =IFERROR(INDEX(B30:AO180,BM24,BN2),"") | BO24: =IFERROR(INDEX(B30:AO180,BM24,BO2),"") | BP24: =IFERROR(IF(BM23+1>BQ2,BP23+1,0),"") -> 0 | BS24: =IFERROR(IF(OR(BN28="",COUNTIF($BU$2:$BU$68,BN28)),"",BN28),"") | BT24: {=INDEX(BS:BS,SMALL(IF($BS$2:$BS$101<>"",ROW($BS$2:$BS$101),142),ROW(BS23)))&""} | BU24: =IF(主要!AX33="","",主要!AX33) | BV24: =IFERROR(VLOOKUP(BU24,$BN$6:$BO$105,2,FALSE),"")
BG25: 逸闻学院 | BH25: 3 | BI25: 4 | BJ25: 23 | BK25: {=_xlfn.IFS($AI$3>=14,26,$AI$3>=6,25,$AI$3>=3,24,1,0)} -> 0 | BM25: =IFERROR(IF(BM24+1>BQ2,IF(BM24+1>BQ2,IF(BP3+BP24>BQ3,"",BP3+BP24)),BM24+1),"") -> 20 | BN25: =IFERROR(INDEX(B30:AO180,BM25,BN2),"") | BO25: =IFERROR(INDEX(B30:AO180,BM25,BO2),"") | BP25: =IFERROR(IF(BM24+1>BQ2,BP24+1,0),"") -> 0 | BS25: =IFERROR(IF(OR(BN29="",COUNTIF($BU$2:$BU$68,BN29)),"",BN29),"") | BT25: {=INDEX(BS:BS,SMALL(IF($BS$2:$BS$101<>"",ROW($BS$2:$BS$101),142),ROW(BS24)))&""} | BU25: =IF(主要!AX34="","",主要!AX34) | BV25: =IFERROR(VLOOKUP(BU25,$BN$6:$BO$105,2,FALSE),"")
BG26: 勇气学院 | BH26: 3 | BI26: 4 | BJ26: 27 | BK26: {=_xlfn.IFS($AI$3>=14,30,$AI$3>=6,29,$AI$3>=3,28,1,0)} -> 0 | BM26: =IFERROR(IF(BM25+1>BQ2,IF(BM25+1>BQ2,IF(BP3+BP25>BQ3,"",BP3+BP25)),BM25+1),"") -> 21 | BN26: =IFERROR(INDEX(B30:AO180,BM26,BN2),"") | BO26: =IFERROR(INDEX(B30:AO180,BM26,BO2),"") | BP26: =IFERROR(IF(BM25+1>BQ2,BP25+1,0),"") -> 0 | BS26: =IFERROR(IF(OR(BN30="",COUNTIF($BU$2:$BU$68,BN30)),"",BN30),"") | BT26: {=INDEX(BS:BS,SMALL(IF($BS$2:$BS$101<>"",ROW($BS$2:$BS$101),142),ROW(BS25)))&""} | BU26: =IF(主要!AX35="","",主要!AX35) | BV26: =IFERROR(VLOOKUP(BU26,$BN$6:$BO$105,2,FALSE),"")
BG27: 迷惑学院 | BH27: 3 | BI27: 4 | BJ27: 31 | BK27: {=_xlfn.IFS($AI$3>=14,34,$AI$3>=6,33,$AI$3>=3,32,1,0)} -> 0 | BM27: =IFERROR(IF(BM26+1>BQ2,IF(BM26+1>BQ2,IF(BP3+BP26>BQ3,"",BP3+BP26)),BM26+1),"") -> 22 | BN27: =IFERROR(INDEX(B30:AO180,BM27,BN2),"") | BO27: =IFERROR(INDEX(B30:AO180,BM27,BO2),"") | BP27: =IFERROR(IF(BM26+1>BQ2,BP26+1,0),"") -> 0 | BS27: =IFERROR(IF(OR(BN31="",COUNTIF($BU$2:$BU$68,BN31)),"",BN31),"") | BT27: {=INDEX(BS:BS,SMALL(IF($BS$2:$BS$101<>"",ROW($BS$2:$BS$101),142),ROW(BS26)))&""} | BU27: =IF(主要!AX36="","",主要!AX36) | BV27: =IFERROR(VLOOKUP(BU27,$BN$6:$BO$105,2,FALSE),"")
B28: 1 | C28: 2 | D28: 3 | E28: 4 | F28: 5 | G28: 6 | H28: 7 | I28: 8 | J28: 9 | K28: 10 | L28: 11 | M28: 12 | N28: 13 | O28: 14 | P28: 15 | Q28: 16 | R28: 17 | S28: 18 | T28: 19 | U28: 20 | V28: 21 | W28: 22 | X28: 23 | Y28: 24 | Z28: 25 | AA28: 26 | AB28: 27 | AC28: 28 | AD28: 29 | AE28: 30 | AF28: 31 | AG28: 32 | AH28: 33 | AI28: 34 | AJ28: 35 | AK28: 36 | AL28: 37 | AM28: 38 | AN28: 39 | AO28: 40 | BG28: 剑舞学院 | BH28: 3 | BI28: 4 | BJ28: 35 | BK28: {=_xlfn.IFS($AI$3>=14,39,$AI$3>=6,38,$AI$3>=3,37,1,0)} -> 0 | BM28: =IFERROR(IF(BM27+1>BQ2,IF(BM27+1>BQ2,IF(BP3+BP27>BQ3,"",BP3+BP27)),BM27+1),"") -> 23 | BN28: =IFERROR(INDEX(B30:AO180,BM28,BN2),"") | BO28: =IFERROR(INDEX(B30:AO180,BM28,BO2),"") | BP28: =IFERROR(IF(BM27+1>BQ2,BP27+1,0),"") -> 0 | BS28: =IFERROR(IF(OR(BN32="",COUNTIF($BU$2:$BU$68,BN32)),"",BN32),"") | BT28: {=INDEX(BS:BS,SMALL(IF($BS$2:$BS$101<>"",ROW($BS$2:$BS$101),142),ROW(BS27)))&""} | BU28: =IF(主要!AX37="","",主要!AX37) | BV28: =IFERROR(VLOOKUP(BU28,$BN$6:$BO$105,2,FALSE),"")
B29: 野蛮人 | D29: 吟游诗人 | F29: 牧师 | H29: 德鲁伊 | J29: 战士 | L29: 武僧 | N29: 圣武士 | P29: 游侠 | R29: 游荡者 | T29: 术士 | V29: 邪术师 | X29: 法师 | Z29: 奇械师 | AB29: ？？？ | AD29: ？？？ | AF29: ？？？ | AH29: ？？？ | AJ29: ？？？ | AL29: ？？？ | AN29: ？？？ | BG29: 低语学院 | BH29: 3 | BI29: 4 | BJ29: 40 | BK29: {=_xlfn.IFS($AI$3>=14,43,$AI$3>=6,42,$AI$3>=3,41,1,0)} -> 0 | BM29: =IFERROR(IF(BM28+1>BQ2,IF(BM28+1>BQ2,IF(BP3+BP28>BQ3,"",BP3+BP28)),BM28+1),"") -> 24 | BN29: =IFERROR(INDEX(B30:AO180,BM29,BN2),"") | BO29: =IFERROR(INDEX(B30:AO180,BM29,BO2),"") | BP29: =IFERROR(IF(BM28+1>BQ2,BP28+1,0),"") -> 0 | BS29: =IFERROR(IF(OR(BN33="",COUNTIF($BU$2:$BU$68,BN33)),"",BN33),"") | BT29: {=INDEX(BS:BS,SMALL(IF($BS$2:$BS$101<>"",ROW($BS$2:$BS$101),142),ROW(BS28)))&""} | BU29: =IF(主要!AX38="","",主要!AX38) | BV29: =IFERROR(VLOOKUP(BU29,$BN$6:$BO$105,2,FALSE),"")
A30: 1 | B30: 护甲熟练 | C30: 轻甲、中甲、盾牌 | D30: 护甲熟练 | E30: 轻甲 | F30: 护甲熟练 | G30: 轻甲、中甲、盾牌 | H30: 护甲熟练 | I30: 轻甲、中甲、盾牌（德鲁伊不能装备或使用金属质的护甲和盾） | J30: 护甲熟练 | K30: 全部护甲、盾牌 | L30: 护甲熟练 | M30: 无 | N30: 护甲熟练 | O30: 所有护甲和盾牌 | P30: 护甲熟练 | Q30: 轻甲、中甲、盾牌 | R30: 护甲熟练 | S30: 轻甲 | T30: 护甲熟练 | U30: 无 | V30: 护甲熟练 | W30: 轻甲 | X30: 护甲熟练 | Y30: 无 | Z30: 护甲熟练 | AA30: 轻甲、中甲、盾牌 | BG30: 创造学院 | BH30: 3 | BI30: 4 | BJ30: 44 | BK30: {=_xlfn.IFS($AI$3>=14,47,$AI$3>=6,46,$AI$3>=3,45,1,0)} -> 0 | BM30: =IFERROR(IF(BM29+1>BQ2,IF(BM29+1>BQ2,IF(BP3+BP29>BQ3,"",BP3+BP29)),BM29+1),"") -> 25 | BN30: =IFERROR(INDEX(B30:AO180,BM30,BN2),"") | BO30: =IFERROR(INDEX(B30:AO180,BM30,BO2),"") | BP30: =IFERROR(IF(BM29+1>BQ2,BP29+1,0),"") -> 0 | BS30: =IFERROR(IF(OR(BN34="",COUNTIF($BU$2:$BU$68,BN34)),"",BN34),"") | BT30: {=INDEX(BS:BS,SMALL(IF($BS$2:$BS$101<>"",ROW($BS$2:$BS$101),142),ROW(BS29)))&""} | BU30: =IF(主要!AX39="","",主要!AX39) | BV30: =IFERROR(VLOOKUP(BU30,$BN$6:$BO$105,2,FALSE),"")
A31: 2 | B31: 武器熟练 | C31: 简易武器、军用武器 | D31: 武器熟练 | E31: 简易武器、手弩、长剑、刺剑、短剑 | F31: 武器熟练 | G31: 简易武器 | H31: 武器熟练 | I31: 短棒、匕首、飞镖、标枪、硬头锤、长棍、弯刀、镰刀、投石索、矛 | J31: 武器熟练 | K31: 简易武器、军用武器 | L31: 武器熟练 | M31: 简易武器、短剑 | N31: 武器熟练 | O31: 简易武器和军用武器 | P31: 武器熟练 | Q31: 简易武器、军用武器 | R31: 武器熟练 | S31: 简易武器、手弩、长剑、刺剑、短剑 | T31: 武器熟练 | U31: 匕首、飞镖、投石索、长棍、轻弩 | V31: 武器熟练 | W31: 简易武器 | X31: 武器熟练 | Y31: 匕首、飞镖、投石索、长棍、轻弩 | Z31: 武器熟练 | AA31: 简易武器 | BG31: 雄辩学院 | BH31: 3 | BI31: 4 | BJ31: 48 | BK31: {=_xlfn.IFS($AI$3>=14,52,$AI$3>=6,51,$AI$3>=3,49,1,0)} -> 0 | BM31: =IFERROR(IF(BM30+1>BQ2,IF(BM30+1>BQ2,IF(BP3+BP30>BQ3,"",BP3+BP30)),BM30+1),"") -> 26 | BN31: =IFERROR(INDEX(B30:AO180,BM31,BN2),"") | BO31: =IFERROR(INDEX(B30:AO180,BM31,BO2),"") | BP31: =IFERROR(IF(BM30+1>BQ2,BP30+1,0),"") -> 0 | BS31: =IFERROR(IF(OR(BN35="",COUNTIF($BU$2:$BU$68,BN35)),"",BN35),"") | BT31: {=INDEX(BS:BS,SMALL(IF($BS$2:$BS$101<>"",ROW($BS$2:$BS$101),142),ROW(BS30)))&""} | BU31: =IF(主要!AX40="","",主要!AX40) | BV31: =IFERROR(VLOOKUP(BU31,$BN$6:$BO$105,2,FALSE),"")
A32: 3 | B32: 工具熟练 | C32: 无 | D32: 工具熟练 | E32: 自选三种乐器 | F32: 工具熟练 | G32: 无 | H32: 工具熟练 | I32: 草药工具 | J32: 工具熟练 | K32: 无 | L32: 工具熟练 | M32: 选择一种工匠工具或一种乐器 | N32: 工具熟练 | O32: 无 | P32: 工具熟练 | Q32: 无 | R32: 工具熟练 | S32: 盗贼工具 | T32: 工具熟练 | U32: 无 | V32: 工具熟练 | W32: 无 | X32: 工具熟练 | Y32: 无 | Z32: 工具熟练 | AA32: 盗贼工具、修补工具、其他一种你选择的工匠工具 | BG32: 精魂学院 | BH32: 3 | BI32: 4 | BJ32: 53 | BK32: {=_xlfn.IFS($AI$3>=14,58,$AI$3>=6,57,$AI$3>=3,55,1,0)} -> 0 | BM32: =IFERROR(IF(BM31+1>BQ2,IF(BM31+1>BQ2,IF(BP3+BP31>BQ3,"",BP3+BP31)),BM31+1),"") -> 27 | BN32: =IFERROR(INDEX(B30:AO180,BM32,BN2),"") | BO32: =IFERROR(INDEX(B30:AO180,BM32,BO2),"") | BP32: =IFERROR(IF(BM31+1>BQ2,BP31+1,0),"") -> 0 | BS32: =IFERROR(IF(OR(BN36="",COUNTIF($BU$2:$BU$68,BN36)),"",BN36),"") | BT32: {=INDEX(BS:BS,SMALL(IF($BS$2:$BS$101<>"",ROW($BS$2:$BS$101),142),ROW(BS31)))&""} | BU32: =IF(主要!AX41="","",主要!AX41) | BV32: =IFERROR(VLOOKUP(BU32,$BN$6:$BO$105,2,FALSE),"")
A33: 4 | B33: 狂暴 | C33: 你带着原初的狂怒作战。你可以在自己回合内以一个附赠动作进入狂暴。 狂暴持续期间，只要你未着装重甲就获得以下增益： • 你进行力量检定和力量豁免时具有优势。 • 你用力量值发动近战武器攻击时的伤害掷骰获得加值。此加值随你的野蛮人等级提升而增加，具体见“野蛮人职业表”中“狂暴伤害”一栏。 • 你拥有钝击，穿刺和挥砍伤害的抗性。 拥有施法能力的角色无法在狂暴持续期间施展法术或进行法术专注。 你的狂暴状态维持1分钟。如果你在狂暴其间陷入昏迷，或者，如果你从自己上回合结束开始到本回合结束时都未攻击任何敌对生物也未受到伤害，则狂暴提前结束。你也可以在自己回合里以一个附赠动作主动结束狂暴状态。 “野蛮人职业表”中根据你的野蛮人等级给出了相应的狂暴次数。如果你用光了这些次数，则必须完成一次长休才能再次使用狂暴。 | D33: 施法 | E33: 你习得以音乐为媒介随意解构、分解，再重新构造现实的方法。 你的法术是融入你纷繁奏乐中的音符，也是你以各种形式谱奏的魔法乐章。 | F33: 施法 | G33: 你作为神圣力量的导体得以施展牧师法术。 | H33: 德鲁伊语 | I33: 你习得德鲁伊语——即一种德鲁伊间的秘密语言。 你可以说这门语言并用它留下隐藏的信息。 懂得这门语言的人（包括你自己）会自动注意到此信息，而不懂此语言的人通过一次DC15的感知（察觉）检定后可以注意到其存在，不过不能用非魔法手段读懂。 | J33: 战斗风格 | K33: 你专精于一种战斗风格，并从下列选项中选择。 另外，即使你有多次选择战斗风格的机会，也不能多次选择同一个战斗风格。 箭术：你使用远程武器进行攻击检定时具有+2加值。 防御：着装护甲时，你的AC获得+1加值。 对决：单手持用一把近战武器，且并未同时持用其他武器时，你用该武器攻击的伤害掷骰获得+2加值。 巨武器战斗：双手持用一把近战武器发动攻击时，如果你的伤害掷骰掷出1或2，则可以选择重掷。不过哪怕其仍是1或2，你都必须接受重掷的数值。此外，该武器必须具有双手或两用属性。 守护：当某个你能看见的生物攻击你身边5尺内除你之外的目标时，你可以用反应迫使该攻击的攻击检定具有劣势。此时你必须持用盾牌。 双武器战斗：使用两把武器战斗时，你可以将相应属性调整值加到第二次攻击的伤害上。 | L33: 无甲防御 | M33: 第1级起，未着装任何护甲也没持用盾牌时，你的AC值等于10＋你的敏捷调整值＋你的感知调整值。 | N33: 神圣感知 | O33: 强大的邪恶存在于你有如带毒的香气，而强大的善良光环于你则如仙乐般悠扬。 你可以使用一个动作扩展你的意识，以侦测此类势力。 直到你下回合结束前，你可以对身边60尺范围内进行感测，任何未对你处在全身掩护状态的天界生物、邪魔或不死生物都将被你定位。 你感应到范围内生物的种类（天界生物、邪魔、不死生物），不过并不能精确指明。 在同样的范围内，你也可以侦测任何受到圣居一类的法术祝福或亵渎的地点或物件。 该特性的可用次数等于1＋你的魅力调整值。 而已消耗的特性使用次数，则可以通过完成一次长休进行恢复。 | P33: 宿敌 | Q33: 第1级起，你针对一种特定类型敌人的研究令你有着充足的经验用以追踪、狩猎乃至与之交流。 从下列种类中选择其一作为宿敌：异怪、野兽、天界生物、构装生物、龙、元素生物、精类生物、邪魔、巨人、怪兽、泥怪、植物、不死生物。 或者作为另一种方案，你也可以选择两个类人生物种族（例如豺狼人和兽人）作为宿敌。 追踪宿敌时，你的感知（求生）检定，以及回想关于宿敌信息时进行的智力检定具有优势。 获得该特性时，如果你选择的宿敌具有语言能力，则你还可以学会宿敌所知晓的一门语言。 第6和第14级时，你将分别获得一个额外的宿敌以及相关语言。 另外，随着等级的提升，你所选择的宿敌应该与你在冒险中所遭遇怪物的种类层次相符。 | R33: 专精 | S33: 第1级起，你选择两个已有技能熟练项，或者一个技能熟练项和盗贼工具熟练项。 此后你进行该项目的检定时，可以使用双倍的熟练加值。 第6级时，你可以再选择另外两个已有的技能熟练项（或盗贼工具熟练项）从该特性中获益。 | T33: 施法 | U33: 过去的一个事件激发了你体内先辈的血脉，为你烙上了奥法力量的坚固印记。 这股起源于某种存在的魔力驱动着你的法术能力。 | V33: 契约魔法 | W33: 你的法术力量源于你的奥秘研究和宗主的魔法馈赠。 | X33: 施法 | Y33: 作为一名奥术魔法的研习者，你拥有一本自己的法术书。 书中所包含的法术隐约透露着你真正的力量。 | Z33: 魔法工艺 | AA33: 在第1级，你将学习如何在平凡的物品中注入魔法的火花。 要使用这个能力，你必须手持盗贼工具，或工匠工具。 然后花费一个动作触摸一个微小的非魔法物体，从以下魔法属性中选择一个赋予它： 该物体提供5尺半径的明亮照明，以及该范围外5尺范围的微光照明。 无论何时，只要该物品被生物触碰，就会发出可在10英尺外听到的录音信息，录入的信息在你将此属性赋予对象时决定，且时长不可超过6秒。 物品不断地发出一种气味或一种非语言的声音（风声、浪声、鸟叫或类似的声音），这一现象最多能传播10英尺远。 一个静态的视觉效果出现在物体的表面上，这个效果可以是一幅图片，最多25个单词的文本，线条和形状，或者这些元素的混合，如你所愿。 所选的魔法属性持续时间无限。你能够以一个动作触摸对象来消除这一魔法属性。 你能够通过此特性将魔力赋予多个物品，每次使用该特性时都需要触摸一个物品，并且单个物品一次只能承载一种魔法属性。 你能够使用该特性影响的物品的最大数量等于你的智力调整值（最少一个物品）。 如果你试图超过最大值，最老的魔法属性将立即结束，然后新的魔法属性生效。 | BG33: 知识领域 | BH33: 5 | BI33: 6 | BJ33: 20 | BK33: {=_xlfn.IFS($AI$4>=17,25,$AI$4>=8,24,$AI$4>=6,23,$AI$4>=2,22,$AI$4>=1,21,1,0)} -> 0 | BM33: =IFERROR(IF(BM32+1>BQ2,IF(BM32+1>BQ2,IF(BP3+BP32>BQ3,"",BP3+BP32)),BM32+1),"") -> 28 | BN33: =IFERROR(INDEX(B30:AO180,BM33,BN2),"") | BO33: =IFERROR(INDEX(B30:AO180,BM33,BO2),"") | BP33: =IFERROR(IF(BM32+1>BQ2,BP32+1,0),"") -> 0 | BS33: =IFERROR(IF(OR(BN37="",COUNTIF($BU$2:$BU$68,BN37)),"",BN37),"") | BT33: {=INDEX(BS:BS,SMALL(IF($BS$2:$BS$101<>"",ROW($BS$2:$BS$101),142),ROW(BS32)))&""} | BU33: =IF(主要!AX42="","",主要!AX42) | BV33: =IFERROR(VLOOKUP(BU33,$BN$6:$BO$105,2,FALSE),"")
A34: 5 | B34: 无甲防御 | C34: 未着装任何护甲时，你的AC等于10＋你的敏捷调整值＋你的体质调整值。使用盾牌不会影响你从此特性获益。 | D34: 戏法 | E34: 第1级时，你从诗人法术列表中选择两个戏法作为已知法术。 在获得更高诗人等级后你还可以习得其它的戏法，具体数量见“吟游诗人职业表”中“已知戏法”一栏。 | F34: 戏法 | G34: 第1级时，你选择三个牧师法术列表中的戏法作为已知法术。 在获得更高的牧师等级后你还可以习得其它的戏法，具体数据参见“牧师职业表”中“已知戏法”一栏。 | H34: 施法 | I34: 你掌握自然世界的神圣本质，并依你的意志施展法术对其进行重塑。 | J34: 战斗风格选项 | K34: 从1级起，当你在选择战斗风格时，下列选项加入你的可选战斗风格中。 盲斗：你获得10尺盲视，在10尺范围内，你可以看见除了处于全遮掩后的任何东西，哪怕你正在被目盲或是在黑暗之中，另外，你可以看见该范围内的未对你成功躲藏的隐形生物。 卓越技巧：你从战斗大师武术范型的战技列表中习得一项战技，如果该战技需要豁免，则豁免DC为8+你的熟练加值+你的力量或敏捷调整值（由你选择）。 你获得一个d6的卓越骰（此卓越骰与任何你能够其他方式获得的卓越骰累计），此卓越骰可用于启动你的战技，卓越骰一经使用即消耗，并在完成一次短休或长休后恢复。 投掷武器战斗：你可以在使用一件带有投掷属性武器进行进攻时，将那件武器作为攻击的一部分而拔出，另外，在你以一件投掷武器于远程攻击中命中对手时，你的伤害掷骰+2。 徒手战斗：你的徒手打击可以造成1d6+你力量调整值的钝击伤害，如果你没有手持任何武器或盾牌进行攻击，伤害骰从d6变成d8， 每个你的回合开始时，你可以对被你擒抱的生物造成1d4钝击伤害。 | L34: 武艺 | M34: 第1级时，你修行的武艺让你使用徒手打击和武僧武器时得心应手。 武僧武器包括短剑和所有不含双手与重型属性的简易近战武器。 未着装任何护甲也没持用盾牌时，如果你徒手或只持用武僧武器，则你发动的攻击拥有下列增益： 你使用徒手打击或武僧武器进行攻击时，可以用敏捷值代替力量值进行攻击检定和伤害掷骰。 你使用徒手打击或武僧武器进行攻击时，可以选择用d4骰代替原本的伤害掷骰。该骰子将随武僧职业等级的提升而增大，具体数据见“武僧职业表”中“武艺”一栏。 你使用徒手打击或武僧武器执行攻击动作时，可以在自己回合内以附赠动作发动一次徒手打击。 例如，你执行攻击动作并使用长棍发动攻击时，若你本轮没有执行任何附赠动作，则可以用附赠动作来发动一次徒手打击。 某些宗派的武僧会使用一些奇异的武僧武器，比如铁链连接的两根短棒（双截棍），或者带直刃的镰刀（单镰）。 无论你使用什么武器，其属性数据都参考与其相似的常规武器属性数据。 具体的武器数据见第5章。 | N34: 圣疗 | O34: 你的触碰溢满祝福，可以医治伤口。 你获得一个治疗能量池，其内的治疗能量在每次完成长休后自动补满。 治疗能量池储备的可恢复生命值总值等于你的圣武士职业等级×5。 你可以用一个动作触碰一个生物，并抽取治疗能量池中的能量恢复该生物的生命值，其恢复量最多等于你治疗能量池中剩余的治疗量。 此外，你也可以使用5点治疗量治愈目标生物身上的一种疾病，或者祛除一种中毒效应。 你可以在一次圣疗中治愈复数的疾病并祛除复数的毒素，但你需要为每一种疾病和毒素分别支付治疗量。 该职业特性对不死生物和构装生物无效。 | P34: 夙敌 | Q34: 从1级起（替换宿敌并能够对屠灭众敌起效），当你以一次攻击掷骰命中一个生物时，你可以呼唤你与自然的神秘羁连以将目标标记为你的夙敌，持续一分钟或直到你失去专注(如同你在专注一道法术)。 你在你的回合内第一次命中你的夙敌并对其造成伤害，且你正在标记它时，你可以造成额外的1d4点伤害。 你可以使用同等于你的熟练加值次该特性来标记你的夙敌，你在完成一次长休后恢复所有已使用的次数。 这个特性的额外伤害在你达到特定等级时会增加：6级时1d6，14级时1d8。 | R34: 偷袭 | S34: 第1级起，你就知道如何精确地攻击分心的敌人。 每当你的攻击命中一个生物时，如果该攻击的攻击检定带有优势，则可以造成额外1d6的伤害。 该伤害每回合可以产生一次，且造成伤害的攻击必须使用带灵巧属性的武器或远程武器。 如果目标生物身边5尺内还有其他与之对敌者，且该对敌者并未处于失能状态，则只要你的攻击检定没有劣势，就可以发动偷袭。 你的偷袭伤害也将会随游荡者职业等级的提升而提高，其具体数值见“游荡者职业表”。 | T34: 戏法 | U34: 第1级时，你从术士法术列表里选择四个戏法作为已知法术。 在获得更高的术士等级后你还可以习得其它的戏法，具体数量见“术士职业表”中“已知戏法”一栏。 | V34: 戏法 | W34: 你从邪术师法术列表中选择两个戏法作为已知法术。 在获得更高的邪术师等级后你还可以习得其它的戏法，具体数据见“邪术师职业表”中“已知戏法”一栏。 | X34: 戏法 | Y34: 第1级时，你从法师法术列表中选择三个戏法作为已知法术。 在获得更高的法师等级后你还可以习得其它的戏法，具体数量参见“法师职业表”中“已知戏法”一栏。 | Z34: 技艺的魔法 | AA34: 身为一名奇械师，你在施法时使用工具，当描述你的施法时，请想想你是如何使用一个工具来执行这个法术效果的。 如果你使用炼金工具来施展疗伤术，你可以很快的制造出药膏。 如果你用修补工具来施展，你可能会拿出一个微型机械蜘蛛来缝合伤口。 当你施放毒液喷溅时，你可以喷射出有毒的化学物质，或者使用一根喷射毒液的魔杖。 法术的效果和其他的施法者职业是一样，但是你的施法方法是特殊的。 同样的原则也适用于你准备法术的时候，作为一名奇械师，你不需要学习魔法书，也不需要祈祷去准备你的魔法。 你需要使用工具来制造用于产生效果的特定物品，如果你用电爪替换疗伤术，你可能会破坏你用来治疗的设备，并用它的部件制造一个攻击性的物品——这可能是一只能够让你引导冲击性能量的长手套。 这些细节不会以任何方式限制你，也不会给你带来任何好处，你不需要证明你是如何使用工具来施展法术的，但是创造性地描述你的施法是一种能够让你从其他施法者中脱颖而出的有趣方法。 | BG34: 生命领域 | BH34: 5 | BI34: 6 | BJ34: 26 | BK34: {=_xlfn.IFS($AI$4>=17,32,$AI$4>=8,31,$AI$4>=6,30,$AI$4>=2,29,$AI$4>=1,28,1,0)} -> 0 | BM34: =IFERROR(IF(BM33+1>BQ2,IF(BM33+1>BQ2,IF(BP3+BP33>BQ3,"",BP3+BP33)),BM33+1),"") -> 29 | BN34: =IFERROR(INDEX(B30:AO180,BM34,BN2),"") | BO34: =IFERROR(INDEX(B30:AO180,BM34,BO2),"") | BP34: =IFERROR(IF(BM33+1>BQ2,BP33+1,0),"") -> 0 | BS34: =IFERROR(IF(OR(BN38="",COUNTIF($BU$2:$BU$68,BN38)),"",BN38),"") | BT34: {=INDEX(BS:BS,SMALL(IF($BS$2:$BS$101<>"",ROW($BS$2:$BS$101),142),ROW(BS33)))&""} | BU34: =IF(主要!AX43="","",主要!AX43) | BV34: =IFERROR(VLOOKUP(BU34,$BN$6:$BO$105,2,FALSE),"")
A35: 6 | B35: 鲁莽攻击 | C35: 第2级起，你可以抛弃一切防御的执念进行狂乱的攻击。你在自己回合内发动第一次攻击时，可以选择发动鲁莽攻击。 使用此特性后，你本回合内所有使用力量值发动的近战武器攻击具有优势。此后，所有对你发动的攻击检定也将具有优势，且该优势持续存在至你的下个回合。 | D35: 法术位 | E35: “吟游诗人职业表”中记录了你可用以施展诗人法术的1环及更高环阶法术位数量。 施展诗人法术时，你必须同时消耗其对应环阶的法术位。 已消耗的法术位可在完成长休后恢复。 | F35: 法术的准备与施展 | G35: “牧师职业表”里记录了你用以施展牧师法术的1环及更高环阶法术位数量。 施展某个牧师法术时，你必须同时消耗其对应环阶的法术位。 已消耗的法术位可在完成长休后恢复。 你可以准备牧师法术列表中所有符合当前施展条件的法术。 准备法术时，你所准备法术的总数等于你的感知调整值＋你的牧师职业等级（最少可以准备一个）。 另外，你只能准备已经获得相应环阶法术位的法术。 例如，作为一名3级牧师时，你拥有四枚1环法术位和两枚2环法术位。假如你的感知为16，则你的准备法术列表可以囊括总共六个1环或2环法术的组合。如果你准备了1环法术疗伤术cure wounds，则你可以使用1环或者2环的法术位来施展它。另外，已施展的法术并不会从你的准备列表中移除。 你可以在完成长休后改变你的准备法术列表。 准备新的牧师法术列表时，你要再花时间进行祈祷和冥想。 准备时，你要为你列表上每个法术的每个环阶都花费至少1分钟时间。 | H35: 戏法 | I35: 第1级时，你选择两项德鲁伊法术列表中的戏法作为已知法术。 在获得更高的德鲁伊等级后你还可以习得其它的戏法，具体数据参见“德鲁伊职业表”中“已知戏法”一栏。 | J35: 回气 | K35: 你拥有少量精力储备可用来保护自己免受伤害。 你可以在自己回合内用一个附赠动作恢复生命值，其总值为1d10＋你的战士职业等级。 你必须完成一次短休或长休才能再次使用该特性。 | L35: 气 | M35: 第2级起，你掌握一股名为气的神秘能量。 此后你将拥有一定数量的气作为储备。 而气的储备量由你的武僧等级决定，具体数值见“武僧职业表”中“气”一栏。 你可以消耗气以行使各种特性。 一开始你掌握三种特性：疾风连击，坚强防御，飞檐走壁。 此后，随着等级的提升你将习得更多的特性。 消耗掉的气必须在你短休或长休时完成至少30分钟的冥想，才能重获所有消耗掉的气值。 某些特性需要目标进行豁免检定来抵抗你特性造成的效应。 其豁免DC如下： 气豁免DC＝8＋你的熟练加值＋你的感知调整值 | N35: 战斗风格 | O35: 第2级起，你将精进于一种战斗风格，从下列选项中选择其一。 另外，即使你有多次选择战斗风格的机会，也不能重复选择同一个战斗风格。 防御：着装护甲时，你的AC获得+1加值。 对决：单手持用一把近战武器，且并未同时持用其他武器时，你使用该武器进行攻击的伤害掷骰获得+2加值。 巨武器战斗：双手持用一把近战武器发动攻击时，若你的伤害掷骰掷出1或2，则可以选择重掷。 不过哪怕其仍是1或2，你都必须接受重掷的数值。 此外，该武器必须具有双手或两用属性。 守护：当某个你能看见的生物攻击你身边5尺内除你之外的目标时，你可以用反应迫使该攻击的攻击检定具有劣势。 你必须持用盾牌以实现该效果。 | P35: 自然探索者 | Q35: 你对某种自然环境特别熟悉，并适应了在其中行走及生存。 从下列类别中选择一种偏爱地形：极地、海岸、荒漠、丛林、草原、山地、沼泽或幽暗地。 当你进行与偏好地形相关的智力或感知检定时，如果你拥有该技能的熟练项，则在检定时加入双倍熟练加值。 当你在偏好地形上移动一小时或更长时间时，你获得以下增益： 你的队伍旅行时不会因困难地形而变慢 除非受魔法效应影响，否则你的队伍不会迷路 旅行时，即使你进行另一项活动（如觅食、导航或追踪），仍能对危险保持警觉 独自旅行时，你能够保持隐匿状态以正常步调移动 觅食时，你会发现两倍的食物 追踪其他生物时，你还能了解他们的确切数量、体型以及离开踪迹的时间 你在第6级和第10级时将分别获得一个额外的偏好地形。 | R35: 盗贼黑话 | S35: 作为一名游荡者，你在平时的练习中学会了盗贼间的黑话。 盗贼黑话是一门混合了土话、术语和密语的秘密语言，掌握这门语言后，你可以在平时对话中不落痕迹的加入隐藏信息。 而只有另一个懂盗贼黑话的生物才能看懂这些隐藏信息。 不过这种交流方式需要花费四倍于直接交流所需要的时间。 另外，你还习得一套用以传达简单短小信息的秘密符文和标识。 它能发布的内容诸如某地区是否危险，是否受盗贼公会管辖，附近是否有战利品，附近的人是否好主顾或者路上是否有安全的房屋以供庇护。 | T35: 法术位 | U35: “术士职业表”中记录了你用以施展你术士法术的1环及更高环阶法术位数量。 施展某个术士法术时，你必须同时消耗其对应环阶的法术位。 已消耗的法术位可在完成长休后恢复。 例如，若你已知1环法术燃烧之手burning hands，并且拥有一枚可用的1环法术位和一枚可用的2环法术位，则这两枚法术位都可以用来施展该法术。 | V35: 法术位 | W35: “邪术师职业表”里记录了你可用以施展邪术师法术的1环至5环法术位数量。 表格中还记录了法术位对应的法术环阶，且你所有的法术位都属于同一环阶。 施展1环或更高环阶的邪术师法术时，都需要消耗一枚法术位。 已消耗的法术位可在完成长休或短休后恢复。 例如，达到第5级时，你总共具有两枚3环法术位。 你施展1环法术巫术箭时，必须消耗消耗这些法术位其中之一，并把它作为一个3环法术施放。 | X35: 你的法术书 | Y35: 你在等级提升时加入法术书中的法师法术，体现了你的奥术研究成果，同时也代表你对多元宇宙本质的认知的新突破。 你也许会在冒险过程中发现其他的法术。 例如，你可能在一个邪恶法师的箱子里发现了一张记载有法术的卷轴，或者在一个上古图书馆中发现了灰尘覆盖的卷册。 将法术抄入法术书：当你发现一道1环或更高环阶的法师法术时，你可以将其抄入你的法术书中，前提是，你必须能够准备该法术，且也有时间去解读和复制它。 抄写法术时，你必须先重构该法术的基础式，然后解读抄写该法术的法师所使用的独特符号系统。 你必须反复练习这个法术，直至完全理解其所需的咒语和手势，最后用再用你自己的符号系统将之抄入法术书。 这个过程将消耗每法术环阶2小时的时间和每法术环阶50gp的资金。 这笔开销代表你在练习这个法术的过程中消耗的材料成分，还有抄录法术所需的上好的墨水。 当你花费了这一笔时间和金钱后，你就可以如同准备其他法术一般准备这个法术了。 替换法术书：你可以把法术从你的法术书抄到另一本书上——例如，你打算为你的法术书做一个备份时，就可以这么做。 这个进程和将新法术抄入法术书相似，但更快也更简单，因为你早已理解了你自己的符号系统，也知道如何施展这个法术。 这时，你只需要花费每环阶1小时和每环阶10gp的花费。 如果你弄丢了法术书，你也可以用相同的流程将你准备的法术抄入一本新法术书中。 而要填满法术书的其余部分就需要你自己去寻找新的法术了。 所以，很多法师都喜欢在安全的地方保存好备份的法术书。 法术书外观：你的法术书是一本独特的法术合集，其上有着独特的使用痕迹和空白页。 它可以是导师赠予的简洁实用的皮册；或是在远古图书馆中发现的华丽镶边书册；甚至可以是在你遭遇意外后，松散的订在一起的一堆手稿。 | Z35: 施法 | AA35: 你已经学习了魔法的工作原理，知道如何引导魔法进入物体，以及如何唤醒魔法。 因此，你获得了有限的施法能力，在旁观者看来，你不会用传统的方式施法——你看起来好像在通过各种物品创造奇迹。 | BG35: 光明领域 | BH35: 5 | BI35: 6 | BJ35: 33 | BK35: {=_xlfn.IFS($AI$4>=17,39,$AI$4>=8,38,$AI$4>=6,37,$AI$4>=2,36,$AI$4>=1,35,1,0)} -> 0 | BM35: =IFERROR(IF(BM34+1>BQ2,IF(BM34+1>BQ2,IF(BP3+BP34>BQ3,"",BP3+BP34)),BM34+1),"") -> 30 | BN35: =IFERROR(INDEX(B30:AO180,BM35,BN2),"") | BO35: =IFERROR(INDEX(B30:AO180,BM35,BO2),"") | BP35: =IFERROR(IF(BM34+1>BQ2,BP34+1,0),"") -> 0 | BS35: =IFERROR(IF(OR(BN39="",COUNTIF($BU$2:$BU$68,BN39)),"",BN39),"") | BT35: {=INDEX(BS:BS,SMALL(IF($BS$2:$BS$101<>"",ROW($BS$2:$BS$101),142),ROW(BS34)))&""} | BU35: =IF(主要!AX44="","",主要!AX44) | BV35: =IFERROR(VLOOKUP(BU35,$BN$6:$BO$105,2,FALSE),"")
A36: 7 | B36: 险境感知 | C36: 第2级时，你获得对周遭异常情况超乎寻常的感测力，让你能先一步脱离危险。 在受到你能看见的效应（诸如陷阱和法术）影响时，你对其进行的敏捷豁免具有优势。你无法在目盲、耳聋或是失能的状态下从此特性获益。 | D36: 已知法术 | E36: 第1级时，你从诗人法术列表中选择四个1环法术作为已知法术。 “吟游诗人职业表”中“已知法术”一栏记录了你获得更多已知法术时的相应等级。 但是，你只能获取已有相应环阶法术位的法术。 比如当达到第3级时，你将获得一个1环或2环法术。 另外，你每提升一个诗人等级，可以从诗人法术列表中选择一个新法术来代替一个已知法术列表中的旧法术，不过你必须已有新法术的相应环阶法术位。 | F36: 施法关键属性 | G36: 你的法术力量来源于你对神祇的信仰，因此感知是你施展牧师法术的关键属性。 每当你的牧师法术需要施法关键属性时均指向你的感知值。 而你牧师法术的豁免DC和攻击检定，则使用你的感知调整值。 法术豁免DC＝8＋你的熟练加值＋你的感知调整值 法术攻击调整值＝你的熟练加值＋你的感知调整值 | H36: 法术的准备和施展 | I36: “德鲁伊职业表”里记录了你用以施展德鲁伊法术的1环及更高环阶法术位数量。 施展某德鲁伊法术时，你必须同时消耗其对应环阶法术位。 已消耗的法术位可在完成长休后恢复。 你可以准备德鲁伊法术列表中所有符合当前施展条件的法术。 准备法术时，你所准备法术的总数等于你的感知调整值＋你的德鲁伊职业等级（最少可以准备一个）。 另外，你只能准备已经获得相应环阶法术位的法术。 | J36: 动作如潮 | K36: 第2级起，你可以在短时间内突破极限，以使你在自己回合内执行一个额外的动作。 该特性在使用后必须完成一次短休或长休才能再使用。 第17级起，你可在休息前使用两次该特性，但每一回合只能使用一次。 | L36: 疾风连击 | M36: 你在自己回合内执行攻击动作后，可立即消耗1点气并以一个附赠动作发动两次徒手打击。 | N36: 战斗风格选项 | O36: 从2级起，当你选择战斗风格时，以下战斗风格加入可选战斗风格列表。 受祝福的勇士：你从牧师法术列表中选择两种戏法习得，这些戏法对你来说是圣武士法术，这些戏法的施法关键属性是魅力，当你提升此职业的等级时，你能够将一个已知戏法替换为牧师法术列表中的另一个戏法。 盲斗：你获得10尺盲视，在此范围内，你视为能看见任何未被完全遮蔽的事物，即便你目盲或在黑暗光照下，此外，你也可以看见范围内的隐形生物，除非其针对你进行隐匿并成功。 拦截：当一个你可见的生物攻击并击中了你5尺内一个你以外的生物时，你可以用反应减少该目标受到的伤害，减少数值为1d10+你的熟练加值（至少为0），你必须正在持用一面盾牌或一把简单武器或军用武器才能使用此能力。 | P36: 熟练探险家 | Q36: 从1级起（替代自然探索者），你是一个无与伦比的探险家和求生专家。 你在1级时获得对应的特性，然后在第6级和第10级时再各获得对应的特性。 精明（1级）：你选择一项你拥有熟练的技能，你在使用该技能时的任何属性检定的使用两倍的熟练加值，此外，你可以额外说，读，写两门你选择的语言。 越野（6级）：你的步行速度增加5，同时你获得等于你步行速度的攀爬速度和游泳速度。 不知疲倦（10级）：以一个动作，你能够给予自己1d8+你的感知调整值的临时生命值，你能够使用此特性的次数等于你的熟练加值次（最少1次），已消费的次数可以通过完成一次长休进行恢复，此外，当你完成一次短休时，你的力竭等级减少1（若有）。 | R36: 灵巧动作 | S36: 第2级起，你精妙的反应与身手使你的行动无比迅速。 你在战斗中每回合可执行一次附赠动作，该附赠动作可用以执行撤离、疾走或躲藏三种动作项其中之一。 | T36: 已知法术 | U36: 第1级时，你从术士法术列表里选择两个1环法术作为已知法术。 “术士职业表”中“已知法术”一栏记录了你获得更多已知法术时的相应等级。 但是你只能获取已有相应环阶法术位的法术。 比如，当你达到第3级时，你将获得一个1环或2环法术。 另外，你每提升一个术士等级，都可以从术士法术列表里选择一个新法术来代替一个已知法术列表中的旧法术。 但是，你必须拥有新法术的相应环阶法术位。 | V36: 已知法术 | W36: 第1级时，你从邪术师法术列表里选择两个1环法术作为已知法术。 “邪术师职业表”中“已知法术”一栏记录了你获得更多法术时的相应等级。 每个被选的法术都必须在当前等级拥有可用以施展该法术的法术位，具体见表。 比如，当你达到第6级时，你将获得一个1环、2环或3环的新邪术师法术。 另外，当你提升本职的职业等级时，你可以从邪术师法术列表里选择一个新法术来代替一个旧的邪术师已知法术，但是你的角色必须拥有用以施展新选法术的可用法术位。 | X36: 法术书 | Y36: 第1级时，你让一本法术书纪录上六个你自选的1环法师法术。 你的法术书储存着你除戏法外的所有已知法术，而你的戏法则直接铭记在你脑海中。 | Z36: 必备工具 | AA36: 你通过你的工具产生你的奇械师法术效果，当你使用施法特性来施展法术时，必须手持一个法器——通常是盗贼工具或工匠工具。 你必须熟练这一工具才能将它作为法器使用，这些工具的描述请参见《玩家手册》第五章“装备”。 当你在第二级获得物品注法特性后，你也能使用任何你注入魔法的物品来作为法器使用，这意味着你施展的法术拥有“M（材料）”成分。 | BG36: 自然领域 | BH36: 5 | BI36: 6 | BJ36: 40 | BK36: {=_xlfn.IFS($AI$4>=17,46,$AI$4>=8,45,$AI$4>=6,44,$AI$4>=2,43,$AI$4>=1,42,1,0)} -> 0 | BM36: =IFERROR(IF(BM35+1>BQ2,IF(BM35+1>BQ2,IF(BP3+BP35>BQ3,"",BP3+BP35)),BM35+1),"") -> 31 | BN36: =IFERROR(INDEX(B30:AO180,BM36,BN2),"") | BO36: =IFERROR(INDEX(B30:AO180,BM36,BO2),"") | BP36: =IFERROR(IF(BM35+1>BQ2,BP35+1,0),"") -> 0 | BS36: =IFERROR(IF(OR(BN40="",COUNTIF($BU$2:$BU$68,BN40)),"",BN40),"") | BT36: {=INDEX(BS:BS,SMALL(IF($BS$2:$BS$101<>"",ROW($BS$2:$BS$101),142),ROW(BS35)))&""} | BU36: =IF(主要!AX45="","",主要!AX45) | BV36: =IFERROR(VLOOKUP(BU36,$BN$6:$BO$105,2,FALSE),"")
A37: 8 | B37: 原初道途 | C37: 第3级时，你选择一种道途来塑造你狂怒时的特质。 你可以从狂战士和图腾武者中选择其一。 随后，你将在第3、第6、第10、第14级时获得所选道途的相应特性。 | D37: 施法关键属性 | E37: 你的魔力源于你注入音乐或演说中的心灵力量，因此魅力是你施展吟游诗人法术的关键属性。 每当你的诗人法术需要施法关键属性时均指向你的魅力值。 而你诗人法术的豁免DC和攻击检定，则使用你的魅力调整值。 法术豁免DC＝8＋你的熟练加值＋你的魅力调整值 法术攻击调整值＝你的熟练加值＋你的魅力调整值 | F37: 仪式施法 | G37: 如果你所准备牧师法术中的某法术有带仪式标签，则你可以用这些法术进行仪式施法。 | H37: 圣树与圣木 | I37: 德鲁伊视特定种类的植物为圣物，典型的种类有：桤树、白蜡树、桦树、接骨木、榛树、冬青树、杜松、槲寄生、橡树、花楸树、柳树还有紫杉。 德鲁伊通常使用这些植物的一部分作为施法的法器，其中包括橡树或紫杉的长枝，或是槲寄生的枝条。 同样道理下，德鲁伊们也会使用这些木材制作其他物件，如武器和盾牌。 紫杉树代表了死亡与重生，因此常被用作弯刀和镰刀的手柄。 代表生命的白蜡树和代表力量的橡树，则非常适合制作手柄或整把武器（如短棒、长棍或盾牌）。 而代表大气的桤树则被用于制作投掷武器（如飞镖或标枪）。 某些地域的德鲁伊由于附近缺乏相应的植物，则会选择一些类似的品种作为代用。 比如荒漠地区的德鲁伊可能使用丝兰树甚至仙人掌作为代用。 例如，作为一名3级德鲁伊时，你拥有四枚1环法术位和两枚2环法术位。 假如你的感知为16，则你的准备法术列表可以囊括总共六个1环或2环法术的组合。 如果你准备了1环法术疗伤术，则你可以使用1环或者2环的法术位来施展它。 另外，已施展的法术并不会从你的准备列表中移除。 你可以在完成长休后改变你的准备法术列表。 准备新的德鲁伊法术列表时，你要再花时间进行祈祷和冥想。 准备时，你要为你列表上每个法术的每个环阶都花费至少1分钟时间。 | J37: 武术范型 | K37: 第3级时，你选择一种范型以体现你的战斗风格和技巧。 你可以从诸如勇士、战斗大师、奥法骑士等范型中选择其一。 随后，你将在第3、第7、第10、第15、第18级获得所选范型的相应特性。 | L37: 坚强防御 | M37: 你在自己回合内，可以消耗1点气，并以一个附赠动作的形式来执行回避动作。 | N37: 施法 | O37: 第2级起，你学会通过冥想与祈祷引导神圣魔法，其原理与牧师相仿。 | P37: 战斗风格 | Q37: 第2级起，你将精进于一种战斗风格，从下列选项中选择其一。 另外，即使你有多次选择战斗风格的机会，也不能重复选择同一个战斗风格。 箭术：使用远程武器进行攻击检定时具有+2加值。 防御：着装护甲时，你的AC获得+1加值。 对决：单手持用一把近战武器，且并未同时持用其他武器时，你用该武器攻击的伤害掷骰获得+2加值。 双武器战斗：使用两把武器战斗时，你可以将相应属性调整值加到第二次攻击的伤害上。 | R37: 游荡者范型 | S37: 第3级时，你选择学习一种特定的战斗范型。 你可以从盗贼、刺客或者诡术师中选择其一。 随后，你将在第3，第9，第13、第17级时获得所选范型的相应特性。 | T37: 施法关键属性 | U37: 你的魔力来源于你意志的现实投影，因此魅力是你施展术士法术的关键属性。 每当你的法术需要施法关键属性时均指向你的魅力值。 而你术士法术的豁免DC和攻击检定，则使用你的魅力调整值。 法术豁免DC＝8＋你的熟练加值＋你的魅力调整值 法术攻击调整值＝你的熟练加值＋你的魅力调整值 | V37: 施法关键属性 | W37: 魅力是你施展邪术师法术的关键属性。 每当你的法术需要施法关键属性时均指向你的魅力值。 而你邪术师法术的豁免DC和攻击检定，则使用你的魅力调整值。 法术豁免DC＝8＋你的熟练加值＋你的魅力调整值 法术攻击调整值＝你的熟练加值＋你的魅力调整值 | X37: 法术的准备和施展 | Y37: “法师职业表”里记录了你用以施展你法师法术的1环及更高环阶法术位数量。 施展某个法师法术时，你必须同时消耗其对应环阶的法术位。 已消耗的法术位可在完成长休后恢复。 你可以准备一系列符合当前施法条件的法师法术。 准备法术时，你从法术书中选择的准备法术总数等于你的智力调整值＋你的法师职业等级（最少为1）。 另外，你只能准备已经获得相应环阶法术位的法术。 例如，作为一名3级法师时，你拥有四枚1环法术位和两枚2环法术位。 假如你的智力为16，则你的准备法术列表可以囊括总共六个1环或2环法术的组合。 如果你准备了1环法术魔法飞弹，则你可以使用1环或者2环的法术位来施展它。 另外，已施展的法术并不会从你的准备列表中移除。 你可以在完成长休后改变你的准备法术列表。 准备新的法师法术列表时，你要再花时间研读你的法术书，并重新记忆所准备法术的咒语和施展动作。 准备时，你要为你列表上每个法术的每个环阶都花费至少1分钟时间。 | Z37: 戏法 | AA37: 在第1级，你从奇械师法术列表中习得两个戏法。 在更高的等级，你能够根据“奇械师职业表”习得更多戏法。 当你提升一个奇械师等级时，你能够从奇械师法术列表中习得一个新的戏法来替换一个原有的已知戏法。 | BG37: 风暴领域 | BH37: 5 | BI37: 6 | BJ37: 47 | BK37: {=_xlfn.IFS($AI$4>=17,53,$AI$4>=8,52,$AI$4>=6,51,$AI$4>=2,50,$AI$4>=1,49,1,0)} -> 0 | BM37: =IFERROR(IF(BM36+1>BQ2,IF(BM36+1>BQ2,IF(BP3+BP36>BQ3,"",BP3+BP36)),BM36+1),"") -> 32 | BN37: =IFERROR(INDEX(B30:AO180,BM37,BN2),"") | BO37: =IFERROR(INDEX(B30:AO180,BM37,BO2),"") | BP37: =IFERROR(IF(BM36+1>BQ2,BP36+1,0),"") -> 0 | BS37: =IFERROR(IF(OR(BN41="",COUNTIF($BU$2:$BU$68,BN41)),"",BN41),"") | BT37: {=INDEX(BS:BS,SMALL(IF($BS$2:$BS$101<>"",ROW($BS$2:$BS$101),142),ROW(BS36)))&""} | BU37: =IF(主要!AX46="","",主要!AX46) | BV37: =IFERROR(VLOOKUP(BU37,$BN$6:$BO$105,2,FALSE),"")
A38: 9 | B38: 原初学识 | C38: 从3级起，当你的野蛮人职业等级达到3级和10级时，你可以从野蛮人1级所提供的技能熟练项列表中选择一个技能，获得该技能的熟练。 | D38: 仪式施法 | E38: 如果你已知法术列表中的某法术带有仪式标签，则你可以用这些法术进行仪式施法。 | F38: 法器 | G38: 你可以使用圣徽作为施展牧师法术的法器。 | H38: 施法关键属性 | I38: 你的法术力量源于你对自然的信仰与同调，因此感知是你施展德鲁伊法术的关键属性。 每当你的德鲁伊法术需要施法关键属性时均指向你的感知值。 而你德鲁伊法术的豁免DC和攻击检定，则使用你的感知调整值。 法术豁免DC＝8＋你的熟练加值＋你的感知调整值 法术攻击调整值＝你的熟练加值＋你的感知调整值 | J38: 替换武术 | K38: 从4级起，当你的战士职业等级抵达能让你获得属性值提示职业特性时，你能进行以下一项改变。 这种变化代表着你改变了武术训练和练习的重点 用一个战士可用的战斗风格替换原有的一个战斗风格。 如果你通过战技大师范型掌握了战技，你可以将你的一个已知战技替换为一个不同的战技。 | L38: 飞檐走壁 | M38: 你在自己回合内，可以消耗1点气，并以一个附赠动作的形式来执行撤离动作或疾走动作，同时使你该回合内的跳跃距离翻倍。 | N38: 法术的准备与施展 | O38: “圣武士职业表”里记录了你用以施展圣武士法术的1环及更高环阶法术位数量。 施展某个圣武士法术时，你必须同时消耗其对应环阶的法术位。 而已消耗的法术位则可以通过完成一次长休进行恢复。 你可以准备圣武士法术列表中所有符合当前施展条件的法术。 准备法术时，你所准备法术的总数等于你的魅力调整值＋你圣武士职业等级的一半（最少可准备一个）。 另外，你只能准备已获得相应环阶法术位的法术。 例如，作为一名5级圣武士时，你拥有四枚1环法术位和两枚2环法术位。 假如你的魅力为14，则你的准备法术列表可以囊括四个1环或者2环法术的组合。 如果你已经准备了1环法术疗伤术，则你可以使用1环或2环的法术位来施展它。另外，已施展的法术并不会从你的准备列表中移除。 你可以在完成长休后改变你的准备法术列表。 准备新的圣武士法术列表时，你要再花时间进行祈祷和冥想。 准备时，你要为你列表上每个法术的每个环阶都花费至少1分钟时间。 | P38: 战斗风格选项 | Q38: 从2级起，当你在选择战斗风格时，下列选项加入你的可选战斗风格中。 盲斗：你获得10尺盲视，在10尺范围内，你可以看见除了处于全遮掩后的任何东西，哪怕你正在被目盲或是在黑暗之中，另外，你可以看见该范围内的隐形生物，除非该生物成功地对你躲藏。 德鲁伊教战士：你学会两个来自德鲁伊法术列表的你自选的戏法，它们对你视作游侠法术，感知是你施展他们的施法关键属性。 当你升级时，你可以将其中一个戏法替换为德鲁伊法术列表中的另一个戏法。 投掷武器战斗：你可以在使用一件带有投掷属性武器进行进攻时，将那件武器作为攻击的一部分而拔出。 另外，在你以一件投掷武器于远程攻击中命中对手时，你的伤害掷骰+2。 | R38: 手稳就准 | S38: 从3级起，作为一个附赠动作，你在当前回合为你的下一次攻击提供优势。 你只能在你本回合还没有移动的时候使用这个附赠动作，而且在你使用这个附赠动作后，你的速度在当前回合里归0。 | T38: 法器 | U38: 你可以使用奥术法器，作为你施展术士法术时的法器。 | V38: 法器 | W38: 你可以使用奥术法器作为你施展邪术师法术的法器。 | X38: 施法关键属性 | Y38: 你的法术来自你专注的研习和记忆，因此智力是你施展法师法术的关键属性。 每当你的法术需要施法关键属性时均指向你的智力值。 而你法师法术的豁免DC和攻击检定，则使用你的智力调整值。 法术豁免DC＝8＋你的熟练加值＋你的智力调整值 法术攻击调整值＝你的熟练加值＋你的智力调整值 | Z38: 法术的准备和施展 | AA38: “奇械师职业表”显示出你有多少能用于施法的法术位。 施展某个奇械师法术时，你必须同时消耗其对应环阶的法术位。 而已消耗的法术位则可以通过完成一次长休进行恢复。 你需要从奇械师法术列表中选择想要准备的法术，你能选择的准备法术总数等于你的智力调整值＋你奇械师职业等级的一半（向下取整）（最少为1）。 你只能准备已经获得相应环阶法术位的法术。 例如，作为一名5级奇械师时，你拥有四枚1环法术位和两枚2环法术位。 假如你的智力为14，则你的准备法术列表可以囊括总共四个1环或2环法术的组合。 如果你准备了1环法术疗伤术，则你可以使用1环或者2环的法术位来施展它。 另外，已施展的法术并不会从你的准备列表中移除。 你可以在完成长休后改变你的准备法术列表，如需准备新的奇械师法术，你需要花时间来调整你的法器：每个法术要花费至少1分钟的时间。 | BG38: 诡术领域 | BH38: 5 | BI38: 6 | BJ38: 54 | BK38: {=_xlfn.IFS($AI$4>=17,59,$AI$4>=8,58,$AI$4>=6,57,$AI$4>=2,56,$AI$4>=1,55,1,0)} -> 0 | BM38: =IFERROR(IF(BM37+1>BQ2,IF(BM37+1>BQ2,IF(BP3+BP37>BQ3,"",BP3+BP37)),BM37+1),"") -> 33 | BN38: =IFERROR(INDEX(B30:AO180,BM38,BN2),"") | BO38: =IFERROR(INDEX(B30:AO180,BM38,BO2),"") | BP38: =IFERROR(IF(BM37+1>BQ2,BP37+1,0),"") -> 0 | BS38: =IFERROR(IF(OR(BN42="",COUNTIF($BU$2:$BU$68,BN42)),"",BN42),"") | BT38: {=INDEX(BS:BS,SMALL(IF($BS$2:$BS$101<>"",ROW($BS$2:$BS$101),142),ROW(BS37)))&""} | BU38: =IF(主要!AX47="","",主要!AX47) | BV38: =IFERROR(VLOOKUP(BU38,$BN$6:$BO$105,2,FALSE),"")
A39: 10 | B39: 属性值提升 | C39: 当达到第4、8、12、16、19级时，你可以选择一项属性值提升2点，或是选择两项属性各提升1点。 不过你不能通过此特性让属性值超过20。 | D39: 法器 | E39: 你可以使用乐器作为施展诗人法术的法器。 | F39: 神圣领域 | G39: 你将选择一个与你所信仰神祇的神职相关的神圣领域。 你可以从知识、生命、光明、自然、风暴、诡术或者战争中选择其一。 某些领域其领域法术可能并不在牧师法术列表中，此时如果你选择了该领域，则你视该领域的领域法术为你的牧师法术。 | H39: 仪式施法 | I39: 如果你所准备德鲁伊法术中的某法术有带仪式标签，则你可以用这些法术进行仪式施法。 | J39: 属性值提升 | K39: 当你达到第4、第6、第8、第12、第14、第16、第19级时，你可以选择一项属性值提升2点，或是选择两项属性各提升1点。 不过，你无法通过该特性让属性值超过20。 | L39: 无甲移动 | M39: 第2级起，当未穿着任何护甲也没持用盾牌时，你的移动速度增加10尺。 该加值将随着武僧职业等级的提升而增加，具体数值见“武僧职业表”中“无甲移动”一栏。 第9级起，你在自己的回合内，可以在垂直平面或水面等地形移动，但移动结束时你必须处在不会坠落的地方。 | N39: 施法关键属性 | O39: 你的法术源自你坚定信念产生的力量，因此魅力是你施展圣武士法术的关键属性。 每当你的圣武士法术需要施法关键属性是均指向你的魅力值。 而你圣武士法术的豁免DC和攻击检定，则使用你的魅力调整值。 法术豁免DC＝8＋你的熟练加值＋你的魅力调整值 法术攻击调整值＝你的熟练加值＋你的魅力调整值 | P39: 施法 | Q39: 第2级起，你学会运用自然世界的魔法本源进行施法，你的施法方式与德鲁伊类似。 | R39: 属性值提升 | S39: 当你达到第4、第8、第10、第12、第16、第19级时，你可以选择一项属性值提升2点，或是选择两项属性各提升1点。 不过你不能通过该特性让属性值超过20。 | T39: 术法起源 | U39: 选择一个术法起源作为你天赋魔力的源泉。 你可在龙族血脉或狂野魔法中选择其一。 随后，你将在第1、第6、第14、第18级获得相应起源的职业特性。 | V39: 魔能祈唤 | W39: 你在神秘学识的研习过程中发掘出魔能祈唤的方式，这些禁忌的知识残章让你获得了持久的魔法能力。 第2级时，你获得两种自选的魔能祈唤。 在获得更高的邪术师等级后你还可以习得其它的魔能祈唤，具体数据见“邪术师职业表”中“已知祈唤”一栏。 另外，你提升本职的等级时，可以用新的祈唤替换一个已学会的祈唤，但你的角色必须满足学习新祈唤的先决条件。 | X39: 仪式施法 | Y39: 如果你法术书记录了带有仪式标签的法术，则你可以用这些法术进行仪式施法。 进行仪式施法时，你不需要准备相应的法术。 | Z39: 施法关键属性 | AA39: 你对魔法理论的理解使你能够以更高超的技法来使用这些法术，因此智力是你的施法关键属性。 每当你的法术需要施法关键属性时均指向你的智力值。 而你奇械师法术的豁免DC和攻击检定，也使用你的智力调整值。 法术豁免DC＝8＋你的熟练加值＋你的智力调整值 法术攻击调整值＝你的熟练加值＋你的智力调整值 | BG39: 战争领域 | BH39: 5 | BI39: 6 | BJ39: 60 | BK39: {=_xlfn.IFS($AI$4>=17,66,$AI$4>=8,65,$AI$4>=6,64,$AI$4>=2,63,$AI$4>=1,62,1,0)} -> 0 | BM39: =IFERROR(IF(BM38+1>BQ2,IF(BM38+1>BQ2,IF(BP3+BP38>BQ3,"",BP3+BP38)),BM38+1),"") -> 34 | BN39: =IFERROR(INDEX(B30:AO180,BM39,BN2),"") | BO39: =IFERROR(INDEX(B30:AO180,BM39,BO2),"") | BP39: =IFERROR(IF(BM38+1>BQ2,BP38+1,0),"") -> 0 | BS39: =IFERROR(IF(OR(BN43="",COUNTIF($BU$2:$BU$68,BN43)),"",BN43),"") | BT39: {=INDEX(BS:BS,SMALL(IF($BS$2:$BS$101<>"",ROW($BS$2:$BS$101),142),ROW(BS38)))&""} | BU39: =IF(主要!AX48="","",主要!AX48) | BV39: =IFERROR(VLOOKUP(BU39,$BN$6:$BO$105,2,FALSE),"")
A40: 11 | B40: 额外攻击 | C40: 第5级起，你在自己回合内执行攻击动作时可以发动两次攻击而非一次。 | D40: 诗人激励 | E40: 从第1级起，你可以用热血的话语和音乐激励他人。 此时，你可以在自己回合内用一个附赠动作指定身边60尺内一个能听到你声音的生物（不能指定你自身），并使该生物获得一个诗人激励，即一个d6的激励骰。 在接下来的10分钟内，该生物在进行单次属性检定、攻击检定、豁免检定时可以使用该激励骰，以将其结果加到掷骰结果中。该生物可以在d20结果掷出后，DM宣布结果前决定是否使用诗人激励。而诗人激励一旦使用即被消耗掉。一个生物同一时间里只能保有一个诗人激励。 你能够使用该特性的次数等于你的魅力调整值（最低一次）。完成一次长休后，你将重获所有消耗掉的诗人激励次数。 你产生的激励骰大小可以在达到本职业的特定等级时增大。第5级时为d8，第10级时为d10，而第15级时为d12。 | F40: 领域法术 | G40: 每个领域都有其相应的领域法术列表。 当你获得表中所对应的牧师等级时，你将同时习得这些法术。 领域法术一旦习得，将会一直在你的准备法术列表中，且不计入你的每日准备法术上限。 任何领域法术对你而言都是牧师法术，而不论其是否在牧师法术列表之上。 | H40: 法器 | I40: 你可以用德鲁伊法器作为你施展德鲁伊法术的法器。 | J40: 额外攻击 | K40: 第5级起，你在自己回合内执行攻击动作时可以发动两次攻击而非一次。 第11级后，你可以攻击三次。 第20级后可以攻击四次。 | L40: 专用武器 | M40: 从2级起，你训练自己使用各种武器作为武僧武器，而不仅仅是简易近战武器和短剑。 每当你完成短休或长休时，可以碰触一件武器，将气集中在它之中，然后该武器就视为武僧武器，直到你再次使用这个能力。 所选武器必须符合以下标准： 武器必须是简易武器或军用武器 你必须拥有其熟练项 不能拥有重型或特殊属性 | N40: 法器 | O40: 你可用圣徽作为施展你圣武士法术的法器。 | P40: 法器 | Q40: 从2级起，你可以使用一件德鲁伊法器作为你的游侠法术的法器。 一件德鲁伊法器可能会是一枝槲寄生或者冬青木的枝条，用紫衫木或者其他特殊木材制作而成的魔杖或权杖，一柄从活化树木上取来的法杖，或是一件混合了神圣动物的羽毛、毛发、骨头与牙齿的物件。 | R40: 直觉闪避 | S40: 第5级起，当一个你能看见的敌人攻击命中你时，你可以用反应让此次攻击的伤害减半。 | T40: 魔力泉涌 | U40: 第2级时，你解除了体内魔力之源的封印，从中涌现的魔力体现为你的可用术法点。 你可以使用术法点创造各种魔法效应。 | V40: 苦痛魔爆 | W40: 施展魔能爆eldritch blast时，你可以将魅力调整值加到其每次命中所造成的伤害中。 先决条件：习得戏法 魔能爆 | X40: 法器 | Y40: 你可以使用奥术法器来作为施展法师法术的法器。 | Z40: 仪式施法 | AA40: 如果你准备了带有仪式标签的法术，则你可以用这些法术进行仪式施法。 | BG40: 锻造领域 | BH40: 5 | BI40: 6 | BJ40: 67 | BK40: {=_xlfn.IFS($AI$4>=17,73,$AI$4>=8,72,$AI$4>=6,71,$AI$4>=2,70,$AI$4>=1,69,1,0)} -> 0 | BM40: =IFERROR(IF(BM39+1>BQ2,IF(BM39+1>BQ2,IF(BP3+BP39>BQ3,"",BP3+BP39)),BM39+1),"") -> 35 | BN40: =IFERROR(INDEX(B30:AO180,BM40,BN2),"") | BO40: =IFERROR(INDEX(B30:AO180,BM40,BO2),"") | BP40: =IFERROR(IF(BM39+1>BQ2,BP39+1,0),"") -> 0 | BS40: =IFERROR(IF(OR(BN44="",COUNTIF($BU$2:$BU$68,BN44)),"",BN44),"") | BT40: {=INDEX(BS:BS,SMALL(IF($BS$2:$BS$101<>"",ROW($BS$2:$BS$101),142),ROW(BS39)))&""} | BU40: =IF(主要!AX49="","",主要!AX49) | BV40: =IFERROR(VLOOKUP(BU40,$BN$6:$BO$105,2,FALSE),"")
A41: 12 | B41: 快速移动 | C41: 第5级起，你在未着装重甲时速度提升10尺。 | D41: 万事通 | E41: 第2级起，在你进行属性检定时，如果检定结果不包含你的熟练加值，则你可以将自身熟练加值的一半（向下取整）加入到检定结果中。 | F41: 引导神力 | G41: 第2级时，你获得引导神祇所授予神圣能量的能力，所引导的能量将用以实现各种魔法效应。 你最初将获得两种效应：驱散不死生物和另一个与你所选领域相关的效应。 随着你在冒险中提升等级，某些领域会赋予更多额外的效应，具体信息可以参考相应领域的描述内容。 引导神力最终产生的效应由你自行选择。 引导神力后，你必须完成一次短休或长休才能重新使用该特性。 某些引导神力的效应需要豁免，其豁免DC等于你的牧师法术豁免DC。 第6级起，你可以在两次休息之间使用两次引导神力，第18级后可以使用三次。 完成一次短休或长休后，你将重新获得所有消耗掉的引导神力次数。 | H41: 荒野形态 | I41: 第2级起，你可以用动作以魔力变化为曾见识过的野兽形态。 该特性可以使用两次，且在完成一次短休或长休后，你将重新获得所有消耗掉的荒野形态次数。 你的德鲁伊职业等级决定了你可以变化的野兽种类，你可以变化成任意没有飞行或游泳速度且挑战等级为1/4或更低的野兽形态。 你可以在数个小时里保持着野兽形态，其持续时间具体数值等于你的德鲁伊职业等级的一半（向下取整）。你可以在持续时间过后恢复原形，或者你也可以再次使用此特性来维持变形。另外，你也可以在你的回合内用一个附赠动作来恢复原形。在你陷入昏迷、生命值为0或者死亡的时候，变形将自动解除。 你变形时必须遵从以下规则： 你的属性数据替换为新形态的数值，但你仍保持你的阵营、个性，以及智力值、感知值、魅力值。你保留技能与豁免的熟练项，并且获得新形态的技能和豁免熟练项。如果新形态的熟练项与你相同且熟练加值较高，则使用新形态的熟练加值。你不能使用新形态可能拥有的传奇动作或巢穴动作。 变形后，你使用新形态的生命值和生命骰。变回原形时，你的生命值恢复变形之前的数值。而任何让你的生命值降至0的伤害，都可以使你变回原形并承受该伤害的溢出伤害量。例如，你在动物形态下受到了10点伤害而你只剩1点生命值，则你变回原形并受到9点伤害。只要超过的伤害没有将你原形的生命值降至0，你就不会因此陷入昏迷。 你不能施法，并且任何说话或者需要用手的动作，在你处于野兽形态时都将受到限制。变形不会打断你正在专注的法术，也不会妨碍你执行作为已施展法术（例如召雷术call lightning）一部分的某些动作。 你保持从职业、种族或其它来源特性的收益，并且可以在新形态身体能力允许下使用这些特性。不过，你无法使用任何原有的特殊感官（例如黑暗视觉），除非你的新形态也具有这种感官。 变形时，你可以选择将你的装备丢在所处空间，或者将其融入新形态，又或者直接着装在身上。新形态直接着装的装备可以如常起作用，但DM有权基于新形态的体型和身姿作出判断，并最终决定新形态使用该装备是否合理。装备不会改变大小来适应新形态，新形态无法着装某装备时，该装备会掉落你所处空间或融入新形态中。融入新形态的装备失去其效应，且在你变回原形时才能恢复。 | J41: 不屈 | K41: 第9级起，你可以重掷失败的豁免检定。 不过你必须采用重掷的结果。你必须完成一次长休才能再次使用该特性。 第13级起，你可以在两次长休之间使用两次该特性。 第17级起，你可以在两次长休之间使用三次该特性。 | L41: 宗派 | M41: 第3级时，你选择投入一个宗派精进你的技艺。 你可以从散打宗、暗影宗、四象宗中选择其一。 随后，你的将在第3、第6、第11、第17级时获得相应宗派的特性传承。 | N41: 至圣斩 | O41: 第2级起，你使用近战武器攻击命中一个生物时，可以消耗一枚法术位，并对目标造成除武器伤害外附加的光耀伤害。 额外伤害的数值为1环法术位时的2d8，以及更高法术位时每比1环高一环就外加1d8，其最高值为5d8。 如果目标是不死生物或邪魔，则该伤害将再额外增加1d8，至高提升至6d8。 | P41: 法术位 | Q41: “游侠职业表”中记录了你可用以施展你游侠法术的1环及更高环阶法术位数量。 施展某个游侠法术时，你必须同时消耗其对应环阶的法术位。 而已消耗的法术位则可以通过完成一次长休进行恢复。 例如，若你已知1环法术化兽为友且有一枚可用的1环法术位和一枚可用的2环法术位，则两法术位都可用来施展该法术。 | R41: 反射闪避 | S41: 第7级起，你可以灵巧躲过某些特定的区域效应，比如红龙的火焰吐息或是法术冰风暴。 你在成为某一范围效应影响对象时，若该效应允许你通过成功的敏捷豁免来使伤害减半，则你在该豁免成功时不受伤害，而豁免失败时只受一半伤害。 | T41: 术法点 | U41: 开始时，你拥有2个术法点。 此后你每提升一个术士等级，都会获得更多的术法点，详见“术士职业表”中“术法点”一栏。 你的术法点永远不能超过表中所列对应你当前等级的数值。 而已消耗的术法点则可以通过完成一次长休进行恢复。 | V41: 幽影护甲 | W41: 你可以随意以自身为目标施展法师护甲mage armor，且无需消耗法术位和材料成分。 | X41: 学习法术 | Y41: 你每提升一个法师等级，可以将两项自选的法师法术加入你的法术书中。 但是，你只能加入已经获得相应环阶法术位的法术。 你在冒险过程中所发现的法术也可以加入到法术书中。 | Z41: 物品注法 | AA41: 在第2级，你获得为普通物品注入魔法的能力。 使用此特性创造的魔法物品是永久性魔法物品的原型。 | BG41: 坟墓领域 | BH41: 5 | BI41: 6 | BJ41: 74 | BK41: {=_xlfn.IFS($AI$4>=17,80,$AI$4>=8,79,$AI$4>=6,78,$AI$4>=2,77,$AI$4>=1,76,1,0)} -> 0 | BM41: =IFERROR(IF(BM40+1>BQ2,IF(BM40+1>BQ2,IF(BP3+BP40>BQ3,"",BP3+BP40)),BM40+1),"") -> 36 | BN41: =IFERROR(INDEX(B30:AO180,BM41,BN2),"") | BO41: =IFERROR(INDEX(B30:AO180,BM41,BO2),"") | BP41: =IFERROR(IF(BM40+1>BQ2,BP40+1,0),"") -> 0 | BS41: =IFERROR(IF(OR(BN45="",COUNTIF($BU$2:$BU$68,BN45)),"",BN45),"") | BT41: {=INDEX(BS:BS,SMALL(IF($BS$2:$BS$101<>"",ROW($BS$2:$BS$101),142),ROW(BS40)))&""} | BU41: =IF(主要!AX50="","",主要!AX50) | BV41: =IFERROR(VLOOKUP(BU41,$BN$6:$BO$105,2,FALSE),"")
A42: 13 | B42: 野性直觉 | C42: 第7级时，你的直觉变的异常敏锐，从而使你骰先攻时具有优势。 此外，如果你在战斗开始时被突袭但并未陷入失能，则你仍可以在你的第一回合正常行动。不过你必须在进行任何其它行动前进入狂暴。 | D42: 休憩曲 | E42: 第2级起，你可以在短休时用轻柔的音乐或话语帮助伙伴们恢复伤势。 如果你或任何友方生物可以在其短休时听到你的演奏声，且决定在此时使用生命骰恢复生命值，则其恢复量可以额外增加1d6。 该额外恢复的数值在达到特定职业等级时可以再增加。第9级时增为1d8，第13级时增为1d10，第17级时增为1d12。 | F42: 引导神力：驱散不死生物 | G42: 你以一个动作展示你的圣徽，并说出一段谴责不死生物的祷言。 你身边30尺范围内能够看到圣徽或听到你祷言的不死生物必须进行一次感知豁免，豁免失败则受到驱散，其效应持续1分钟或直到其受到任何伤害。 一个被驱散的生物必须花费其回合内的所有速度尽力远离你，而且无法主动靠近你30尺内。 被驱散的生物无法使用反应，只能使用既有的疾走Dash动作或从任何妨碍他们移动的效应中挣脱。 该生物无路可走时会使用“回避”动作。 | H42: 德鲁伊结社 | I42: 第2级时，你将选择参与一个德鲁伊结社。 你可以从大地结社或月亮结社中选择其一。 随后，你将在第2、第6、第10、第14级时获得所选结社相应的特性。 | J42: 精通重击 | K42: 从你第3级选择此范型起，你的武器攻击在掷出19或20时即可造成重击。 | L42: 拨挡飞弹 | M42: 第3级起，你可以用你的反应拨挡或抓取一个击中你的远程武器攻击。 使用本特性后，该次攻击的伤害将被削弱，其减数值等于1d10＋你的敏捷调整值＋你的武僧职业等级。 当被拨挡攻击的伤害减少至0，且实施伤害的飞弹可以被你单手抓住时，你可以用此时空闲的手去抓取该飞弹。 此时你可以消耗1点气以该“飞弹”进行一次远程攻击，而该攻击将视为本次反应的一部分。 无论你是否具有被拨挡武器的熟练项，本次攻击中你都视为进行具有熟练项的攻击，所使用的飞弹也视为武僧武器，其射程为20/60尺。 | N42: 神佑 | O42: 第3级起，你体内涌动的神圣魔法使你免疫疾病。 | P42: 已知法术 | Q42: 你从游侠法术列表里选两个1环法术作为自己的已知法术。 “游侠职业表”中“已知法术”一栏记录了你获得更多已知法术时的相应等级。 你只能获取已有相应环阶法术位的法术。 比如，当你达到第5级时，你将获得一个1环或2环法术。 另外，你每提升一个游侠等级，还可以从游侠法术列表里选择一个新法术来代替一个已知法术列表中的旧法术。 但是，你必须拥有新法术的相应环阶法术位。 | R42: 可靠才能 | S42: 第11级起，你自身技能经过精炼而更趋于完美。 每当你进行的属性检定可以使用熟练加值时，你可以将d20骰中9或以下的结果都视为10。 | T42: 灵活施法 | U42: 你可以使用术法点来获得额外的法术位，或是消耗法术位来换取额外的术法点。 随着术士等级的提升，你还可以学会其他术法点的使用方法。 | V42: 野兽之语 | W42: 你可以随意施展动物交谈speak with animals，且无需消耗法术位。 | X42: 奥术回想 | Y42: 你学会了通过研读法术书来恢复魔法能量的办法。 你可以每日使用一次奥术回想，以在你完成一次短休后恢复若干已消耗的法术位，所恢复的法术位环阶总和不得大于你法师等级的一半（向上取整），且任何一枚法术位的环阶都必须小于6环。 例如，作为一名4级法师时，你可恢复环阶总数最多为2的法术位。 你可以选择恢复一枚2环法术位或两枚1环法术位。 | Z42: 已知注法 | AA42: 当你获得这个特性时，从职业描述末尾的“奇械师注法”列表中选择选择四个奇械师注法习得。 当你提升奇械师等级时，还能够根据“奇械师职业表”习得更多注法。 当你提升一个奇械师等级时，你能够习得一个新的奇械师注法来来替换一个原有的已知注法。 | BG42: 奥秘领域 | BH42: 5 | BI42: 6 | BJ42: 81 | BK42: {=_xlfn.IFS($AI$4>=17,86,$AI$4>=8,85,$AI$4>=6,84,$AI$4>=2,83,$AI$4>=1,82,1,0)} -> 0 | BM42: =IFERROR(IF(BM41+1>BQ2,IF(BM41+1>BQ2,IF(BP3+BP41>BQ3,"",BP3+BP41)),BM41+1),"") -> 37 | BN42: =IFERROR(INDEX(B30:AO180,BM42,BN2),"") | BO42: =IFERROR(INDEX(B30:AO180,BM42,BO2),"") | BP42: =IFERROR(IF(BM41+1>BQ2,BP41+1,0),"") -> 0 | BS42: =IFERROR(IF(OR(BN46="",COUNTIF($BU$2:$BU$68,BN46)),"",BN46),"") | BT42: {=INDEX(BS:BS,SMALL(IF($BS$2:$BS$101<>"",ROW($BS$2:$BS$101),142),ROW(BS41)))&""} | BU42: =IF(主要!AX51="","",主要!AX51) | BV42: =IFERROR(VLOOKUP(BU42,$BN$6:$BO$105,2,FALSE),"")
A43: 14 | B43: 直觉猛扑 | C43: 作为你进入狂暴状态的附赠动作的一部分，你可以移动一段等同于你速度的一半的距离。 | D43: 吟游诗人学院 | E43: 第3级时，你将选择加入一个吟游诗人的学院协会，以探寻更精深的技艺。 你可以从逸闻学院或勇气学院中选择其一。 随后，你将在第3、第6和第14级时获得相应的职业特性。 | F43: 神力掌控 | G43: 从2级起，你可以花费一次你的引导神力次数来充能你的法术。 你可以用一个附赠动作触碰你的圣徽并祈祷，你恢复一个环阶不超过你熟练加值的一半（向上取整）的法术位。 你能使用此特性的次数取决于你此职业的等级：2级一次；6级两次；18级三次。完成一次长休后，你将恢复所有已消耗的次数。 | H43: 荒野伙伴 | I43: 从2级起，你获得召唤呈现动物形态的精魂的能力，以一个动作，你能够消耗一次荒野变形使用次数来施放一次无需材料的获得魔宠法术。 当你以此方法施放该法术时，魔宠的类型是精类而不是野兽，魔宠会在等同于你德鲁伊等级一半的小时数后消失。 | J43: 运动健将 | K43: 第7级起，你可以将一半的熟练加值（向上取整）加在你不包含熟练加值的任何力量、敏捷或体质检定上。 另外，当你助跑跳远时，你能跳出的距离增加等同于你力量调整值的尺数。 | L43: 驭气以击 | M43: 从3级起，如果你在你的回合中执行动作时花费了1点或更多的气，则你可以在回合结束前用1附赠动作以徒手打击或武僧武器进行一次攻击。 | N43: 神圣誓言 | O43: 第3级起，你将立下神圣誓言，并永远与你的圣武士身份同在。 你在此之前的圣武士修行被认为仅仅是接受了一条道路而尚未立誓遵从，你之前所躬行的行为都是为此刻作准备。 神圣誓言包括奉献之誓、古贤之誓、复仇之誓等，你可从中选择其一。 随后，你将在第3，第7，第15和第20级获得所选圣誓的相应特性。 | P43: 游侠范型 | Q43: 第3级时，你选择学习一种特定的战斗范型。 你可以从猎人或驯兽师中进行选择。 随后，你将在第3，第7，第11、第15级时获得所选范型的相应特性。 | R43: 听声辨位 | S43: 第14级起，只要能听到声音，你就可以定位身边10尺内躲藏或隐形的生物。 | T43: 生成法术位 | U43: 你可以在自己回合内以附赠动作将未使用的术法点转换为法术位。 表格“生成法术位”中列出了生成各法术位所需的术法点数。 另外，你无法生成高于5环的法术位。 以此方式生成的法术位将在完成一次长休后消散。 法术位环阶——术法点消耗 1环——————2 2环——————3 3环——————5 4环——————6 5环——————7 | V43: 诱导话术 | W43: 你获得欺瞒和游说技能的熟练项。 | X43: 奥术传承 | Y43: 第2级时，你选择一种奥术传承以使你的训练专注于八个学派之一。 从防护、咒法、预言、附魔、塑能、幻术、死灵、变化各学派中选择其一。 随后，你将在第2、第6、第10、第14级时获得所选学派相应的特性。 | Z43: 为物品进行注法 | AA43: 每当你完成一个长休后，你可以触摸一个非魔法的物体，使用奇械师注法来把它变成一个魔法物品。 注法只能作用于注法描述中写明的指定类型物品。 如果该物品需要调谐，你可以在为物品进行注法的那一刻调谐到它，或者你可以放弃调谐，以便其他人能够调谐到该物品。 如果你决定以后与这个物品进行调谐，你必须进行通常的调谐程序（参见《地下城主指南》第136页中的“调谐”）。 你的注法持续时间无限，但当你死亡时，注法会在你智力调整值的天数后消失（至少1天）。 如果你将某个注法从已知中替换掉，该注法的效果也将消失。 你能在一次长休后为复数物品进行注法；注法物品的最大数量请参见“奇械师职业表”。 你必须触摸每一个物体，且一种注法在同一时间内只能存在于一个物品上，而一个物品也无法进行复数次注法。 如果你试图超过你的最大注法量，则最旧的注法立即结束，然后新的注法适用。 如果注法结束时，该物品中包含有其他物品，例如是一个次元袋，其中的物品将无害地出现在它周围的空间中。 | BG43: 秩序领域 | BH43: 5 | BI43: 6 | BJ43: 87 | BK43: {=_xlfn.IFS($AI$4>=17,93,$AI$4>=8,92,$AI$4>=6,91,$AI$4>=2,90,$AI$4>=1,89,1,0)} -> 0 | BM43: =IFERROR(IF(BM42+1>BQ2,IF(BM42+1>BQ2,IF(BP3+BP42>BQ3,"",BP3+BP42)),BM42+1),"") -> 38 | BN43: =IFERROR(INDEX(B30:AO180,BM43,BN2),"") | BO43: =IFERROR(INDEX(B30:AO180,BM43,BO2),"") | BP43: =IFERROR(IF(BM42+1>BQ2,BP42+1,0),"") -> 0 | BS43: =IFERROR(IF(OR(BN47="",COUNTIF($BU$2:$BU$68,BN47)),"",BN47),"") | BT43: {=INDEX(BS:BS,SMALL(IF($BS$2:$BS$101<>"",ROW($BS$2:$BS$101),142),ROW(BS42)))&""} | BU43: =IF(主要!AX52="","",主要!AX52) | BV43: =IFERROR(VLOOKUP(BU43,$BN$6:$BO$105,2,FALSE),"")
A44: 15 | B44: 凶蛮重击 | C44: 第9级起，计算近战攻击的重击伤害时，你可以额外骰一个所用武器的伤害骰。 第13级时，你可以额外骰两个；第17级时，你可以额外骰三个。 | D44: 专精 | E44: 第3级起，你选择两个已有的技能熟练项。此后你进行所选技能的属性检定时，可以使用双倍的熟练加值。 第10级后，你可以再选择另外两个已有的技能熟练项从该特性中获益。 | F44: 替换戏法 | G44: 从4级起，当你在此职业获得了属性值提升，你可以将一个你通过此职业的施法特性学会的牧师戏法替换为牧师法术列表中的另一个戏法。 | H44: 替换戏法 | I44: 从4级起，每当你达到该职业提升属性值的等级时，你就可以用德鲁伊法术列表中的另一个戏法来替换你从该职业的施法特性中学到的一个戏法。 | J44: 额外战斗风格 | K44: 第10级时，你可以额外选择一个战斗风格。 | L44: 属性值提升 | M44: 当你达到第4，第8，第12，第16、第19级时，你可以选择一项属性值提升2点，或是选择两项属性各提升1点。 不过你不能通过该特性让属性值超过20。 | N44: 圣誓法术 | O44: 每种誓言都有其相应的圣誓法术列表。 当你达到表中所示的圣武士等级时，你将同时获得其对应的圣誓法术。 圣誓法术一旦获得，将会一直在你的准备法术列表中，且不计入你的每日准备法术上限。 任何圣誓法术对你而言都是圣武士法术，而不论其是否在圣武士法术列表之上。 | P44: 原初意识 | Q44: 第3级起，你可以消耗一枚游侠法术位，并用动作将你的意识集中在身处的区域，感测1里内是否存在以下类型生物（在偏爱地形中时，扩展至6里）：异怪、天界生物、龙、精类生物、邪魔、元素生物和不死生物。 所消耗法术位每提高一环阶感测效果持续时间就多加1分钟。 另外，该特性并不会知晓生物的位置或数量。 | R44: 圆滑心智 | S44: 第15级起，你的心理素质获得了大大的加强，并因此获得感知豁免的熟练项。 | T44: 法术位转换术法点 | U44: 你可以在自己回合内使用附赠动作将未使用的法术位转化为术法点。 你消耗一枚法术位并获得等于该法术位环阶的术法点。 所有你以该特性生成的法术位，在你完成一次长休后也将随之消失。 | V44: 魔鬼视界 | W44: 你在黑暗中拥有120尺的可视距离，而无论其属于魔法黑暗还是非魔法黑暗。 | X44: 戏法公式 | Y44: 从3级起，你在法术书中写下了一套奥法公式，并能借此在心中推演出一个戏法。 每当你完成一次长休，你可以查阅法术书中所记的公式，以将你的一个已知法师戏法替换为另一个来自法师法术列表的戏法。 | Z44: 奇械师注法 | AA44: 奇械师注法是一种非凡的、能将非魔法物品变成魔法物品的工序。每个注法的描述都会告诉你可以接受它的物品类型，以及所产生的魔法物品是否需要同调的要求。 有些注法规定了最低的奇械师等级。你必须达到那个等级或以上才能学习该注法。 除非注法的描述中写明，否则你无法重复学习同一个注法。 | BG44: 和平领域 | BH44: 5 | BI44: 6 | BJ44: 94 | BK44: {=_xlfn.IFS($AI$4>=17,100,$AI$4>=8,99,$AI$4>=6,98,$AI$4>=2,97,$AI$4>=1,96,1,0)} -> 0 | BM44: =IFERROR(IF(BM43+1>BQ2,IF(BM43+1>BQ2,IF(BP3+BP43>BQ3,"",BP3+BP43)),BM43+1),"") -> 39 | BN44: =IFERROR(INDEX(B30:AO180,BM44,BN2),"") | BO44: =IFERROR(INDEX(B30:AO180,BM44,BO2),"") | BP44: =IFERROR(IF(BM43+1>BQ2,BP43+1,0),"") -> 0 | BS44: =IFERROR(IF(OR(BN48="",COUNTIF($BU$2:$BU$68,BN48)),"",BN48),"") | BT44: {=INDEX(BS:BS,SMALL(IF($BS$2:$BS$101<>"",ROW($BS$2:$BS$101),142),ROW(BS43)))&""} | BU44: =IF(主要!AX53="","",主要!AX53) | BV44: =IFERROR(VLOOKUP(BU44,$BN$6:$BO$105,2,FALSE),"")
A45: 16 | B45: 坚韧狂暴 | C45: 第11级起，狂暴的力量让你即使身受重伤也能持续战斗。 狂暴期间，若你的生命值被降至0但未立即死亡，你可以进行一次DC10的体质豁免。豁免成功则你的生命值改为降至1。 第一次使用此特性后，每当你再次使用此特性时其体质豁免DC提高5。在你完成一次短休或长休后其DC重置为10。 | D45: 魔法激励 | E45: 第3级起，如果一个生物拥有来自你的吟游诗人激励骰子，在他释放一个恢复生命值或者造成伤害的法术时，他可以掷出激励骰子并选择法术的其中一个被法术影响的目标，在对该目标的恢复或者伤害数值上加上吟游诗人激励骰的掷骰结果，这个吟游诗人激励骰子随即被消耗。 | F45: 属性值提升 | G45: 当你达到第4、8、12、16、19级时，你可以选择一项属性值提升2点，或选择两项属性各提升1点。 不过你不能通过该特性让属性超过20。 | H45: 属性值提升 | I45: 当你达到第4、8、12、16、19级时，你可以选择一项属性值提升2点，或选择两项属性各提升1点。 不过你不能通过该特性让属性超过20。 | J45: 高效重击 | K45: 第15级起，你的武器攻击掷出18~20时即可造成重击。 | L45: 轻身坠 | M45: 第4级起，当你要承受坠地伤害时，你可以使用反应将伤害减少等同于五倍武僧职业等级的数值。 | N45: 引导神力 | O45: 你的誓言使你获得引导神祇所授神圣能量的能力，引导的能量将用以实现各种魔法效应。 誓言赋予的相应效应，可以参考相关誓言的描述内容。 引导神力时，神力最终产生的效应由你自行选择。 引导神力后，你必须完成一次短休或长休才能再次使用该特性。 某些引导神力的效应需要豁免，其豁免DC等于你的圣武士法术豁免DC。 | P45: 原始意识 | Q45: 从3级起（替换原初意识），你可以通过与自然的共鸣而集中你的意识:若你尚未习得下方表格种的法术，那么你在抵达对应等级时学会下方原始意识法术表格中的法术，这些法术不占用你的游侠已知法术。 始意识法术 三级 动物会话 五级 野兽知觉 九级 植物交谈 十三级 生物定位术 十七级 问道自然 你每天可以施展这些对应的法术每个一次而不需要消耗法术位，一旦你用这种方式施法，你在完成一次长休前不能再这么做。 | R45: 飘忽不定 | S45: 第18级起，你飘忽不定的身形让敌人攻击时无从下手。 除非你处于失能状态，否则以你为目标的攻击检定无法取得优势。 | T45: 超魔法 | U45: 第3级起，你可以扭曲所施展的法术使其符合你的需求。 从下述超魔法选项中选择其二。随后你将在第10和第17级分别再获得其一。 除非特别说明，否则对一个法术只能应用一种超魔法项。 | V45: 魔能视界 | W45: 你可以随意施展法术侦测魔法detect magic，且无需消耗法术位。 | X45: 属性值提升 | Y45: 当你达到第4、第8、第12、第16、第19级时，你可以选择一项属性值提升2点，或是选择两项属性各提升1点。 不过你不能通过该特性让属性值超过20。 | Z45: 魔法力量盔甲 | AA45: 物品：一套盔甲（需同调） 此盔甲拥有6发充能。穿戴者能以下列方式消耗充能： 进行力量检定或力量豁免检定时，你能消耗1发充能来获得等于你智力调整值的加值。 当穿着者将被击倒时，以一个反应消耗1发充能，就能避免被击倒。 此盔甲在每天的黎明时会恢复1d6发充能。 | BG45: 暮光领域 | BH45: 5 | BI45: 6 | BJ45: 101 | BK45: {=_xlfn.IFS($AI$4>=17,108,$AI$4>=8,107,$AI$4>=6,106,$AI$4>=2,105,$AI$4>=1,104,1,0)} -> 0 | BM45: =IFERROR(IF(BM44+1>BQ2,IF(BM44+1>BQ2,IF(BP3+BP44>BQ3,"",BP3+BP44)),BM44+1),"") -> 40 | BN45: =IFERROR(INDEX(B30:AO180,BM45,BN2),"") | BO45: =IFERROR(INDEX(B30:AO180,BM45,BO2),"") | BP45: =IFERROR(IF(BM44+1>BQ2,BP44+1,0),"") -> 0 | BS45: =IFERROR(IF(OR(BN49="",COUNTIF($BU$2:$BU$68,BN49)),"",BN49),"") | BT45: {=INDEX(BS:BS,SMALL(IF($BS$2:$BS$101<>"",ROW($BS$2:$BS$101),142),ROW(BS44)))&""} | BU45: =IF(主要!AX54="","",主要!AX54) | BV45: =IFERROR(VLOOKUP(BU45,$BN$6:$BO$105,2,FALSE),"")
A46: 17 | B46: 持久狂暴 | C46: 第15级起，你狂暴时的情绪高涨得难以抑制，以至于只有当你昏迷或是主动终止狂暴时才能使之提前结束。 | D46: 替换诗歌 | E46: 当你的吟游诗人职业等级抵达能让你获得属性值提示职业特性时，你能进行以下一项改变。 这种变化代表着你改变了使用法术和技能的重点。 替换一个你已经选择专精的技能，你可以选择专精于另一个你已经有熟练但还没有专精的技能，之后，你原先专精于的技能变回熟练而非专精。 从诗人戏法列表表中选择一个你未习得的戏法，替换一个你已经习得的戏法。 | F46: 摧毁不死生物 | G46: 第5级起，当不死生物进行对抗你驱散特性的豁免失败时，如果其挑战等级等于或低于一个既定的下限，则该不死生物将被即时摧毁。 相应的数值列举在表格“摧毁不死生物”中。 牧师等级——摧毁不死生物的挑战等级 5th——1/2或更低 8th——1或更低 11th——2或更低 14th——3或更低 17th——4或更低 | H46: 不朽身 | I46: 第18级起，你行使的原初荒野魔力让你的衰老速度减缓。 每经过10年的岁月，你的身体就仿佛只过了1年。 | J46: 生还者 | K46: 第18级时，你持续战斗的能力达到巅峰。 你每回合开始时如果生命值不到上限的一半，则你恢复一部分生命值，其数值等于5＋你的体质调整值。 你生命值为0时不能以此获益。 | L46: 加速愈合 | M46: 从4级起，以一个动作，你能消耗2点气并且投掷一粒武艺骰，你恢复等同于掷骰结果加上你的熟练加值的生命值。 | N46: 驾驭神力 | O46: 从3级起，你能够消耗一次引导神力的使用次数来驱动法术。 以一个附赠动作，你能够通过接触圣徽，并献上祈祷，来恢复一个已消耗的法术位，其环数不能超过你的一半熟练加值（向上取整）。 你能使用此能力的次数取决于你的圣武士等级：3级1次，7级2次，15级3次。 当你完成一次长休息时，你重新获得已消耗的使用次数。 | P46: 替换武术 | Q46: 从4级起，当你的游侠职业等级抵达能让你获得属性值提示职业特性时，你能用一个游侠可用的战斗风格替换原有的一个战斗风格，这种变化代表着你改变了武术训练和练习的重点。 | R46: 幸运一击 | S46: 第20级时，你掌握了一手非凡技巧，让你可以随时把握自己的成功之时。 当你的攻击未命中时，可以直接更改判定为命中。 或者，当你的属性检定失败时，可以直接将d20骰的结果视为20。 你必须完成一次短休或长休后才能再次使用该特性。 | T46: 谨慎法术 | U46: 施展一个让其他生物进行豁免的法术时，你可以让其中一些生物免受法术的全额威力。 实现该效应需要你使用1术法点，并指定一定数量的目标生物，其最大数量等于你的魅力调整值（至少为1）。 而被指定的生物将直接成功通过法术的豁免检定。 | V46: 魔能长枪 | W46: 施展魔能爆eldritch blast时，射程变为300尺。 先决条件：习得戏法 魔能爆 | X46: 法术精通 | Y46: 第18级时，你对特定的法术精熟于心，甚至可以随意施展这些法术。 选择你法术书中的一项1环法师法术和一项2环法师法术，此后只要你准备了它们，就可以随意施展其最低环阶版本，且无需消耗法术位。 你也可以消耗法术位来施展其更高环阶版本。 通过8小时的研习，你可以将这两项法术中的任一项替换为同环阶的其他法术。 | Z46: 增强奥术法器 | AA46: 物品：一根权杖、法杖或是魔杖（需同调） 当持用此物品时，持有者的法术攻击检定获得+1加值，同时在进行法术法术攻击时无视半身掩护。 当你拥有10个奇械师等级时，该加值变成+2。 | BG46: 大地结社 | BH46: 7 | BI46: 8 | BJ46: 20 | BK46: {=_xlfn.IFS($AI$5>=14,25,$AI$5>=10,24,$AI$5>=6,23,$AI$5>=2,22,1,0)} -> 0 | BM46: =IFERROR(IF(BM45+1>BQ2,IF(BM45+1>BQ2,IF(BP3+BP45>BQ3,"",BP3+BP45)),BM45+1),"") -> 41 | BN46: =IFERROR(INDEX(B30:AO180,BM46,BN2),"") | BO46: =IFERROR(INDEX(B30:AO180,BM46,BO2),"") | BP46: =IFERROR(IF(BM45+1>BQ2,BP45+1,0),"") -> 0 | BS46: =IFERROR(IF(OR(BN50="",COUNTIF($BU$2:$BU$68,BN50)),"",BN50),"") | BT46: {=INDEX(BS:BS,SMALL(IF($BS$2:$BS$101<>"",ROW($BS$2:$BS$101),142),ROW(BS45)))&""} | BU46: =IF(主要!AX55="","",主要!AX55) | BV46: =IFERROR(VLOOKUP(BU46,$BN$6:$BO$105,2,FALSE),"")
A47: 18 | B47: 不屈勇武 | C47: 第18级起，你进行力量检定的总值低于你的力量值时，可以直接使用力量值作为检定结果。 | D47: 属性值提升 | E47: 当你达到第4、8、12、16、19级时，你可以选择一项属性值提升2点，或选择两项属性各提升1点。 不过你不能通过此特性让属性超过20。 | F47: 受祝击 | G47: 从8级起（替代神圣打击或强力施法），在战斗中，你受到神力的祝福，当你通过戏法或武器攻击来伤害一个生物时，你能够对该生物造成额外1d8光耀伤害。 当你造成一次此伤害后，你直到自己的下一个回合开始前无法再次使用此特性。 | H47: 野兽施法 | I47: 第18级起，你在荒野变形状态下可以施展大部分的德鲁伊法术。 在野兽形态时，你可以完成德鲁伊法术的姿势与语言成分，但无法完成其材料成分的使用。 | J47: 卓越战技 | K47: 在你选择此范型的第3级时，你习得战技并获得驱动战技的卓越骰。 战技：你习得三种自选战技，详见后文。 战技强化了你的攻击。而你在每次攻击时只能应用一种战技。 你在第7，第10和第15级时均习得两种新战技。 习得新战技时，你还可以额外替换一个已经习得的战技。 卓越骰：你拥有四个d8卓越骰。 卓越骰一经使用即消耗，完成短休或长休后恢复。 你的卓越骰在第7和第15级时各增加一粒。 豁免：某些战技需要目标进行豁免检定作抵抗。 战技的豁免DC为： 豁免DC＝8＋你的熟练加值＋你的力量或敏捷调整值（自选） | L47: 额外攻击 | M47: 第5级起，你在自己回合内执行攻击动作时可以发动两次攻击而非一次。 | N47: 战斗变通 | O47: 每当你通过提升圣武士等级获得属性值提升时，你可以用另一个圣武士能够选择的战斗风格替换你当前的战斗风格，这一变化代表着你在战斗训练上重心的转移。 | P47: 属性值提升 | Q47: 当你达到第4、第8、第12、第16、第19级时，你可以选择一项属性值提升2点，或是选择两项属性各提升1点。 不过你不能通过该特性让属性值超过20。 | R47: 快手 | S47: 第3级起，你可以使用从“灵巧动作”特性中得到的附赠动作来进行一次敏捷（巧手）检定，或是以该附赠动作使用盗贼工具来解除陷阱、撬锁，或执行“使用物件”动作。 | T47: 远程法术 | U47: 施展一个施法距离不小于5尺的法术时，你可以使用1术法点使该法术的施法距离翻倍。 施展一个施法距离为触及的法术时，你可以使用1术法点将法术的施法距离改为30尺。 | V47: 符文守护者之眼 | W47: 你可以读懂任何文字。 | X47: 招牌法术 | Y47: 第20级时，你精通两个强大的法术，甚至可以用更低的成本施展这些法术。 选择你的法术书中的两个3环法师法术，作为你的招牌法术。 此后这两个法术将永远视为已准备法术，且不计入你的准备法术数量之中。 你可以施展这两个法术的3环版本各一次，且无需消耗法术位。 招牌法术使用后，需要完成一次短休或长休才能再次使用。 你也可以消耗法术位施展这两个法术的更高环阶版本。 | Z47: 增强防御 | AA47: 物品：一套盔甲或一面盾牌 穿着该盔甲或挥舞该盾牌的生物在AC上获得+1加值。 当你拥有10个奇械师等级时，该加值变成+2。 | BG47: 月亮结社 | BH47: 7 | BI47: 8 | BJ47: 26 | BK47: {=_xlfn.IFS($AI$5>=14,30,$AI$5>=10,29,$AI$5>=6,28,$AI$5>=2,27,1,0)} -> 0 | BM47: =IFERROR(IF(BM46+1>BQ2,IF(BM46+1>BQ2,IF(BP3+BP46>BQ3,"",BP3+BP46)),BM46+1),"") -> 42 | BN47: =IFERROR(INDEX(B30:AO180,BM47,BN2),"") | BO47: =IFERROR(INDEX(B30:AO180,BM47,BO2),"") | BP47: =IFERROR(IF(BM46+1>BQ2,BP46+1,0),"") -> 0 | BS47: =IFERROR(IF(OR(BN51="",COUNTIF($BU$2:$BU$68,BN51)),"",BN51),"") | BT47: {=INDEX(BS:BS,SMALL(IF($BS$2:$BS$101<>"",ROW($BS$2:$BS$101),142),ROW(BS46)))&""} | BU47: =IF(主要!AX56="","",主要!AX56) | BV47: =IFERROR(VLOOKUP(BU47,$BN$6:$BO$105,2,FALSE),"")
A48: 19 | B48: 原初斗士 | C48: 第20级时，你的存在即是野性之力的具现。你的力量和体质各提升4。并且你这两项属性的上限变为24。 | D48: 激励之源 | E48: 第5级起，你可以在完成短休或长休后恢复你已消耗的诗人激励次数。 | F48: 神圣干预 | G48: 第10级起，你可以在迫切需要帮助时，召唤神祇的协助。 你需要用一个动作来请求所信仰神祇的帮助。描述你所需要的帮助，然后掷d100。如果你的结果等于或者小于你的牧师等级，你将得到神祇的回应。 回应的结果由DM作出选择；此时通常请求任何牧师法术或者领域法术的效应都在可接受范围内。 如果你的神祇回应了请求，你在此后的7日内无法再次使用该特性；否则你可以在完成长休后再次使用该特性。 到达20级后，你的呼唤将自动得到神祇的回应，无需再掷d100。 | H48: 大德鲁伊 | I48: 第20级时，你可以无限次的使用荒野变形。 另外，你还可以将德鲁伊法术中的姿势和语言成分，以及非无价值且不被法术消耗的材料成分忽略。 你在原形态和荒野形态下都可以从此特性获益。 | J48: 战争学徒 | K48: 第3级时，你选择一种工匠工具并获得其熟练项。 | L48: 震慑拳 | M48: 第5级起，你能够阻碍敌人体内的气的流动。 你的近战武器攻击命中时，可以消耗1点气尝试发动震慑拳。 被命中目标必须进行一次体质豁免，豁免失败则受到震慑，并持续至你的下一回合结束。 | N48: 属性值提升 | O48: 当你达到第4、8、12、16、19级时，你可以选择一项属性值提升2点，或选择两项属性各提升1点。 不过你不能通过该特性让属性超过20。 | P48: 额外攻击 | Q48: 第5级起，你在自己回合内执行攻击动作时可以发动两次攻击而非一次。 | R48: 梁上君子 | S48: 第3级选择此范型起，你获得比通常情况更快的攀爬速度，从而使攀爬不再消耗额外的移动力。 此外，当你做一个有助跑的跳远时，跳远距离增加一定的尺数，其数值等于你的敏捷调整值。 | T48: 强效法术 | U48: 为法术进行伤害掷骰时，你可以使用1术法点重掷其中一定数量的骰子。 重掷骰子的最大数等于你的魅力调整值（至少为1），且你必须接受新的结果。 强效法术超魔可以与其他超魔法选项合用。 | V48: 邪魔活力 | W48: 你可以随意施展1环法术虚假生命false life，且无需消耗法术位和材料成分。 | X48: 防护学者 | Y48: 从第2级你选择该学派起，你向法术书中抄写防护系法术的时间和金钱花费减半。 | Z48: 增强武器 | AA48: 物品：一把简易或军用武器 该魔法武器在攻击和伤害检定中具有+1加值。 当你拥有10个奇械师等级时，该加值变成+2。 | BG48: 梦境结社 | BH48: 7 | BI48: 8 | BJ48: 31 | BK48: {=_xlfn.IFS($AI$5>=14,34,$AI$5>=10,33,$AI$5>=6,32,$AI$5>=2,31,1,0)} -> 0 | BM48: =IFERROR(IF(BM47+1>BQ2,IF(BM47+1>BQ2,IF(BP3+BP47>BQ3,"",BP3+BP47)),BM47+1),"") -> 43 | BN48: =IFERROR(INDEX(B30:AO180,BM48,BN2),"") | BO48: =IFERROR(INDEX(B30:AO180,BM48,BO2),"") | BP48: =IFERROR(IF(BM47+1>BQ2,BP47+1,0),"") -> 0 | BS48: =IFERROR(IF(OR(BN52="",COUNTIF($BU$2:$BU$68,BN52)),"",BN52),"") | BT48: {=INDEX(BS:BS,SMALL(IF($BS$2:$BS$101<>"",ROW($BS$2:$BS$101),142),ROW(BS47)))&""} | BU48: =IF(主要!AX57="","",主要!AX57) | BV48: =IFERROR(VLOOKUP(BU48,$BN$6:$BO$105,2,FALSE),"")
A49: 20 | B49: 狂怒 | C49: 从你第3级选择此道途起，你可以在进入狂暴的同时进入狂怒。 使用此特性时，你可以在本回合之后狂暴持续时间内的每个回合里，以一个附赠动作发动一次近战武器攻击。而当本次狂暴终止时，你将提升一级力竭。 | D49: 反迷惑 | E49: 第6级起，你获得用音乐或话语来打断心控效应的能力。你可以使用一个动作开始一场持续至你的下一回合结束的演出。在这段时间内，你与你身边30尺内的友方生物进行对抗恐慌或魅惑效应的豁免检定具有优势。该生物必须能听到你的声音才能获得此增益。这场表演在你陷入失能状态、被沉默、或主动终止（无需动作）时会提前结束。 | F49: 知识领域法术 | G49: 牧师等级——法术 1st——命令术、鉴定术 3rd——卜筮术、暗示术 5th——回避侦测、死者交谈 7th——秘法眼、困惑术 9th——通晓传奇、探知 | H49: 附赠戏法 | I49: 在第2级选择该结社时，你学会一个额外的德鲁伊戏法。 | J49: 战技 | K49: 以下各战技按名称头字母顺序排列。 | L49: 凝神聚气 | M49: 从5级起，当你攻击检定未命中时，你可以花费1到3点气来使该次攻击检定获得加值，每点气的消耗能获得+2加值，这可能会使原本的未命中改为命中。 | N49: 额外攻击 | O49: 第5级起，你在自己回合内执行攻击动作时可以攻击两次而非一次。 | P49: 大地行者 | Q49: 第8级起，你穿过非魔法的困难地形时不会消耗额外移动力。 你穿过非魔法的植物时不会消耗额外移动力，且这类植物的荆棘、毛刺或类似的危害物也无法对你造成伤害。 另外，在抵抗魔法制造或控制的植物造成的移动障碍效应时（例如纠缠术），你的豁免检定具有优势。 | R49: 极效潜行 | S49: 第9级起，当回合内移动距离不超过自身速度一半时，你的敏捷（隐匿）检定将获得优势。 | T49: 延效法术 | U49: 施展一个持续时间不短于1分钟的法术时，你可以使用1术法点使法术的持续时间翻倍，但其最终结果不能超过24小时。 | V49: 共视感官 | W49: 你用动作触碰一个自愿的类人生物，并与其建立起感官的连接。连接状态持续到你下回合结束时终止。其间，只要你与该生物还处于同一位面中，就可以用动作继续维持连接，使其持续时间延长至你下回合结束时终止。 以所连接生物的感官进行观察时，你将拥有该生物所有的特殊感官收益，但你对于自身所处的环境则视为等同与处于目盲和耳聋状态。 | X49: 奥术守御 | Y49: 第2级起，你可以编织身边的魔法用作防护。 你施展一道1环或更高环阶的防护系法术时，可以用该法术的一丝魔力创造一个保护自己的魔法结界，该结界将持续至你完成一次长休。 结界的生命值等于你法师等级的两倍＋你的智力调整值。 每当你受伤害时，该结界都会替你承受伤害。 如果伤害使结界的生命值降至0，则你将承受剩余的伤害。 奥术守御的生命值降至0时不再吸收伤害，但其魔法仍然存在。 你每次施展1环或更高环阶防护系法术时，结界都能以此恢复两倍于该法术环阶数量的生命值。 创造奥术守御后，你必须完成一次长休才能再次创造新的奥术守御。 | Z49: 人工生命仆从 | AA49: 物品：一颗价值至少100gp的宝石或水晶 你习得了如何魔法性的创造一个为你服务的特殊人工生命。 你在注法中使用的物品将变成人工生命的心脏，而它的身体会立即围绕心脏成型。 你能够决定人工生命的外观。 有些奇械师喜欢看上去像机械的鸟，也有些喜欢长翅膀的小瓶或是拥有生命的小坩埚。 人工生命对你和你的同伴都十分友善，且服从你的命令。 人工生命的游戏数据见下，它的数据中某几项会适用你的熟练加值。 在战斗中，人工生命使用你的先攻，并且在你的回合后立即行动。 它能自由移动和执行反应，但除非你以一个附赠动作命令它进行数据中列出的动作或其他动作，否则它在回合中只能进行闪避动作。 如果你失能，人工生命可以进行任何动作，而不仅仅是闪避。 如果你对人工生命施放修复术，它将恢复2d6生命值。 如果你或人工生命死亡，它将消失，只有心脏会留在它之前占据的地方。 | BG49: 牧人结社 | BH49: 7 | BI49: 8 | BJ49: 35 | BK49: {=_xlfn.IFS($AI$5>=14,39,$AI$5>=10,38,$AI$5>=6,37,$AI$5>=2,36,1,0)} -> 0 | BM49: =IFERROR(IF(BM48+1>BQ2,IF(BM48+1>BQ2,IF(BP3+BP48>BQ3,"",BP3+BP48)),BM48+1),"") -> 44 | BN49: =IFERROR(INDEX(B30:AO180,BM49,BN2),"") | BO49: =IFERROR(INDEX(B30:AO180,BM49,BO2),"") | BP49: =IFERROR(IF(BM48+1>BQ2,BP48+1,0),"") -> 0 | BS49: =IFERROR(IF(OR(BN53="",COUNTIF($BU$2:$BU$68,BN53)),"",BN53),"") | BT49: {=INDEX(BS:BS,SMALL(IF($BS$2:$BS$101<>"",ROW($BS$2:$BS$101),142),ROW(BS48)))&""} | BU49: =IF(主要!AX58="","",主要!AX58) | BV49: =IFERROR(VLOOKUP(BU49,$BN$6:$BO$105,2,FALSE),"")
A50: 21 | B50: 无我狂暴 | C50: 第6级起，你在狂暴中不会被魅惑或恐慌。 如果你开始狂暴时已经陷入魅惑或恐慌，则该效应在你狂暴期间被压制。 | D50: 魔法奥秘 | E50: 第10级起，你从旋律中了解了大量的魔法知识，使你可以从所有职业的法术列表里选择两个法术（包括诗人列表）加入已知法术中。你所选择的法术必须是你当前等级可以施展的环阶法术或戏法。 所选法术对你而言视为吟游诗人法术，且包含在“诗人职业表”上“已知法术”一栏所记录的数量之内。 第14和第18级时，你可以分别使用此特性再习得两个任选法术。 | F50: 知识祝福 | G50: 第1级起，你学会两门自选语言。你还从以下技能中选择两项加入你的熟练项中：奥秘、历史、自然、宗教。 你进行关于所选两项技能的属性检定时，可以加上双倍的熟练加值。 | H50: 自然恢复 | I50: 第2级起，你可以通过静坐冥想与自然建立交流，并以此恢复部分魔法能量。 完成一次短休后，你可以选择恢复部分已使用的法术位。 所恢复法术位环阶的总和等于你德鲁伊职业等级的一半（向下取整），且不能是6环或更高环阶。 你在完成一次长休后才能再次使用该特性。 例如，作为一名4级德鲁伊时，你可恢复环阶总数为二的法术位。 你可以选择恢复一枚2环法术位或者两枚1环法术位。 | J50: 指挥官奇袭 | K50: 你在自己回合内执行攻击动作时，可以放弃一次攻击并使用附赠动作指挥一名盟友发动奇袭。 使用此战技时，你消耗一粒卓越骰，并指定一名能看见你或能听到你声音的盟友。所选盟友可以立即使用反应发动一次武器攻击，并将消耗的卓越骰加在此次攻击的伤害掷骰中。 | L50: 真气驻拳 | M50: 第6级起，攻击对非魔法攻击或伤害具有抗性或免疫的目标时，你的徒手打击视为魔法攻击。 | N50: 守护灵光 | O50: 第6级起，你与友方生物在你身边10尺内进行豁免检定时，可以将你的魅力调整值作为加值加在其豁免结果上（至少为 +1）。 提供该加值时你必须保持意识清醒。 第18级起，该灵光的作用范围扩展至30尺。 | P50: 遁术 | Q50: 第10级起，你可以花1分钟来为自己制作伪裝。 你必须能取用新鲜的泥土、植物、煤烟等天然物料进行制作。 伪装完成后，你可以将自己贴上至少跟自己等高等阔的实体表面（如树干或墙壁）并尝试躲藏。 如果你留在原地不移动且不执行动作，则你的敏捷（隐匿）检定获得+10加值。一旦移动、执行动作或执行反应，你都必须重新伪装以重获该增益。 | R50: 使用魔法装置 | S50: 第13级起，你学习的魔法知识足以让你使用并不是为你设计的魔法物品。 此后你在使用魔法物品时，可以忽略所有职业、种族和等级的限制条件。 | T50: 升阶法术 | U50: 施展一个迫使一个生物进行豁免以抵御其效应的法术时，你可以花费3术法点使该法术所有目标中的一个首次进行对抗该法术的豁免时具有劣势。 | V50: 千面之脸 | W50: 你可以随意施展易容术disguise self，且无需消耗法术位。 | X50: 投射守御 | Y50: 第6级起，你周边30尺内一个你能看见的生物受到伤害时，你可以用你的反应，以你现有的奥术守御吸收这次伤害。 如果这次伤害将结界的生命值降至0，则被保护的目标将承受剩余的伤害值。 | Z50: 思维砥石 | AA50: 物品：一套盔甲或法袍 这件注法物品能够向穿戴者发送震动，使其能够重新集中专注。此物品具有4发充能，当穿戴者在维持法术专注时所作的一次体质豁免中失败时，穿戴者能够以一个反应，消耗1发充能将结果改为成功。 此物品在每天的黎明时会恢复1d4发已被消耗的充能。 | BG50: 孢子结社 | BH50: 7 | BI50: 8 | BJ50: 40 | BK50: {=_xlfn.IFS($AI$5>=14,45,$AI$5>=10,44,$AI$5>=6,43,$AI$5>=2,42,1,0)} -> 0 | BM50: =IFERROR(IF(BM49+1>BQ2,IF(BM49+1>BQ2,IF(BP3+BP49>BQ3,"",BP3+BP49)),BM49+1),"") -> 45 | BN50: =IFERROR(INDEX(B30:AO180,BM50,BN2),"") | BO50: =IFERROR(INDEX(B30:AO180,BM50,BO2),"") | BP50: =IFERROR(IF(BM49+1>BQ2,BP49+1,0),"") -> 0 | BS50: =IFERROR(IF(OR(BN54="",COUNTIF($BU$2:$BU$68,BN54)),"",BN54),"") | BT50: {=INDEX(BS:BS,SMALL(IF($BS$2:$BS$101<>"",ROW($BS$2:$BS$101),142),ROW(BS49)))&""} | BU50: =IF(主要!AX59="","",主要!AX59) | BV50: =IFERROR(VLOOKUP(BU50,$BN$6:$BO$105,2,FALSE),"")
A51: 22 | B51: 威慑之姿 | C51: 第10级起，你可以用一个动作展示自己的可怖姿态来恐吓他人。指定30尺内一个你能看见的生物。如果该生物能看见你或听见你的声音，则其必须进行一次感知豁免（DC为8＋你的熟练加值＋你的魅力调整值），豁免失败者将因此而陷入恐慌，并持续至你的下回合结束。在接下来的回合里，你可以通过使用动作来延长此效应的持续时间，使之持续至你此后一回合结束。如果该生物在结束其回合时离开你的视线范围，或是离开你60尺外，则此效应提前终止。 如果此生物成功通过此豁免，则你在随后的24小时内无法对该生物使用此特性。 | D51: 先发激励 | E51: 第20级起，你骰先攻时若没有可用的诗人激励次数，则你获得一次使用次数。 | F51: 引导神力：岁月知识 | G51: 第2级起，你可以用引导神力特性接入神圣的知识之井。 作为一个动作，你可以选定一个技能或工具，并在接下来的10分钟内视为拥有其熟练项。 | H51: 结社法术 | I51: 你跟大地之间的神秘链接让你可以施展特别的法术。 在第3、第5、第7、第9级时，你根据成为德鲁伊时的所在地获得相应的结社法术。 选择一个地形：极地、海岸、荒漠、森林、草原、山地、沼泽，并依此获得相应的法术。 结社法术一旦获得，将会一直在你的已准备法术列表中，且不计入你的每日准备法术上限。 任何结社法术对你而言都是德鲁伊法术，而不论其是否在德鲁伊法术列表之上。 | J51: 缴械攻击 | K51: 你以武器攻击命中敌人时，可消耗一粒卓越骰以尝试缴械目标，使其丢弃手中持握的一件物品。 使用此战技时，你将消耗的卓越骰加在此次攻击的伤害掷骰中，并迫使目标必须进行一次力量豁免。豁免失败则其丢弃手中持握的一件物品（由你选择）。被丢弃的物品将掉落在该生物脚下。 | L51: 反射闪避 | M51: 第7级起，你敏锐的直觉让你可以躲过某些特定的区域效应，比如蓝龙的闪电吐息或是法术火球术。 你在成为某一范围效应影响对象时，若该效应允许你通过成功的敏捷豁免来使伤害减半，则你在该豁免成功时不受伤害，而豁免失败时只受一半伤害。 | N51: 勇气灵光 | O51: 第10级起，你与友方生物在你身边10尺内不会陷入恐慌。 提供该增益时你必须保持意识清醒。 第18级起，该灵光的作用范围扩展至30尺。 | P51: 自然面纱 | Q51: 从10级起（替换遁术），你可以暂时地使用自然的力量将你的身形遮蔽。 以一个附赠动作，你可以魔法地使自己与正携带、着装的任何装备变得隐形，直到你的下个回合开始。 你可以使用该特性同等于你的熟练加值次，你在完成一次长休后恢复所有的使用次数。 | R51: 窃盗本能 | S51: 第17级起，你变的更加擅长伏击和快速脱离险境。 战斗的第一轮里，你可以行动两个回合：即你先以自己正常的先攻执行一个回合行动，再以先攻数值减10的数值作为另一先攻额外执行一回合的行动。 你不能在遭受突袭时使用该特性。 | T51: 瞬发法术 | U51: 施展一个施法时间为1动作的法术时，你可以使用2术法点将其施法时间改为1附赠动作。 | V51: 迷雾幻影 | W51: 你可以随意施展无声幻影silent image，且无需消耗法术位和材料成分。 | X51: 精通防护 | Y51: 第10级起，你施展一个需要你在施法过程中进行属性检定的防护系法术时（比如反制法术和解除魔法），你可以在进行相应的属性检定时加上你的熟练加值。 | Z51: 连射武器 | AA51: 物品：一把具有弹药特性的简单或军用武器（需同调） 在用此魔法武器发动的远程攻击检定和其伤害掷骰上获得+1加值，并且无视其装填特性（若有）。 如果此武器缺乏弹药，则在你持用它发起远程攻击时，它会自动创造一枚独属于它的魔法弹药。此武器创造的弹药在击中目标或失手后都会立即消失。 | BG51: 星辰结社 | BH51: 7 | BI51: 8 | BJ51: 46 | BK51: {=_xlfn.IFS($AI$5>=14,50,$AI$5>=10,49,$AI$5>=6,48,$AI$5>=2,47,1,0)} -> 0 | BM51: =IFERROR(IF(BM50+1>BQ2,IF(BM50+1>BQ2,IF(BP3+BP50>BQ3,"",BP3+BP50)),BM50+1),"") -> 46 | BN51: =IFERROR(INDEX(B30:AO180,BM51,BN2),"") | BO51: =IFERROR(INDEX(B30:AO180,BM51,BO2),"") | BP51: =IFERROR(IF(BM50+1>BQ2,BP50+1,0),"") -> 0 | BS51: =IFERROR(IF(OR(BN55="",COUNTIF($BU$2:$BU$68,BN55)),"",BN55),"") | BT51: {=INDEX(BS:BS,SMALL(IF($BS$2:$BS$101<>"",ROW($BS$2:$BS$101),142),ROW(BS50)))&""} | BU51: =IF(主要!AX60="","",主要!AX60) | BV51: =IFERROR(VLOOKUP(BU51,$BN$6:$BO$105,2,FALSE),"")
A52: 23 | B52: 报偿 | C52: 第14级起，身边5尺内敌人对你造成伤害时，你可以用反应对该生物发动一次近战武器攻击。 | D52: 附赠熟练项 | E52: 第3级选择逸闻学院时，你获得三个自选技能的熟练项。 | F52: 引导神力：读心 | G52: 第6级起，你可以用引导神力特性阅读某生物的思想，以此接触其意识并对其下达命令。 作为一个动作，你指定身边60尺内一个你可以看见的生物。该生物必须进行一次感知豁免。豁免成功则你不能对其使用该特性，直至你完成一次长休。 如若豁免失败，且其仍身处你周边60尺内，则你可以阅读其表层的思想（最基础的意识，当前情绪的反映以及正活跃的思考内容）。该效应持续1分钟。 效应持续期间，你可以用你的动作终止该效应，并同时对其施展一个无需花费法术位的暗示术。而目标对该法术的豁免将直接判定为失败。 | H52: 大地行者 | I52: 第6级起，你穿过非魔法的困难地形时不会消耗额外移动力。 你穿过非魔法的植物时不会消耗额外的移动力，且这类植物的荆棘、毛刺或类似的危害物也无法对你造成伤害。 另外，在抵抗魔法制造或控制的植物造成的移动障碍效应时（例如纠缠术），你进行豁免检定时具有优势。 | J52: 扰乱打击 | K52: 你以武器攻击命中敌人时，可以消耗一粒卓越骰以扰乱该目标，让你的盟友有机可乘。 使用此战技时，你将消耗的卓越骰加在此次攻击的伤害掷骰中。此后直至你下一回合开始，下一次由除你之外的生物对目标发动的攻击检定具有优势。 | L52: 心如止水 | M52: 第7级起，你可以用你的动作结束一个正影响你的魅惑或恐慌状态。 | N52: 精通至圣斩 | O52: 第11级起，你体内充盈的公正之力使你的近战武器打击中携带着神圣的力量。 当你使用近战武器命中一个生物时，该生物将额外受到1d8点光耀伤害。 | P52: 无踪步 | Q52: 第14级起，你可以在自己回合以一个附赠动作的形式执行躲藏动作。 此时，你无法被非魔法手段追踪到，除非你主动留下踪迹。 | R52: 附赠熟练项 | S52: 你在第3级选择此范型时，获得易容工具和制毒者工具的熟练项。 | T52: 精妙法术 | U52: 施展一个法术时，你可以使用1术法点无视该法术施法必须的语言成分或姿势成分。 | V52: 斥力魔爆 | W52: 施展魔能爆eldritch blast时，你可以将被命中的生物沿直线往远离你的方向推动至多10尺。 先决条件：习得戏法 魔能爆 | X52: 法术抗性 | Y52: 第14级起，你抵抗法术时进行的豁免检定具有优势。 此外，你对法术造成的伤害具有抗性。 | Z52: 回力武器 | AA52: 物品：一把带有投掷属性的简易或军用武器 在用此魔法武器发动的攻击检定和伤害掷骰获得+1加值，并在使用它发动远程攻击后，它会立即回到持用者的手中。 | BG52: 野火结社 | BH52: 7 | BI52: 8 | BJ52: 51 | BK52: {=_xlfn.IFS($AI$5>=14,55,$AI$5>=10,54,$AI$5>=6,53,$AI$5>=2,52,1,0)} -> 0 | BM52: =IFERROR(IF(BM51+1>BQ2,IF(BM51+1>BQ2,IF(BP3+BP51>BQ3,"",BP3+BP51)),BM51+1),"") -> 47 | BN52: =IFERROR(INDEX(B30:AO180,BM52,BN2),"") | BO52: =IFERROR(INDEX(B30:AO180,BM52,BO2),"") | BP52: =IFERROR(IF(BM51+1>BQ2,BP51+1,0),"") -> 0 | BS52: =IFERROR(IF(OR(BN56="",COUNTIF($BU$2:$BU$68,BN56)),"",BN56),"") | BT52: {=INDEX(BS:BS,SMALL(IF($BS$2:$BS$101<>"",ROW($BS$2:$BS$101),142),ROW(BS51)))&""} | BU52: =IF(主要!AX61="","",主要!AX61) | BV52: =IFERROR(VLOOKUP(BU52,$BN$6:$BO$105,2,FALSE),"")
A53: 24 | B53: 精魄寻者 | C53: 你追求融入自然之道，与动物为友。在你选择此道途的第3级起，你获得施展法术野兽知觉beast sense与动物交谈speak with animals的能力，但你只能以仪式的方式施展它们。 | D53: 语出惊人 | E53: 第3级起，你学会运用你的妙语连珠来打断敌人，迷惑对方或影响他人的信心。当你身边60尺内一个你能看见的生物进行攻击检定，属性检定或伤害掷骰时，你可以用反应消耗一次诗人激励次数来掷一次激励骰。并在目标的掷骰结果中减去你的激励骰结果。你可以在目标掷出骰子后，DM宣布结果之前决定是否使用该特性。若目标无法听见你的话语或免疫魅惑状态，则目标同样也会免疫该特性。 | F53: 强力施法 | G53: 第8级起，你施展牧师戏法造成伤害时，可以再加上你的感知调整值。 | H53: 自然之护 | I53: 第10级起，你免疫元素生物或精类生物造成的魅惑或恐慌状态，并且免疫中毒和疾病。 | J53: 灵巧步法 | K53: 你在移动时，可以消耗一粒卓越骰，并将其加入你的AC中，直至你完成移动。 | L53: 百病不侵 | M53: 第10级起，你浑身的气流动使你免疫疾病和毒素。 | N53: 净化之触 | O53: 第14级起，你可以用动作触碰你自身或一个自愿生物，以中止该目标身上的一个法术效应。 该特性的可用次数等于你的魅力调整值（至少一次）。 而已消耗的特性使用次数则可以通过完成一次长休进行恢复。 | P53: 野性感官 | Q53: 第18级时，你获得超自然的感官以帮助你对抗看不到的生物。 此后，你攻击一个看不到的生物时不会因此承受劣势。 另外，你还能感测30尺内所有隐形敌人的位置，前提是该生物并没有针对你进行躲藏，而你也没有陷入目盲或耳聋。 | R53: 暗杀 | S53: 第3级起，你一旦获得先机就会变得更加致命。 你对战斗开始后还没开始过自己回合的生物发动攻击时，所进行的攻击检定具有优势。 此外，你攻击命中被突袭的生物时，必定则造成重击。 | T53: 孪生法术 | U53: 施展一个影响单一生物，且施法距离并非自身的法术时，你可以使用等于法术环阶的术法点（戏法消耗1点），并在法术施法距离内再指定另一个目标。 以高环阶施展的法术，其升环施法后如果目标变为复数则无法再使用该方式增加其目标。 例如，魔法飞弹和灼热射线可能无法使用该超魔法项，而冷冻射线和繁彩球则不会出现该问题。 适用该超魔的法术在其当前环阶时不能同时指定多个生物为目标。 比如，魔法飞弹和灼热射线不符合条件，而冷冻射线和繁彩球则符合条件。 | V53: 命运窃贼 | W53: 你可以消耗你的邪术师法术位施展一个灾祸术bane。你必须完成一次长休才能再施展该法术。 | X53: 咒法学者 | Y53: 从第2级你选择该学派起，你向法术书中抄写咒法系法术的时间和金钱花费减半。 | Z53: 复制魔法物品 | AA53: 先决条件：见下 使用此注法，你能够复制一个特定的魔法物品。 你能够多次学习此注法；每次这样做时，你需要从下面的可复制魔法物品表中选择一个不同的魔法物品。 如果表格的标题中有一个等级，那么你必须到达该等级才能在这个表格中选择一个魔法物品。 另外，你也可以选择一个游戏中存在且并非卷轴或药水的普通级魔法物品。 在表格中，物品的条目会告诉你该项目是否需要调谐。 有关该物品的更多信息，包括制作该物品所需的物品类型，请参阅《地下城主指南》中的物品描述。 复制魔法物品（2级奇械师）——调谐 炼金壶——否 次元袋——否 水下呼吸帽——否 夜视镜——否 攀爬绳——否 传讯石——否 侦测魔法魔杖——否 探秘魔杖——否 复制魔法物品（6级奇械师）——调谐 精灵靴——否 精灵斗篷——是 蝠鲼斗篷——否 魅惑镜片——是 窃贼手套——否 显像提灯——否 颤栗乐笙——否 水行戒指——否 复制魔法物品（10级奇械师）——调谐 跳跑靴——是 雪地之靴——是 射手护腕——是 护盾胸针——是 防护斗篷——是 鹰眼镜片——是 食人魔力量手套——是 辟矢夺箭手套——是 运动健将手套——是 易容帽——是 智力头带——是 心灵感应头盔——是 读心勋章——是 适应项链——是 愈合护符——是 唤鼠乐笙——是 艾罗娜的箭袋——否 跳跃戒指——是 心灵护盾戒指——是 蛛行鞋——是 飞翼靴——是 复制魔法物品（14级奇械师）——调谐 健康护符——是 山丘巨人之力腰带——是 浮空靴——是 速度之靴——是 防御护腕——是 蝙蝠斗篷——是 次元镣铐——否 真视宝石——是 音爆号角——否 自由行动戒指——是 防御戒指——是 公羊戒指——是 | BG53: 勇士 | BH53: 9 | BI53: 10 | BJ53: 13 | BK53: {=_xlfn.IFS($AI$6>=18,17,$AI$6>=15,16,$AI$6>=10,15,$AI$6>=7,14,$AI$6>=3,13,1,0)} -> 0 | BM53: =IFERROR(IF(BM52+1>BQ2,IF(BM52+1>BQ2,IF(BP3+BP52>BQ3,"",BP3+BP52)),BM52+1),"") -> 48 | BN53: =IFERROR(INDEX(B30:AO180,BM53,BN2),"") | BO53: =IFERROR(INDEX(B30:AO180,BM53,BO2),"") | BP53: =IFERROR(IF(BM52+1>BQ2,BP52+1,0),"") -> 0 | BS53: =IFERROR(IF(OR(BN57="",COUNTIF($BU$2:$BU$68,BN57)),"",BN57),"") | BT53: {=INDEX(BS:BS,SMALL(IF($BS$2:$BS$101<>"",ROW($BS$2:$BS$101),142),ROW(BS52)))&""} | BU53: =IF(主要!AX62="","",主要!AX62) | BV53: =IFERROR(VLOOKUP(BU53,$BN$6:$BO$105,2,FALSE),"")
A54: 25 | B54: 图腾精魄 | C54: 在你选择此道途的第3级时，选择一项图腾精魄并获得其能力。你必须制造或获取一个象征图腾兽其毛，羽，爪，牙或骨的图腾物件，可以是项链，也可以是其他类似的物件。如果你愿意，你的外貌也会发生些微改变，让人看到时不由得联想起你的图腾精魄。例如，如果选择熊的图腾精魄，你可能变得毛发旺盛，皮肤粗厚；如果选择雕的图腾精魄，你的眼睛可能变成明亮的黄色。 你可选择下表中的动物，或是其他更适合你故乡环境的类似动物。例如，你可以用鹰hawk或秃鹫vulture代替雕eagle。 • 熊：狂暴时，你获得对心灵伤害之外任何伤害类型的抗性。熊之精魄令你坚韧无匹，无惧于任何打击。 • 雕：狂暴时，如果你未着装重甲，则其他生物在对你进行借机攻击时进行的攻击检定具有劣势。另外，你在自己回合内可以用附赠动作执行疾行动作。雕之精魄让你成为在战场中自由穿梭的猎杀者。 • 狼：狂暴时，如果你周围５尺范围内有任何敌对生物，则你的盟友对这些生物发动近战攻击时的攻击检定具有优势。狼之精魄让你成为猎手中的领袖。 这些选项可以在你3级选择图腾动物时选择。 和《玩家手册》中的精魂一样，这里的选项需要一个与你图腾动物相关的物品，同时你也可能在相貌外形上与你的图腾精魂相似。例如如果你的图腾精魂是麋鹿，则你会有一个大鼻子；如果你的图腾精魂是老虎，则你的眼睛可能长的和猫类似。 此外，你的图腾精魂可能是一种更适合你生长的地方的动物，例如一匹马或者鹿来代替麋鹿，一只狮子或者豹或者其他大型猫科动物来代替老虎。 • 鹿Elk。狂暴期间，若你未着重甲，你的步行速度增加15尺。鹿之精魂的庇佑使你格外迅捷。 • 虎Tiger。狂暴期间，你增加10尺的跳跃距离和3尺的跳高距离。虎之精魂赋予你飞跃的能力。 | D54: 额外魔法奥秘 | E54: 第6级时，你从任意职业的法术列表里选择两个法术加入已知法术中。 你选择的法术必须是你当前等级可以施展的环阶或戏法。所选法术对你而言视为吟游诗人法术，但不包含在“诗人职业表”上“已知法术”一栏的所记录的数量之内。 | F54: 透视过去 | G54: 第17级起，你可以看到过去的情形。你花费至少1分钟冥想，然后将以梦幻阴暗的形式瞥见最近发生的事件。你在维持幻觉的时长分钟数等于你的感知值。而在这段时间里，你必须要如施法般维持专注。 你使用该特性后必须完成一次短休或长休才能再次启用。 • 物件解读：保持专注于某个物件时，你即可从幻觉中找到其之前的拥有者。1分钟冥想后，你将看到该拥有者如何获得以及如何丢失该物件。以及新近发生的涉及该物体与该拥有者的重大事件。如果对象在近期转交由另一个生物拥有（转交日距施法时的日数必须在等同于你感知值的日数之内），则每个生物你要花费额外1分钟进行冥想，以通过幻觉获得同类的信息。 • 区域解读：你在冥想时看到的景象是身处位置最近发生的事件（某处的房间、街道、地道、空地，或是与之类似的50尺立方空间），可回溯的日数等于你的感知值。每个重要事件的幻象都将额外花费你1分钟的时间。这些重大事件通常涉及强烈的情感，比如战争和背叛、结婚和谋杀、出生和葬礼等。而这其中也可能包含有一些当时看似平凡无奇，眼下却显得至关重要的事情。 | H54: 自然庇护所 | I54: 第14级起，自然界的生物感知到你跟自然的链接而不会主动攻击你。 当一个野兽或植物类的生物攻击你时，该生物必须先进行一次对抗你德鲁伊法术DC的感知豁免。 豁免失败时，该生物必须选择另一个目标，否则其攻击将判为未命中。 豁免成功时，该生物在随后的24小时内免疫此效应。 该生物会在攻击你之前就意识到你有此效应。 | J54: 诡诈攻击 | K54: 你可以在自己回合内消耗一粒卓越骰，以此指定你身边5尺范围内一个生物为目标，并使用附赠动作对其虚晃一招。 你在本回合内对该生物发动的下一次攻击检定具有优势。如果该攻击命中，则将消耗的卓越骰加在此次攻击的伤害掷骰中。 | L54: 天语通 | M54: 第13级起，你可以与其它生物进行心灵交流。 此后，你能够听懂所有语言，同时掌握至少一门语言的任何生物都能理解你讲的话语。 | N54: 奉献圣誓法术 | O54: 圣武士等级——法术 3rd——防护善恶，庇护术 5th——次级复原术，诚实之域 9th——希望信标，解除魔法 13th——行动自如，信仰守卫 17th——通神术，焰击术 | P54: 屠灭众敌 | Q54: 第20级时，你成为了猎杀敌人的无双猎手。 你在自己的每个回合内，都有一次机会将你的感知调整值加到你对宿敌进行的攻击检定或伤害掷骰上。 你可以在掷骰之前或者之后决定使用该特性，但必须在该掷骰的相关效应被应用之前。 | R54: 专业渗透 | S54: 第9级起，你可以不限次的为自己伪造身份。 你必须花费七天和25gp来为身份编造历史、工作和人际关系。 不过你不能伪造成已存在的角色。 例如，你获得相应的衣服、介绍信和官方证明，使得你自己看上去就是一个来自偏远城市贸易屋的成员，然后你就可以混入其他商人中间。 此后，如果你通过易容获取了这个身份，其他生物就相信你是那个人，直至其得到一个显而易见的理由可以否定这个身份。 | T54: 追踪法术 | U54: 当你因法术进行一次攻击检定并击失时，你可以使用2术法点重投之。 你必须使用重投的结果，追踪法术超魔可以与其他超魔法选项合用。 | V54: 哈达之攫 | W54: 每个你的回合一次，当你用 魔能爆eldritch blast 击中一个生物时，你可以让此生物直线向你移动10尺。 先决条件：习得戏法 魔能爆 | X54: 次级咒术 | Y54: 从第2级你选择该学派起，你可以用你的动作召来一件无生命的物件。 该物件将出现在你手中，或者你周边10尺范围内一处那你能看见且未被占据的地面空间。 该物件每边长度不得大于3尺，重量不得大于10磅。 其形状必须是你曾经见过的一件非魔法物件的形状。 该物件看起来明显是由魔法构成且散发着出5尺范围的微光光照。 该物件将在1小时后消失不见。 当你再次使用该特性，或当其受到伤害或造成伤害时，物件也会提前消失。 | Z54: 奇械师专业 | AA54: 在第3级，你选择自己将成为哪方面的专家：炼金师、魔炮师或战地匠师，这三个专业会在职业描述的最后进行说明。 你的选择将决定你在3级、5级、9级和15级获得的特性。 | BG54: 战斗大师 | BH54: 9 | BI54: 10 | BJ54: 18 | BK54: {=_xlfn.IFS($AI$6>=15,46,$AI$6>=10,45,$AI$6>=7,44,$AI$6>=3,43,1,0)} -> 0 | BM54: =IFERROR(IF(BM53+1>BQ2,IF(BM53+1>BQ2,IF(BP3+BP53>BQ3,"",BP3+BP53)),BM53+1),"") -> 49 | BN54: =IFERROR(INDEX(B30:AO180,BM54,BN2),"") | BO54: =IFERROR(INDEX(B30:AO180,BM54,BO2),"") | BP54: =IFERROR(IF(BM53+1>BQ2,BP53+1,0),"") -> 0 | BS54: =IFERROR(IF(OR(BN58="",COUNTIF($BU$2:$BU$68,BN58)),"",BN58),"") | BT54: {=INDEX(BS:BS,SMALL(IF($BS$2:$BS$101<>"",ROW($BS$2:$BS$101),142),ROW(BS53)))&""} | BU54: =IF(主要!AX63="","",主要!AX63) | BV54: =IFERROR(VLOOKUP(BU54,$BN$6:$BO$105,2,FALSE),"")
A55: 26 | B55: 兽之形 | C55: 第6级时，你根据所选的图腾兽获得一项魔法能力。 你可以选择和第3级时相同的图腾，也可以另做选择。 • 熊：你拥有熊之巨力。你的载重（包括最大负重和最大举重）翻倍，并且你在推、拉、举和破坏物件时进行的力量检定具有优势。 • 雕：你拥有雕之锐目。你可以轻易的看清1里之内的范围，细节之处与100尺距离内的影像一样清晰。此外，你在微光环境中进行感知（察觉）检定时不会具有劣势。 • 狼：你拥有狼之敏锐。你可以在用快速步调旅行的同时追踪其他生物，也可以在用正常步调旅行时保持隐匿（旅行步调见第8章）。 这些选项可以在你6级选择图腾动物时选择 。 • 鹿Elk。无论你是骑乘还是徒步，你的旅行速度变为双倍。只要你未失能，在你周围60尺内的最多十个同伴也能得到这个好处（参考《玩家手册》第八章得到更多有关旅行速度的信息）。鹿的精魂祝福你行得更远更快。 • 虎Tiger。你从下列技能中选择两个技能，你得到它们的熟练：运动、特技、潜行、求生。虎之精魂磨练了你的生存本能。 | D55: 超凡技艺 | E55: 第14级起，你进行属性检定时，可以花费一次诗人激励次数并掷一次激励骰，然后将结果加到你的属性检定上。 你可以在掷完属性检定后，DM宣布结果前决定是否使用此特性。 | F55: 生命领域法术 | G55: 牧师等级——法术 1st——祝福术，疗伤术 3rd——次级复原术，灵体武器 5th——希望信标，回生术 7th——防死结界，信仰守卫 9th——群体疗伤术，死者复活 | H55: 战斗荒野形态 | I55: 从你选择该结社的第2级起，你可以在自己回合内用一个附赠动作而不是动作来使用荒野形态特性。 此外，在你荒野形态变形期间，你可以用附赠动作消耗一个法术位来恢复相应法术位每环阶1d8点生命值。 | J55: 挑衅攻击 | K55: 你以武器攻击命中敌人时，可以消耗一粒卓越骰以尝试挑衅该目标。 使用此战技时，你将所消耗的卓越骰加在此次攻击的伤害掷骰中，并迫使目标进行一次感知豁免。豁免失败者攻击除你之外的生物时，其进行的攻击检定具有劣势，直至你的下一回合结束。 | L55: 金刚魂 | M55: 第14级起，你对气的掌控令你所有的豁免检定都成了熟练项。 另外，当豁免失败时，你可以消耗1点气重掷豁免并使用重掷的结果。 | N55: 引导神力-奉献 | O55: 在第3级选择本誓言时，你获得以下两种引导神力选项。 神圣武器:作为一个动作，你可以用引导神力特性向你正持握的一把武器注入正能量。 随后1分钟内，你使用该武器进行攻击检定时可以加上你的魅力调整值（至少为+1）。 该武器同时提供20尺半径的明亮光照，该范围外再延伸出20尺微光光照。 如果该武器之前不是魔法武器，则在效应持续其间该武器将视为魔法武器。 你可以在自己回合内执行任何其他动作时终止该效应，而终止效应的行为视为该动作的一部分。 当你不再持握或携带这把武器，或者当你陷入昏迷时，该效应终止。 驱散不洁:作为一个动作，你可以用引导神力特性亮出圣徽高喊祷言，以逐退不死生物和邪魔。 你身边30尺范围内能够看见圣徽或能听到你祷言的不死生物或邪魔都必须进行一次感知豁免，豁免失败者将受到驱散，其效应持续1分钟或直至其受到任何伤害。 以该方式被驱散的生物必须花费其回合内的所有移动力尽量远离你，且无法主动靠近你30尺内。 被驱散的生物无法执行反应，只能使用既有的疾走动作或从任何妨碍其移动的效应中挣脱。 该生物无路可走时将执行回避动作。 | P55: 猎物 | Q55: 第3级时，你选择获得以下特性之一。 巨像屠夫：你强而有力的攻击可以击倒最强壮的对手。 当你用武器攻击命中敌人时，如果该敌人当前生命值低于其上限，则其额外受到1d8点伤害。 你每回合只能造成一次这种额外伤害。 巨人杀手：一个距离你5尺内的大型或更大体型生物对你发动攻击时，无论该次攻击是否命中，只要你能看见它就可以在该攻击结束后用一个反应对该生物发动攻击。 灭族者：进行武器攻击时，你可以用该武器对位于目标5尺内，且在你武器射程内的另一生物发动一次攻击。 你在每个自己的回合里只能造成一次这种额外攻击。 | R55: 冒充者 | S55: 第13级起，你获得准确模仿他人说话，写字和行为的能力。 你必须花费至少三小时来学习模仿目标的这三方面行为：听他说话，练习写字并观察其特殊习惯。 你伪装手段主要针对那些不细心观察的对象。 如果某个机警的生物觉得你有问题，则你此时为避免被识破而进行的所有魅力（欺瞒）检定都具有优势。 | T55: 转化法术 | U55: 当你施放一个能够造成以下列表中类型伤害的法术时，你可以使用1术法点将其改为列表中的另一种伤害类型：强酸、冷冻、火焰、闪电、毒素或雷鸣。 | V55: 怠惰之枪 | W55: 每个你的回合一次，当你用 魔能爆eldritch blast 击中一个生物时，你可以使目标的速度降低10尺，持续直至你的下个回合结束。 先决条件：习得戏法 魔能爆eldritch blast | X55: 王车易位 | Y55: 第6级起，你可以用你的动作传送至一处距离你30尺内，你能看见且未被占据的空间。 你也可以指定一处该距离内被一个小型或中型生物所占据的空间，如果该生物愿意，则你就可以与它交换位置。 你必须完成一次长休，或施展一个环阶不低于1环的咒法系法术才能再次使用该特性。 | Z55: 称手工具 | AA55: 在第3级，你将学习如何精确地制作你所需要的工具：使用盗贼工具或工匠工具，你可以在离你5英尺内的未占据空间中魔法性地制作出一套工匠工具。 这一制造需要1小时不间断的工作，可以在短休或长休的过程中进行。 这套工具是魔法的产物，但其本身是非魔法的，当你再次使用此特性时，之前制造的工具就会消失。 | BG55: 奥法骑士 | BH55: 9 | BI55: 10 | BJ55: 47 | BK55: {=_xlfn.IFS($AI$6>=18,56,$AI$6>=15,55,$AI$6>=10,54,$AI$6>=7,53,$AI$6>=3,52,1,0)} -> 0 | BM55: =IFERROR(IF(BM54+1>BQ2,IF(BM54+1>BQ2,IF(BP3+BP54>BQ3,"",BP3+BP54)),BM54+1),"") -> 50 | BN55: =IFERROR(INDEX(B30:AO180,BM55,BN2),"") | BO55: =IFERROR(INDEX(B30:AO180,BM55,BO2),"") | BP55: =IFERROR(IF(BM54+1>BQ2,BP54+1,0),"") -> 0 | BS55: =IFERROR(IF(OR(BN59="",COUNTIF($BU$2:$BU$68,BN59)),"",BN59),"") | BT55: {=INDEX(BS:BS,SMALL(IF($BS$2:$BS$101<>"",ROW($BS$2:$BS$101),142),ROW(BS54)))&""} | BU55: =IF(主要!AX64="","",主要!AX64) | BV55: =IFERROR(VLOOKUP(BU55,$BN$6:$BO$105,2,FALSE),"")
A56: 27 | B56: 精魄行者 | C56: 第10级起，你获得施展法术问道自然Commune with Nature的能力，但你只能以仪式的方式施展它。施展此法术时，你所选的图腾兽会以精魄形态现身并提供你想要得到的那些信息。 | D56: 附赠熟练项 | E56: 在第3级选择勇气学院时，你获得中甲、盾牌和军用武器的熟练项。 | F56: 附赠熟练项 | G56: 在第1级选择该领域时，你获得重甲的熟练项。 | H56: 结社形态 | I56: 结社的力量让你可以变成更危险的动物形态。 第2级起，你用荒野形态特性变身的野兽其挑战等级至高为1（无视表格“野兽形态”中的“最高CR栏”，但限制依然生效）。 第6级起，你所变身野兽的挑战等级最高等于你的德鲁伊等级除以3（向下取整）。 | J56: 突刺攻击 | K56: 你在自己回合内发动近战武器攻击时，可以消耗一粒卓越骰并令该攻击的触及范围增加５尺。如果该攻击命中，则将所消耗的卓越骰加在此次攻击的伤害掷骰中。 | L56: 不朽身 | M56: 第15级起，你的气充盈身体让你不受衰老的减益，并且无法被魔法变老。 尽管你依然会寿终正寝，但再不需要饮食。 | N56: 奉献灵光 | O56: 第7级起，你与友方生物在你身边10尺内不会被魅惑。 提供该增益时你必须保持意识清醒。 第18级起，灵光的作用范围扩展至30尺。 | P56: 防守战术 | Q56: 第7级时，你选择获得以下特性之一。 冲出重围：以你为目标的借机攻击具有劣势。 多重防御：你被生物的攻击命中时，你在本回合内对抗该敌人所有后续攻击的AC获得+4加值。 钢铁意志：你对抗恐慌的豁免具有优势。 | R56: 致命一击 | S56: 第17级起，你熟练掌握瞬杀的技巧。 你攻击命中一个被突袭的生物时，该生物必须进行一次体质豁免（DC8＋你的敏捷调整值＋你的熟练加值）。 豁免失败时，你将对其造成双倍伤害。 | T56: 法力变换 | U56: 从4级起，每当你通过提升术士等级获得属性值提升时，你可以进行以下一种行为，代表着你内在的法力流向了新的途径： 用另一个你能够选择的超魔法选项替换你当前的一个超魔法选项。 用另一个你能够从术士法术列表中选择的戏法替换你当前已知的一个术士戏法。 | V56: 魔能意志 | W56: 你为保持法术的专注所进行的体质豁免具有优势。 | X56: 咒法专注 | Y56: 第10级起，你在专注咒法系法术时，不会因承受伤害而打断专注。 | Z56: 属性值提升 | AA56: 当你达到第4、第8、第12、第16、第19级时，你可以选择一项属性值提升2点，或是选择两项属性各提升1点。 不过你不能通过该特性让属性值超过20。 | BG56: 魔射手 | BH56: 9 | BI56: 10 | BJ56: 57 | BK56: {=_xlfn.IFS($AI$6>=15,69,$AI$6>=10,68,$AI$6>=7,67,$AI$6>=3,66,1,0)} -> 0 | BM56: =IFERROR(IF(BM55+1>BQ2,IF(BM55+1>BQ2,IF(BP3+BP55>BQ3,"",BP3+BP55)),BM55+1),"") -> 51 | BN56: =IFERROR(INDEX(B30:AO180,BM56,BN2),"") | BO56: =IFERROR(INDEX(B30:AO180,BM56,BO2),"") | BP56: =IFERROR(IF(BM55+1>BQ2,BP55+1,0),"") -> 0 | BS56: =IFERROR(IF(OR(BN60="",COUNTIF($BU$2:$BU$68,BN60)),"",BN60),"") | BT56: {=INDEX(BS:BS,SMALL(IF($BS$2:$BS$101<>"",ROW($BS$2:$BS$101),142),ROW(BS55)))&""} | BU56: =IF(主要!AX65="","",主要!AX65) | BV56: =IFERROR(VLOOKUP(BU56,$BN$6:$BO$105,2,FALSE),"")
A57: 28 | B57: 图腾同调 | C57: 第14级时，你根据所选的图腾兽获得一项魔法能力。 你可以选择和之前相同的图腾，也可以另做选择。 • 熊：狂暴时，如果身处你周边5尺内的任何敌对生物发动攻击，而其目标不是你或另一个具有此特性的生物，则该攻击的攻击检定具有劣势。无法看到你或听到你声音的生物，以及无法陷入恐慌的生物对该特性免疫。 • 雕：狂暴时，你获得等同于你移动速度的飞行速度。此特性只能用于短途冲刺。如果回合结束时你仍在空中且毫无凭依，则你将坠落。 • 狼：狂暴时，如果你在自己回合内以近战武器攻击命中一名大型或更小体型的生物，则你可以用一个附赠动作顺势将其打击至倒地。 这些选项可以在你14级选择图腾动物时选择 。 • 鹿Elk。狂暴期间，在你试图穿过一个被大体型或更小的生物占据的空间时，你可以使用你的附赠动作迫使那个生物进行一次力量豁免（DC 8 + 你的力量属性调整值 + 你的熟练值）。若失败，生物被击倒并且受到1d12+你的力量调整值的钝击伤害。 • 虎Tiger。狂暴期间，如果你向着一个大体型或者更小的目标直线接近至少20尺并且向它进行了一次近战武器攻击，你可以用附赠动作对它进行一次额外的近战武器攻击。 | D57: 战斗激励 | E57: 第3级起，你学会里如何激励他人作战。从你身上获得诗人激励的生物投掷武器伤害掷骰时，可以使用该激励骰并将其骰值加入本次伤害掷骰中。 另外，从你身上获得诗人激励的生物被攻击时，该生物可以用它的反应使用该激励骰，并将掷骰结果加入到它对抗该次攻击的AC中，该特性可以使用于攻击检定揭示后，但必须在命中与否宣布之前使用。 | F57: 生命门徒 | G57: 第1级起，你的治疗法术更加有效。 当你使用1环或更高环阶法术恢复生物生命值时，你的目标额外恢复2＋法术环阶数值的生命值。 | H57: 原初打击 | I57: 第6级起，你以野兽形态攻击时，如果目标对非魔法攻击或伤害具有免疫或抗性，则你的攻击此时视为魔法攻击。 | J57: 灵动攻击 | K57: 你以武器攻击命中敌人时，可以消耗一粒卓越骰以让盟友移动到更有利的位置。 使用此战技时，你将所消耗的卓越骰加在此次攻击的伤害掷骰中，并指定一个能看见你或听到你声音的盟友。该盟友可以立即用其反应移动至多等于其速度一半的距离。本次移动不会引发本次所攻击目标的借机攻击。 | L57: 空灵体 | M57: 第18级起，你可以消耗4点气并使用动作隐形1分钟。 此时，你对力场伤害之外的所有伤害都具有抗性。 另外，你可以消耗8点气施展法术星界投影，以该形式施展的法术不需要材料成分，且无法捎带其他生物与你同行。 | N57: 纯净之魂 | O57: 第15级起，你获得永远保持法术防护善恶效应的能力。 | P57: 多重攻击 | Q57: 第11级时，你选择获得以下特性之一。 箭雨：你使用你的动作指定你的远程武器射程内你能看见的某点，并分别对该点周围10尺范围内任意数量的生物发动一次远程攻击。 发动该特性时，你必须有足够的弹药用以攻击敌人，且要为每个目标进行独立的攻击检定。 剑刃风暴：你使用你的动作指定你身边5尺内任意数量的生物，并分别对其发动一次近战攻击，每个受此攻击的目标必须进行独立的攻击检定。 | R57: 施法 | S57: 第3级起，你获得施法能力。参考第10章的施法规则，以及第11章的法师法术列表。 | T57: 属性值提升 | U57: 当你达到第4，第8，第12，第16、第19级时，你可以选择一项属性值提升2点，或是选择两项属性各提升1点。 不过你不能通过该特性让属性值超过20。 | V57: 魔契恩泽 | W57: 第3级时，你的宗主赋予你一份馈赠作为你忠诚服务的回馈。 你可以从下列特性中自选其一。 每种魔契恩泽都呈现为一种独特的生物或物品，并反应出你的宗主的本质。 链之魔契:你的魔宠比普通的魔宠更加机敏。 其默认形态是你的宗主的侧面体现，如至高妖精宗主的是小妖精和伪龙，邪魔宗主则是小魔鬼和夸赛魔。 因为旧日支配者不可名状的本质，任何形态的魔宠都适合它。 刃之魔契:如果你的宗主是至高妖精，那么你的武器可能是一把被藤蔓所缠绕的细长剑刃。 如果你的宗主是邪魔，你的武器则可能是一柄由黑金属铸成并雕以火焰纹饰的斧头。 如果你的宗主是旧日支配者，那么你的武器可能是一把样式古朴的长矛，一颗精心雕琢过的宝石镶嵌在矛头上，如同一只可怖的不瞑之目。 书之魔契:你那由高贵的至高妖精宗主所赐予的影之书可能是一本记载着附魔系和幻术系法术的精装镀金边书册。 你的邪魔宗主可能赐予你一本革质封皮附铁扣的沉重书册，其中记载着咒法系法术和大量的禁忌知识、以及宇宙之中的秽邪之地。 你的旧日支配者宗主可能会赐予你一本因接触它而疯狂者的破旧日记，其中记载着几个只有你自己癫狂的思维才能理解并施展的法术。 | X57: 强韧召唤 | Y57: 第14级起，你用咒法系法术所召唤或创造的生物获得30点临时生命值。 | Z57: 工具专精 | AA57: 从第6级起，你在使用你熟练的工具时，能够使用双倍的熟练加值。 | BG57: 骑兵 | BH57: 9 | BI57: 10 | BJ57: 70 | BK57: {=_xlfn.IFS($AI$6>=18,76,$AI$6>=15,75,$AI$6>=10,74,$AI$6>=7,73,$AI$6>=3,72,1,0)} -> 0 | BM57: =IFERROR(IF(BM56+1>BQ2,IF(BM56+1>BQ2,IF(BP3+BP56>BQ3,"",BP3+BP56)),BM56+1),"") -> 52 | BN57: =IFERROR(INDEX(B30:AO180,BM57,BN2),"") | BO57: =IFERROR(INDEX(B30:AO180,BM57,BO2),"") | BP57: =IFERROR(IF(BM56+1>BQ2,BP56+1,0),"") -> 0 | BS57: =IFERROR(IF(OR(BN61="",COUNTIF($BU$2:$BU$68,BN61)),"",BN61),"") | BT57: {=INDEX(BS:BS,SMALL(IF($BS$2:$BS$101<>"",ROW($BS$2:$BS$101),142),ROW(BS56)))&""} | BU57: =IF(主要!AX66="","",主要!AX66) | BV57: =IFERROR(VLOOKUP(BU57,$BN$6:$BO$105,2,FALSE),"")
A58: 29 | B58: 神性之怒 | C58: 从你在3级选择此道途开始，你可以引导神性怒火，将其注入你的武器打击中。 狂暴期间，你在每个自己回合中用武器攻击命中的第一个生物会受到等同于1d6+你野蛮人等级的一半的额外伤害。此伤害的类型为黯蚀或光耀；你在你得到此特性时选择它的类型。 | D58: 额外攻击 | E58: 第6级起，你在自己回合内执行攻击动作时可以攻击两次而非一次。 | F58: 引导神力：维持生命 | G58: 第2级起，你可以用引导神力特性来恢复严重的伤害。 你用一个动作展示圣徽，引导治疗能量来恢复等于你牧师等级五倍的生命值。你指定身边30尺内的任意生物作为该特性的目标，再为其分配从中获得的治疗能量。 该特性不能将目标恢复到其生命值上限的一半以上。而且你不能对不死生物或构装生物使用该特性。 | H58: 元素荒野形态 | I58: 第10级起，你可以花费两次荒野形态次数以变成气元素，土元素，火元素或者水元素。 | J58: 恐吓攻击 | K58: 你以武器攻击命中敌人时，可消耗一粒卓越骰以尝试恐吓该目标。 使用此战技时，你将所消耗的卓越骰加在此次攻击的伤害掷骰中，并迫使目标进行一次感知豁免。豁免失败者将陷入对你恐慌的状态，直至你下一回合结束。 | L58: 超凡入圣 | M58: 第20级起，若你骰先攻时身上未有储备的气，则你获得4点气。 | N58: 至圣光轮 | O58: 第20级时，你可以用一个动作生成一个散发阳光的灵光。 在随后的1分钟内，明亮光照从你身边往外辐射半径30尺的球状区域，并在该范围外额外辐射30尺范围的微光光照。 在该明亮光照范围内开始其回合的每个敌对生物都将受到10点光耀伤害。 此外，在该特性持续时间内，你对抗不死生物或邪魔的法术时进行的豁免检定具有优势。 你必须完成一次长休才能再次使用该特性。 | P58: 高效猎人防术 | Q58: 第15级时，你选择获得以下特性之一。 反射闪避：你可以灵巧躲过某些特定的区域效应，比如红龙的火焰吐息或是法术闪电束。 你在成为某一范围效应影响对象时，若该效应允许你通过成功的敏捷豁免来使伤害减半，则你在该豁免成功时不受伤害，而豁免失败时只受一半伤害。 逆流而上：当敌人对你的近战攻击未命中时，你可以用反应迫使敌人向你所指定的生物（除攻击者外）重新发动攻击。 直觉闪避：当一个你能看见的敌人攻击命中你时，你可以用反应让此次攻击的伤害减半。 | R58: 戏法 | S58: 你从法师法术列表中选择三个戏法作为已知法术（包括戏法法师之手和另外两个法师法术列表中的自选戏法）。 第10级时，你再获得额外一个法师戏法。 | T58: 魔法指引 | U58: 从5级起，你能够挖掘内在的魔力源泉，从失败中召唤成功。 当你进行一次属性检定并失败时，你可以使用1术法点重投之。 你必须使用重投的结果，此举可能使该检定改为成功。 | V58: 链之魔契 | W58: 你习得法术获得魔宠，并可以把它作为一个仪式施展。 此法术不计入你的已知法术数量。 施展该法术时，你可以选择召唤一个普通的生物，或是下列特殊生物之一：小魔鬼、伪龙、夸赛魔、或小妖精。 此外，当你执行攻击动作时可以放弃所有攻击中的一次攻击，转而让你的魔宠使用其反应发动一次攻击。 | X58: 预言学者 | Y58: 从第2级你选择该学派起，你向法术书中抄写预言系法术的时间和金钱花费减半。 | Z58: 折返之靴 | AA58: 先决条件：6级奇械师 物品：一双靴子（需同调） 穿着这双靴子时，那个生物能以一个附赠动作传送到一个距离该生物15尺范围内的可以看到的未占据空间中。不过，该生物必须在本回合内的某个时间点里曾占据过这个空间。 | BG58: 武士 | BH58: 9 | BI58: 10 | BJ58: 77 | BK58: {=_xlfn.IFS($AI$6>=18,82,$AI$6>=15,81,$AI$6>=10,80,$AI$6>=7,79,$AI$6>=3,78,1,0)} -> 0 | BM58: =IFERROR(IF(BM57+1>BQ2,IF(BM57+1>BQ2,IF(BP3+BP57>BQ3,"",BP3+BP57)),BM57+1),"") -> 53 | BN58: =IFERROR(INDEX(B30:AO180,BM58,BN2),"") | BO58: =IFERROR(INDEX(B30:AO180,BM58,BO2),"") | BP58: =IFERROR(IF(BM57+1>BQ2,BP57+1,0),"") -> 0 | BS58: =IFERROR(IF(OR(BN62="",COUNTIF($BU$2:$BU$68,BN62)),"",BN62),"") | BT58: {=INDEX(BS:BS,SMALL(IF($BS$2:$BS$101<>"",ROW($BS$2:$BS$101),142),ROW(BS57)))&""} | BU58: =IF(主要!AX67="","",主要!AX67) | BV58: =IFERROR(VLOOKUP(BU58,$BN$6:$BO$105,2,FALSE),"")
A59: 30 | B59: 神之勇者 | C59: 第3级起，你的灵魂被无尽的战斗所烙印。若一个法术只具有让你起死回生（而非令你变为不死生物）的效果，例如法术 死者复活raise dead ，则施法者在对你施展这一法术时不需要材料成分。 | D59: 战斗魔法 | E59: 第14级起，你可以自如地同时使用音乐魔法和武器。 每当用动作施展一个诗人法术时，你同时还可以用附赠动作发动一次武器攻击。 | F59: 神佑医者 | G59: 第6级起，你施展的治疗法术也会治疗你自身。 你对其他生物施展1环或更高环阶法术法术时，可对自身恢复2＋法术环阶数值的生命值。 | H59: 千面相 | I59: 第14级起，你学会了用魔法精确改变自身外形的方法。 你可以随意施展法术变身术。 | J59: 格挡 | K59: 其他生物的近战攻击对你造成伤害时，你可以用反应消耗一粒卓越骰以减少伤害。减少的数值为卓越骰骰值＋你的敏捷调整值。 | L59: 散打技巧 | M59: 第3级选择散打宗后，你可以在击中敌人时操作其体内的气。 当你用疾风连击特性的攻击击中敌人时，你可以让该目标承受下列效应之一： 目标必须进行一次敏捷豁免，豁免失败则应击倒地。 目标必须进行一次力量豁免，豁免失败则被往远离你的方向推动至多15尺。 目标直到你的下一回合结束前，无法执行反应。 | N59: 古贤圣誓法术 | O59: 圣武士等级——法术 3rd——诱捕打击、动物交谈术 5th——月华之光、迷雾步 9th——植物滋长、防护能量伤害 13th——冰风暴、石肤术 17th——问道自然、树跃术 | P59: 游侠伴侣 | Q59: 第3级时，你获得一个野兽伴侣陪你一起冒险，这名训练有素的伙伴能与你合作无间地战斗。 指定一个不大于中型体型，且挑战等级为1/4或更低的野兽（其属性数据以附录D中的猎鹰、獒犬和黑豹为例）。 将你的熟练加值加到该野兽的AC，攻击检定，伤害掷骰以及其所有具有熟练项的豁免和技能检定中。 其生命值上限选用其原上限，或你游侠等级的四倍两者中较高者。 跟其他别的生物一样，该野兽也可在短休时使用生命骰。 动物伴侣会尽可能执行你的命令。它会在轮到你的先攻时行动。 你在自己回合内可以用声音指令指示该野兽往何处移动（无需执行其他动作）。 你可以用你的动作以声音指令指示它执行攻击，疾走，撤离或协助动作。 若你无法发出指令，该野兽将自主执行回避动作。 如果你具有额外攻击特性，则你可以在命令该野兽执行攻击动作的同时自己发动一次武器攻击。 若你陷入失能或并不在场，该野兽将自主活动，并集中致力于保护你和它自己。 该野兽此时无需你下达指令即可使用期反应，比如以此发动一次借机攻击。 身处偏好地形时，如果只有该野兽与你一起，则你仍可以保持隐匿状态以正常步调旅行。 如果该野兽死亡，则你可以耗费8小时与另一个非敌对关系的野兽建立魔法联结成为伴侣，新的伴侣不一定要与之前的野兽类型相同。 该野兽可以跟其他生物一样在短休时使用其生命骰。当你陷入失能或不在身边时，该野兽也可以自主的保护你或者它自身。 它被借机攻击时，不需等待你的命令就可以执行其反应。 | R59: 法术位 | S59: “诡术师施法能力”表中列出了你用以施展你法师法术的1环及更高环阶法术位数量。 施展这些法术时，你必须同时消耗一个不低于该法术环阶的法术位。 而已消耗的法术位可以通过完成以此长休进行恢复。 例如，若你已知1环法术魅惑人类，并且有一枚可用的1环法术位和一枚可用的2环法术位，则你可以用两者之一施展魅惑人类。 | T59: 术法复苏 | U59: 第20级时，你每完成一次短休，可以恢复4术法点。 | V59: 刃之魔契 | W59: 你可以用一个动作从空着的手中创造一把契约武器。 你每次创造契约武器时都可以从近战武器列表中选择它的形态。 当你使用该武器时，将视为拥有该武器的熟练项。 在攻击对非魔法攻击或伤害具有抗性或免疫的目标时，该武器将视为魔法武器。 你的契约武器在离你5尺外的区域停留超过1分钟或更长时间，其将自然消失。 当你再次创造契约武器、解散契约武器（无需动作）或是死亡的情况下，契约武器也会消失不见。 你可以通过一个特殊的仪式把持有的魔法武器变为你的契约武器。 该仪式花费1小时，并且可以在短休时进行。 仪式完成后，你随时可以解散该武器，以将其转移到一个异次元空间之中。 而每当你再次创造契约武器时再将它召唤出来。 该仪式无法对神器或智能武器起作用。 如果你死亡；或是花费1小时对另外一把武器举行了仪式；或是你通过1小时的仪式打破该契约，则该武器便不再是你的契约武器。 如果在它处于异次元空间时你打破契约，那么该武器将会出现在你的脚边。 | X59: 预兆 | Y59: 从第2级你选择该学派起，预知未来的片段会时常在你意识中闪过。 你在每次完成长休时投两次d20并记下两组骰值。 此后，你可以用这两组预知骰骰值中的任意一个，替代任何一次由你，或者由你能看见的某个生物所进行的攻击检定，豁免检定或属性检定。 你必须在相关检定开始前决定是否使用预知骰，且你每回合只能使用一次预知骰。 每个预知骰只能使用一次。 你完成一次长休后，将失去所有未使用的预知骰。 | Z59: 光耀武器 | AA59: 先决条件：6级奇械师 物品：一把简易或军用武器（需同调） 在用此魔法武器发动的攻击检定和伤害掷骰获得+1加值。当持握该武器时，持用者能以一个附赠动作让它放出半径30尺的明亮照明以及该范围外30尺范围的昏暗照明。持有者也能以一个附赠动作熄灭武器的光芒。 此武器具有4发充能，当该武器的持有者被近战攻击命中之后，持用者能够立即以一个反应，消耗1发充能让攻击者对抗你的法术豁免DC进行一次体质豁免，若豁免失败，攻击者将陷入 目盲blinded 状态直到他的下个回合结束。此武器在每天的黎明时会恢复1d4发已被消耗的充能。 | BG59: 紫龙骑士 | BH59: 9 | BI59: 10 | BJ59: 83 | BK59: {=_xlfn.IFS($AI$6>=15,87,$AI$6>=10,86,$AI$6>=7,85,$AI$6>=3,84,1,0)} -> 0 | BM59: =IFERROR(IF(BM58+1>BQ2,IF(BM58+1>BQ2,IF(BP3+BP58>BQ3,"",BP3+BP58)),BM58+1),"") -> 54 | BN59: =IFERROR(INDEX(B30:AO180,BM59,BN2),"") | BO59: =IFERROR(INDEX(B30:AO180,BM59,BO2),"") | BP59: =IFERROR(IF(BM58+1>BQ2,BP58+1,0),"") -> 0 | BS59: =IFERROR(IF(OR(BN63="",COUNTIF($BU$2:$BU$68,BN63)),"",BN63),"") | BT59: {=INDEX(BS:BS,SMALL(IF($BS$2:$BS$101<>"",ROW($BS$2:$BS$101),142),ROW(BS58)))&""} | BU59: =IF(主要!AX68="","",主要!AX68) | BV59: =IFERROR(VLOOKUP(BU59,$BN$6:$BO$105,2,FALSE),"")
A60: 31 | B60: 专心炽志 | C60: 第6级起，驱使你愤怒的神力也能庇护你免遭干扰。 狂暴期间，若你豁免检定失败，你可以重新投掷该豁免检定，但你必须接受重骰后的结果。你每次狂暴中只能使用此能力一次。 | D60: 激励光环 | E60: 当你在3级加入迷惑学院起，你获得将妖精的魔法浸入歌曲的力量，为你的盟友们带来活力与速度。 以一个附赠动作，你可以消耗一次吟游激励的次数，让自己得到华美而出尘的外貌。此时，选择你周围60尺内的一定数量能看见你且你也能看见的生物，其数量至多等同于你的魅力调整值个（至少1个）。每个生物都会获得5点临时生命值。而当一个生物获得这些临时生命值时，它可以用其反应移动至多等同于其速度的距离，此次移动不会引发借机攻击。 在你达到此职业的特定等级后，你能给予它们更多的临时生命值，在5级后提高到8点，10级后11点，15级后14点。 | F60: 神圣打击 | G60: 第8级起，你可以使你的武器充满神圣能量。你在每个自己回合里有一次机会，可以在用武器攻击命中某生物时，使该攻击额外造成1d8的光耀伤害。14级时，该伤害提升到2d8。 | H60: 仲夏庭院的芬馥 | I60: 2级起，你将被灌注来自仲夏庭院的祝福，由此成为缓解旅者乏顿和伤者痛苦的圣洗池。 你得到等同于德鲁伊等级每d6作为代表的妖精能量池。 以一个附赠动作，你可以选择一名在你120尺内的可见盟友，并且花费最多等于你德鲁伊等级一半的d6骰。 投掷那些骰子并把结果加在一起。目标恢复等于那个总值的生命值。 目标同时也得到等同于花费骰子数目的临时生命值。 在你结束一次长休之后，你恢复所有花费掉的骰子。 | J60: 精准攻击 | K60: 你进行武器攻击时，可以消耗一粒卓越骰以将其结果加在本次攻击的攻击检定中。你可以在进行攻击检定之前或之后使用此战技，不过必须在相应攻击效果生效之前作决定。 | L60: 混元体 | M60: 第6级起，你获得自疗的能力。 你可以使用一个动作获得等同于三倍武僧职业等级的生命值。 你必须完成一次长休才能再次使用该特性。 | N60: 引导神力-古贤 | O60: 在第3级选择本誓言时，你获得以下两种引导神力选项。 自然之怒：你可以用引导神力特性唤起原初之力来诱捕敌人。 作为一个动作，你可以让特殊的藤蔓生长并缠绕一个距离你10尺内，你能看见的生物。 该生物必须进行一次力量或敏捷豁免（由其选择），豁免失败者将陷入束缚状态。 此后，每当该生物结束其回合时，都可以再进行一次该豁免。 一旦豁免成功，则该生物挣脱束缚，藤蔓也就此消失。 驱散无信者：你可以用引导神力特性发出远古的圣言，使听到圣言的精类生物和邪魔感到痛苦。 作为一个动作，你亮出圣徽，迫使身边30尺范围内能够听到你声音的所有精类生物或邪魔都进行一次感知豁免，豁免失败者将受到驱散，其效应持续1分钟或直至其受到任何伤害。 以该方式被驱散的生物必须花费其回合内的所有移动力尽量远离你，且无法主动靠近你30尺内。 被驱散的生物无法执行反应，只能使用既有的疾走动作或从任何妨碍其移动的效应中挣脱。 该生物无路可走时会执行回避动作。 如果被驱散生物的真实外形被幻术、变形、或其他效应掩盖，那么在被驱散后，它将显露出原形。 | P60: 原初伴侣 | Q60: 3级驯兽师特性，替换游侠伴侣特性 你魔法性的召唤出一只原初野兽，其力量来自于与你与自然的联系。这只野兽对你和你的伙伴态度友善，并会听从你的命令。你从大地野兽，海洋野兽和天空野兽的数据中为它选择其一作为它的数据，它数据表中许多地方将会用到你的熟练加值（PB）。且你决定原初野兽是何种动物，选择适合其数据的外形。无论你选择什么样的动物，这只野兽都带有原始的印记，暗示着其神秘的起源。 在战斗中，原初野兽会在你的回合中行动。它能自主的移动或使用反应，但除非你在你的回合中以一个附赠动作命令它执行其他动作，它只会执行回避动作。命令的动作可以是其数据中列出的动作或是之外的其他动作。作为另一种命令方式，你也能在使用自己的攻击动作时，牺牲其中一次自己的攻击来命令野兽执行攻击动作。如果你陷入失能，野兽将会自主行动，而非仅使用回避动作。 如果野兽死亡不超过一小时，你能使用你的动作触碰它，并消耗一个一环或更高的法术位使他复活。它会在一分钟后死而复生并获得所有生命值。 当你结束一次长休后，你能够召唤一只不同的原初野兽。这只新的野兽出现在你5尺内未被占据的空间内，并由你选择其数据和外表。如果你已经通过此特性获得了一只原初野兽，它会在新的原初野兽出现时消失。原初野兽也会在你死亡时消失。 大地野兽Beast of the Land 中型野兽 -------------------------------------------------------------------------------- AC： 13+PB（天生护甲） HP：5+你游侠等级的五倍（野兽拥有与你游侠等级相同数量的生命骰[D8]） 速度：40尺，攀爬40尺 -------------------------------------------------------------------------------- 力量 敏捷 体质 智力 感知 魅力 14（+2） 14（+2） 15（+2） 8（-1） 14（+2） 11（+0） -------------------------------------------------------------------------------- 感官：黑暗视觉60尺，被动察觉12 语言：理解你说的语言 挑战等级：—— 熟练加值（PB）：等于你的熟练加值。 -------------------------------------------------------------------------------- 冲锋Charge。当大地野兽向一个目标直线移动了至少20尺，然后在同一回合以挥打攻击命中目标时。目标会额外受到1d6挥砍伤害。如果目标是生物，它必须成功通过对抗你法术豁免DC的力量豁免检定否则应击倒地。 原初联结Primal Bond。你能将你的熟练加值加到野兽进行的一切属性检定和豁免检定上。 -------------------------------------------------------------------------------- 动作Actions 挥打Maul。近战武器攻击：攻击加值等同于你的法术攻击加值，触及5尺，单个目标。命中：1d8+2+PB点挥砍伤害。 -------------------------------------------------------------------------------- 海洋野兽Beast of the Sea 中型野兽 -------------------------------------------------------------------------------- AC： 13+PB（天生护甲） HP：5+你游侠等级的五倍（野兽拥有与你游侠等级相同数量的生命骰[D8]） 速度：5尺，游泳60尺 -------------------------------------------------------------------------------- 力量 敏捷 体质 智力 感知 魅力 14（+2） 14（+2） 15（+2） 8（-1） 14（+2） 11（+0） -------------------------------------------------------------------------------- 感官：黑暗视觉60尺，被动察觉12 语言：理解你说的语言 挑战等级：—— 熟练加值（PB）：等于你的熟练加值。 -------------------------------------------------------------------------------- 水陆两栖Amphibious。野兽可以在空气和水中呼吸。 原初联结Primal Bond。你能将你的熟练加值加到野兽进行的一切属性检定和豁免检定上。 -------------------------------------------------------------------------------- 动作Actions 攫击Binding Srtike。近战武器攻击：攻击加值等同于你的法术攻击加值，触及5尺，单个目标。命中：1d6+2+PB点穿刺或1d6+2+PB点钝击伤害（由你选择），并且目标被擒抱（逃脱DC等于你的法术豁免DC）。 -------------------------------------------------------------------------------- 天空野兽Beast of the Sky 小型野兽 -------------------------------------------------------------------------------- AC： 13+PB（天生护甲） HP：4+你游侠等级的四倍（野兽拥有与你游侠等级相同数量的生命骰[D6]） 速度：10尺，飞行60尺 -------------------------------------------------------------------------------- 力量 敏捷 体质 智力 感知 魅力 6（-2） 16（+3） 13（+1） 8（-1） 14（+2） 11（+0） -------------------------------------------------------------------------------- 感官：黑暗视觉60尺，被动察觉12 语言：理解你说的语言 挑战等级：—— 熟练加值（PB）：等于你的熟练加值。 -------------------------------------------------------------------------------- 飞掠Flyby。野兽以飞行离开敌人的触及范围时不会引发对方的借机攻击。 原初联结Primal Bond。你能将你的熟练加值加到野兽进行的一切属性检定和豁免检定上。 -------------------------------------------------------------------------------- 动作Actions 撕咬Shred。近战武器攻击：攻击加值等同于你的法术攻击加值，触及5尺，单个目标。命中：1d4+3+PB点挥砍伤害。 -------------------------------------------------------------------------------- | R60: 已知法术 | S60: 你习得三个自选的1环法师法术，其中两个必须从附魔系和幻术系中选择。 表格“诡术师施法能力”中“已知法术”一栏记录了你获得更多已知法术时的相应等级。 你只能选择附魔系或幻术系法术，且所获得法术的环阶不能好过你所拥有的最高法术位环阶。 例如，如果你在本职业打到第7级，则可以学习一个新的1环法术或2环法术。 你在第8，第14和第20级可学习来自任何学派的法术。 你每次提升本职业等级时，可以将一个已知法术替换为另一个法师法术。 这个新法术的环阶不能超过你所拥有的最高法术位打到环阶，且必须从附魔系或幻术系中选择（除非你替换的是第3，第8，第14或第20级习得的法术）。 | T60: 巨龙先祖 | U60: 第1级时，你选择一种巨龙作为你的先祖。 对应的伤害类型将在随后获得的特性中用到。 你可以说、读、写龙语。 此外，你与巨龙互动时进行的魅力检定可以使用熟练加值时，可以加上双倍的加值。 | V60: 书之魔契 | W60: 你的宗主给予你一本名为“影之书”的魔法书。 获得该特性后，从任意职业法术列表中选择三个戏法（这三个戏法不必来自同一个列表）。 该魔法书在你身上时，你可以随意施展那些法术。 它们不算入你的已知戏法数量中。 这些法术就算本来不属于邪术师法术列表，你也将其视为邪术师法术。 如果你丢失了自己的影之书，你可以举行一个1小时的仪式，并从你的宗主处获得一个替代品。 仪式可以在短休或长休期间完成，而它会摧毁之前的魔法书。 当你死亡时，该书也将化为灰烬。 | X60: 预言专家 | Y60: 第6级起，你对施展预言法术的技巧驾轻就熟，几乎不用使什么力气。 你用法术位施展一个环阶不低于2环的预言系法术时，可以恢复一个已耗用的法术位。 所恢复的法术位环阶必须比你正施展的预言系法术所用的法术位低，且不能高于5环。 | Z60: 斥力之盾 | AA60: 先决条件；6级奇械师 物品：一个盾牌（需同调） 持用这面盾牌时，那个生物的AC获得+1加值 此盾牌有4发充能，当持用者被近战攻击命中后，持用者可以以一个反应消耗一发充能将攻击者击退至多15尺远。该盾牌在每日黎明时会恢复1d4发已被消耗的充能。 | BG60: 回音骑士 | BH60: 9 | BI60: 10 | BJ60: 88 | BK60: {=_xlfn.IFS($AI$6>=18,93,$AI$6>=15,92,$AI$6>=10,91,$AI$6>=7,90,$AI$6>=3,89,1,0)} -> 0 | BM60: =IFERROR(IF(BM59+1>BQ2,IF(BM59+1>BQ2,IF(BP3+BP59>BQ3,"",BP3+BP59)),BM59+1),"") -> 55 | BN60: =IFERROR(INDEX(B30:AO180,BM60,BN2),"") | BO60: =IFERROR(INDEX(B30:AO180,BM60,BO2),"") | BP60: =IFERROR(IF(BM59+1>BQ2,BP59+1,0),"") -> 0 | BS60: =IFERROR(IF(OR(BN64="",COUNTIF($BU$2:$BU$68,BN64)),"",BN64),"") | BT60: {=INDEX(BS:BS,SMALL(IF($BS$2:$BS$101<>"",ROW($BS$2:$BS$101),142),ROW(BS59)))&""} | BU60: =IF(主要!AX69="","",主要!AX69) | BV60: =IFERROR(VLOOKUP(BU60,$BN$6:$BO$105,2,FALSE),"")
A61: 32 | B61: 狂热威仪 | C61: 第10级起，你学会了引导神力，让其他人也被你的狂热所感染。以一个附赠动作，你愤怒的怒吼并释放出一道蕴含神圣能量的战吼。选择你周围60尺范围内至多10个能听到你吼叫声的其他生物，直到你的下个回合开始前，他们进行的攻击检定与豁免检定获得优势。 一旦你使用了此特性，直到你完成了一次长休为止你都不能再次使用它。 | D61: 醉人表演 | E61: 第3级起，你能将诱惑力和妖精的魔法充入你的表演。 若你进行了至少1分钟的表演，你就可以借由歌唱、吟诗、或舞蹈的方式来让你的观众们感受到奇妙的力量。在这次表演的结束时，选择你周围60尺范围内一定数量的、完整观看并聆听了你的表演的类人生物，可以选择的数量至多等同于你的魅力调整值个（至少1个）。每个目标必须通过一次对抗你的法术豁免DC的感知豁免，若豁免失败则其将被你魅惑。当被你以此法魅惑时，目标视你为偶像，他会热情的和任何和它交谈的人谈论你，反对任何对抗你的人，它会避免暴力，除非他已经站在你这边加入了战斗。每个目标身上的效应都将持续1小时。当受影响生物受到任何伤害、你攻击了它、或它目睹你对任何它的盟友进行攻击或造成伤害时会提前结束。 若一个目标对抗此效应的豁免成功，该目标不会察觉到你曾试图魅惑他的行为。 一旦你使用了此特性，直到你完成一次短休或长休前你都不能再次使用它。 | F61: 极效治疗 | G61: 第17级起，当你需要用一个法术来掷一粒或多粒骰子计算你所恢复的生命值时，所有骰子将取其最高值。例如，法术为某一生物恢复2d6生命值，则其结果直接取12。 | H61: 月光与阴影的炉心 | I61: 6级起，无论你在何处设立营灶，那都是的你家园。 在进行一次短休息或长休息时，你可以祈求薄暮庭院的幽影之力来保护你的营地不被外来者侵扰。 在休息开始时，你接触空间中的一点，以那一点为中心一个隐形的、半径30尺的球体魔法般地出现。 全掩护会阻断这个球体。 在这一领域内你和你的盟友在所有感知（观察）检定和敏捷（隐匿）检定中得到+5加值，并且由任何明火放射的光亮（营火，火把以及类似之物）从领域外是不可见的。 这些效果持续到休息结束或你离开这个领域。 | J61: 推撞攻击 | K61: 你以武器攻击命中敌人时，可以消耗一粒卓越骰以尝试将该目标推开。 使用此战技时，你将所消耗的卓越骰加在此次攻击的伤害掷骰中。如果该目标为大型或更小体型，则其必须进行一次力量豁免。豁免失败者将被往远离你的方向推动至多15尺。 | L61: 宁神境 | M61: 第11级起，你可以进入一种特殊的冥想状态，使浑身环绕着和平的灵光。 完成长休后，你将获得法术庇护术的效应，其效应持续至你再次开始长休之前（该法术效应可以如常被提前终止）。 该法术效应的豁免DC等于8＋你的感知调整值＋你的熟练加值。 | N61: 守御灵光 | O61: 第7级起，强大的远古魔法眷顾着你，以至于在你身边形成了一道神秘的结界。 你和距离你10尺以内的友善生物获得对法术伤害的抗性。 第18级起，灵光的范围增加至30尺。 | P61: 特殊训练 | Q61: 第7级起，如果你的野兽伴侣在你的回合内未曾发动攻击，则你可以在本回合用一个附赠动作命令该野兽在其回合内执行“疾走”“撤离”或“协助”动作。 此外，该野兽的攻击作用于非魔法攻击与伤害的免疫与抗性时视为魔法。 | R61: 施法关键属性 | S61: 你通过研究和记忆学习魔法，因此智力是你施展法师法术的关键属性。 每当你的法术需要施法关键属性时均指向你的智力值。 而你的法师法术的豁免DC和攻击检定，则使用你的智力调整值 法术豁免DC＝8＋你的熟练加值＋你的智力调整值 法术攻击调整值＝你的熟练加值＋你的智力调整值 | T61: 龙族体魄 | U61: 魔法在你的体内流动，并使你显露出你巨龙先祖的部分身体特质。 第1级时，你的生命值上限提升1点，此后每提升一个术士等级，都将再次提升1点。 此外，你部分皮肤覆盖着龙鳞样式的柔鳞。 未着装护甲时，你的AC等于13＋你的敏捷调整值。 | V61: 符之魔契 | W61: 第3级时，你的宗主赐予你一个护身符，一个当需要的时候可以帮助佩戴者的护身符。 当佩戴者在一次能力检定中失败，他们可以在骰掷结果上增加一个d4骰，这可能将结果变为成功。 这一能力可使用的次数等于你的熟练加值，且所有已消耗的次数将会在你完成一次长休之后全部恢复。 如果你弄丢了护身符，你可以进行一个1小时的仪式从你的宗主那里得到一个替代品。 这一仪式可以在一个短休或一个长休过程中完成，且它将会破坏之前的护身符。 护身符将会在你死亡时消散为灰尘。 | X61: 天眼通 | Y61: 第10级起，你可以用你的动作增强你的感知能力。 使用此特性时，你选择一下增益其中之一。 其效应将持续至你陷入失能状态，或直至你开始一次短休或长休。 你必须完成一次休息才能再次使用该特性。 黑暗视觉：你获得60尺的黑暗视觉。 以太视界：你可以看到自身周边60尺范围内的以太位面。 高等理解力：你可以读懂任何语言。 识破隐形：你可以看到距离你10尺内，且处在你视线范围内的隐形生物或物件。 | Z61: 抗性盔甲 | AA61: 先决条件：6级奇械师 物品：一套盔甲（需同调） 穿戴该盔甲的生物对以下伤害类型中的一种具有抗性（在你为这个物品注法时选择）：强酸、冷冻、火焰、力场、闪电、黯蚀、毒素、心灵、光耀、雷鸣。 | BG61: 符文骑士 | BH61: 9 | BI61: 10 | BJ61: 94 | BK61: {=_xlfn.IFS($AI$6>=18,106,$AI$6>=15,105,$AI$6>=10,104,$AI$6>=7,103,$AI$6>=3,100,1,0)} -> 0 | BM61: =IFERROR(IF(BM60+1>BQ2,IF(BM60+1>BQ2,IF(BP3+BP60>BQ3,"",BP3+BP60)),BM60+1),"") -> 56 | BN61: =IFERROR(INDEX(B30:AO180,BM61,BN2),"") | BO61: =IFERROR(INDEX(B30:AO180,BM61,BO2),"") | BP61: =IFERROR(IF(BM60+1>BQ2,BP60+1,0),"") -> 0 | BS61: =IFERROR(IF(OR(BN65="",COUNTIF($BU$2:$BU$68,BN65)),"",BN65),"") | BT61: {=INDEX(BS:BS,SMALL(IF($BS$2:$BS$101<>"",ROW($BS$2:$BS$101),142),ROW(BS60)))&""} | BU61: =IF(主要!AX70="","",主要!AX70) | BV61: =IFERROR(VLOOKUP(BU61,$BN$6:$BO$105,2,FALSE),"")
